 Dungeon Crawl Stone Soup version 0.31-a0-221-gbddc013574 (webtiles) character file.

Game seed: 10057622584820921975

35664 qw the Cleaver (level 13, 84/84 HPs)
             Began as a Gargoyle Fighter on July 3, 2023.
             Was an Elder of Okawaru.
             Quit the game on level 5 of the Lair of Beasts.
             The game lasted 00:41:21 (20502 turns).

qw the Cleaver (Gargoyle Fighter)                  Turns: 20502, Time: 00:41:21

Health: 84/84      AC: 32    Str: 30    XL:     13   Next: 85%
Magic:  29/29      EV:  8    Int: 10    God:    Okawaru [****..]
Gold:   485        SH:  5    Dex:  9    Spells: 12/12 levels left

rFire   + . .        Y - +2 war axe (heavy)
rCold   . . .        c - +0 buckler
rNeg    + . .        t - +0 plate armour
rPois   inf          r - +1 helmet of Beloved Curiosity {rF+ Slay+3}
rElec   +            s - +0 cloak
rCorr   .            b - +1 pair of gloves
SInv    +            j - +0 pair of boots
Will    .....        (no amulet) Stlth
                     f - ring of see invisible
HPRegen 0.34/turn    p - ring of Heresy {*Corrode rElec MP+9 Str+6 Slay+3}
MPRegen 0.21/turn

%: corrode self (3%)
@: no status effects
A: sickness immunity, AC +9, negative energy resistance 1, electricity
resistance, torment resistance 1, petrification resistance
a: Renounce Religion, Heroism, Finesse


You were on level 5 of the Lair of Beasts.
You worshipped Okawaru.
Okawaru was greatly pleased with you.
You visited 3 branches of the dungeon, and saw 15 of its levels.

You collected 560 gold pieces.
You spent 75 gold pieces at shops.


Innate Abilities, Weirdness & Mutations

You are immune to sickness and miasma.
Your stone body is resilient. (AC +9)
You are immune to poison.
You resist negative energy. (rN+)
You are resistant to electric shocks. (rElec)
You are resistant to unholy torment.
You are immune to petrification.


   Skills:
 - Level 11.0 Fighting
 + Level 14.0 Axes
 - Level 4.2 Throwing
 - Level 11.1 Armour
 - Level 2.0 Dodging
 - Level 7.0 Shields
 - Level 10.0 Invocations


You had 12 spell levels left.
You didn't know any spells.
Your spell library was empty.

Inventory:

Hand Weapons
 a - a +0 flail
 q - a +4 flail of draining
 Y - a +2 heavy war axe (weapon)
Missiles
 n - 2 boomerangs (quivered)
Armour
 b - a +1 pair of gloves (worn)
 c - a +0 buckler (worn)
 j - a +0 pair of boots (worn)
 r - the +1 helmet of Beloved Curiosity (worn) {rF+ Slay+3}
   (You took it off Robin on level 3 of the Dungeon)

   Slay:      It affects your accuracy & damage with ranged weapons and melee
   (+3).
   rF:        It protects you from fire.
 s - a +0 cloak (worn)
 t - a +0 plate armour (worn)
Jewellery
 e - an amulet of guardian spirit
 f - a ring of see invisible (left hand)
 h - a ring of protection from cold
 p - the ring of Heresy (right hand) {*Corrode rElec MP+9 Str+6 Slay+3}
   (You found it on level 3 of the Dungeon)

   [ring of strength]

   Str:       It affects your strength (+6).
   Slay:      It affects your accuracy & damage with ranged weapons and melee
   (+3).
   rElec:     It insulates you from electricity.
   MP:        It affects your magic capacity (+9).
   *Corrode:  It may corrode you when you take damage.
Scrolls
 k - 6 scrolls of identify
Potions
 d - 7 potions of might
 g - 5 potions of mutation
 i - 5 potions of magic
 l - 2 potions of haste
 m - 3 potions of attraction
 o - a potion of enlightenment
 u - 6 potions of lignification
 v - 3 potions of curing
 w - 2 potions of cancellation

Dungeon Overview and Level Annotations

Branches:
Dungeon (10/15)            Temple (1/1) D:5            Lair (5/5) D:10
  Snake (0/4) Lair:2          Orc (0/2) D:10
  Swamp: Lair:2-3    Shoals: Lair:2-3     Slime: Lair:4-5

Altars:
Ashenzari
Cheibriados
Dithmenos
Elyvilon
Fedhas
Gozag
Hepliaklqana
Kikubaaqudgha
Makhleb
Nemelex Xobeh
Okawaru
Qazlal
Ru
Sif Muna
Trog
Uskayaw
Vehumet
Wu Jian
Xom
Yredelemnul
Zin
The Shining One

Shops:
D:2 *   D:7 [

Annotations:
D:4 3 runed translucent doors, qw's ghost, amateur GrHs
D:9 1 runed translucent door


Message History

Where to? (* - list waypoints, Enter - Lair:4, ? - help)
What level of the Lair of Beasts? (default 1, ? - help) Sorry, I don't know how to get there.
20496 ||| Stepping randomly (stuck).
(D) Dungeon (T) Temple (L) Lair (P) Snake Pit (O) Orcish Mines
Where to? (* - list waypoints, Enter - Lair:4, ? - help)
What level of the Lair of Beasts? (default 1, ? - help) Sorry, I don't know how to get there.
20497 ||| Stepping randomly (stuck).
(D) Dungeon (T) Temple (L) Lair (P) Snake Pit (O) Orcish Mines
Where to? (* - list waypoints, Enter - Lair:4, ? - help)
What level of the Lair of Beasts? (default 1, ? - help) Sorry, I don't know how to get there.
20498 ||| Stepping randomly (stuck).
(D) Dungeon (T) Temple (L) Lair (P) Snake Pit (O) Orcish Mines
Where to? (* - list waypoints, Enter - Lair:4, ? - help)
What level of the Lair of Beasts? (default 1, ? - help) Sorry, I don't know how to get there.
20499 ||| Stepping randomly (stuck).
(D) Dungeon (T) Temple (L) Lair (P) Snake Pit (O) Orcish Mines
Where to? (* - list waypoints, Enter - Lair:4, ? - help)
What level of the Lair of Beasts? (default 1, ? - help) Sorry, I don't know how to get there.
20500 ||| Stepping randomly (stuck).
(D) Dungeon (T) Temple (L) Lair (P) Snake Pit (O) Orcish Mines
Where to? (* - list waypoints, Enter - Lair:4, ? - help)
What level of the Lair of Beasts? (default 1, ? - help) Sorry, I don't know how to get there.
20501 ||| Stepping randomly (stuck).
Found a stone staircase leading up.
Enter note:
Enter note:
Enter note:
Enter note:
20502 ||| QUITTING!
Are you sure you want to abandon this character and quit the game? (Confirm with "yes".)

...#.......P.#.#...#####P.##.P...
#####(...#..######.# ##.####...
.## ##(###### .## ###### #....
..###...# #..##... #....
......8.## #### .#....< )....
....##...####..##....$..
...###...#.###.#......#
..#.###............# ....#
#.....8...@### .. ..
....#####........# . ..
##...####.8...8..# # .###..
##....#........## # #. ....#
#..##.....8.%..# #.#.. ....#
####............# #...## ##...#
.....##.###....# .....##....#
.....##.#. .#....# #..#...#.#
..... .. # # #.8.+ #.#...#


There were no monsters in sight!

Vanquished Creatures
  5 hydras
  2 two-headed ogres
  11 death yaks
  2 skysharks (Lair:5)
  A lindwurm (Lair:1)
  8 elephants (Lair:5)
  3 black mambas
  A torpor snail (Lair:1)
  7 komodo dragons
  4 rime drakes
  8 cane toads
  2 trolls
  A polar bear (Lair:5)
  9 blink frogs (Lair:5)
  4 dream sheep (Lair:5)
  Sigmund (D:2)
  A wraith (D:8)
  Eustachio (D:4)
  A wyvern (D:9)
  22 yaks
  3 fire bats (Lair:2)
  A basilisk (Lair:1)
  2 steam dragons
  An acid dragon (D:9)
  4 nagas (Lair:2)
  Edmund (D:4)
  11 water moccasins
  A hell hound (Lair:5)
  An orc warrior (D:9)
  An ice beast (D:7)
  A sky beast (D:6)
  2 black bears
  2 ogres
  13 wolves
  2 centaurs (D:9)
  A phantom (D:4)
  A kobold brigand (D:9)
  6 scorpions
  6 bullfrogs
  2 gnoll sergeants
  6 wights
  8 killer bees
  4 howler monkeys
  2 electric eels
  A lava snake (Lair:2)
  2 jellies
  4 hounds
  10 orc priests
  A sleepcap (D:6)
  Jessica (D:2)
  Terence (D:2)
  15 orc wizards
  3 iguanas
  5 hell rats (Lair:2)
  A statue (D:7)
  Robin (D:3)
  9 gnolls
  7 adders
  A river rat (D:10)
  An ufetubus (D:4)
  3 dart slugs
  50 orcs
  10 endoplasms
  2 giant cockroaches
  13 goblins
  7 hobgoblins
  7 jackals (D:3)
  4 quokkas
  8 ball pythons
  6 bats
  A frilled lizard (D:1)
  6 kobolds
  6 rats
362 creatures vanquished.

Notes
Turn   | Place    | Note
-------+----------+-------------------------------------------
     0 | D:1      | qw the Gargoyle Fighter began the quest for the Orb.
     0 | D:1      | Reached XP level 1. HP: 14/14 MP: 1/1
     0 | D:1      | 0 ||| qw: Version: 0.3-a-40-ge99b1a8
     0 | D:1      | 0 ||| qw: Game counter: 547
     0 | D:1      | 0 ||| qw: Melee chars always use a shield: true
     0 | D:1      | 0 ||| qw: God list: Okawaru
     0 | D:1      | 0 ||| qw: Allow faded altars: false
     0 | D:1      | 0 ||| qw: Do Orc after clearing Dungeon:15 true
     0 | D:1      | 0 ||| qw: Do second Lair branch before Depths: true
     0 | D:1      | 0 ||| qw: Lair rune preference: random
     0 | D:1      | 0 ||| qw: Goals: Normal, Zot:1-4, Slime:5, God:TSO, Crypt,
                  | Tomb, Abyss, Pan, Hells, Win
     0 | D:1      | 0 ||| PLANNING D:1-11
    91 | D:1      | Reached skill level 2 in Axes
   140 | D:1      | 140 ||| Stepping ~*~*~tactically~*~*~ (stealth).
   147 | D:1      | Reached XP level 2. HP: 17/19 MP: 2/2
   339 | D:1      | Reached skill level 3 in Axes
   374 | D:1      | Reached XP level 3. HP: 23/23 MP: 3/3
   503 | D:1      | 503 ||| Stepping ~*~*~tactically~*~*~ (stealth).
   809 | D:1      | 809 ||| DROPPING scarf of invisibility.
   810 | D:1      | 810 ||| UPGRADING to +0 pair of boots.
   815 | D:1      | 815 ||| READING scroll labelled BASKOIMUPE.
   816 | D:1      | 816 ||| READING scroll labelled BUMAIN HOVU.
   840 | D:2      | Noticed Sigmund
   841 | D:2      | 841 ||| Stepping ~*~*~tactically~*~*~ (hiding).
   860 | D:2      | Killed Sigmund
   861 | D:2      | Reached skill level 5 in Axes
   861 | D:2      | Reached XP level 4. HP: 16/28 MP: 4/4
   861 | D:2      | Reached XP level 5. HP: 18/32 MP: 5/5
  1006 | D:2      | Noticed Terence
  1007 | D:2      | 1007 ||| Stepping ~*~*~tactically~*~*~ (hiding).
  1017 | D:2      | Killed Terence
  1138 | D:2      | Found Tegaicur's Assorted Antiques.
  1150 | D:2      | 1150 ||| SHOPLISTING 3 scrolls of teleportation (225 gold,
                  | have 87).
  1150 | D:2      | 1150 ||| BUYING scroll labelled LENGUALIA (25 gold).
  1150 | D:2      | Bought a scroll labelled LENGUALIA for 25 gold pieces
  1150 | D:2      | 1150 ||| BUYING scroll labelled LENGUALIA (25 gold).
  1150 | D:2      | Bought a scroll labelled LENGUALIA for 25 gold pieces
  1150 | D:2      | 1150 ||| BUYING scroll labelled LENGUALIA (25 gold).
  1150 | D:2      | Bought a scroll labelled LENGUALIA for 25 gold pieces
  1150 | D:2      | 1150 ||| SHOPLISTING scroll labelled LIUDAM GOIL (25 gold,
                  | have 12).
  1302 | D:2      | Reached XP level 6. HP: 38/38 MP: 6/6
  1306 | D:2      | 1306 ||| DROPPING +0 club.
  1342 | D:2      | Noticed Jessica
  1343 | D:2      | 1343 ||| Stepping ~*~*~tactically~*~*~ (hiding).
  1346 | D:2      | 1346 ||| Stepping ~*~*~tactically~*~*~ (hiding).
  1349 | D:2      | 1349 ||| Stepping ~*~*~tactically~*~*~ (hiding).
  1353 | D:2      | 1353 ||| Stepping ~*~*~tactically~*~*~ (hiding).
  1360 | D:2      | Killed Jessica
  1974 | D:2      | 1974 ||| UPGRADING to +0 pair of gloves.
  1979 | D:2      | 1979 ||| UPGRADING to +0 chain mail of willpower.
  1989 | D:2      | 1989 ||| DROPPING +0 scale mail.
  1990 | D:2      | 1990 ||| READING 4 scrolls labelled LENGUALIA.
  1991 | D:2      | 1991 ||| READING scroll labelled ZUMIEH GOGOCW.
  1992 | D:2      | 1992 ||| DRINKING 2 coppery potions.
  1993 | D:2      | 1993 ||| READING 3 scrolls of identify.
  1993 | D:2      | 1993 ||| IDENTIFYING viscous white potion
  1994 | D:2      | 1994 ||| READING 2 scrolls of identify.
  1994 | D:2      | 1994 ||| IDENTIFYING bubbling grey potion
  1995 | D:2      | 1995 ||| DROPPING potion of brilliance.
  2315 | D:3      | 2315 ||| Stepping ~*~*~tactically~*~*~ (stealth).
  2316 | D:3      | Identified the +1 helmet of Beloved Curiosity {rF+ Slay+3}
  2316 | D:3      | Noticed Robin
  2317 | D:3      | 2317 ||| Stepping ~*~*~tactically~*~*~ (hiding).
  2333 | D:3      | 2333 ||| FLEEEEING.
  2340 | D:3      | 2340 ||| FLEEEEING.
  2342 | D:3      | 2342 ||| FLEEEEING.
  2344 | D:3      | 2344 ||| FLEEEEING.
  2345 | D:3      | 2345 ||| FLEEEEING.
  2346 | D:3      | 2346 ||| FLEEEEING.
  2347 | D:3      | 2347 ||| FLEEEEING.
  2351 | D:3      | 2351 ||| Stepping ~*~*~tactically~*~*~ (hiding).
  2353 | D:3      | 2353 ||| Stepping ~*~*~tactically~*~*~ (hiding).
  2361 | D:3      | Killed Robin
  2529 | D:3      | Found a faded altar of an unknown god.
  2654 | D:3      | You fall into a shaft and drop 2 floors!
  2654 | D:5      | Entered Level 5 of the Dungeon
  2655 | D:5      | 2655 ||| UPGRADING to +1 pair of gloves.
  2665 | D:5      | 2665 ||| DROPPING +0 pair of gloves.
  2666 | D:5      | 2666 ||| UPGRADING to +1 helmet of Beloved Curiosity {rF+
                  | Slay+3}.
  2671 | D:5      | 2671 ||| UPGRADING to +0 cloak.
  2676 | D:5      | 2676 ||| UPGRADING to +0 plate armour.
  2686 | D:5      | 2686 ||| FLEEEEING.
  2687 | D:5      | 2687 ||| STAIRDANCE
  2701 | D:4      | 2701 ||| DROPPING +0 chain mail of willpower.
  2796 | D:4      | 2796 ||| DROPPING +0 whip.
  2932 | D:4      | 2932 ||| UPGRADING to amulet of guardian spirit.
  2937 | D:4      | 2937 ||| UPGRADING to ring of see invisible.
  2938 | D:4      | 2938 ||| READING 5 scrolls of identify.
  2938 | D:4      | 2938 ||| IDENTIFYING murky purple potion
  2939 | D:4      | 2939 ||| READING 4 scrolls of identify.
  2939 | D:4      | 2939 ||| IDENTIFYING fizzy grey potion
  2940 | D:4      | 2940 ||| READING 3 scrolls of identify.
  2940 | D:4      | 2940 ||| IDENTIFYING lumpy inky potion
  2941 | D:4      | 2941 ||| READING 2 scrolls of identify.
  2941 | D:4      | 2941 ||| IDENTIFYING golden potion
  2942 | D:4      | 2942 ||| DROPPING potion of berserk rage.
  2943 | D:4      | 2943 ||| DROPPING potion of degeneration.
  2949 | D:4      | 2949 ||| FLEEEEING.
  2950 | D:4      | 2950 ||| FLEEEEING.
  2951 | D:4      | 2951 ||| STAIRDANCE
  3371 | D:3      | Found a white marble altar of Elyvilon.
  3371 | D:3      | Found a glowing golden altar of the Shining One.
  3371 | D:3      | Found a glowing silver altar of Zin.
  3415 | D:3      | Identified the ring of Heresy {*Corrode rElec MP+9 Str+6
                  | Slay+3}
  3596 | D:3      | 3596 ||| UPGRADING to ring of Heresy {*Corrode rElec MP+9
                  | Str+6 Slay+3}.
  3690 | D:4      | 3690 ||| STAIRDANCE
  3780 | D:4      | Noticed Edmund
  3795 | D:4      | Killed Edmund
  3796 | D:4      | Reached skill level 6 in Axes
  3796 | D:4      | Reached XP level 7. HP: 29/43 MP: 7/7
  3918 | D:4      | Reached skill level 1 in Dodging
  3961 | D:4      | 3961 ||| Stepping ~*~*~tactically~*~*~ (stealth).
  3963 | D:4      | 3963 ||| Stepping ~*~*~tactically~*~*~ (hiding).
  3966 | D:4      | 3966 ||| Stepping ~*~*~tactically~*~*~ (hiding).
  4057 | D:4      | Noticed qw's ghost (amateur GrHs)
  4068 | D:4      | Noticed a wyvern
  4069 | D:4      | Found a runed translucent gate.
  4069 | D:4      | Found a runed translucent gate.
  4070 | D:4      | Found a runed translucent gate.
  4296 | D:4      | Noticed Eustachio
  4317 | D:4      | Killed Eustachio
  4318 | D:4      | Reached skill level 7 in Axes
  4454 | D:4      | 4454 ||| READING scroll labelled ECWOTU FUETS.
  4455 | D:4      | 4455 ||| READING scroll labelled VETIFENOCU.
  4456 | D:4      | 4456 ||| READING scroll labelled NUED LETHREFE.
  4563 | D:5      | Found a staircase to the Ecumenical Temple.
  4565 | D:5      | 4565 ||| PLANNING TEMPLE
  4565 | D:5      | 4565 ||| READING 2 scrolls of identify.
  4565 | D:5      | 4565 ||| IDENTIFYING viscous dark potion
  4580 | D:5      | Reached XP level 8. HP: 39/48 MP: 8/8
  4632 | Temple   | Entered the Ecumenical Temple
  4745 | Temple   | 4745 ||| PLANNING D:1-11
  4814 | D:5      | Found a blossoming altar of Fedhas.
  5157 | D:5      | Found a shadowy altar of Dithmenos.
  5206 | D:5      | Identified the +3 whip "Veash" {heavy, *Rage rC+ rN+}
  5425 | D:5      | 5425 ||| DRINKING 4 glowing black potions.
  5636 | D:6      | Reached skill level 8 in Axes
  5792 | D:6      | Reached skill level 6 in Fighting
  6048 | D:6      | 6048 ||| DROPPING ring of flight.
  6049 | D:6      | 6049 ||| READING scroll labelled RUPTOF JOCAG.
  6050 | D:6      | 6050 ||| READING 2 scrolls labelled FEJIAF LOEPS.
  6051 | D:6      | 6051 ||| DROPPING scroll of vulnerability.
  6148 | D:7      | Reached skill level 6 in Armour
  6148 | D:7      | Reached XP level 9. HP: 53/55 MP: 9/9
  6170 | D:7      | 6170 ||| Stepping ~*~*~tactically~*~*~ (hiding).
  6253 | D:7      | Found a radiant altar of Vehumet.
  6298 | D:7      | Found Colal's Armour Emporium.
  6304 | D:7      | 6304 ||| Stepping ~*~*~tactically~*~*~ (stealth).
  6316 | D:7      | 6316 ||| SHOPLISTING +2 pair of boots of stealth (322 gold,
                  | have 201).
  6323 | D:7      | Reached skill level 1 in Throwing
  6452 | D:7      | Found a sacrificial altar of Ru.
  6466 | D:7      | Reached skill level 9 in Axes
  6560 | D:7      | 6560 ||| Stepping ~*~*~tactically~*~*~ (stealth).
  6561 | D:7      | 6561 ||| Stepping ~*~*~tactically~*~*~ (stealth).
  6562 | D:7      | 6562 ||| Stepping ~*~*~tactically~*~*~ (stealth).
  6563 | D:7      | 6563 ||| Stepping ~*~*~tactically~*~*~ (stealth).
  6965 | D:7      | 6965 ||| READING 5 scrolls of identify.
  6965 | D:7      | 6965 ||| IDENTIFYING clear potion
  7262 | D:8      | 7262 ||| Stepping ~*~*~tactically~*~*~ (hiding).
  7263 | D:8      | 7263 ||| Stepping ~*~*~tactically~*~*~ (hiding).
  7312 | D:8      | 7312 ||| Stepping ~*~*~tactically~*~*~ (stealth).
  7357 | D:8      | 7357 ||| Stepping ~*~*~tactically~*~*~ (hiding).
  7488 | D:8      | Reached XP level 10. HP: 63/63 MP: 10/10
  7567 | D:8      | Found a hide-covered altar of Uskayaw.
  7597 | D:8      | 7597 ||| Stepping ~*~*~tactically~*~*~ (stealth).
  7647 | D:8      | Reached skill level 10 in Axes
  7836 | D:8      | 7836 ||| READING scroll labelled LIUDAM GOIL.
  7837 | D:8      | 7837 ||| READING 7 scrolls of identify.
  7837 | D:8      | 7837 ||| IDENTIFYING bubbling green potion
  7838 | D:8      | 7838 ||| DROPPING potion of ambrosia.
  8057 | D:9      | 8057 ||| Stepping ~*~*~tactically~*~*~ (stealth).
  8058 | D:9      | 8058 ||| Stepping ~*~*~tactically~*~*~ (stealth).
  8059 | D:9      | 8059 ||| Stepping ~*~*~tactically~*~*~ (stealth).
  8065 | D:9      | 8065 ||| Stepping ~*~*~tactically~*~*~ (hiding).
  8149 | D:9      | Found a runed translucent door.
  8149 | D:9      | Noticed a sixfirhy
  8306 | D:9      | Noticed a two-headed ogre
  8307 | D:9      | 8307 ||| Stepping ~*~*~tactically~*~*~ (stealth).
  8309 | D:9      | Identified the +0 short sword "Plog" {holy, rF+ Int+3}
  8319 | D:9      | Killed a two-headed ogre
  8323 | D:9      | 8323 ||| Stepping ~*~*~tactically~*~*~ (stealth).
  8325 | D:9      | 8325 ||| Stepping ~*~*~tactically~*~*~ (stealth).
  8326 | D:9      | 8326 ||| Stepping ~*~*~tactically~*~*~ (stealth).
  8419 | D:9      | 8419 ||| Stepping ~*~*~tactically~*~*~ (stealth).
  8484 | D:9      | Found a shimmering altar of Xom.
  8607 | D:10     | Entered Level 10 of the Dungeon
  8678 | D:10     | 8678 ||| Stepping ~*~*~tactically~*~*~ (stealth).
  8680 | D:10     | 8680 ||| Stepping ~*~*~tactically~*~*~ (stealth).
  8701 | D:10     | Found a staircase to the Orcish Mines.
  8738 | D:10     | Noticed a death yak
  8738 | D:10     | Noticed a death yak
  8744 | D:10     | Noticed a death yak
  8756 | D:10     | HP: 15/64 [death yak (4)]
  8757 | D:10     | 8757 ||| READING 6 scrolls of teleportation.
  8757 | D:10     | HP: 4/64 [death yak (11)]
  8758 | D:10     | 8758 ||| DRINKING potion of heal wounds.
  8907 | D:10     | 8907 ||| Stepping ~*~*~tactically~*~*~ (stealth).
  8909 | D:10     | 8909 ||| Stepping ~*~*~tactically~*~*~ (stealth).
  8910 | D:10     | 8910 ||| Stepping ~*~*~tactically~*~*~ (stealth).
  8911 | D:10     | 8911 ||| Stepping ~*~*~tactically~*~*~ (hiding).
  8929 | D:10     | Killed a death yak
  8931 | D:10     | HP: 14/64 [death yak (7)]
  8932 | D:10     | 8932 ||| READING 5 scrolls of teleportation.
  8934 | D:10     | Found an iron altar of Okawaru.
  8934 | D:10     | Noticed a two-headed ogre
  8935 | D:10     | 8935 ||| PLANNING OKAWARU WORSHIP
  8935 | D:10     | 8935 ||| FLEEEEING.
  8936 | D:10     | 8936 ||| FLEEEEING.
  8937 | D:10     | 8937 ||| FLEEEEING.
  8938 | D:10     | 8938 ||| FLEEEEING.
  8939 | D:10     | 8939 ||| FLEEEEING.
  8940 | D:10     | 8940 ||| FLEEEEING.
  8941 | D:10     | 8941 ||| FLEEEEING.
  8942 | D:10     | 8942 ||| FLEEEEING.
  8943 | D:10     | 8943 ||| FLEEEEING.
  8944 | D:10     | 8944 ||| FLEEEEING.
  8945 | D:10     | 8945 ||| FLEEEEING.
  8946 | D:10     | 8946 ||| FLEEEEING.
  8947 | D:10     | 8947 ||| FLEEEEING.
  8948 | D:10     | 8948 ||| FLEEEEING.
  8952 | D:10     | 8952 ||| FLEEEEING.
  8953 | D:10     | 8953 ||| FLEEEEING.
  8954 | D:10     | 8954 ||| FLEEEEING.
  8955 | D:10     | 8955 ||| STAIRDANCE
  9106 | D:9      | 9106 ||| READING scroll labelled ZYP DOBIP KIRCHE.
  9114 | D:10     | Killed a two-headed ogre
  9115 | D:10     | Reached XP level 11. HP: 62/68 MP: 11/11
  9154 | D:10     | Became a worshipper of Warmaster Okawaru
  9155 | D:10     | 9155 ||| PLANNING D:1-11
  9155 | D:10     | 9155 ||| REMOVING amulet of guardian spirit.
  9178 | D:10     | Reached skill level 11 in Axes
  9310 | D:10     | Killed a death yak
  9315 | D:10     | Killed a death yak
  9315 | D:10     | Reached * piety under Okawaru
  9316 | D:10     | Reached skill level 9 in Fighting
  9323 | D:10     | 9323 ||| INVOKING Heroism.
  9469 | D:10     | Found a staircase to the Lair.
  9478 | D:10     | 9478 ||| SWAPPING to +2 heavy war axe.
  9479 | D:10     | 9479 ||| DROPPING +0 war axe.
  9524 | D:10     | Found a sparkling altar of Nemelex Xobeh.
  9527 | D:10     | Found a snail-covered altar of Cheibriados.
  9576 | D:10     | 9576 ||| INVOKING Heroism.
  9581 | D:10     | Reached skill level 1 in Invocations
  9686 | D:10     | 9686 ||| PLANNING LAIR
  9686 | D:10     | 9686 ||| READING 8 scrolls of identify.
  9686 | D:10     | 9686 ||| IDENTIFYING sapphire potion
  9725 | Lair:1   | Entered Level 1 of the Lair of Beasts
  9726 | Lair:1   | 9726 ||| INVOKING Heroism.
  9739 | Lair:1   | 9739 ||| STAIRDANCE
  9749 | Lair:1   | 9749 ||| INVOKING Heroism.
  9755 | Lair:1   | Reached skill level 9 in Armour
  9755 | Lair:1   | Reached skill level 3 in Invocations
  9764 | Lair:1   | 9764 ||| INVOKING Heroism.
 10113 | Lair:1   | 10113 ||| INVOKING Heroism.
 10126 | Lair:1   | Reached ** piety under Okawaru
 10129 | Lair:1   | 10129 ||| INVOKING Heroism.
 10370 | Lair:1   | Noticed a lindwurm
 10371 | Lair:1   | 10371 ||| INVOKING Heroism.
 10376 | Lair:1   | Killed a lindwurm
 10675 | Lair:1   | Reached skill level 12 in Axes
 10756 | Lair:1   | 10756 ||| READING scroll labelled SEXTEXK LIVYICW.
 10863 | Lair:2   | 10863 ||| INVOKING Heroism.
 10888 | Lair:2   | 10888 ||| INVOKING Heroism.
 10896 | Lair:2   | HP: 16/71 [komodo dragon (14)]
 10897 | Lair:2   | 10897 ||| READING 5 scrolls of teleportation.
 10899 | Lair:2   | Reached skill level 6 in Shields
 10901 | Lair:2   | 10901 ||| READING 4 scrolls of teleportation.
 10904 | Lair:2   | HP: 15/71 [cane toad (3)]
 10905 | Lair:2   | 10905 ||| READING 3 scrolls of teleportation.
 10907 | Lair:2   | Reached XP level 12. HP: 10/76 MP: 15/15
 11354 | Lair:2   | Reached *** piety under Okawaru
 11472 | Lair:2   | Found a staircase to the Snake Pit.
 11527 | Lair:2   | Noticed an eight-headed hydra
 11528 | Lair:2   | 11528 ||| INVOKING Heroism.
 11533 | Lair:2   | 11533 ||| SWAPPING to +4 flail of draining.
 11541 | Lair:2   | Killed an eight-headed hydra
 11542 | Lair:2   | 11542 ||| SWAPPING to +2 heavy war axe.
 11589 | Lair:2   | 11589 ||| FLEEEEING.
 11645 | Lair:2   | 11645 ||| READING scroll labelled GYECKUE GOYF.
 11653 | Lair:2   | 11653 ||| Stepping ~*~*~tactically~*~*~ (stealth).
 11666 | Lair:2   | 11666 ||| INVOKING Heroism.
 11814 | Lair:2   | 11814 ||| INVOKING Heroism.
 11822 | Lair:2   | Reached skill level 13 in Axes
 12167 | Lair:2   | 12167 ||| Stepping ~*~*~tactically~*~*~ (hiding).
 12169 | Lair:2   | 12169 ||| Stepping ~*~*~tactically~*~*~ (hiding).
 12230 | Lair:2   | 12230 ||| Stepping ~*~*~tactically~*~*~ (stealth).
 12381 | Lair:2   | 12381 ||| READING 7 scrolls of identify.
 12381 | Lair:2   | 12381 ||| IDENTIFYING emerald potion
 12427 | Lair:3   | You fall into a shaft and drop 2 floors!
 12427 | Lair:5   | Entered Level 5 of the Lair of Beasts
 12433 | Lair:5   | Noticed a four-headed hydra
 12434 | Lair:5   | 12434 ||| INVOKING Heroism.
 12437 | Lair:5   | 12437 ||| SWAPPING to +4 flail of draining.
 12442 | Lair:5   | Killed a four-headed hydra
 12442 | Lair:5   | Reached **** piety under Okawaru
 12443 | Lair:5   | 12443 ||| SWAPPING to +2 heavy war axe.
 12563 | Lair:5   | 12563 ||| Stepping ~*~*~tactically~*~*~ (stealth).
 12568 | Lair:5   | Noticed a death yak
 12571 | Lair:5   | 12571 ||| INVOKING Heroism.
 12576 | Lair:5   | Received a gift from Okawaru
 12582 | Lair:5   | Noticed a four-headed hydra
 12585 | Lair:5   | Noticed a death yak
 12585 | Lair:5   | Noticed a death yak
 12585 | Lair:5   | 12585 ||| Stepping ~*~*~tactically~*~*~ (stealth).
 12586 | Lair:5   | 12586 ||| Stepping ~*~*~tactically~*~*~ (stealth).
 12587 | Lair:5   | 12587 ||| Stepping ~*~*~tactically~*~*~ (stealth).
 12588 | Lair:5   | Noticed a death yak
 12590 | Lair:5   | 12590 ||| SWAPPING to +4 flail of draining.
 12591 | Lair:5   | 12591 ||| SWAPPING to +2 heavy war axe.
 12591 | Lair:5   | Noticed a death yak
 12593 | Lair:5   | 12593 ||| SWAPPING to +4 flail of draining.
 12595 | Lair:5   | Noticed a death yak
 12597 | Lair:5   | Killed a four-headed hydra
 12598 | Lair:5   | 12598 ||| SWAPPING to +2 heavy war axe.
 12598 | Lair:5   | Noticed a death yak
 12602 | Lair:5   | Killed a death yak
 12604 | Lair:5   | 12604 ||| INVOKING Heroism.
 12605 | Lair:5   | Noticed a death yak
 12607 | Lair:5   | HP: 19/77 [death yak (3)]
 12608 | Lair:5   | 12608 ||| READING 2 scrolls of teleportation.
 12609 | Lair:5   | Killed a death yak
 12609 | Lair:5   | Killed a death yak
 12609 | Lair:5   | Received a gift from Okawaru
 12610 | Lair:5   | Reached skill level 6 in Invocations
 12611 | Lair:5   | Killed a death yak
 12611 | Lair:5   | HP: 7/77 [elephant (12)]
 12612 | Lair:5   | Reached XP level 13. HP: 8/82 MP: 18/18
 12614 | Lair:5   | 12614 ||| READING scroll of teleportation.
 12617 | Lair:5   | Reached ***** piety under Okawaru
 12618 | Lair:5   | Reached skill level 14 in Axes
 12623 | Lair:5   | HP: 5/82 [wolf (7)]
 12624 | Lair:5   | HP: 2/82 [wolf (4)]
 12656 | Lair:5   | 12656 ||| Stepping ~*~*~tactically~*~*~ (stealth).
 12657 | Lair:5   | 12657 ||| Stepping ~*~*~tactically~*~*~ (stealth).
 12679 | Lair:5   | 12679 ||| Stepping ~*~*~tactically~*~*~ (stealth).
 12683 | Lair:5   | 12683 ||| Stepping ~*~*~tactically~*~*~ (stealth).
 12685 | Lair:5   | 12685 ||| Stepping ~*~*~tactically~*~*~ (stealth).
 12689 | Lair:5   | 12689 ||| Stepping ~*~*~tactically~*~*~ (stealth).
 12691 | Lair:5   | 12691 ||| Stepping ~*~*~tactically~*~*~ (stealth).
 12693 | Lair:5   | 12693 ||| Stepping ~*~*~tactically~*~*~ (stealth).
 12694 | Lair:5   | 12694 ||| Stepping ~*~*~tactically~*~*~ (stealth).
 12697 | Lair:5   | 12697 ||| Stepping ~*~*~tactically~*~*~ (stealth).
 12698 | Lair:5   | 12698 ||| INVOKING Heroism.
 12699 | Lair:5   | 12699 ||| INVOKING Finesse.
 12700 | Lair:5   | 12700 ||| Stepping ~*~*~tactically~*~*~ (stealth).
 12704 | Lair:5   | 12704 ||| SWAPPING to +4 flail of draining.
 12708 | Lair:5   | 12708 ||| SWAPPING to +2 heavy war axe.
 12729 | Lair:5   | 12729 ||| Stepping ~*~*~tactically~*~*~ (stealth).
 12730 | Lair:5   | 12730 ||| Stepping ~*~*~tactically~*~*~ (stealth).
 12732 | Lair:5   | 12732 ||| INVOKING Heroism.
 12898 | Lair:5   | 12898 ||| Stepping randomly (stuck).
 12899 | Lair:5   | 12899 ||| Stepping randomly (stuck).
 12900 | Lair:5   | 12900 ||| Stepping randomly (stuck).
 12901 | Lair:5   | 12901 ||| Stepping randomly (stuck).
 12902 | Lair:5   | 12902 ||| Stepping randomly (stuck).
 12903 | Lair:5   | 12903 ||| Stepping randomly (stuck).
 12904 | Lair:5   | 12904 ||| Stepping randomly (stuck).
 12905 | Lair:5   | 12905 ||| Stepping randomly (stuck).
 12906 | Lair:5   | 12906 ||| Stepping randomly (stuck).
 12907 | Lair:5   | 12907 ||| Stepping randomly (stuck).
 12908 | Lair:5   | 12908 ||| Stepping randomly (stuck).
 12909 | Lair:5   | 12909 ||| Stepping randomly (stuck).
 12910 | Lair:5   | 12910 ||| Stepping randomly (stuck).
 12911 | Lair:5   | 12911 ||| Stepping randomly (stuck).
 12912 | Lair:5   | 12912 ||| Stepping randomly (stuck).
 12913 | Lair:5   | 12913 ||| Stepping randomly (stuck).
 12914 | Lair:5   | 12914 ||| Stepping randomly (stuck).
 12915 | Lair:5   | 12915 ||| Stepping randomly (stuck).
 12916 | Lair:5   | 12916 ||| Stepping randomly (stuck).
 12917 | Lair:5   | 12917 ||| Stepping randomly (stuck).
 12918 | Lair:5   | 12918 ||| Stepping randomly (stuck).
 12919 | Lair:5   | 12919 ||| Stepping randomly (stuck).
 12920 | Lair:5   | 12920 ||| Stepping randomly (stuck).
 12921 | Lair:5   | 12921 ||| Stepping randomly (stuck).
 12922 | Lair:5   | 12922 ||| Stepping randomly (stuck).
 12923 | Lair:5   | 12923 ||| Stepping randomly (stuck).
 12924 | Lair:5   | 12924 ||| Stepping randomly (stuck).
 12925 | Lair:5   | 12925 ||| Stepping randomly (stuck).
 12926 | Lair:5   | 12926 ||| Stepping randomly (stuck).
 12927 | Lair:5   | 12927 ||| Stepping randomly (stuck).
 12933 | Lair:5   | 12933 ||| Stepping randomly (stuck).
 12934 | Lair:5   | 12934 ||| Stepping randomly (stuck).
 12935 | Lair:5   | 12935 ||| Stepping randomly (stuck).
 12936 | Lair:5   | 12936 ||| Stepping randomly (stuck).
 12937 | Lair:5   | 12937 ||| Stepping randomly (stuck).
 12938 | Lair:5   | 12938 ||| Stepping randomly (stuck).
 12939 | Lair:5   | 12939 ||| Stepping randomly (stuck).
 12940 | Lair:5   | 12940 ||| Stepping randomly (stuck).
 12941 | Lair:5   | 12941 ||| Stepping randomly (stuck).
 12942 | Lair:5   | 12942 ||| Stepping randomly (stuck).
 12943 | Lair:5   | 12943 ||| Stepping randomly (stuck).
 12944 | Lair:5   | 12944 ||| Stepping randomly (stuck).
 12945 | Lair:5   | 12945 ||| Stepping randomly (stuck).
 12946 | Lair:5   | 12946 ||| Stepping randomly (stuck).
 12947 | Lair:5   | 12947 ||| Stepping randomly (stuck).
 12948 | Lair:5   | 12948 ||| Stepping randomly (stuck).
 12949 | Lair:5   | 12949 ||| Stepping randomly (stuck).
 12950 | Lair:5   | 12950 ||| Stepping randomly (stuck).
 12951 | Lair:5   | 12951 ||| INVOKING Heroism.
 13048 | Lair:5   | 13048 ||| Stepping ~*~*~tactically~*~*~ (stealth).
 13055 | Lair:5   | 13055 ||| Stepping randomly (stuck).
 13056 | Lair:5   | 13056 ||| Stepping randomly (stuck).
 13058 | Lair:5   | 13058 ||| Stepping randomly (stuck).
 13059 | Lair:5   | 13059 ||| Stepping randomly (stuck).
 13060 | Lair:5   | 13060 ||| Stepping randomly (stuck).
 13073 | Lair:5   | 13073 ||| Stepping randomly (stuck).
 13074 | Lair:5   | 13074 ||| Stepping randomly (stuck).
 13075 | Lair:5   | 13075 ||| Stepping randomly (stuck).
 13076 | Lair:5   | 13076 ||| Stepping randomly (stuck).
 13077 | Lair:5   | 13077 ||| Stepping randomly (stuck).
 13078 | Lair:5   | 13078 ||| Stepping randomly (stuck).
 13079 | Lair:5   | 13079 ||| Stepping randomly (stuck).
 13080 | Lair:5   | 13080 ||| Stepping randomly (stuck).
 13081 | Lair:5   | 13081 ||| Stepping randomly (stuck).
 13082 | Lair:5   | 13082 ||| Stepping randomly (stuck).
 13083 | Lair:5   | 13083 ||| Stepping randomly (stuck).
 13084 | Lair:5   | 13084 ||| Stepping randomly (stuck).
 13085 | Lair:5   | 13085 ||| Stepping randomly (stuck).
 13086 | Lair:5   | 13086 ||| Stepping randomly (stuck).
 13087 | Lair:5   | 13087 ||| Stepping randomly (stuck).
 13088 | Lair:5   | 13088 ||| Stepping randomly (stuck).
 13089 | Lair:5   | 13089 ||| Stepping randomly (stuck).
 13090 | Lair:5   | 13090 ||| Stepping randomly (stuck).
 13091 | Lair:5   | 13091 ||| Stepping randomly (stuck).
 13092 | Lair:5   | 13092 ||| Stepping randomly (stuck).
 13093 | Lair:5   | 13093 ||| Stepping randomly (stuck).
 13094 | Lair:5   | 13094 ||| Stepping randomly (stuck).
 13095 | Lair:5   | 13095 ||| Stepping randomly (stuck).
 13096 | Lair:5   | 13096 ||| Stepping randomly (stuck).
 13097 | Lair:5   | 13097 ||| Stepping randomly (stuck).
 13098 | Lair:5   | 13098 ||| Stepping randomly (stuck).
 13099 | Lair:5   | 13099 ||| Stepping randomly (stuck).
 13100 | Lair:5   | 13100 ||| Stepping randomly (stuck).
 13101 | Lair:5   | 13101 ||| Stepping randomly (stuck).
 13102 | Lair:5   | 13102 ||| Stepping randomly (stuck).
 13103 | Lair:5   | 13103 ||| Stepping randomly (stuck).
 13104 | Lair:5   | 13104 ||| Stepping randomly (stuck).
 13105 | Lair:5   | 13105 ||| Stepping randomly (stuck).
 13106 | Lair:5   | 13106 ||| Stepping randomly (stuck).
 13107 | Lair:5   | 13107 ||| Stepping randomly (stuck).
 13108 | Lair:5   | 13108 ||| Stepping randomly (stuck).
 13109 | Lair:5   | 13109 ||| Stepping randomly (stuck).
 13110 | Lair:5   | 13110 ||| Stepping randomly (stuck).
 13111 | Lair:5   | 13111 ||| Stepping randomly (stuck).
 13112 | Lair:5   | 13112 ||| Stepping randomly (stuck).
 13113 | Lair:5   | 13113 ||| Stepping randomly (stuck).
 13114 | Lair:5   | 13114 ||| Stepping randomly (stuck).
 13115 | Lair:5   | 13115 ||| Stepping randomly (stuck).
 13116 | Lair:5   | 13116 ||| Stepping randomly (stuck).
 13117 | Lair:5   | 13117 ||| Stepping randomly (stuck).
 13118 | Lair:5   | 13118 ||| Stepping randomly (stuck).
 13119 | Lair:5   | 13119 ||| Stepping randomly (stuck).
 13120 | Lair:5   | 13120 ||| Stepping randomly (stuck).
 13121 | Lair:5   | 13121 ||| Stepping randomly (stuck).
 13122 | Lair:5   | 13122 ||| Stepping randomly (stuck).
 13123 | Lair:5   | 13123 ||| Stepping randomly (stuck).
 13124 | Lair:5   | 13124 ||| Stepping randomly (stuck).
 13125 | Lair:5   | 13125 ||| Stepping randomly (stuck).
 13126 | Lair:5   | 13126 ||| Stepping randomly (stuck).
 13127 | Lair:5   | 13127 ||| Stepping randomly (stuck).
 13128 | Lair:5   | 13128 ||| Stepping randomly (stuck).
 13129 | Lair:5   | 13129 ||| Stepping randomly (stuck).
 13130 | Lair:5   | 13130 ||| Stepping randomly (stuck).
 13131 | Lair:5   | 13131 ||| Stepping randomly (stuck).
 13132 | Lair:5   | 13132 ||| Stepping randomly (stuck).
 13133 | Lair:5   | 13133 ||| Stepping randomly (stuck).
 13134 | Lair:5   | 13134 ||| Stepping randomly (stuck).
 13135 | Lair:5   | 13135 ||| Stepping randomly (stuck).
 13136 | Lair:5   | 13136 ||| Stepping randomly (stuck).
 13137 | Lair:5   | 13137 ||| Stepping randomly (stuck).
 13138 | Lair:5   | 13138 ||| Stepping randomly (stuck).
 13139 | Lair:5   | 13139 ||| Stepping randomly (stuck).
 13140 | Lair:5   | 13140 ||| Stepping randomly (stuck).
 13141 | Lair:5   | 13141 ||| Stepping randomly (stuck).
 13142 | Lair:5   | 13142 ||| Stepping randomly (stuck).
 13143 | Lair:5   | 13143 ||| Stepping randomly (stuck).
 13144 | Lair:5   | 13144 ||| Stepping randomly (stuck).
 13145 | Lair:5   | 13145 ||| Stepping randomly (stuck).
 13146 | Lair:5   | 13146 ||| Stepping randomly (stuck).
 13147 | Lair:5   | 13147 ||| Stepping randomly (stuck).
 13148 | Lair:5   | 13148 ||| Stepping randomly (stuck).
 13149 | Lair:5   | 13149 ||| Stepping randomly (stuck).
 13150 | Lair:5   | 13150 ||| Stepping randomly (stuck).
 13151 | Lair:5   | 13151 ||| Stepping randomly (stuck).
 13152 | Lair:5   | 13152 ||| Stepping randomly (stuck).
 13153 | Lair:5   | 13153 ||| Stepping randomly (stuck).
 13154 | Lair:5   | 13154 ||| Stepping randomly (stuck).
 13155 | Lair:5   | 13155 ||| Stepping randomly (stuck).
 13156 | Lair:5   | 13156 ||| Stepping randomly (stuck).
 13157 | Lair:5   | 13157 ||| Stepping randomly (stuck).
 13158 | Lair:5   | 13158 ||| Stepping randomly (stuck).
 13159 | Lair:5   | 13159 ||| Stepping randomly (stuck).
 13160 | Lair:5   | 13160 ||| Stepping randomly (stuck).
 13161 | Lair:5   | 13161 ||| Stepping randomly (stuck).
 13162 | Lair:5   | 13162 ||| Stepping randomly (stuck).
 13163 | Lair:5   | 13163 ||| Stepping randomly (stuck).
 13164 | Lair:5   | 13164 ||| Stepping randomly (stuck).
 13165 | Lair:5   | 13165 ||| Stepping randomly (stuck).
 13166 | Lair:5   | 13166 ||| Stepping randomly (stuck).
 13167 | Lair:5   | 13167 ||| Stepping randomly (stuck).
 13168 | Lair:5   | 13168 ||| Stepping randomly (stuck).
 13169 | Lair:5   | 13169 ||| Stepping randomly (stuck).
 13170 | Lair:5   | 13170 ||| Stepping randomly (stuck).
 13171 | Lair:5   | 13171 ||| Stepping randomly (stuck).
 13172 | Lair:5   | 13172 ||| Stepping randomly (stuck).
 13173 | Lair:5   | 13173 ||| Stepping randomly (stuck).
 13174 | Lair:5   | 13174 ||| Stepping randomly (stuck).
 13175 | Lair:5   | 13175 ||| Stepping randomly (stuck).
 13176 | Lair:5   | 13176 ||| Stepping randomly (stuck).
 13177 | Lair:5   | 13177 ||| Stepping randomly (stuck).
 13178 | Lair:5   | 13178 ||| Stepping randomly (stuck).
 13179 | Lair:5   | 13179 ||| Stepping randomly (stuck).
 13180 | Lair:5   | 13180 ||| Stepping randomly (stuck).
 13181 | Lair:5   | 13181 ||| Stepping randomly (stuck).
 13182 | Lair:5   | 13182 ||| Stepping randomly (stuck).
 13183 | Lair:5   | 13183 ||| Stepping randomly (stuck).
 13184 | Lair:5   | 13184 ||| Stepping randomly (stuck).
 13185 | Lair:5   | 13185 ||| Stepping randomly (stuck).
 13186 | Lair:5   | 13186 ||| Stepping randomly (stuck).
 13187 | Lair:5   | 13187 ||| Stepping randomly (stuck).
 13188 | Lair:5   | 13188 ||| Stepping randomly (stuck).
 13189 | Lair:5   | 13189 ||| Stepping randomly (stuck).
 13190 | Lair:5   | 13190 ||| Stepping randomly (stuck).
 13191 | Lair:5   | 13191 ||| Stepping randomly (stuck).
 13192 | Lair:5   | 13192 ||| Stepping randomly (stuck).
 13193 | Lair:5   | 13193 ||| Stepping randomly (stuck).
 13194 | Lair:5   | 13194 ||| Stepping randomly (stuck).
 13195 | Lair:5   | 13195 ||| Stepping randomly (stuck).
 13196 | Lair:5   | 13196 ||| Stepping randomly (stuck).
 13197 | Lair:5   | 13197 ||| Stepping randomly (stuck).
 13198 | Lair:5   | 13198 ||| Stepping randomly (stuck).
 13199 | Lair:5   | 13199 ||| Stepping randomly (stuck).
 13200 | Lair:5   | 13200 ||| Stepping randomly (stuck).
 13201 | Lair:5   | 13201 ||| Stepping randomly (stuck).
 13202 | Lair:5   | 13202 ||| Stepping randomly (stuck).
 13203 | Lair:5   | 13203 ||| Stepping randomly (stuck).
 13204 | Lair:5   | 13204 ||| Stepping randomly (stuck).
 13205 | Lair:5   | 13205 ||| Stepping randomly (stuck).
 13206 | Lair:5   | 13206 ||| Stepping randomly (stuck).
 13207 | Lair:5   | 13207 ||| Stepping randomly (stuck).
 13208 | Lair:5   | 13208 ||| Stepping randomly (stuck).
 13209 | Lair:5   | 13209 ||| Stepping randomly (stuck).
 13210 | Lair:5   | 13210 ||| Stepping randomly (stuck).
 13211 | Lair:5   | 13211 ||| Stepping randomly (stuck).
 13212 | Lair:5   | 13212 ||| Stepping randomly (stuck).
 13213 | Lair:5   | 13213 ||| Stepping randomly (stuck).
 13214 | Lair:5   | 13214 ||| Stepping randomly (stuck).
 13215 | Lair:5   | 13215 ||| Stepping randomly (stuck).
 13216 | Lair:5   | 13216 ||| Stepping randomly (stuck).
 13217 | Lair:5   | 13217 ||| Stepping randomly (stuck).
 13218 | Lair:5   | 13218 ||| Stepping randomly (stuck).
 13219 | Lair:5   | 13219 ||| Stepping randomly (stuck).
 13220 | Lair:5   | 13220 ||| Stepping randomly (stuck).
 13221 | Lair:5   | 13221 ||| Stepping randomly (stuck).
 13222 | Lair:5   | 13222 ||| Stepping randomly (stuck).
 13223 | Lair:5   | 13223 ||| Stepping randomly (stuck).
 13224 | Lair:5   | 13224 ||| Stepping randomly (stuck).
 13225 | Lair:5   | 13225 ||| Stepping randomly (stuck).
 13226 | Lair:5   | 13226 ||| Stepping randomly (stuck).
 13227 | Lair:5   | 13227 ||| Stepping randomly (stuck).
 13228 | Lair:5   | 13228 ||| Stepping randomly (stuck).
 13229 | Lair:5   | 13229 ||| Stepping randomly (stuck).
 13230 | Lair:5   | 13230 ||| Stepping randomly (stuck).
 13231 | Lair:5   | 13231 ||| Stepping randomly (stuck).
 13232 | Lair:5   | 13232 ||| Stepping randomly (stuck).
 13233 | Lair:5   | 13233 ||| Stepping randomly (stuck).
 13234 | Lair:5   | 13234 ||| Stepping randomly (stuck).
 13235 | Lair:5   | 13235 ||| Stepping randomly (stuck).
 13236 | Lair:5   | 13236 ||| Stepping randomly (stuck).
 13237 | Lair:5   | 13237 ||| Stepping randomly (stuck).
 13238 | Lair:5   | 13238 ||| Stepping randomly (stuck).
 13239 | Lair:5   | 13239 ||| Stepping randomly (stuck).
 13240 | Lair:5   | 13240 ||| Stepping randomly (stuck).
 13241 | Lair:5   | 13241 ||| Stepping randomly (stuck).
 13242 | Lair:5   | 13242 ||| Stepping randomly (stuck).
 13243 | Lair:5   | 13243 ||| Stepping randomly (stuck).
 13244 | Lair:5   | 13244 ||| Stepping randomly (stuck).
 13245 | Lair:5   | 13245 ||| Stepping randomly (stuck).
 13246 | Lair:5   | 13246 ||| Stepping randomly (stuck).
 13247 | Lair:5   | 13247 ||| Stepping randomly (stuck).
 13248 | Lair:5   | 13248 ||| Stepping randomly (stuck).
 13249 | Lair:5   | 13249 ||| Stepping randomly (stuck).
 13250 | Lair:5   | 13250 ||| Stepping randomly (stuck).
 13251 | Lair:5   | 13251 ||| Stepping randomly (stuck).
 13252 | Lair:5   | 13252 ||| Stepping randomly (stuck).
 13253 | Lair:5   | 13253 ||| Stepping randomly (stuck).
 13254 | Lair:5   | 13254 ||| Stepping randomly (stuck).
 13255 | Lair:5   | 13255 ||| Stepping randomly (stuck).
 13256 | Lair:5   | 13256 ||| Stepping randomly (stuck).
 13257 | Lair:5   | 13257 ||| Stepping randomly (stuck).
 13258 | Lair:5   | 13258 ||| Stepping randomly (stuck).
 13259 | Lair:5   | 13259 ||| Stepping randomly (stuck).
 13260 | Lair:5   | 13260 ||| Stepping randomly (stuck).
 13261 | Lair:5   | 13261 ||| Stepping randomly (stuck).
 13262 | Lair:5   | 13262 ||| Stepping randomly (stuck).
 13263 | Lair:5   | 13263 ||| Stepping randomly (stuck).
 13264 | Lair:5   | 13264 ||| Stepping randomly (stuck).
 13265 | Lair:5   | 13265 ||| Stepping randomly (stuck).
 13266 | Lair:5   | 13266 ||| Stepping randomly (stuck).
 13267 | Lair:5   | 13267 ||| Stepping randomly (stuck).
 13268 | Lair:5   | 13268 ||| Stepping randomly (stuck).
 13269 | Lair:5   | 13269 ||| Stepping randomly (stuck).
 13270 | Lair:5   | 13270 ||| Stepping randomly (stuck).
 13271 | Lair:5   | 13271 ||| Stepping randomly (stuck).
 13272 | Lair:5   | 13272 ||| Stepping randomly (stuck).
 13273 | Lair:5   | 13273 ||| Stepping randomly (stuck).
 13274 | Lair:5   | 13274 ||| Stepping randomly (stuck).
 13275 | Lair:5   | 13275 ||| Stepping randomly (stuck).
 13276 | Lair:5   | 13276 ||| Stepping randomly (stuck).
 13277 | Lair:5   | 13277 ||| Stepping randomly (stuck).
 13278 | Lair:5   | 13278 ||| Stepping randomly (stuck).
 13279 | Lair:5   | 13279 ||| Stepping randomly (stuck).
 13280 | Lair:5   | 13280 ||| Stepping randomly (stuck).
 13281 | Lair:5   | 13281 ||| Stepping randomly (stuck).
 13282 | Lair:5   | 13282 ||| Stepping randomly (stuck).
 13283 | Lair:5   | 13283 ||| Stepping randomly (stuck).
 13284 | Lair:5   | 13284 ||| Stepping randomly (stuck).
 13285 | Lair:5   | 13285 ||| Stepping randomly (stuck).
 13286 | Lair:5   | 13286 ||| Stepping randomly (stuck).
 13287 | Lair:5   | 13287 ||| Stepping randomly (stuck).
 13288 | Lair:5   | 13288 ||| Stepping randomly (stuck).
 13289 | Lair:5   | 13289 ||| Stepping randomly (stuck).
 13290 | Lair:5   | 13290 ||| Stepping randomly (stuck).
 13291 | Lair:5   | 13291 ||| Stepping randomly (stuck).
 13292 | Lair:5   | 13292 ||| Stepping randomly (stuck).
 13293 | Lair:5   | 13293 ||| Stepping randomly (stuck).
 13294 | Lair:5   | 13294 ||| Stepping randomly (stuck).
 13295 | Lair:5   | 13295 ||| Stepping randomly (stuck).
 13296 | Lair:5   | 13296 ||| Stepping randomly (stuck).
 13297 | Lair:5   | 13297 ||| Stepping randomly (stuck).
 13298 | Lair:5   | 13298 ||| Stepping randomly (stuck).
 13299 | Lair:5   | 13299 ||| Stepping randomly (stuck).
 13300 | Lair:5   | 13300 ||| Stepping randomly (stuck).
 13301 | Lair:5   | 13301 ||| Stepping randomly (stuck).
 13302 | Lair:5   | 13302 ||| Stepping randomly (stuck).
 13303 | Lair:5   | 13303 ||| Stepping randomly (stuck).
 13304 | Lair:5   | 13304 ||| Stepping randomly (stuck).
 13305 | Lair:5   | 13305 ||| Stepping randomly (stuck).
 13306 | Lair:5   | 13306 ||| Stepping randomly (stuck).
 13307 | Lair:5   | 13307 ||| Stepping randomly (stuck).
 13308 | Lair:5   | 13308 ||| Stepping randomly (stuck).
 13309 | Lair:5   | 13309 ||| Stepping randomly (stuck).
 13310 | Lair:5   | 13310 ||| Stepping randomly (stuck).
 13311 | Lair:5   | 13311 ||| Stepping randomly (stuck).
 13312 | Lair:5   | 13312 ||| Stepping randomly (stuck).
 13313 | Lair:5   | 13313 ||| Stepping randomly (stuck).
 13314 | Lair:5   | 13314 ||| Stepping randomly (stuck).
 13315 | Lair:5   | 13315 ||| Stepping randomly (stuck).
 13316 | Lair:5   | 13316 ||| Stepping randomly (stuck).
 13317 | Lair:5   | 13317 ||| Stepping randomly (stuck).
 13318 | Lair:5   | 13318 ||| Stepping randomly (stuck).
 13319 | Lair:5   | 13319 ||| Stepping randomly (stuck).
 13320 | Lair:5   | 13320 ||| Stepping randomly (stuck).
 13321 | Lair:5   | 13321 ||| Stepping randomly (stuck).
 13322 | Lair:5   | 13322 ||| Stepping randomly (stuck).
 13323 | Lair:5   | 13323 ||| Stepping randomly (stuck).
 13324 | Lair:5   | 13324 ||| Stepping randomly (stuck).
 13325 | Lair:5   | 13325 ||| Stepping randomly (stuck).
 13326 | Lair:5   | 13326 ||| Stepping randomly (stuck).
 13327 | Lair:5   | 13327 ||| Stepping randomly (stuck).
 13328 | Lair:5   | 13328 ||| Stepping randomly (stuck).
 13329 | Lair:5   | 13329 ||| Stepping randomly (stuck).
 13330 | Lair:5   | 13330 ||| Stepping randomly (stuck).
 13331 | Lair:5   | 13331 ||| Stepping randomly (stuck).
 13332 | Lair:5   | 13332 ||| Stepping randomly (stuck).
 13333 | Lair:5   | 13333 ||| Stepping randomly (stuck).
 13334 | Lair:5   | 13334 ||| Stepping randomly (stuck).
 13335 | Lair:5   | 13335 ||| Stepping randomly (stuck).
 13336 | Lair:5   | 13336 ||| Stepping randomly (stuck).
 13337 | Lair:5   | 13337 ||| Stepping randomly (stuck).
 13338 | Lair:5   | 13338 ||| Stepping randomly (stuck).
 13339 | Lair:5   | 13339 ||| Stepping randomly (stuck).
 13340 | Lair:5   | 13340 ||| Stepping randomly (stuck).
 13341 | Lair:5   | 13341 ||| Stepping randomly (stuck).
 13342 | Lair:5   | 13342 ||| Stepping randomly (stuck).
 13343 | Lair:5   | 13343 ||| Stepping randomly (stuck).
 13344 | Lair:5   | 13344 ||| Stepping randomly (stuck).
 13345 | Lair:5   | 13345 ||| Stepping randomly (stuck).
 13346 | Lair:5   | 13346 ||| Stepping randomly (stuck).
 13347 | Lair:5   | 13347 ||| Stepping randomly (stuck).
 13348 | Lair:5   | 13348 ||| Stepping randomly (stuck).
 13349 | Lair:5   | 13349 ||| Stepping randomly (stuck).
 13350 | Lair:5   | 13350 ||| Stepping randomly (stuck).
 13351 | Lair:5   | 13351 ||| Stepping randomly (stuck).
 13352 | Lair:5   | 13352 ||| Stepping randomly (stuck).
 13353 | Lair:5   | 13353 ||| Stepping randomly (stuck).
 13354 | Lair:5   | 13354 ||| Stepping randomly (stuck).
 13355 | Lair:5   | 13355 ||| Stepping randomly (stuck).
 13356 | Lair:5   | 13356 ||| Stepping randomly (stuck).
 13357 | Lair:5   | 13357 ||| Stepping randomly (stuck).
 13358 | Lair:5   | 13358 ||| Stepping randomly (stuck).
 13359 | Lair:5   | 13359 ||| Stepping randomly (stuck).
 13360 | Lair:5   | 13360 ||| Stepping randomly (stuck).
 13361 | Lair:5   | 13361 ||| Stepping randomly (stuck).
 13362 | Lair:5   | 13362 ||| Stepping randomly (stuck).
 13363 | Lair:5   | 13363 ||| Stepping randomly (stuck).
 13364 | Lair:5   | 13364 ||| Stepping randomly (stuck).
 13365 | Lair:5   | 13365 ||| Stepping randomly (stuck).
 13366 | Lair:5   | 13366 ||| Stepping randomly (stuck).
 13367 | Lair:5   | 13367 ||| Stepping randomly (stuck).
 13368 | Lair:5   | 13368 ||| Stepping randomly (stuck).
 13369 | Lair:5   | 13369 ||| Stepping randomly (stuck).
 13370 | Lair:5   | 13370 ||| Stepping randomly (stuck).
 13371 | Lair:5   | 13371 ||| Stepping randomly (stuck).
 13372 | Lair:5   | 13372 ||| Stepping randomly (stuck).
 13373 | Lair:5   | 13373 ||| Stepping randomly (stuck).
 13374 | Lair:5   | 13374 ||| Stepping randomly (stuck).
 13375 | Lair:5   | 13375 ||| Stepping randomly (stuck).
 13376 | Lair:5   | 13376 ||| Stepping randomly (stuck).
 13377 | Lair:5   | 13377 ||| Stepping randomly (stuck).
 13378 | Lair:5   | 13378 ||| Stepping randomly (stuck).
 13379 | Lair:5   | 13379 ||| Stepping randomly (stuck).
 13380 | Lair:5   | 13380 ||| Stepping randomly (stuck).
 13381 | Lair:5   | 13381 ||| Stepping randomly (stuck).
 13382 | Lair:5   | 13382 ||| Stepping randomly (stuck).
 13383 | Lair:5   | 13383 ||| Stepping randomly (stuck).
 13384 | Lair:5   | 13384 ||| Stepping randomly (stuck).
 13385 | Lair:5   | 13385 ||| Stepping randomly (stuck).
 13386 | Lair:5   | 13386 ||| Stepping randomly (stuck).
 13387 | Lair:5   | 13387 ||| Stepping randomly (stuck).
 13388 | Lair:5   | 13388 ||| Stepping randomly (stuck).
 13389 | Lair:5   | 13389 ||| Stepping randomly (stuck).
 13390 | Lair:5   | 13390 ||| Stepping randomly (stuck).
 13391 | Lair:5   | 13391 ||| Stepping randomly (stuck).
 13392 | Lair:5   | 13392 ||| Stepping randomly (stuck).
 13393 | Lair:5   | 13393 ||| Stepping randomly (stuck).
 13394 | Lair:5   | 13394 ||| Stepping randomly (stuck).
 13395 | Lair:5   | 13395 ||| Stepping randomly (stuck).
 13396 | Lair:5   | 13396 ||| Stepping randomly (stuck).
 13397 | Lair:5   | 13397 ||| Stepping randomly (stuck).
 13398 | Lair:5   | 13398 ||| Stepping randomly (stuck).
 13399 | Lair:5   | 13399 ||| Stepping randomly (stuck).
 13400 | Lair:5   | 13400 ||| Stepping randomly (stuck).
 13401 | Lair:5   | 13401 ||| Stepping randomly (stuck).
 13402 | Lair:5   | 13402 ||| Stepping randomly (stuck).
 13403 | Lair:5   | 13403 ||| Stepping randomly (stuck).
 13404 | Lair:5   | 13404 ||| Stepping randomly (stuck).
 13405 | Lair:5   | 13405 ||| Stepping randomly (stuck).
 13406 | Lair:5   | 13406 ||| Stepping randomly (stuck).
 13407 | Lair:5   | 13407 ||| Stepping randomly (stuck).
 13408 | Lair:5   | 13408 ||| Stepping randomly (stuck).
 13409 | Lair:5   | 13409 ||| Stepping randomly (stuck).
 13410 | Lair:5   | 13410 ||| Stepping randomly (stuck).
 13411 | Lair:5   | 13411 ||| Stepping randomly (stuck).
 13412 | Lair:5   | 13412 ||| Stepping randomly (stuck).
 13413 | Lair:5   | 13413 ||| Stepping randomly (stuck).
 13414 | Lair:5   | 13414 ||| Stepping randomly (stuck).
 13415 | Lair:5   | 13415 ||| Stepping randomly (stuck).
 13416 | Lair:5   | 13416 ||| Stepping randomly (stuck).
 13417 | Lair:5   | 13417 ||| Stepping randomly (stuck).
 13418 | Lair:5   | 13418 ||| Stepping randomly (stuck).
 13419 | Lair:5   | 13419 ||| Stepping randomly (stuck).
 13420 | Lair:5   | 13420 ||| Stepping randomly (stuck).
 13421 | Lair:5   | 13421 ||| Stepping randomly (stuck).
 13422 | Lair:5   | 13422 ||| Stepping randomly (stuck).
 13423 | Lair:5   | 13423 ||| Stepping randomly (stuck).
 13424 | Lair:5   | 13424 ||| Stepping randomly (stuck).
 13425 | Lair:5   | 13425 ||| Stepping randomly (stuck).
 13426 | Lair:5   | 13426 ||| Stepping randomly (stuck).
 13427 | Lair:5   | 13427 ||| Stepping randomly (stuck).
 13428 | Lair:5   | 13428 ||| Stepping randomly (stuck).
 13429 | Lair:5   | 13429 ||| Stepping randomly (stuck).
 13430 | Lair:5   | 13430 ||| Stepping randomly (stuck).
 13431 | Lair:5   | 13431 ||| Stepping randomly (stuck).
 13432 | Lair:5   | 13432 ||| Stepping randomly (stuck).
 13433 | Lair:5   | 13433 ||| Stepping randomly (stuck).
 13434 | Lair:5   | 13434 ||| Stepping randomly (stuck).
 13435 | Lair:5   | 13435 ||| Stepping randomly (stuck).
 13436 | Lair:5   | 13436 ||| Stepping randomly (stuck).
 13438 | Lair:5   | 13438 ||| Stepping randomly (stuck).
 13439 | Lair:5   | 13439 ||| Stepping randomly (stuck).
 13440 | Lair:5   | 13440 ||| Stepping randomly (stuck).
 13441 | Lair:5   | 13441 ||| Stepping randomly (stuck).
 13442 | Lair:5   | 13442 ||| Stepping randomly (stuck).
 13443 | Lair:5   | 13443 ||| Stepping randomly (stuck).
 13444 | Lair:5   | 13444 ||| Stepping randomly (stuck).
 13445 | Lair:5   | 13445 ||| Stepping randomly (stuck).
 13446 | Lair:5   | 13446 ||| Stepping randomly (stuck).
 13447 | Lair:5   | 13447 ||| Stepping randomly (stuck).
 13448 | Lair:5   | 13448 ||| Stepping randomly (stuck).
 13449 | Lair:5   | 13449 ||| Stepping randomly (stuck).
 13450 | Lair:5   | 13450 ||| Stepping randomly (stuck).
 13451 | Lair:5   | 13451 ||| Stepping randomly (stuck).
 13452 | Lair:5   | 13452 ||| Stepping randomly (stuck).
 13453 | Lair:5   | 13453 ||| Stepping randomly (stuck).
 13454 | Lair:5   | 13454 ||| Stepping randomly (stuck).
 13455 | Lair:5   | 13455 ||| Stepping randomly (stuck).
 13456 | Lair:5   | 13456 ||| Stepping randomly (stuck).
 13457 | Lair:5   | 13457 ||| Stepping randomly (stuck).
 13458 | Lair:5   | 13458 ||| Stepping randomly (stuck).
 13459 | Lair:5   | 13459 ||| Stepping randomly (stuck).
 13460 | Lair:5   | 13460 ||| Stepping randomly (stuck).
 13461 | Lair:5   | 13461 ||| Stepping randomly (stuck).
 13462 | Lair:5   | 13462 ||| Stepping randomly (stuck).
 13463 | Lair:5   | 13463 ||| Stepping randomly (stuck).
 13464 | Lair:5   | 13464 ||| Stepping randomly (stuck).
 13465 | Lair:5   | 13465 ||| Stepping randomly (stuck).
 13466 | Lair:5   | 13466 ||| Stepping randomly (stuck).
 13467 | Lair:5   | 13467 ||| Stepping randomly (stuck).
 13468 | Lair:5   | 13468 ||| Stepping randomly (stuck).
 13469 | Lair:5   | 13469 ||| Stepping randomly (stuck).
 13470 | Lair:5   | 13470 ||| Stepping randomly (stuck).
 13471 | Lair:5   | 13471 ||| Stepping randomly (stuck).
 13472 | Lair:5   | 13472 ||| Stepping randomly (stuck).
 13473 | Lair:5   | 13473 ||| Stepping randomly (stuck).
 13474 | Lair:5   | 13474 ||| Stepping randomly (stuck).
 13475 | Lair:5   | 13475 ||| Stepping randomly (stuck).
 13476 | Lair:5   | 13476 ||| Stepping randomly (stuck).
 13477 | Lair:5   | 13477 ||| Stepping randomly (stuck).
 13478 | Lair:5   | 13478 ||| Stepping randomly (stuck).
 13479 | Lair:5   | 13479 ||| Stepping randomly (stuck).
 13480 | Lair:5   | 13480 ||| Stepping randomly (stuck).
 13481 | Lair:5   | 13481 ||| Stepping randomly (stuck).
 13482 | Lair:5   | 13482 ||| Stepping randomly (stuck).
 13483 | Lair:5   | 13483 ||| Stepping randomly (stuck).
 13484 | Lair:5   | 13484 ||| Stepping randomly (stuck).
 13485 | Lair:5   | 13485 ||| Stepping randomly (stuck).
 13486 | Lair:5   | 13486 ||| Stepping randomly (stuck).
 13487 | Lair:5   | 13487 ||| Stepping randomly (stuck).
 13488 | Lair:5   | 13488 ||| Stepping randomly (stuck).
 13489 | Lair:5   | 13489 ||| Stepping randomly (stuck).
 13490 | Lair:5   | 13490 ||| Stepping randomly (stuck).
 13491 | Lair:5   | 13491 ||| Stepping randomly (stuck).
 13492 | Lair:5   | 13492 ||| Stepping randomly (stuck).
 13493 | Lair:5   | 13493 ||| Stepping randomly (stuck).
 13494 | Lair:5   | 13494 ||| Stepping randomly (stuck).
 13495 | Lair:5   | 13495 ||| Stepping randomly (stuck).
 13496 | Lair:5   | 13496 ||| Stepping randomly (stuck).
 13497 | Lair:5   | 13497 ||| Stepping randomly (stuck).
 13498 | Lair:5   | 13498 ||| Stepping randomly (stuck).
 13499 | Lair:5   | 13499 ||| Stepping randomly (stuck).
 13500 | Lair:5   | 13500 ||| Stepping randomly (stuck).
 13501 | Lair:5   | 13501 ||| Stepping randomly (stuck).
 13502 | Lair:5   | 13502 ||| Stepping randomly (stuck).
 13503 | Lair:5   | 13503 ||| Stepping randomly (stuck).
 13504 | Lair:5   | 13504 ||| Stepping randomly (stuck).
 13505 | Lair:5   | 13505 ||| Stepping randomly (stuck).
 13506 | Lair:5   | 13506 ||| Stepping randomly (stuck).
 13507 | Lair:5   | 13507 ||| Stepping randomly (stuck).
 13508 | Lair:5   | 13508 ||| Stepping randomly (stuck).
 13509 | Lair:5   | 13509 ||| Stepping randomly (stuck).
 13510 | Lair:5   | 13510 ||| Stepping randomly (stuck).
 13511 | Lair:5   | 13511 ||| Stepping randomly (stuck).
 13512 | Lair:5   | 13512 ||| Stepping randomly (stuck).
 13513 | Lair:5   | 13513 ||| Stepping randomly (stuck).
 13514 | Lair:5   | 13514 ||| INVOKING Heroism.
 13537 | Lair:5   | 13537 ||| Stepping randomly (stuck).
 13538 | Lair:5   | 13538 ||| Stepping randomly (stuck).
 13539 | Lair:5   | 13539 ||| Stepping randomly (stuck).
 13540 | Lair:5   | 13540 ||| Stepping randomly (stuck).
 13541 | Lair:5   | 13541 ||| Stepping randomly (stuck).
 13542 | Lair:5   | 13542 ||| Stepping randomly (stuck).
 13543 | Lair:5   | 13543 ||| Stepping randomly (stuck).
 13544 | Lair:5   | 13544 ||| Stepping randomly (stuck).
 13545 | Lair:5   | 13545 ||| Stepping randomly (stuck).
 13546 | Lair:5   | 13546 ||| Stepping randomly (stuck).
 13547 | Lair:5   | 13547 ||| Stepping randomly (stuck).
 13548 | Lair:5   | 13548 ||| Stepping randomly (stuck).
 13549 | Lair:5   | 13549 ||| Stepping randomly (stuck).
 13550 | Lair:5   | 13550 ||| Stepping randomly (stuck).
 13551 | Lair:5   | 13551 ||| INVOKING Heroism.
 13562 | Lair:5   | 13562 ||| Stepping randomly (stuck).
 13563 | Lair:5   | 13563 ||| Stepping randomly (stuck).
 13564 | Lair:5   | 13564 ||| Stepping randomly (stuck).
 13566 | Lair:5   | 13566 ||| Stepping randomly (stuck).
 13567 | Lair:5   | 13567 ||| Stepping randomly (stuck).
 13568 | Lair:5   | 13568 ||| Stepping randomly (stuck).
 13569 | Lair:5   | 13569 ||| Stepping randomly (stuck).
 13570 | Lair:5   | 13570 ||| Stepping randomly (stuck).
 13571 | Lair:5   | 13571 ||| Stepping randomly (stuck).
 13572 | Lair:5   | 13572 ||| Stepping randomly (stuck).
 13573 | Lair:5   | 13573 ||| Stepping randomly (stuck).
 13574 | Lair:5   | 13574 ||| Stepping randomly (stuck).
 13575 | Lair:5   | 13575 ||| Stepping randomly (stuck).
 13576 | Lair:5   | 13576 ||| Stepping randomly (stuck).
 13577 | Lair:5   | 13577 ||| Stepping randomly (stuck).
 13578 | Lair:5   | 13578 ||| Stepping randomly (stuck).
 13579 | Lair:5   | 13579 ||| Stepping randomly (stuck).
 13580 | Lair:5   | 13580 ||| Stepping randomly (stuck).
 13581 | Lair:5   | 13581 ||| Stepping randomly (stuck).
 13582 | Lair:5   | 13582 ||| Stepping randomly (stuck).
 13583 | Lair:5   | 13583 ||| Stepping randomly (stuck).
 13584 | Lair:5   | 13584 ||| Stepping randomly (stuck).
 13585 | Lair:5   | 13585 ||| Stepping randomly (stuck).
 13586 | Lair:5   | 13586 ||| Stepping randomly (stuck).
 13587 | Lair:5   | 13587 ||| Stepping randomly (stuck).
 13588 | Lair:5   | 13588 ||| Stepping randomly (stuck).
 13589 | Lair:5   | 13589 ||| Stepping randomly (stuck).
 13590 | Lair:5   | 13590 ||| Stepping randomly (stuck).
 13591 | Lair:5   | 13591 ||| Stepping randomly (stuck).
 13592 | Lair:5   | 13592 ||| Stepping randomly (stuck).
 13593 | Lair:5   | 13593 ||| Stepping randomly (stuck).
 13594 | Lair:5   | 13594 ||| Stepping randomly (stuck).
 13595 | Lair:5   | 13595 ||| Stepping randomly (stuck).
 13596 | Lair:5   | 13596 ||| Stepping randomly (stuck).
 13597 | Lair:5   | 13597 ||| Stepping randomly (stuck).
 13598 | Lair:5   | 13598 ||| Stepping randomly (stuck).
 13599 | Lair:5   | 13599 ||| Stepping randomly (stuck).
 13600 | Lair:5   | 13600 ||| Stepping randomly (stuck).
 13601 | Lair:5   | 13601 ||| Stepping randomly (stuck).
 13602 | Lair:5   | 13602 ||| Stepping randomly (stuck).
 13603 | Lair:5   | 13603 ||| Stepping randomly (stuck).
 13604 | Lair:5   | 13604 ||| Stepping randomly (stuck).
 13605 | Lair:5   | 13605 ||| Stepping randomly (stuck).
 13606 | Lair:5   | 13606 ||| Stepping randomly (stuck).
 13607 | Lair:5   | 13607 ||| Stepping randomly (stuck).
 13608 | Lair:5   | 13608 ||| Stepping randomly (stuck).
 13609 | Lair:5   | 13609 ||| Stepping randomly (stuck).
 13610 | Lair:5   | 13610 ||| Stepping randomly (stuck).
 13611 | Lair:5   | 13611 ||| Stepping randomly (stuck).
 13612 | Lair:5   | 13612 ||| Stepping randomly (stuck).
 13613 | Lair:5   | 13613 ||| Stepping randomly (stuck).
 13614 | Lair:5   | 13614 ||| Stepping randomly (stuck).
 13615 | Lair:5   | 13615 ||| Stepping randomly (stuck).
 13616 | Lair:5   | 13616 ||| Stepping randomly (stuck).
 13617 | Lair:5   | 13617 ||| Stepping randomly (stuck).
 13618 | Lair:5   | 13618 ||| Stepping randomly (stuck).
 13619 | Lair:5   | 13619 ||| Stepping randomly (stuck).
 13620 | Lair:5   | 13620 ||| Stepping randomly (stuck).
 13621 | Lair:5   | 13621 ||| Stepping randomly (stuck).
 13622 | Lair:5   | 13622 ||| Stepping randomly (stuck).
 13623 | Lair:5   | 13623 ||| Stepping randomly (stuck).
 13624 | Lair:5   | 13624 ||| Stepping randomly (stuck).
 13625 | Lair:5   | 13625 ||| Stepping randomly (stuck).
 13626 | Lair:5   | 13626 ||| Stepping randomly (stuck).
 13627 | Lair:5   | 13627 ||| Stepping randomly (stuck).
 13628 | Lair:5   | 13628 ||| Stepping randomly (stuck).
 13629 | Lair:5   | 13629 ||| Stepping randomly (stuck).
 13630 | Lair:5   | 13630 ||| Stepping randomly (stuck).
 13631 | Lair:5   | 13631 ||| Stepping randomly (stuck).
 13632 | Lair:5   | 13632 ||| Stepping randomly (stuck).
 13633 | Lair:5   | 13633 ||| Stepping randomly (stuck).
 13634 | Lair:5   | 13634 ||| Stepping randomly (stuck).
 13635 | Lair:5   | 13635 ||| Stepping randomly (stuck).
 13636 | Lair:5   | 13636 ||| Stepping randomly (stuck).
 13637 | Lair:5   | 13637 ||| Stepping randomly (stuck).
 13638 | Lair:5   | 13638 ||| Stepping randomly (stuck).
 13639 | Lair:5   | 13639 ||| Stepping randomly (stuck).
 13640 | Lair:5   | 13640 ||| Stepping randomly (stuck).
 13641 | Lair:5   | 13641 ||| Stepping randomly (stuck).
 13642 | Lair:5   | 13642 ||| Stepping randomly (stuck).
 13643 | Lair:5   | 13643 ||| Stepping randomly (stuck).
 13644 | Lair:5   | 13644 ||| Stepping randomly (stuck).
 13645 | Lair:5   | 13645 ||| Stepping randomly (stuck).
 13646 | Lair:5   | 13646 ||| Stepping randomly (stuck).
 13647 | Lair:5   | 13647 ||| Stepping randomly (stuck).
 13648 | Lair:5   | 13648 ||| Stepping randomly (stuck).
 13649 | Lair:5   | 13649 ||| Stepping randomly (stuck).
 13650 | Lair:5   | 13650 ||| Stepping randomly (stuck).
 13651 | Lair:5   | 13651 ||| Stepping randomly (stuck).
 13652 | Lair:5   | 13652 ||| Stepping randomly (stuck).
 13653 | Lair:5   | 13653 ||| Stepping randomly (stuck).
 13654 | Lair:5   | 13654 ||| Stepping randomly (stuck).
 13655 | Lair:5   | 13655 ||| Stepping randomly (stuck).
 13656 | Lair:5   | 13656 ||| Stepping randomly (stuck).
 13657 | Lair:5   | 13657 ||| Stepping randomly (stuck).
 13658 | Lair:5   | 13658 ||| Stepping randomly (stuck).
 13659 | Lair:5   | 13659 ||| Stepping randomly (stuck).
 13660 | Lair:5   | 13660 ||| Stepping randomly (stuck).
 13661 | Lair:5   | 13661 ||| Stepping randomly (stuck).
 13662 | Lair:5   | 13662 ||| Stepping randomly (stuck).
 13663 | Lair:5   | 13663 ||| Stepping randomly (stuck).
 13664 | Lair:5   | 13664 ||| Stepping randomly (stuck).
 13665 | Lair:5   | 13665 ||| Stepping randomly (stuck).
 13666 | Lair:5   | 13666 ||| Stepping randomly (stuck).
 13667 | Lair:5   | 13667 ||| Stepping randomly (stuck).
 13668 | Lair:5   | 13668 ||| Stepping randomly (stuck).
 13669 | Lair:5   | 13669 ||| Stepping randomly (stuck).
 13670 | Lair:5   | 13670 ||| Stepping randomly (stuck).
 13671 | Lair:5   | 13671 ||| Stepping randomly (stuck).
 13672 | Lair:5   | 13672 ||| Stepping randomly (stuck).
 13673 | Lair:5   | 13673 ||| Stepping randomly (stuck).
 13674 | Lair:5   | 13674 ||| Stepping randomly (stuck).
 13675 | Lair:5   | 13675 ||| Stepping randomly (stuck).
 13676 | Lair:5   | 13676 ||| Stepping randomly (stuck).
 13677 | Lair:5   | 13677 ||| Stepping randomly (stuck).
 13678 | Lair:5   | 13678 ||| Stepping randomly (stuck).
 13679 | Lair:5   | 13679 ||| Stepping randomly (stuck).
 13680 | Lair:5   | 13680 ||| Stepping randomly (stuck).
 13681 | Lair:5   | 13681 ||| Stepping randomly (stuck).
 13682 | Lair:5   | 13682 ||| Stepping randomly (stuck).
 13683 | Lair:5   | 13683 ||| Stepping randomly (stuck).
 13684 | Lair:5   | 13684 ||| Stepping randomly (stuck).
 13685 | Lair:5   | 13685 ||| Stepping randomly (stuck).
 13686 | Lair:5   | 13686 ||| Stepping randomly (stuck).
 13687 | Lair:5   | 13687 ||| Stepping randomly (stuck).
 13688 | Lair:5   | 13688 ||| Stepping randomly (stuck).
 13689 | Lair:5   | 13689 ||| Stepping randomly (stuck).
 13690 | Lair:5   | 13690 ||| Stepping randomly (stuck).
 13691 | Lair:5   | 13691 ||| Stepping randomly (stuck).
 13692 | Lair:5   | 13692 ||| Stepping randomly (stuck).
 13693 | Lair:5   | 13693 ||| Stepping randomly (stuck).
 13694 | Lair:5   | 13694 ||| Stepping randomly (stuck).
 13695 | Lair:5   | 13695 ||| Stepping randomly (stuck).
 13696 | Lair:5   | 13696 ||| Stepping randomly (stuck).
 13697 | Lair:5   | 13697 ||| Stepping randomly (stuck).
 13698 | Lair:5   | 13698 ||| Stepping randomly (stuck).
 13699 | Lair:5   | 13699 ||| Stepping randomly (stuck).
 13700 | Lair:5   | 13700 ||| Stepping randomly (stuck).
 13701 | Lair:5   | 13701 ||| Stepping randomly (stuck).
 13702 | Lair:5   | 13702 ||| Stepping randomly (stuck).
 13703 | Lair:5   | 13703 ||| Stepping randomly (stuck).
 13704 | Lair:5   | 13704 ||| Stepping randomly (stuck).
 13705 | Lair:5   | 13705 ||| Stepping randomly (stuck).
 13706 | Lair:5   | 13706 ||| Stepping randomly (stuck).
 13707 | Lair:5   | 13707 ||| Stepping randomly (stuck).
 13708 | Lair:5   | 13708 ||| Stepping randomly (stuck).
 13709 | Lair:5   | 13709 ||| Stepping randomly (stuck).
 13710 | Lair:5   | 13710 ||| Stepping randomly (stuck).
 13711 | Lair:5   | 13711 ||| Stepping randomly (stuck).
 13712 | Lair:5   | 13712 ||| Stepping randomly (stuck).
 13713 | Lair:5   | 13713 ||| Stepping randomly (stuck).
 13714 | Lair:5   | 13714 ||| Stepping randomly (stuck).
 13715 | Lair:5   | 13715 ||| Stepping randomly (stuck).
 13716 | Lair:5   | 13716 ||| Stepping randomly (stuck).
 13717 | Lair:5   | 13717 ||| Stepping randomly (stuck).
 13718 | Lair:5   | 13718 ||| Stepping randomly (stuck).
 13719 | Lair:5   | 13719 ||| Stepping randomly (stuck).
 13720 | Lair:5   | 13720 ||| Stepping randomly (stuck).
 13721 | Lair:5   | 13721 ||| Stepping randomly (stuck).
 13722 | Lair:5   | 13722 ||| Stepping randomly (stuck).
 13723 | Lair:5   | 13723 ||| Stepping randomly (stuck).
 13724 | Lair:5   | 13724 ||| Stepping randomly (stuck).
 13725 | Lair:5   | 13725 ||| Stepping randomly (stuck).
 13726 | Lair:5   | 13726 ||| Stepping randomly (stuck).
 13727 | Lair:5   | 13727 ||| Stepping randomly (stuck).
 13728 | Lair:5   | 13728 ||| Stepping randomly (stuck).
 13729 | Lair:5   | 13729 ||| Stepping randomly (stuck).
 13730 | Lair:5   | 13730 ||| Stepping randomly (stuck).
 13731 | Lair:5   | 13731 ||| Stepping randomly (stuck).
 13732 | Lair:5   | 13732 ||| Stepping randomly (stuck).
 13733 | Lair:5   | 13733 ||| Stepping randomly (stuck).
 13734 | Lair:5   | 13734 ||| Stepping randomly (stuck).
 13735 | Lair:5   | 13735 ||| Stepping randomly (stuck).
 13736 | Lair:5   | 13736 ||| Stepping randomly (stuck).
 13737 | Lair:5   | 13737 ||| Stepping randomly (stuck).
 13738 | Lair:5   | 13738 ||| Stepping randomly (stuck).
 13739 | Lair:5   | 13739 ||| Stepping randomly (stuck).
 13740 | Lair:5   | 13740 ||| Stepping randomly (stuck).
 13741 | Lair:5   | 13741 ||| Stepping randomly (stuck).
 13742 | Lair:5   | 13742 ||| Stepping randomly (stuck).
 13743 | Lair:5   | 13743 ||| Stepping randomly (stuck).
 13744 | Lair:5   | 13744 ||| Stepping randomly (stuck).
 13745 | Lair:5   | 13745 ||| Stepping randomly (stuck).
 13746 | Lair:5   | 13746 ||| Stepping randomly (stuck).
 13747 | Lair:5   | 13747 ||| Stepping randomly (stuck).
 13748 | Lair:5   | 13748 ||| Stepping randomly (stuck).
 13749 | Lair:5   | 13749 ||| Stepping randomly (stuck).
 13750 | Lair:5   | 13750 ||| Stepping randomly (stuck).
 13751 | Lair:5   | 13751 ||| Stepping randomly (stuck).
 13752 | Lair:5   | 13752 ||| Stepping randomly (stuck).
 13753 | Lair:5   | 13753 ||| Stepping randomly (stuck).
 13754 | Lair:5   | 13754 ||| Stepping randomly (stuck).
 13755 | Lair:5   | 13755 ||| Stepping randomly (stuck).
 13756 | Lair:5   | 13756 ||| Stepping randomly (stuck).
 13757 | Lair:5   | 13757 ||| Stepping randomly (stuck).
 13758 | Lair:5   | 13758 ||| Stepping randomly (stuck).
 13759 | Lair:5   | 13759 ||| Stepping randomly (stuck).
 13760 | Lair:5   | 13760 ||| Stepping randomly (stuck).
 13761 | Lair:5   | 13761 ||| Stepping randomly (stuck).
 13762 | Lair:5   | 13762 ||| Stepping randomly (stuck).
 13763 | Lair:5   | 13763 ||| Stepping randomly (stuck).
 13764 | Lair:5   | 13764 ||| Stepping randomly (stuck).
 13765 | Lair:5   | 13765 ||| Stepping randomly (stuck).
 13766 | Lair:5   | 13766 ||| Stepping randomly (stuck).
 13767 | Lair:5   | 13767 ||| Stepping randomly (stuck).
 13768 | Lair:5   | 13768 ||| Stepping randomly (stuck).
 13769 | Lair:5   | 13769 ||| Stepping randomly (stuck).
 13770 | Lair:5   | 13770 ||| Stepping randomly (stuck).
 13771 | Lair:5   | 13771 ||| Stepping randomly (stuck).
 13772 | Lair:5   | 13772 ||| Stepping randomly (stuck).
 13773 | Lair:5   | 13773 ||| Stepping randomly (stuck).
 13774 | Lair:5   | 13774 ||| Stepping randomly (stuck).
 13775 | Lair:5   | 13775 ||| Stepping randomly (stuck).
 13776 | Lair:5   | 13776 ||| Stepping randomly (stuck).
 13777 | Lair:5   | 13777 ||| Stepping randomly (stuck).
 13778 | Lair:5   | 13778 ||| Stepping randomly (stuck).
 13779 | Lair:5   | 13779 ||| Stepping randomly (stuck).
 13780 | Lair:5   | 13780 ||| Stepping randomly (stuck).
 13781 | Lair:5   | 13781 ||| Stepping randomly (stuck).
 13782 | Lair:5   | 13782 ||| Stepping randomly (stuck).
 13783 | Lair:5   | 13783 ||| Stepping randomly (stuck).
 13784 | Lair:5   | 13784 ||| Stepping randomly (stuck).
 13785 | Lair:5   | 13785 ||| Stepping randomly (stuck).
 13786 | Lair:5   | 13786 ||| Stepping randomly (stuck).
 13787 | Lair:5   | 13787 ||| Stepping randomly (stuck).
 13788 | Lair:5   | 13788 ||| Stepping randomly (stuck).
 13789 | Lair:5   | 13789 ||| Stepping randomly (stuck).
 13790 | Lair:5   | 13790 ||| Stepping randomly (stuck).
 13791 | Lair:5   | 13791 ||| Stepping randomly (stuck).
 13792 | Lair:5   | 13792 ||| Stepping randomly (stuck).
 13793 | Lair:5   | 13793 ||| Stepping randomly (stuck).
 13794 | Lair:5   | 13794 ||| Stepping randomly (stuck).
 13795 | Lair:5   | 13795 ||| Stepping randomly (stuck).
 13796 | Lair:5   | 13796 ||| Stepping randomly (stuck).
 13797 | Lair:5   | 13797 ||| Stepping randomly (stuck).
 13798 | Lair:5   | 13798 ||| Stepping randomly (stuck).
 13799 | Lair:5   | 13799 ||| Stepping randomly (stuck).
 13800 | Lair:5   | 13800 ||| Stepping randomly (stuck).
 13801 | Lair:5   | 13801 ||| Stepping randomly (stuck).
 13802 | Lair:5   | 13802 ||| Stepping randomly (stuck).
 13803 | Lair:5   | 13803 ||| Stepping randomly (stuck).
 13804 | Lair:5   | 13804 ||| Stepping randomly (stuck).
 13805 | Lair:5   | 13805 ||| Stepping randomly (stuck).
 13806 | Lair:5   | 13806 ||| Stepping randomly (stuck).
 13807 | Lair:5   | 13807 ||| Stepping randomly (stuck).
 13808 | Lair:5   | 13808 ||| Stepping randomly (stuck).
 13809 | Lair:5   | 13809 ||| Stepping randomly (stuck).
 13810 | Lair:5   | 13810 ||| Stepping randomly (stuck).
 13811 | Lair:5   | 13811 ||| Stepping randomly (stuck).
 13812 | Lair:5   | 13812 ||| Stepping randomly (stuck).
 13813 | Lair:5   | 13813 ||| Stepping randomly (stuck).
 13814 | Lair:5   | 13814 ||| Stepping randomly (stuck).
 13815 | Lair:5   | 13815 ||| Stepping randomly (stuck).
 13816 | Lair:5   | 13816 ||| Stepping randomly (stuck).
 13817 | Lair:5   | 13817 ||| Stepping randomly (stuck).
 13818 | Lair:5   | 13818 ||| Stepping randomly (stuck).
 13819 | Lair:5   | 13819 ||| Stepping randomly (stuck).
 13820 | Lair:5   | 13820 ||| Stepping randomly (stuck).
 13821 | Lair:5   | 13821 ||| Stepping randomly (stuck).
 13822 | Lair:5   | 13822 ||| Stepping randomly (stuck).
 13823 | Lair:5   | 13823 ||| Stepping randomly (stuck).
 13824 | Lair:5   | 13824 ||| Stepping randomly (stuck).
 13825 | Lair:5   | 13825 ||| Stepping randomly (stuck).
 13826 | Lair:5   | 13826 ||| Stepping randomly (stuck).
 13827 | Lair:5   | 13827 ||| Stepping randomly (stuck).
 13828 | Lair:5   | 13828 ||| Stepping randomly (stuck).
 13829 | Lair:5   | 13829 ||| Stepping randomly (stuck).
 13830 | Lair:5   | 13830 ||| Stepping randomly (stuck).
 13831 | Lair:5   | 13831 ||| Stepping randomly (stuck).
 13832 | Lair:5   | 13832 ||| Stepping randomly (stuck).
 13833 | Lair:5   | 13833 ||| Stepping randomly (stuck).
 13834 | Lair:5   | 13834 ||| Stepping randomly (stuck).
 13835 | Lair:5   | 13835 ||| Stepping randomly (stuck).
 13836 | Lair:5   | 13836 ||| Stepping randomly (stuck).
 13837 | Lair:5   | 13837 ||| Stepping randomly (stuck).
 13838 | Lair:5   | 13838 ||| Stepping randomly (stuck).
 13839 | Lair:5   | 13839 ||| Stepping randomly (stuck).
 13840 | Lair:5   | 13840 ||| Stepping randomly (stuck).
 13841 | Lair:5   | 13841 ||| Stepping randomly (stuck).
 13842 | Lair:5   | 13842 ||| Stepping randomly (stuck).
 13843 | Lair:5   | 13843 ||| Stepping randomly (stuck).
 13844 | Lair:5   | 13844 ||| Stepping randomly (stuck).
 13845 | Lair:5   | 13845 ||| Stepping randomly (stuck).
 13846 | Lair:5   | 13846 ||| Stepping randomly (stuck).
 13847 | Lair:5   | 13847 ||| Stepping randomly (stuck).
 13848 | Lair:5   | 13848 ||| Stepping randomly (stuck).
 13849 | Lair:5   | 13849 ||| Stepping randomly (stuck).
 13850 | Lair:5   | 13850 ||| Stepping randomly (stuck).
 13851 | Lair:5   | 13851 ||| Stepping randomly (stuck).
 13852 | Lair:5   | 13852 ||| Stepping randomly (stuck).
 13853 | Lair:5   | 13853 ||| Stepping randomly (stuck).
 13854 | Lair:5   | 13854 ||| Stepping randomly (stuck).
 13855 | Lair:5   | 13855 ||| Stepping randomly (stuck).
 13856 | Lair:5   | 13856 ||| Stepping randomly (stuck).
 13857 | Lair:5   | 13857 ||| Stepping randomly (stuck).
 13858 | Lair:5   | 13858 ||| Stepping randomly (stuck).
 13859 | Lair:5   | 13859 ||| Stepping randomly (stuck).
 13860 | Lair:5   | 13860 ||| Stepping randomly (stuck).
 13861 | Lair:5   | 13861 ||| Stepping randomly (stuck).
 13862 | Lair:5   | 13862 ||| Stepping randomly (stuck).
 13863 | Lair:5   | 13863 ||| Stepping randomly (stuck).
 13864 | Lair:5   | 13864 ||| Stepping randomly (stuck).
 13865 | Lair:5   | 13865 ||| Stepping randomly (stuck).
 13866 | Lair:5   | 13866 ||| Stepping randomly (stuck).
 13867 | Lair:5   | 13867 ||| Stepping randomly (stuck).
 13868 | Lair:5   | 13868 ||| Stepping randomly (stuck).
 13869 | Lair:5   | 13869 ||| Stepping randomly (stuck).
 13870 | Lair:5   | 13870 ||| Stepping randomly (stuck).
 13871 | Lair:5   | 13871 ||| Stepping randomly (stuck).
 13872 | Lair:5   | 13872 ||| Stepping randomly (stuck).
 13873 | Lair:5   | 13873 ||| Stepping randomly (stuck).
 13874 | Lair:5   | 13874 ||| Stepping randomly (stuck).
 13900 | Lair:5   | 13900 ||| Stepping randomly (stuck).
 13901 | Lair:5   | 13901 ||| Stepping randomly (stuck).
 13902 | Lair:5   | 13902 ||| Stepping randomly (stuck).
 13903 | Lair:5   | 13903 ||| Stepping randomly (stuck).
 13904 | Lair:5   | 13904 ||| Stepping randomly (stuck).
 13905 | Lair:5   | 13905 ||| Stepping randomly (stuck).
 13906 | Lair:5   | 13906 ||| Stepping randomly (stuck).
 13907 | Lair:5   | 13907 ||| Stepping randomly (stuck).
 13908 | Lair:5   | 13908 ||| Stepping randomly (stuck).
 13909 | Lair:5   | 13909 ||| Stepping randomly (stuck).
 13910 | Lair:5   | 13910 ||| Stepping randomly (stuck).
 13911 | Lair:5   | 13911 ||| Stepping randomly (stuck).
 13912 | Lair:5   | 13912 ||| Stepping randomly (stuck).
 13913 | Lair:5   | 13913 ||| Stepping randomly (stuck).
 13914 | Lair:5   | 13914 ||| Stepping randomly (stuck).
 13915 | Lair:5   | 13915 ||| Stepping randomly (stuck).
 13916 | Lair:5   | 13916 ||| Stepping randomly (stuck).
 13917 | Lair:5   | 13917 ||| Stepping randomly (stuck).
 13918 | Lair:5   | 13918 ||| Stepping randomly (stuck).
 13919 | Lair:5   | 13919 ||| Stepping randomly (stuck).
 13920 | Lair:5   | 13920 ||| Stepping randomly (stuck).
 13921 | Lair:5   | 13921 ||| Stepping randomly (stuck).
 13922 | Lair:5   | 13922 ||| Stepping randomly (stuck).
 13923 | Lair:5   | 13923 ||| Stepping randomly (stuck).
 13924 | Lair:5   | 13924 ||| Stepping randomly (stuck).
 13925 | Lair:5   | 13925 ||| Stepping randomly (stuck).
 13926 | Lair:5   | 13926 ||| Stepping randomly (stuck).
 13927 | Lair:5   | 13927 ||| Stepping randomly (stuck).
 13928 | Lair:5   | 13928 ||| Stepping randomly (stuck).
 13929 | Lair:5   | 13929 ||| Stepping randomly (stuck).
 13930 | Lair:5   | 13930 ||| Stepping randomly (stuck).
 13931 | Lair:5   | 13931 ||| Stepping randomly (stuck).
 13932 | Lair:5   | 13932 ||| Stepping randomly (stuck).
 13933 | Lair:5   | 13933 ||| Stepping randomly (stuck).
 13934 | Lair:5   | 13934 ||| Stepping randomly (stuck).
 13935 | Lair:5   | 13935 ||| Stepping randomly (stuck).
 13936 | Lair:5   | 13936 ||| Stepping randomly (stuck).
 13937 | Lair:5   | 13937 ||| Stepping randomly (stuck).
 13938 | Lair:5   | 13938 ||| Stepping randomly (stuck).
 13939 | Lair:5   | 13939 ||| Stepping randomly (stuck).
 13940 | Lair:5   | 13940 ||| Stepping randomly (stuck).
 13941 | Lair:5   | 13941 ||| Stepping randomly (stuck).
 13942 | Lair:5   | 13942 ||| Stepping randomly (stuck).
 13943 | Lair:5   | 13943 ||| Stepping randomly (stuck).
 13944 | Lair:5   | 13944 ||| Stepping randomly (stuck).
 13945 | Lair:5   | 13945 ||| Stepping randomly (stuck).
 13946 | Lair:5   | 13946 ||| Stepping randomly (stuck).
 13947 | Lair:5   | 13947 ||| Stepping randomly (stuck).
 13948 | Lair:5   | 13948 ||| Stepping randomly (stuck).
 13949 | Lair:5   | 13949 ||| Stepping randomly (stuck).
 13950 | Lair:5   | 13950 ||| Stepping randomly (stuck).
 13951 | Lair:5   | 13951 ||| Stepping randomly (stuck).
 13952 | Lair:5   | 13952 ||| Stepping randomly (stuck).
 13953 | Lair:5   | 13953 ||| Stepping randomly (stuck).
 13954 | Lair:5   | 13954 ||| Stepping randomly (stuck).
 13955 | Lair:5   | 13955 ||| Stepping randomly (stuck).
 13956 | Lair:5   | 13956 ||| Stepping randomly (stuck).
 13957 | Lair:5   | 13957 ||| Stepping randomly (stuck).
 13958 | Lair:5   | 13958 ||| Stepping randomly (stuck).
 13959 | Lair:5   | 13959 ||| Stepping randomly (stuck).
 13960 | Lair:5   | 13960 ||| Stepping randomly (stuck).
 13961 | Lair:5   | 13961 ||| Stepping randomly (stuck).
 13962 | Lair:5   | 13962 ||| Stepping randomly (stuck).
 13963 | Lair:5   | 13963 ||| Stepping randomly (stuck).
 13964 | Lair:5   | 13964 ||| Stepping randomly (stuck).
 13965 | Lair:5   | 13965 ||| Stepping randomly (stuck).
 13966 | Lair:5   | 13966 ||| Stepping randomly (stuck).
 13967 | Lair:5   | 13967 ||| Stepping randomly (stuck).
 13968 | Lair:5   | 13968 ||| Stepping randomly (stuck).
 13969 | Lair:5   | 13969 ||| Stepping randomly (stuck).
 13970 | Lair:5   | 13970 ||| Stepping randomly (stuck).
 13971 | Lair:5   | 13971 ||| Stepping randomly (stuck).
 13972 | Lair:5   | 13972 ||| Stepping randomly (stuck).
 13973 | Lair:5   | 13973 ||| Stepping randomly (stuck).
 13974 | Lair:5   | 13974 ||| Stepping randomly (stuck).
 13975 | Lair:5   | 13975 ||| Stepping randomly (stuck).
 13976 | Lair:5   | 13976 ||| Stepping randomly (stuck).
 13977 | Lair:5   | 13977 ||| Stepping randomly (stuck).
 13978 | Lair:5   | 13978 ||| Stepping randomly (stuck).
 13979 | Lair:5   | 13979 ||| Stepping randomly (stuck).
 13980 | Lair:5   | 13980 ||| Stepping randomly (stuck).
 13981 | Lair:5   | 13981 ||| Stepping randomly (stuck).
 13982 | Lair:5   | 13982 ||| Stepping randomly (stuck).
 13983 | Lair:5   | 13983 ||| Stepping randomly (stuck).
 13984 | Lair:5   | 13984 ||| Stepping randomly (stuck).
 13985 | Lair:5   | 13985 ||| Stepping randomly (stuck).
 13986 | Lair:5   | 13986 ||| Stepping randomly (stuck).
 13987 | Lair:5   | 13987 ||| Stepping randomly (stuck).
 13988 | Lair:5   | 13988 ||| Stepping randomly (stuck).
 13989 | Lair:5   | 13989 ||| Stepping randomly (stuck).
 13990 | Lair:5   | 13990 ||| Stepping randomly (stuck).
 13991 | Lair:5   | 13991 ||| Stepping randomly (stuck).
 13992 | Lair:5   | 13992 ||| Stepping randomly (stuck).
 13993 | Lair:5   | 13993 ||| Stepping randomly (stuck).
 13994 | Lair:5   | 13994 ||| Stepping randomly (stuck).
 13995 | Lair:5   | 13995 ||| Stepping randomly (stuck).
 13996 | Lair:5   | 13996 ||| Stepping randomly (stuck).
 13997 | Lair:5   | 13997 ||| Stepping randomly (stuck).
 13998 | Lair:5   | 13998 ||| Stepping randomly (stuck).
 13999 | Lair:5   | 13999 ||| Stepping randomly (stuck).
 14000 | Lair:5   | 14000 ||| Stepping randomly (stuck).
 14001 | Lair:5   | 14001 ||| Stepping randomly (stuck).
 14002 | Lair:5   | 14002 ||| Stepping randomly (stuck).
 14003 | Lair:5   | 14003 ||| Stepping randomly (stuck).
 14004 | Lair:5   | 14004 ||| Stepping randomly (stuck).
 14005 | Lair:5   | 14005 ||| Stepping randomly (stuck).
 14006 | Lair:5   | 14006 ||| Stepping randomly (stuck).
 14007 | Lair:5   | 14007 ||| Stepping randomly (stuck).
 14008 | Lair:5   | 14008 ||| Stepping randomly (stuck).
 14009 | Lair:5   | 14009 ||| Stepping randomly (stuck).
 14010 | Lair:5   | 14010 ||| Stepping randomly (stuck).
 14011 | Lair:5   | 14011 ||| Stepping randomly (stuck).
 14012 | Lair:5   | 14012 ||| Stepping randomly (stuck).
 14013 | Lair:5   | 14013 ||| Stepping randomly (stuck).
 14014 | Lair:5   | 14014 ||| Stepping randomly (stuck).
 14015 | Lair:5   | 14015 ||| Stepping randomly (stuck).
 14016 | Lair:5   | 14016 ||| Stepping randomly (stuck).
 14017 | Lair:5   | 14017 ||| Stepping randomly (stuck).
 14018 | Lair:5   | 14018 ||| Stepping randomly (stuck).
 14019 | Lair:5   | 14019 ||| Stepping randomly (stuck).
 14020 | Lair:5   | 14020 ||| Stepping randomly (stuck).
 14021 | Lair:5   | 14021 ||| Stepping randomly (stuck).
 14022 | Lair:5   | 14022 ||| Stepping randomly (stuck).
 14023 | Lair:5   | 14023 ||| Stepping randomly (stuck).
 14024 | Lair:5   | 14024 ||| Stepping randomly (stuck).
 14025 | Lair:5   | 14025 ||| Stepping randomly (stuck).
 14026 | Lair:5   | 14026 ||| Stepping randomly (stuck).
 14027 | Lair:5   | 14027 ||| Stepping randomly (stuck).
 14028 | Lair:5   | 14028 ||| Stepping randomly (stuck).
 14029 | Lair:5   | 14029 ||| Stepping randomly (stuck).
 14030 | Lair:5   | 14030 ||| Stepping randomly (stuck).
 14031 | Lair:5   | 14031 ||| Stepping randomly (stuck).
 14032 | Lair:5   | 14032 ||| Stepping randomly (stuck).
 14033 | Lair:5   | 14033 ||| Stepping randomly (stuck).
 14034 | Lair:5   | 14034 ||| Stepping randomly (stuck).
 14035 | Lair:5   | 14035 ||| Stepping randomly (stuck).
 14036 | Lair:5   | 14036 ||| Stepping randomly (stuck).
 14037 | Lair:5   | 14037 ||| Stepping randomly (stuck).
 14038 | Lair:5   | 14038 ||| Stepping randomly (stuck).
 14039 | Lair:5   | 14039 ||| Stepping randomly (stuck).
 14040 | Lair:5   | 14040 ||| Stepping randomly (stuck).
 14041 | Lair:5   | 14041 ||| Stepping randomly (stuck).
 14042 | Lair:5   | 14042 ||| Stepping randomly (stuck).
 14043 | Lair:5   | 14043 ||| Stepping randomly (stuck).
 14044 | Lair:5   | 14044 ||| Stepping randomly (stuck).
 14045 | Lair:5   | 14045 ||| Stepping randomly (stuck).
 14046 | Lair:5   | 14046 ||| Stepping randomly (stuck).
 14047 | Lair:5   | 14047 ||| Stepping randomly (stuck).
 14048 | Lair:5   | 14048 ||| Stepping randomly (stuck).
 14049 | Lair:5   | 14049 ||| Stepping randomly (stuck).
 14050 | Lair:5   | 14050 ||| Stepping randomly (stuck).
 14051 | Lair:5   | 14051 ||| Stepping randomly (stuck).
 14052 | Lair:5   | 14052 ||| Stepping randomly (stuck).
 14053 | Lair:5   | 14053 ||| Stepping randomly (stuck).
 14055 | Lair:5   | 14055 ||| Stepping randomly (stuck).
 14056 | Lair:5   | 14056 ||| Stepping randomly (stuck).
 14057 | Lair:5   | 14057 ||| Stepping randomly (stuck).
 14058 | Lair:5   | 14058 ||| Stepping randomly (stuck).
 14059 | Lair:5   | 14059 ||| Stepping randomly (stuck).
 14060 | Lair:5   | 14060 ||| Stepping randomly (stuck).
 14061 | Lair:5   | 14061 ||| Stepping randomly (stuck).
 14062 | Lair:5   | 14062 ||| Stepping randomly (stuck).
 14063 | Lair:5   | 14063 ||| Stepping randomly (stuck).
 14064 | Lair:5   | 14064 ||| Stepping randomly (stuck).
 14065 | Lair:5   | 14065 ||| Stepping randomly (stuck).
 14066 | Lair:5   | 14066 ||| Stepping randomly (stuck).
 14067 | Lair:5   | 14067 ||| Stepping randomly (stuck).
 14068 | Lair:5   | 14068 ||| Stepping randomly (stuck).
 14069 | Lair:5   | 14069 ||| Stepping randomly (stuck).
 14070 | Lair:5   | 14070 ||| Stepping randomly (stuck).
 14071 | Lair:5   | 14071 ||| Stepping randomly (stuck).
 14072 | Lair:5   | 14072 ||| Stepping randomly (stuck).
 14073 | Lair:5   | 14073 ||| Stepping randomly (stuck).
 14074 | Lair:5   | 14074 ||| Stepping randomly (stuck).
 14075 | Lair:5   | 14075 ||| Stepping randomly (stuck).
 14076 | Lair:5   | 14076 ||| Stepping randomly (stuck).
 14077 | Lair:5   | 14077 ||| Stepping randomly (stuck).
 14078 | Lair:5   | 14078 ||| Stepping randomly (stuck).
 14079 | Lair:5   | 14079 ||| Stepping randomly (stuck).
 14080 | Lair:5   | 14080 ||| Stepping randomly (stuck).
 14081 | Lair:5   | 14081 ||| Stepping randomly (stuck).
 14082 | Lair:5   | 14082 ||| Stepping randomly (stuck).
 14083 | Lair:5   | 14083 ||| Stepping randomly (stuck).
 14084 | Lair:5   | 14084 ||| Stepping randomly (stuck).
 14085 | Lair:5   | 14085 ||| Stepping randomly (stuck).
 14086 | Lair:5   | 14086 ||| Stepping randomly (stuck).
 14087 | Lair:5   | 14087 ||| Stepping randomly (stuck).
 14088 | Lair:5   | 14088 ||| Stepping randomly (stuck).
 14089 | Lair:5   | 14089 ||| Stepping randomly (stuck).
 14090 | Lair:5   | 14090 ||| Stepping randomly (stuck).
 14091 | Lair:5   | 14091 ||| Stepping randomly (stuck).
 14092 | Lair:5   | 14092 ||| Stepping randomly (stuck).
 14093 | Lair:5   | 14093 ||| Stepping randomly (stuck).
 14094 | Lair:5   | 14094 ||| Stepping randomly (stuck).
 14095 | Lair:5   | 14095 ||| Stepping randomly (stuck).
 14096 | Lair:5   | 14096 ||| Stepping randomly (stuck).
 14097 | Lair:5   | 14097 ||| Stepping randomly (stuck).
 14098 | Lair:5   | 14098 ||| Stepping randomly (stuck).
 14099 | Lair:5   | 14099 ||| Stepping randomly (stuck).
 14100 | Lair:5   | 14100 ||| Stepping randomly (stuck).
 14101 | Lair:5   | 14101 ||| Stepping randomly (stuck).
 14102 | Lair:5   | 14102 ||| Stepping randomly (stuck).
 14103 | Lair:5   | 14103 ||| Stepping randomly (stuck).
 14104 | Lair:5   | 14104 ||| Stepping randomly (stuck).
 14105 | Lair:5   | 14105 ||| Stepping randomly (stuck).
 14106 | Lair:5   | 14106 ||| Stepping randomly (stuck).
 14107 | Lair:5   | 14107 ||| Stepping randomly (stuck).
 14108 | Lair:5   | 14108 ||| Stepping randomly (stuck).
 14109 | Lair:5   | 14109 ||| Stepping randomly (stuck).
 14110 | Lair:5   | 14110 ||| Stepping randomly (stuck).
 14111 | Lair:5   | 14111 ||| Stepping randomly (stuck).
 14112 | Lair:5   | 14112 ||| Stepping randomly (stuck).
 14113 | Lair:5   | 14113 ||| Stepping randomly (stuck).
 14114 | Lair:5   | 14114 ||| Stepping randomly (stuck).
 14115 | Lair:5   | 14115 ||| Stepping randomly (stuck).
 14116 | Lair:5   | 14116 ||| Stepping randomly (stuck).
 14117 | Lair:5   | 14117 ||| Stepping randomly (stuck).
 14118 | Lair:5   | 14118 ||| Stepping randomly (stuck).
 14119 | Lair:5   | 14119 ||| Stepping randomly (stuck).
 14120 | Lair:5   | 14120 ||| Stepping randomly (stuck).
 14121 | Lair:5   | 14121 ||| Stepping randomly (stuck).
 14122 | Lair:5   | 14122 ||| Stepping randomly (stuck).
 14123 | Lair:5   | 14123 ||| Stepping randomly (stuck).
 14124 | Lair:5   | 14124 ||| Stepping randomly (stuck).
 14125 | Lair:5   | 14125 ||| Stepping randomly (stuck).
 14126 | Lair:5   | 14126 ||| Stepping randomly (stuck).
 14127 | Lair:5   | 14127 ||| Stepping randomly (stuck).
 14128 | Lair:5   | 14128 ||| Stepping randomly (stuck).
 14129 | Lair:5   | 14129 ||| Stepping randomly (stuck).
 14130 | Lair:5   | 14130 ||| Stepping randomly (stuck).
 14131 | Lair:5   | 14131 ||| Stepping randomly (stuck).
 14132 | Lair:5   | 14132 ||| Stepping randomly (stuck).
 14133 | Lair:5   | 14133 ||| Stepping randomly (stuck).
 14134 | Lair:5   | 14134 ||| Stepping randomly (stuck).
 14135 | Lair:5   | 14135 ||| Stepping randomly (stuck).
 14136 | Lair:5   | 14136 ||| Stepping randomly (stuck).
 14137 | Lair:5   | 14137 ||| Stepping randomly (stuck).
 14138 | Lair:5   | 14138 ||| Stepping randomly (stuck).
 14139 | Lair:5   | 14139 ||| Stepping randomly (stuck).
 14140 | Lair:5   | 14140 ||| Stepping randomly (stuck).
 14141 | Lair:5   | 14141 ||| Stepping randomly (stuck).
 14142 | Lair:5   | 14142 ||| Stepping randomly (stuck).
 14143 | Lair:5   | 14143 ||| Stepping randomly (stuck).
 14144 | Lair:5   | 14144 ||| Stepping randomly (stuck).
 14145 | Lair:5   | 14145 ||| Stepping randomly (stuck).
 14146 | Lair:5   | 14146 ||| Stepping randomly (stuck).
 14147 | Lair:5   | 14147 ||| Stepping randomly (stuck).
 14148 | Lair:5   | 14148 ||| Stepping randomly (stuck).
 14149 | Lair:5   | 14149 ||| Stepping randomly (stuck).
 14150 | Lair:5   | 14150 ||| Stepping randomly (stuck).
 14151 | Lair:5   | 14151 ||| Stepping randomly (stuck).
 14152 | Lair:5   | 14152 ||| Stepping randomly (stuck).
 14153 | Lair:5   | 14153 ||| Stepping randomly (stuck).
 14154 | Lair:5   | 14154 ||| Stepping randomly (stuck).
 14155 | Lair:5   | 14155 ||| Stepping randomly (stuck).
 14156 | Lair:5   | 14156 ||| Stepping randomly (stuck).
 14157 | Lair:5   | 14157 ||| Stepping randomly (stuck).
 14158 | Lair:5   | 14158 ||| Stepping randomly (stuck).
 14159 | Lair:5   | 14159 ||| Stepping randomly (stuck).
 14160 | Lair:5   | 14160 ||| Stepping randomly (stuck).
 14161 | Lair:5   | 14161 ||| Stepping randomly (stuck).
 14162 | Lair:5   | 14162 ||| Stepping randomly (stuck).
 14163 | Lair:5   | 14163 ||| Stepping randomly (stuck).
 14164 | Lair:5   | 14164 ||| Stepping randomly (stuck).
 14165 | Lair:5   | 14165 ||| Stepping randomly (stuck).
 14166 | Lair:5   | 14166 ||| Stepping randomly (stuck).
 14167 | Lair:5   | 14167 ||| Stepping randomly (stuck).
 14168 | Lair:5   | 14168 ||| Stepping randomly (stuck).
 14169 | Lair:5   | 14169 ||| Stepping randomly (stuck).
 14170 | Lair:5   | 14170 ||| Stepping randomly (stuck).
 14171 | Lair:5   | 14171 ||| Stepping randomly (stuck).
 14172 | Lair:5   | 14172 ||| Stepping randomly (stuck).
 14173 | Lair:5   | 14173 ||| Stepping randomly (stuck).
 14174 | Lair:5   | 14174 ||| Stepping randomly (stuck).
 14175 | Lair:5   | 14175 ||| Stepping randomly (stuck).
 14176 | Lair:5   | 14176 ||| Stepping randomly (stuck).
 14177 | Lair:5   | 14177 ||| Stepping randomly (stuck).
 14178 | Lair:5   | 14178 ||| Stepping randomly (stuck).
 14179 | Lair:5   | 14179 ||| Stepping randomly (stuck).
 14180 | Lair:5   | 14180 ||| Stepping randomly (stuck).
 14181 | Lair:5   | 14181 ||| Stepping randomly (stuck).
 14182 | Lair:5   | 14182 ||| Stepping randomly (stuck).
 14183 | Lair:5   | 14183 ||| Stepping randomly (stuck).
 14184 | Lair:5   | 14184 ||| Stepping randomly (stuck).
 14185 | Lair:5   | 14185 ||| Stepping randomly (stuck).
 14186 | Lair:5   | 14186 ||| Stepping randomly (stuck).
 14187 | Lair:5   | 14187 ||| Stepping randomly (stuck).
 14188 | Lair:5   | 14188 ||| Stepping randomly (stuck).
 14189 | Lair:5   | 14189 ||| Stepping randomly (stuck).
 14190 | Lair:5   | 14190 ||| Stepping randomly (stuck).
 14191 | Lair:5   | 14191 ||| Stepping randomly (stuck).
 14192 | Lair:5   | 14192 ||| Stepping randomly (stuck).
 14193 | Lair:5   | 14193 ||| Stepping randomly (stuck).
 14194 | Lair:5   | 14194 ||| Stepping randomly (stuck).
 14195 | Lair:5   | 14195 ||| Stepping randomly (stuck).
 14196 | Lair:5   | 14196 ||| Stepping randomly (stuck).
 14197 | Lair:5   | 14197 ||| Stepping randomly (stuck).
 14198 | Lair:5   | 14198 ||| Stepping randomly (stuck).
 14199 | Lair:5   | 14199 ||| Stepping randomly (stuck).
 14200 | Lair:5   | 14200 ||| Stepping randomly (stuck).
 14201 | Lair:5   | 14201 ||| Stepping randomly (stuck).
 14202 | Lair:5   | 14202 ||| Stepping randomly (stuck).
 14203 | Lair:5   | 14203 ||| Stepping randomly (stuck).
 14204 | Lair:5   | 14204 ||| Stepping randomly (stuck).
 14205 | Lair:5   | 14205 ||| Stepping randomly (stuck).
 14206 | Lair:5   | 14206 ||| Stepping randomly (stuck).
 14207 | Lair:5   | 14207 ||| Stepping randomly (stuck).
 14208 | Lair:5   | 14208 ||| Stepping randomly (stuck).
 14209 | Lair:5   | 14209 ||| Stepping randomly (stuck).
 14210 | Lair:5   | 14210 ||| Stepping randomly (stuck).
 14211 | Lair:5   | 14211 ||| Stepping randomly (stuck).
 14212 | Lair:5   | 14212 ||| Stepping randomly (stuck).
 14213 | Lair:5   | 14213 ||| Stepping randomly (stuck).
 14214 | Lair:5   | 14214 ||| Stepping randomly (stuck).
 14215 | Lair:5   | 14215 ||| Stepping randomly (stuck).
 14216 | Lair:5   | 14216 ||| Stepping randomly (stuck).
 14217 | Lair:5   | 14217 ||| Stepping randomly (stuck).
 14218 | Lair:5   | 14218 ||| Stepping randomly (stuck).
 14219 | Lair:5   | 14219 ||| Stepping randomly (stuck).
 14220 | Lair:5   | 14220 ||| Stepping randomly (stuck).
 14221 | Lair:5   | 14221 ||| Stepping randomly (stuck).
 14222 | Lair:5   | 14222 ||| Stepping randomly (stuck).
 14223 | Lair:5   | 14223 ||| Stepping randomly (stuck).
 14224 | Lair:5   | 14224 ||| Stepping randomly (stuck).
 14225 | Lair:5   | 14225 ||| Stepping randomly (stuck).
 14226 | Lair:5   | 14226 ||| Stepping randomly (stuck).
 14227 | Lair:5   | 14227 ||| Stepping randomly (stuck).
 14228 | Lair:5   | 14228 ||| Stepping randomly (stuck).
 14229 | Lair:5   | 14229 ||| Stepping randomly (stuck).
 14230 | Lair:5   | 14230 ||| Stepping randomly (stuck).
 14231 | Lair:5   | 14231 ||| Stepping randomly (stuck).
 14232 | Lair:5   | 14232 ||| Stepping randomly (stuck).
 14233 | Lair:5   | 14233 ||| Stepping randomly (stuck).
 14234 | Lair:5   | 14234 ||| Stepping randomly (stuck).
 14235 | Lair:5   | 14235 ||| Stepping randomly (stuck).
 14236 | Lair:5   | 14236 ||| Stepping randomly (stuck).
 14237 | Lair:5   | 14237 ||| Stepping randomly (stuck).
 14238 | Lair:5   | 14238 ||| Stepping randomly (stuck).
 14239 | Lair:5   | 14239 ||| Stepping randomly (stuck).
 14240 | Lair:5   | 14240 ||| Stepping randomly (stuck).
 14241 | Lair:5   | 14241 ||| Stepping randomly (stuck).
 14242 | Lair:5   | 14242 ||| Stepping randomly (stuck).
 14243 | Lair:5   | 14243 ||| Stepping randomly (stuck).
 14244 | Lair:5   | 14244 ||| Stepping randomly (stuck).
 14245 | Lair:5   | 14245 ||| Stepping randomly (stuck).
 14246 | Lair:5   | 14246 ||| Stepping randomly (stuck).
 14247 | Lair:5   | 14247 ||| Stepping randomly (stuck).
 14248 | Lair:5   | 14248 ||| Stepping randomly (stuck).
 14249 | Lair:5   | 14249 ||| Stepping randomly (stuck).
 14250 | Lair:5   | 14250 ||| Stepping randomly (stuck).
 14251 | Lair:5   | 14251 ||| Stepping randomly (stuck).
 14252 | Lair:5   | 14252 ||| Stepping randomly (stuck).
 14253 | Lair:5   | 14253 ||| Stepping randomly (stuck).
 14254 | Lair:5   | 14254 ||| Stepping randomly (stuck).
 14255 | Lair:5   | 14255 ||| Stepping randomly (stuck).
 14256 | Lair:5   | 14256 ||| Stepping randomly (stuck).
 14257 | Lair:5   | 14257 ||| Stepping randomly (stuck).
 14258 | Lair:5   | 14258 ||| Stepping randomly (stuck).
 14259 | Lair:5   | 14259 ||| Stepping randomly (stuck).
 14260 | Lair:5   | 14260 ||| Stepping randomly (stuck).
 14261 | Lair:5   | 14261 ||| Stepping randomly (stuck).
 14262 | Lair:5   | 14262 ||| Stepping randomly (stuck).
 14263 | Lair:5   | 14263 ||| Stepping randomly (stuck).
 14264 | Lair:5   | 14264 ||| Stepping randomly (stuck).
 14265 | Lair:5   | 14265 ||| Stepping randomly (stuck).
 14266 | Lair:5   | 14266 ||| Stepping randomly (stuck).
 14267 | Lair:5   | 14267 ||| Stepping randomly (stuck).
 14268 | Lair:5   | 14268 ||| Stepping randomly (stuck).
 14269 | Lair:5   | 14269 ||| Stepping randomly (stuck).
 14270 | Lair:5   | 14270 ||| Stepping randomly (stuck).
 14271 | Lair:5   | 14271 ||| Stepping randomly (stuck).
 14272 | Lair:5   | 14272 ||| Stepping randomly (stuck).
 14273 | Lair:5   | 14273 ||| Stepping randomly (stuck).
 14274 | Lair:5   | 14274 ||| Stepping randomly (stuck).
 14275 | Lair:5   | 14275 ||| Stepping randomly (stuck).
 14276 | Lair:5   | 14276 ||| Stepping randomly (stuck).
 14277 | Lair:5   | 14277 ||| Stepping randomly (stuck).
 14278 | Lair:5   | 14278 ||| Stepping randomly (stuck).
 14279 | Lair:5   | 14279 ||| Stepping randomly (stuck).
 14280 | Lair:5   | 14280 ||| Stepping randomly (stuck).
 14281 | Lair:5   | 14281 ||| Stepping randomly (stuck).
 14282 | Lair:5   | 14282 ||| Stepping randomly (stuck).
 14283 | Lair:5   | 14283 ||| Stepping randomly (stuck).
 14284 | Lair:5   | 14284 ||| Stepping randomly (stuck).
 14285 | Lair:5   | 14285 ||| Stepping randomly (stuck).
 14286 | Lair:5   | 14286 ||| Stepping randomly (stuck).
 14287 | Lair:5   | 14287 ||| Stepping randomly (stuck).
 14288 | Lair:5   | 14288 ||| Stepping randomly (stuck).
 14289 | Lair:5   | 14289 ||| Stepping randomly (stuck).
 14290 | Lair:5   | 14290 ||| Stepping randomly (stuck).
 14291 | Lair:5   | 14291 ||| Stepping randomly (stuck).
 14292 | Lair:5   | 14292 ||| Stepping randomly (stuck).
 14293 | Lair:5   | 14293 ||| Stepping randomly (stuck).
 14294 | Lair:5   | 14294 ||| Stepping randomly (stuck).
 14295 | Lair:5   | 14295 ||| Stepping randomly (stuck).
 14296 | Lair:5   | 14296 ||| Stepping randomly (stuck).
 14297 | Lair:5   | 14297 ||| Stepping randomly (stuck).
 14298 | Lair:5   | 14298 ||| Stepping randomly (stuck).
 14299 | Lair:5   | 14299 ||| Stepping randomly (stuck).
 14300 | Lair:5   | 14300 ||| Stepping randomly (stuck).
 14301 | Lair:5   | 14301 ||| Stepping randomly (stuck).
 14302 | Lair:5   | 14302 ||| Stepping randomly (stuck).
 14303 | Lair:5   | 14303 ||| Stepping randomly (stuck).
 14304 | Lair:5   | 14304 ||| Stepping randomly (stuck).
 14305 | Lair:5   | 14305 ||| Stepping randomly (stuck).
 14306 | Lair:5   | 14306 ||| Stepping randomly (stuck).
 14307 | Lair:5   | 14307 ||| Stepping randomly (stuck).
 14308 | Lair:5   | 14308 ||| Stepping randomly (stuck).
 14309 | Lair:5   | 14309 ||| Stepping randomly (stuck).
 14310 | Lair:5   | 14310 ||| Stepping randomly (stuck).
 14311 | Lair:5   | 14311 ||| Stepping randomly (stuck).
 14312 | Lair:5   | 14312 ||| Stepping randomly (stuck).
 14313 | Lair:5   | 14313 ||| Stepping randomly (stuck).
 14314 | Lair:5   | 14314 ||| Stepping randomly (stuck).
 14315 | Lair:5   | 14315 ||| Stepping randomly (stuck).
 14316 | Lair:5   | 14316 ||| Stepping randomly (stuck).
 14317 | Lair:5   | 14317 ||| Stepping randomly (stuck).
 14318 | Lair:5   | 14318 ||| Stepping randomly (stuck).
 14319 | Lair:5   | 14319 ||| Stepping randomly (stuck).
 14320 | Lair:5   | 14320 ||| Stepping randomly (stuck).
 14321 | Lair:5   | 14321 ||| Stepping randomly (stuck).
 14322 | Lair:5   | 14322 ||| Stepping randomly (stuck).
 14323 | Lair:5   | 14323 ||| Stepping randomly (stuck).
 14324 | Lair:5   | 14324 ||| Stepping randomly (stuck).
 14325 | Lair:5   | 14325 ||| Stepping randomly (stuck).
 14326 | Lair:5   | 14326 ||| Stepping randomly (stuck).
 14327 | Lair:5   | 14327 ||| Stepping randomly (stuck).
 14328 | Lair:5   | 14328 ||| Stepping randomly (stuck).
 14329 | Lair:5   | 14329 ||| Stepping randomly (stuck).
 14330 | Lair:5   | 14330 ||| Stepping randomly (stuck).
 14331 | Lair:5   | 14331 ||| Stepping randomly (stuck).
 14332 | Lair:5   | 14332 ||| Stepping randomly (stuck).
 14333 | Lair:5   | 14333 ||| Stepping randomly (stuck).
 14334 | Lair:5   | 14334 ||| Stepping randomly (stuck).
 14335 | Lair:5   | 14335 ||| Stepping randomly (stuck).
 14336 | Lair:5   | 14336 ||| Stepping randomly (stuck).
 14337 | Lair:5   | 14337 ||| Stepping randomly (stuck).
 14338 | Lair:5   | 14338 ||| Stepping randomly (stuck).
 14339 | Lair:5   | 14339 ||| Stepping randomly (stuck).
 14340 | Lair:5   | 14340 ||| Stepping randomly (stuck).
 14341 | Lair:5   | 14341 ||| Stepping randomly (stuck).
 14342 | Lair:5   | 14342 ||| Stepping randomly (stuck).
 14343 | Lair:5   | 14343 ||| Stepping randomly (stuck).
 14344 | Lair:5   | 14344 ||| Stepping randomly (stuck).
 14345 | Lair:5   | 14345 ||| Stepping randomly (stuck).
 14346 | Lair:5   | 14346 ||| Stepping randomly (stuck).
 14347 | Lair:5   | 14347 ||| Stepping randomly (stuck).
 14348 | Lair:5   | 14348 ||| Stepping randomly (stuck).
 14349 | Lair:5   | 14349 ||| Stepping randomly (stuck).
 14350 | Lair:5   | 14350 ||| Stepping randomly (stuck).
 14351 | Lair:5   | 14351 ||| Stepping randomly (stuck).
 14352 | Lair:5   | 14352 ||| Stepping randomly (stuck).
 14353 | Lair:5   | 14353 ||| Stepping randomly (stuck).
 14354 | Lair:5   | 14354 ||| Stepping randomly (stuck).
 14355 | Lair:5   | 14355 ||| Stepping randomly (stuck).
 14356 | Lair:5   | 14356 ||| Stepping randomly (stuck).
 14357 | Lair:5   | 14357 ||| Stepping randomly (stuck).
 14358 | Lair:5   | 14358 ||| Stepping randomly (stuck).
 14359 | Lair:5   | 14359 ||| Stepping randomly (stuck).
 14360 | Lair:5   | 14360 ||| Stepping randomly (stuck).
 14361 | Lair:5   | 14361 ||| Stepping randomly (stuck).
 14362 | Lair:5   | 14362 ||| Stepping randomly (stuck).
 14363 | Lair:5   | 14363 ||| Stepping randomly (stuck).
 14364 | Lair:5   | 14364 ||| Stepping randomly (stuck).
 14365 | Lair:5   | 14365 ||| Stepping randomly (stuck).
 14366 | Lair:5   | 14366 ||| Stepping randomly (stuck).
 14367 | Lair:5   | 14367 ||| Stepping randomly (stuck).
 14368 | Lair:5   | 14368 ||| Stepping randomly (stuck).
 14369 | Lair:5   | 14369 ||| Stepping randomly (stuck).
 14370 | Lair:5   | 14370 ||| Stepping randomly (stuck).
 14371 | Lair:5   | 14371 ||| Stepping randomly (stuck).
 14372 | Lair:5   | 14372 ||| Stepping randomly (stuck).
 14373 | Lair:5   | 14373 ||| Stepping randomly (stuck).
 14374 | Lair:5   | 14374 ||| Stepping randomly (stuck).
 14375 | Lair:5   | 14375 ||| Stepping randomly (stuck).
 14376 | Lair:5   | 14376 ||| Stepping randomly (stuck).
 14377 | Lair:5   | 14377 ||| Stepping randomly (stuck).
 14378 | Lair:5   | 14378 ||| Stepping randomly (stuck).
 14379 | Lair:5   | 14379 ||| Stepping randomly (stuck).
 14380 | Lair:5   | 14380 ||| Stepping randomly (stuck).
 14381 | Lair:5   | 14381 ||| Stepping randomly (stuck).
 14382 | Lair:5   | 14382 ||| Stepping randomly (stuck).
 14383 | Lair:5   | 14383 ||| Stepping randomly (stuck).
 14384 | Lair:5   | 14384 ||| Stepping randomly (stuck).
 14385 | Lair:5   | 14385 ||| Stepping randomly (stuck).
 14386 | Lair:5   | 14386 ||| Stepping randomly (stuck).
 14387 | Lair:5   | 14387 ||| Stepping randomly (stuck).
 14388 | Lair:5   | 14388 ||| Stepping randomly (stuck).
 14389 | Lair:5   | 14389 ||| Stepping randomly (stuck).
 14390 | Lair:5   | 14390 ||| Stepping randomly (stuck).
 14391 | Lair:5   | 14391 ||| Stepping randomly (stuck).
 14392 | Lair:5   | 14392 ||| Stepping randomly (stuck).
 14393 | Lair:5   | 14393 ||| Stepping randomly (stuck).
 14394 | Lair:5   | 14394 ||| Stepping randomly (stuck).
 14395 | Lair:5   | 14395 ||| Stepping randomly (stuck).
 14396 | Lair:5   | 14396 ||| Stepping randomly (stuck).
 14397 | Lair:5   | 14397 ||| Stepping randomly (stuck).
 14398 | Lair:5   | 14398 ||| Stepping randomly (stuck).
 14399 | Lair:5   | 14399 ||| Stepping randomly (stuck).
 14400 | Lair:5   | 14400 ||| Stepping randomly (stuck).
 14401 | Lair:5   | 14401 ||| Stepping randomly (stuck).
 14402 | Lair:5   | 14402 ||| Stepping randomly (stuck).
 14403 | Lair:5   | 14403 ||| Stepping randomly (stuck).
 14404 | Lair:5   | 14404 ||| Stepping randomly (stuck).
 14405 | Lair:5   | 14405 ||| Stepping randomly (stuck).
 14406 | Lair:5   | 14406 ||| Stepping randomly (stuck).
 14407 | Lair:5   | 14407 ||| Stepping randomly (stuck).
 14408 | Lair:5   | 14408 ||| Stepping randomly (stuck).
 14409 | Lair:5   | 14409 ||| Stepping randomly (stuck).
 14410 | Lair:5   | 14410 ||| Stepping randomly (stuck).
 14411 | Lair:5   | 14411 ||| Stepping randomly (stuck).
 14412 | Lair:5   | 14412 ||| Stepping randomly (stuck).
 14413 | Lair:5   | 14413 ||| Stepping randomly (stuck).
 14414 | Lair:5   | 14414 ||| Stepping randomly (stuck).
 14415 | Lair:5   | 14415 ||| Stepping randomly (stuck).
 14416 | Lair:5   | 14416 ||| Stepping randomly (stuck).
 14417 | Lair:5   | 14417 ||| Stepping randomly (stuck).
 14418 | Lair:5   | 14418 ||| Stepping randomly (stuck).
 14419 | Lair:5   | 14419 ||| Stepping randomly (stuck).
 14420 | Lair:5   | 14420 ||| Stepping randomly (stuck).
 14421 | Lair:5   | 14421 ||| Stepping randomly (stuck).
 14422 | Lair:5   | 14422 ||| Stepping randomly (stuck).
 14423 | Lair:5   | 14423 ||| Stepping randomly (stuck).
 14424 | Lair:5   | 14424 ||| Stepping randomly (stuck).
 14425 | Lair:5   | 14425 ||| Stepping randomly (stuck).
 14426 | Lair:5   | 14426 ||| Stepping randomly (stuck).
 14427 | Lair:5   | 14427 ||| Stepping randomly (stuck).
 14428 | Lair:5   | 14428 ||| Stepping randomly (stuck).
 14429 | Lair:5   | 14429 ||| Stepping randomly (stuck).
 14430 | Lair:5   | 14430 ||| Stepping randomly (stuck).
 14431 | Lair:5   | 14431 ||| Stepping randomly (stuck).
 14432 | Lair:5   | 14432 ||| Stepping randomly (stuck).
 14433 | Lair:5   | 14433 ||| Stepping randomly (stuck).
 14434 | Lair:5   | 14434 ||| Stepping randomly (stuck).
 14435 | Lair:5   | 14435 ||| Stepping randomly (stuck).
 14436 | Lair:5   | 14436 ||| Stepping randomly (stuck).
 14437 | Lair:5   | 14437 ||| Stepping randomly (stuck).
 14438 | Lair:5   | 14438 ||| Stepping randomly (stuck).
 14439 | Lair:5   | 14439 ||| Stepping randomly (stuck).
 14440 | Lair:5   | 14440 ||| Stepping randomly (stuck).
 14441 | Lair:5   | 14441 ||| Stepping randomly (stuck).
 14442 | Lair:5   | 14442 ||| Stepping randomly (stuck).
 14443 | Lair:5   | 14443 ||| Stepping randomly (stuck).
 14444 | Lair:5   | 14444 ||| Stepping randomly (stuck).
 14445 | Lair:5   | 14445 ||| Stepping randomly (stuck).
 14446 | Lair:5   | 14446 ||| Stepping randomly (stuck).
 14447 | Lair:5   | 14447 ||| Stepping randomly (stuck).
 14448 | Lair:5   | 14448 ||| Stepping randomly (stuck).
 14449 | Lair:5   | 14449 ||| Stepping randomly (stuck).
 14450 | Lair:5   | 14450 ||| Stepping randomly (stuck).
 14451 | Lair:5   | 14451 ||| Stepping randomly (stuck).
 14452 | Lair:5   | 14452 ||| Stepping randomly (stuck).
 14453 | Lair:5   | 14453 ||| Stepping randomly (stuck).
 14454 | Lair:5   | 14454 ||| Stepping randomly (stuck).
 14455 | Lair:5   | 14455 ||| Stepping randomly (stuck).
 14456 | Lair:5   | 14456 ||| Stepping randomly (stuck).
 14457 | Lair:5   | 14457 ||| Stepping randomly (stuck).
 14458 | Lair:5   | 14458 ||| Stepping randomly (stuck).
 14459 | Lair:5   | 14459 ||| Stepping randomly (stuck).
 14460 | Lair:5   | 14460 ||| Stepping randomly (stuck).
 14461 | Lair:5   | 14461 ||| Stepping randomly (stuck).
 14462 | Lair:5   | 14462 ||| Stepping randomly (stuck).
 14463 | Lair:5   | 14463 ||| Stepping randomly (stuck).
 14464 | Lair:5   | 14464 ||| Stepping randomly (stuck).
 14465 | Lair:5   | 14465 ||| Stepping randomly (stuck).
 14466 | Lair:5   | 14466 ||| Stepping randomly (stuck).
 14467 | Lair:5   | 14467 ||| Stepping randomly (stuck).
 14468 | Lair:5   | 14468 ||| INVOKING Heroism.
 14477 | Lair:5   | 14477 ||| Stepping randomly (stuck).
 14478 | Lair:5   | 14478 ||| Stepping randomly (stuck).
 14479 | Lair:5   | 14479 ||| Stepping randomly (stuck).
 14480 | Lair:5   | 14480 ||| Stepping randomly (stuck).
 14481 | Lair:5   | 14481 ||| Stepping randomly (stuck).
 14482 | Lair:5   | 14482 ||| Stepping randomly (stuck).
 14483 | Lair:5   | 14483 ||| Stepping randomly (stuck).
 14484 | Lair:5   | 14484 ||| Stepping randomly (stuck).
 14485 | Lair:5   | 14485 ||| Stepping randomly (stuck).
 14486 | Lair:5   | 14486 ||| Stepping randomly (stuck).
 14487 | Lair:5   | 14487 ||| Stepping randomly (stuck).
 14488 | Lair:5   | 14488 ||| Stepping randomly (stuck).
 14489 | Lair:5   | 14489 ||| Stepping randomly (stuck).
 14490 | Lair:5   | 14490 ||| Stepping randomly (stuck).
 14491 | Lair:5   | 14491 ||| Stepping randomly (stuck).
 14492 | Lair:5   | 14492 ||| Stepping randomly (stuck).
 14493 | Lair:5   | 14493 ||| Stepping randomly (stuck).
 14494 | Lair:5   | 14494 ||| Stepping randomly (stuck).
 14495 | Lair:5   | 14495 ||| Stepping randomly (stuck).
 14496 | Lair:5   | 14496 ||| Stepping randomly (stuck).
 14497 | Lair:5   | 14497 ||| Stepping randomly (stuck).
 14498 | Lair:5   | 14498 ||| Stepping randomly (stuck).
 14499 | Lair:5   | 14499 ||| Stepping randomly (stuck).
 14500 | Lair:5   | 14500 ||| Stepping randomly (stuck).
 14501 | Lair:5   | 14501 ||| Stepping randomly (stuck).
 14502 | Lair:5   | 14502 ||| Stepping randomly (stuck).
 14503 | Lair:5   | 14503 ||| Stepping randomly (stuck).
 14504 | Lair:5   | 14504 ||| Stepping randomly (stuck).
 14505 | Lair:5   | 14505 ||| Stepping randomly (stuck).
 14506 | Lair:5   | 14506 ||| Stepping randomly (stuck).
 14507 | Lair:5   | 14507 ||| Stepping randomly (stuck).
 14508 | Lair:5   | 14508 ||| Stepping randomly (stuck).
 14509 | Lair:5   | 14509 ||| Stepping randomly (stuck).
 14510 | Lair:5   | 14510 ||| Stepping randomly (stuck).
 14511 | Lair:5   | 14511 ||| Stepping randomly (stuck).
 14512 | Lair:5   | 14512 ||| Stepping randomly (stuck).
 14513 | Lair:5   | 14513 ||| Stepping randomly (stuck).
 14514 | Lair:5   | 14514 ||| Stepping randomly (stuck).
 14515 | Lair:5   | 14515 ||| Stepping randomly (stuck).
 14516 | Lair:5   | 14516 ||| Stepping randomly (stuck).
 14517 | Lair:5   | 14517 ||| Stepping randomly (stuck).
 14518 | Lair:5   | 14518 ||| Stepping randomly (stuck).
 14519 | Lair:5   | 14519 ||| Stepping randomly (stuck).
 14520 | Lair:5   | 14520 ||| Stepping randomly (stuck).
 14521 | Lair:5   | 14521 ||| Stepping randomly (stuck).
 14522 | Lair:5   | 14522 ||| Stepping randomly (stuck).
 14523 | Lair:5   | 14523 ||| Stepping randomly (stuck).
 14524 | Lair:5   | 14524 ||| Stepping randomly (stuck).
 14525 | Lair:5   | 14525 ||| Stepping randomly (stuck).
 14526 | Lair:5   | 14526 ||| Stepping randomly (stuck).
 14527 | Lair:5   | 14527 ||| Stepping randomly (stuck).
 14528 | Lair:5   | 14528 ||| Stepping randomly (stuck).
 14529 | Lair:5   | 14529 ||| Stepping randomly (stuck).
 14530 | Lair:5   | 14530 ||| Stepping randomly (stuck).
 14531 | Lair:5   | 14531 ||| Stepping randomly (stuck).
 14532 | Lair:5   | 14532 ||| Stepping randomly (stuck).
 14533 | Lair:5   | 14533 ||| Stepping randomly (stuck).
 14534 | Lair:5   | 14534 ||| Stepping randomly (stuck).
 14535 | Lair:5   | 14535 ||| Stepping randomly (stuck).
 14536 | Lair:5   | 14536 ||| Stepping randomly (stuck).
 14537 | Lair:5   | 14537 ||| Stepping randomly (stuck).
 14538 | Lair:5   | 14538 ||| Stepping randomly (stuck).
 14539 | Lair:5   | 14539 ||| Stepping randomly (stuck).
 14540 | Lair:5   | 14540 ||| Stepping randomly (stuck).
 14541 | Lair:5   | 14541 ||| Stepping randomly (stuck).
 14542 | Lair:5   | 14542 ||| Stepping randomly (stuck).
 14543 | Lair:5   | 14543 ||| Stepping randomly (stuck).
 14544 | Lair:5   | 14544 ||| Stepping randomly (stuck).
 14545 | Lair:5   | 14545 ||| Stepping randomly (stuck).
 14546 | Lair:5   | 14546 ||| Stepping randomly (stuck).
 14547 | Lair:5   | 14547 ||| Stepping randomly (stuck).
 14548 | Lair:5   | 14548 ||| Stepping randomly (stuck).
 14549 | Lair:5   | 14549 ||| Stepping randomly (stuck).
 14550 | Lair:5   | 14550 ||| Stepping randomly (stuck).
 14551 | Lair:5   | 14551 ||| Stepping randomly (stuck).
 14552 | Lair:5   | 14552 ||| Stepping randomly (stuck).
 14553 | Lair:5   | 14553 ||| Stepping randomly (stuck).
 14554 | Lair:5   | 14554 ||| Stepping randomly (stuck).
 14555 | Lair:5   | 14555 ||| Stepping randomly (stuck).
 14556 | Lair:5   | 14556 ||| Stepping randomly (stuck).
 14557 | Lair:5   | 14557 ||| Stepping randomly (stuck).
 14558 | Lair:5   | 14558 ||| Stepping randomly (stuck).
 14559 | Lair:5   | 14559 ||| Stepping randomly (stuck).
 14560 | Lair:5   | 14560 ||| Stepping randomly (stuck).
 14561 | Lair:5   | 14561 ||| Stepping randomly (stuck).
 14562 | Lair:5   | 14562 ||| Stepping randomly (stuck).
 14563 | Lair:5   | 14563 ||| Stepping randomly (stuck).
 14564 | Lair:5   | 14564 ||| Stepping randomly (stuck).
 14565 | Lair:5   | 14565 ||| Stepping randomly (stuck).
 14566 | Lair:5   | 14566 ||| Stepping randomly (stuck).
 14567 | Lair:5   | 14567 ||| Stepping randomly (stuck).
 14568 | Lair:5   | 14568 ||| Stepping randomly (stuck).
 14569 | Lair:5   | 14569 ||| Stepping randomly (stuck).
 14570 | Lair:5   | 14570 ||| Stepping randomly (stuck).
 14571 | Lair:5   | 14571 ||| Stepping randomly (stuck).
 14572 | Lair:5   | 14572 ||| Stepping randomly (stuck).
 14573 | Lair:5   | 14573 ||| Stepping randomly (stuck).
 14574 | Lair:5   | 14574 ||| Stepping randomly (stuck).
 14575 | Lair:5   | 14575 ||| Stepping randomly (stuck).
 14576 | Lair:5   | 14576 ||| Stepping randomly (stuck).
 14577 | Lair:5   | 14577 ||| Stepping randomly (stuck).
 14578 | Lair:5   | 14578 ||| Stepping randomly (stuck).
 14579 | Lair:5   | 14579 ||| Stepping randomly (stuck).
 14580 | Lair:5   | 14580 ||| Stepping randomly (stuck).
 14581 | Lair:5   | 14581 ||| Stepping randomly (stuck).
 14582 | Lair:5   | 14582 ||| Stepping randomly (stuck).
 14583 | Lair:5   | 14583 ||| Stepping randomly (stuck).
 14584 | Lair:5   | 14584 ||| Stepping randomly (stuck).
 14585 | Lair:5   | 14585 ||| Stepping randomly (stuck).
 14586 | Lair:5   | 14586 ||| Stepping randomly (stuck).
 14587 | Lair:5   | 14587 ||| Stepping randomly (stuck).
 14588 | Lair:5   | 14588 ||| Stepping randomly (stuck).
 14589 | Lair:5   | 14589 ||| Stepping randomly (stuck).
 14590 | Lair:5   | 14590 ||| Stepping randomly (stuck).
 14591 | Lair:5   | 14591 ||| Stepping randomly (stuck).
 14592 | Lair:5   | 14592 ||| Stepping randomly (stuck).
 14593 | Lair:5   | 14593 ||| Stepping randomly (stuck).
 14594 | Lair:5   | 14594 ||| Stepping randomly (stuck).
 14595 | Lair:5   | 14595 ||| Stepping randomly (stuck).
 14596 | Lair:5   | 14596 ||| Stepping randomly (stuck).
 14597 | Lair:5   | 14597 ||| Stepping randomly (stuck).
 14598 | Lair:5   | 14598 ||| Stepping randomly (stuck).
 14599 | Lair:5   | 14599 ||| Stepping randomly (stuck).
 14600 | Lair:5   | 14600 ||| Stepping randomly (stuck).
 14601 | Lair:5   | 14601 ||| Stepping randomly (stuck).
 14602 | Lair:5   | 14602 ||| Stepping randomly (stuck).
 14603 | Lair:5   | 14603 ||| Stepping randomly (stuck).
 14604 | Lair:5   | 14604 ||| Stepping randomly (stuck).
 14605 | Lair:5   | 14605 ||| Stepping randomly (stuck).
 14606 | Lair:5   | 14606 ||| Stepping randomly (stuck).
 14607 | Lair:5   | 14607 ||| Stepping randomly (stuck).
 14608 | Lair:5   | 14608 ||| Stepping randomly (stuck).
 14609 | Lair:5   | 14609 ||| Stepping randomly (stuck).
 14610 | Lair:5   | 14610 ||| Stepping randomly (stuck).
 14611 | Lair:5   | 14611 ||| Stepping randomly (stuck).
 14612 | Lair:5   | 14612 ||| Stepping randomly (stuck).
 14613 | Lair:5   | 14613 ||| Stepping randomly (stuck).
 14614 | Lair:5   | 14614 ||| Stepping randomly (stuck).
 14615 | Lair:5   | 14615 ||| Stepping randomly (stuck).
 14616 | Lair:5   | 14616 ||| Stepping randomly (stuck).
 14617 | Lair:5   | 14617 ||| Stepping randomly (stuck).
 14618 | Lair:5   | 14618 ||| Stepping randomly (stuck).
 14619 | Lair:5   | 14619 ||| Stepping randomly (stuck).
 14620 | Lair:5   | 14620 ||| Stepping randomly (stuck).
 14621 | Lair:5   | 14621 ||| Stepping randomly (stuck).
 14622 | Lair:5   | 14622 ||| Stepping randomly (stuck).
 14623 | Lair:5   | 14623 ||| Stepping randomly (stuck).
 14624 | Lair:5   | 14624 ||| Stepping randomly (stuck).
 14625 | Lair:5   | 14625 ||| Stepping randomly (stuck).
 14626 | Lair:5   | 14626 ||| Stepping randomly (stuck).
 14627 | Lair:5   | 14627 ||| Stepping randomly (stuck).
 14628 | Lair:5   | 14628 ||| Stepping randomly (stuck).
 14629 | Lair:5   | 14629 ||| Stepping randomly (stuck).
 14630 | Lair:5   | 14630 ||| Stepping randomly (stuck).
 14631 | Lair:5   | 14631 ||| Stepping randomly (stuck).
 14632 | Lair:5   | 14632 ||| Stepping randomly (stuck).
 14633 | Lair:5   | 14633 ||| Stepping randomly (stuck).
 14634 | Lair:5   | 14634 ||| Stepping randomly (stuck).
 14635 | Lair:5   | 14635 ||| Stepping randomly (stuck).
 14636 | Lair:5   | 14636 ||| Stepping randomly (stuck).
 14637 | Lair:5   | 14637 ||| Stepping randomly (stuck).
 14638 | Lair:5   | 14638 ||| Stepping randomly (stuck).
 14639 | Lair:5   | 14639 ||| Stepping randomly (stuck).
 14640 | Lair:5   | 14640 ||| Stepping randomly (stuck).
 14641 | Lair:5   | 14641 ||| Stepping randomly (stuck).
 14642 | Lair:5   | 14642 ||| Stepping randomly (stuck).
 14643 | Lair:5   | 14643 ||| Stepping randomly (stuck).
 14644 | Lair:5   | 14644 ||| Stepping randomly (stuck).
 14645 | Lair:5   | 14645 ||| Stepping randomly (stuck).
 14646 | Lair:5   | 14646 ||| Stepping randomly (stuck).
 14647 | Lair:5   | 14647 ||| Stepping randomly (stuck).
 14648 | Lair:5   | 14648 ||| Stepping randomly (stuck).
 14649 | Lair:5   | 14649 ||| Stepping randomly (stuck).
 14650 | Lair:5   | 14650 ||| Stepping randomly (stuck).
 14651 | Lair:5   | 14651 ||| Stepping randomly (stuck).
 14652 | Lair:5   | 14652 ||| Stepping randomly (stuck).
 14653 | Lair:5   | 14653 ||| Stepping randomly (stuck).
 14654 | Lair:5   | 14654 ||| Stepping randomly (stuck).
 14655 | Lair:5   | 14655 ||| Stepping randomly (stuck).
 14656 | Lair:5   | 14656 ||| Stepping randomly (stuck).
 14657 | Lair:5   | 14657 ||| Stepping randomly (stuck).
 14658 | Lair:5   | 14658 ||| Stepping randomly (stuck).
 14659 | Lair:5   | 14659 ||| Stepping randomly (stuck).
 14660 | Lair:5   | 14660 ||| Stepping randomly (stuck).
 14661 | Lair:5   | 14661 ||| Stepping randomly (stuck).
 14662 | Lair:5   | 14662 ||| Stepping randomly (stuck).
 14663 | Lair:5   | 14663 ||| Stepping randomly (stuck).
 14664 | Lair:5   | 14664 ||| Stepping randomly (stuck).
 14665 | Lair:5   | 14665 ||| Stepping randomly (stuck).
 14666 | Lair:5   | 14666 ||| Stepping randomly (stuck).
 14667 | Lair:5   | 14667 ||| Stepping randomly (stuck).
 14668 | Lair:5   | 14668 ||| Stepping randomly (stuck).
 14683 | Lair:5   | Reached skill level 9 in Invocations
 14703 | Lair:5   | 14703 ||| Stepping randomly (stuck).
 14704 | Lair:5   | 14704 ||| Stepping randomly (stuck).
 14705 | Lair:5   | 14705 ||| Stepping randomly (stuck).
 14706 | Lair:5   | 14706 ||| Stepping randomly (stuck).
 14707 | Lair:5   | 14707 ||| Stepping randomly (stuck).
 14708 | Lair:5   | 14708 ||| Stepping randomly (stuck).
 14709 | Lair:5   | 14709 ||| Stepping randomly (stuck).
 14710 | Lair:5   | 14710 ||| Stepping randomly (stuck).
 14711 | Lair:5   | 14711 ||| Stepping randomly (stuck).
 14712 | Lair:5   | 14712 ||| Stepping randomly (stuck).
 14713 | Lair:5   | 14713 ||| Stepping randomly (stuck).
 14714 | Lair:5   | 14714 ||| Stepping randomly (stuck).
 14715 | Lair:5   | 14715 ||| Stepping randomly (stuck).
 14716 | Lair:5   | 14716 ||| Stepping randomly (stuck).
 14717 | Lair:5   | 14717 ||| Stepping randomly (stuck).
 14718 | Lair:5   | 14718 ||| Stepping randomly (stuck).
 14719 | Lair:5   | 14719 ||| Stepping randomly (stuck).
 14720 | Lair:5   | 14720 ||| Stepping randomly (stuck).
 14721 | Lair:5   | 14721 ||| Stepping randomly (stuck).
 14722 | Lair:5   | 14722 ||| Stepping randomly (stuck).
 14723 | Lair:5   | 14723 ||| Stepping randomly (stuck).
 14724 | Lair:5   | 14724 ||| Stepping randomly (stuck).
 14725 | Lair:5   | 14725 ||| Stepping randomly (stuck).
 14726 | Lair:5   | 14726 ||| Stepping randomly (stuck).
 14727 | Lair:5   | 14727 ||| Stepping randomly (stuck).
 14728 | Lair:5   | 14728 ||| Stepping randomly (stuck).
 14729 | Lair:5   | 14729 ||| Stepping randomly (stuck).
 14730 | Lair:5   | 14730 ||| Stepping randomly (stuck).
 14731 | Lair:5   | 14731 ||| Stepping randomly (stuck).
 14732 | Lair:5   | 14732 ||| Stepping randomly (stuck).
 14733 | Lair:5   | 14733 ||| Stepping randomly (stuck).
 14734 | Lair:5   | 14734 ||| Stepping randomly (stuck).
 14735 | Lair:5   | 14735 ||| Stepping randomly (stuck).
 14736 | Lair:5   | 14736 ||| Stepping randomly (stuck).
 14737 | Lair:5   | 14737 ||| Stepping randomly (stuck).
 14738 | Lair:5   | 14738 ||| Stepping randomly (stuck).
 14739 | Lair:5   | 14739 ||| Stepping randomly (stuck).
 14740 | Lair:5   | 14740 ||| Stepping randomly (stuck).
 14741 | Lair:5   | 14741 ||| Stepping randomly (stuck).
 14742 | Lair:5   | 14742 ||| Stepping randomly (stuck).
 14743 | Lair:5   | 14743 ||| Stepping randomly (stuck).
 14744 | Lair:5   | 14744 ||| Stepping randomly (stuck).
 14745 | Lair:5   | 14745 ||| Stepping randomly (stuck).
 14746 | Lair:5   | 14746 ||| Stepping randomly (stuck).
 14747 | Lair:5   | 14747 ||| Stepping randomly (stuck).
 14748 | Lair:5   | 14748 ||| Stepping randomly (stuck).
 14749 | Lair:5   | 14749 ||| Stepping randomly (stuck).
 14750 | Lair:5   | 14750 ||| Stepping randomly (stuck).
 14751 | Lair:5   | 14751 ||| Stepping randomly (stuck).
 14752 | Lair:5   | 14752 ||| Stepping randomly (stuck).
 14753 | Lair:5   | 14753 ||| Stepping randomly (stuck).
 14754 | Lair:5   | 14754 ||| Stepping randomly (stuck).
 14755 | Lair:5   | 14755 ||| Stepping randomly (stuck).
 14756 | Lair:5   | 14756 ||| Stepping randomly (stuck).
 14757 | Lair:5   | 14757 ||| Stepping randomly (stuck).
 14758 | Lair:5   | 14758 ||| Stepping randomly (stuck).
 14759 | Lair:5   | 14759 ||| Stepping randomly (stuck).
 14760 | Lair:5   | 14760 ||| Stepping randomly (stuck).
 14761 | Lair:5   | 14761 ||| Stepping randomly (stuck).
 14762 | Lair:5   | 14762 ||| Stepping randomly (stuck).
 14763 | Lair:5   | 14763 ||| Stepping randomly (stuck).
 14764 | Lair:5   | 14764 ||| Stepping randomly (stuck).
 14765 | Lair:5   | 14765 ||| Stepping randomly (stuck).
 14766 | Lair:5   | 14766 ||| Stepping randomly (stuck).
 14767 | Lair:5   | 14767 ||| Stepping randomly (stuck).
 14768 | Lair:5   | 14768 ||| Stepping randomly (stuck).
 14769 | Lair:5   | 14769 ||| Stepping randomly (stuck).
 14770 | Lair:5   | 14770 ||| Stepping randomly (stuck).
 14774 | Lair:5   | 14774 ||| Stepping randomly (stuck).
 14775 | Lair:5   | 14775 ||| Stepping randomly (stuck).
 14776 | Lair:5   | 14776 ||| Stepping randomly (stuck).
 14777 | Lair:5   | 14777 ||| Stepping randomly (stuck).
 14778 | Lair:5   | 14778 ||| Stepping randomly (stuck).
 14779 | Lair:5   | 14779 ||| Stepping randomly (stuck).
 14780 | Lair:5   | 14780 ||| Stepping randomly (stuck).
 14781 | Lair:5   | 14781 ||| Stepping randomly (stuck).
 14782 | Lair:5   | 14782 ||| Stepping randomly (stuck).
 14783 | Lair:5   | 14783 ||| Stepping randomly (stuck).
 14784 | Lair:5   | 14784 ||| Stepping randomly (stuck).
 14785 | Lair:5   | 14785 ||| Stepping randomly (stuck).
 14786 | Lair:5   | 14786 ||| Stepping randomly (stuck).
 14787 | Lair:5   | 14787 ||| Stepping randomly (stuck).
 14788 | Lair:5   | 14788 ||| Stepping randomly (stuck).
 14789 | Lair:5   | 14789 ||| Stepping randomly (stuck).
 14790 | Lair:5   | 14790 ||| Stepping randomly (stuck).
 14791 | Lair:5   | 14791 ||| Stepping randomly (stuck).
 14792 | Lair:5   | 14792 ||| Stepping randomly (stuck).
 14793 | Lair:5   | 14793 ||| Stepping randomly (stuck).
 14794 | Lair:5   | 14794 ||| Stepping randomly (stuck).
 14795 | Lair:5   | 14795 ||| Stepping randomly (stuck).
 14796 | Lair:5   | 14796 ||| Stepping randomly (stuck).
 14797 | Lair:5   | 14797 ||| Stepping randomly (stuck).
 14798 | Lair:5   | 14798 ||| Stepping randomly (stuck).
 14799 | Lair:5   | 14799 ||| Stepping randomly (stuck).
 14800 | Lair:5   | 14800 ||| Stepping randomly (stuck).
 14801 | Lair:5   | 14801 ||| Stepping randomly (stuck).
 14802 | Lair:5   | 14802 ||| Stepping randomly (stuck).
 14803 | Lair:5   | 14803 ||| Stepping randomly (stuck).
 14804 | Lair:5   | 14804 ||| Stepping randomly (stuck).
 14805 | Lair:5   | 14805 ||| Stepping randomly (stuck).
 14806 | Lair:5   | 14806 ||| Stepping randomly (stuck).
 14807 | Lair:5   | 14807 ||| Stepping randomly (stuck).
 14808 | Lair:5   | 14808 ||| Stepping randomly (stuck).
 14809 | Lair:5   | 14809 ||| Stepping randomly (stuck).
 14810 | Lair:5   | 14810 ||| Stepping randomly (stuck).
 14811 | Lair:5   | 14811 ||| Stepping randomly (stuck).
 14812 | Lair:5   | 14812 ||| Stepping randomly (stuck).
 14813 | Lair:5   | 14813 ||| Stepping randomly (stuck).
 14814 | Lair:5   | 14814 ||| Stepping randomly (stuck).
 14815 | Lair:5   | 14815 ||| Stepping randomly (stuck).
 14816 | Lair:5   | 14816 ||| Stepping randomly (stuck).
 14817 | Lair:5   | 14817 ||| Stepping randomly (stuck).
 14818 | Lair:5   | 14818 ||| Stepping randomly (stuck).
 14819 | Lair:5   | 14819 ||| Stepping randomly (stuck).
 14820 | Lair:5   | 14820 ||| Stepping randomly (stuck).
 14821 | Lair:5   | 14821 ||| Stepping randomly (stuck).
 14822 | Lair:5   | 14822 ||| Stepping randomly (stuck).
 14823 | Lair:5   | 14823 ||| Stepping randomly (stuck).
 14824 | Lair:5   | 14824 ||| Stepping randomly (stuck).
 14825 | Lair:5   | 14825 ||| Stepping randomly (stuck).
 14826 | Lair:5   | 14826 ||| Stepping randomly (stuck).
 14827 | Lair:5   | 14827 ||| Stepping randomly (stuck).
 14828 | Lair:5   | 14828 ||| Stepping randomly (stuck).
 14829 | Lair:5   | 14829 ||| Stepping randomly (stuck).
 14830 | Lair:5   | 14830 ||| Stepping randomly (stuck).
 14831 | Lair:5   | 14831 ||| Stepping randomly (stuck).
 14832 | Lair:5   | 14832 ||| Stepping randomly (stuck).
 14833 | Lair:5   | 14833 ||| Stepping randomly (stuck).
 14834 | Lair:5   | 14834 ||| Stepping randomly (stuck).
 14835 | Lair:5   | 14835 ||| Stepping randomly (stuck).
 14836 | Lair:5   | 14836 ||| Stepping randomly (stuck).
 14837 | Lair:5   | 14837 ||| Stepping randomly (stuck).
 14838 | Lair:5   | 14838 ||| Stepping randomly (stuck).
 14839 | Lair:5   | 14839 ||| Stepping randomly (stuck).
 14840 | Lair:5   | 14840 ||| Stepping randomly (stuck).
 14841 | Lair:5   | 14841 ||| Stepping randomly (stuck).
 14842 | Lair:5   | 14842 ||| Stepping randomly (stuck).
 14843 | Lair:5   | 14843 ||| Stepping randomly (stuck).
 14844 | Lair:5   | 14844 ||| Stepping randomly (stuck).
 14845 | Lair:5   | 14845 ||| Stepping randomly (stuck).
 14846 | Lair:5   | 14846 ||| Stepping randomly (stuck).
 14847 | Lair:5   | 14847 ||| Stepping randomly (stuck).
 14848 | Lair:5   | 14848 ||| Stepping randomly (stuck).
 14849 | Lair:5   | 14849 ||| Stepping randomly (stuck).
 14850 | Lair:5   | 14850 ||| Stepping randomly (stuck).
 14851 | Lair:5   | 14851 ||| Stepping randomly (stuck).
 14852 | Lair:5   | 14852 ||| Stepping randomly (stuck).
 14853 | Lair:5   | 14853 ||| Stepping randomly (stuck).
 14854 | Lair:5   | 14854 ||| Stepping randomly (stuck).
 14855 | Lair:5   | 14855 ||| Stepping randomly (stuck).
 14856 | Lair:5   | 14856 ||| Stepping randomly (stuck).
 14857 | Lair:5   | 14857 ||| Stepping randomly (stuck).
 14858 | Lair:5   | 14858 ||| Stepping randomly (stuck).
 14859 | Lair:5   | 14859 ||| Stepping randomly (stuck).
 14860 | Lair:5   | 14860 ||| Stepping ~*~*~tactically~*~*~ (stealth).
 14861 | Lair:5   | 14861 ||| Stepping randomly (stuck).
 14862 | Lair:5   | 14862 ||| Stepping ~*~*~tactically~*~*~ (stealth).
 14863 | Lair:5   | 14863 ||| Stepping randomly (stuck).
 14864 | Lair:5   | 14864 ||| Stepping randomly (stuck).
 14876 | Lair:5   | 14876 ||| INVOKING Heroism.
 14963 | Lair:5   | 14963 ||| Stepping randomly (stuck).
 14964 | Lair:5   | 14964 ||| Stepping randomly (stuck).
 14965 | Lair:5   | 14965 ||| Stepping randomly (stuck).
 14966 | Lair:5   | 14966 ||| Stepping randomly (stuck).
 14967 | Lair:5   | 14967 ||| Stepping randomly (stuck).
 14968 | Lair:5   | 14968 ||| Stepping randomly (stuck).
 14969 | Lair:5   | 14969 ||| Stepping randomly (stuck).
 14970 | Lair:5   | 14970 ||| Stepping randomly (stuck).
 14971 | Lair:5   | 14971 ||| Stepping randomly (stuck).
 14972 | Lair:5   | 14972 ||| Stepping randomly (stuck).
 14973 | Lair:5   | 14973 ||| Stepping randomly (stuck).
 14974 | Lair:5   | 14974 ||| Stepping randomly (stuck).
 14975 | Lair:5   | 14975 ||| Stepping randomly (stuck).
 14976 | Lair:5   | 14976 ||| Stepping randomly (stuck).
 14977 | Lair:5   | 14977 ||| Stepping randomly (stuck).
 14978 | Lair:5   | 14978 ||| Stepping randomly (stuck).
 14979 | Lair:5   | 14979 ||| Stepping randomly (stuck).
 14980 | Lair:5   | 14980 ||| Stepping randomly (stuck).
 14981 | Lair:5   | 14981 ||| Stepping randomly (stuck).
 14982 | Lair:5   | 14982 ||| Stepping randomly (stuck).
 14983 | Lair:5   | 14983 ||| Stepping randomly (stuck).
 14984 | Lair:5   | 14984 ||| Stepping randomly (stuck).
 14985 | Lair:5   | 14985 ||| Stepping randomly (stuck).
 14986 | Lair:5   | 14986 ||| Stepping randomly (stuck).
 14987 | Lair:5   | 14987 ||| Stepping randomly (stuck).
 14988 | Lair:5   | 14988 ||| Stepping randomly (stuck).
 14989 | Lair:5   | 14989 ||| Stepping randomly (stuck).
 14990 | Lair:5   | 14990 ||| Stepping randomly (stuck).
 14991 | Lair:5   | 14991 ||| Stepping randomly (stuck).
 14992 | Lair:5   | 14992 ||| Stepping randomly (stuck).
 14993 | Lair:5   | 14993 ||| Stepping randomly (stuck).
 14994 | Lair:5   | 14994 ||| Stepping randomly (stuck).
 14995 | Lair:5   | 14995 ||| Stepping randomly (stuck).
 14996 | Lair:5   | 14996 ||| Stepping randomly (stuck).
 14997 | Lair:5   | 14997 ||| Stepping randomly (stuck).
 14998 | Lair:5   | 14998 ||| Stepping randomly (stuck).
 14999 | Lair:5   | 14999 ||| Stepping randomly (stuck).
 15000 | Lair:5   | 15000 ||| Stepping randomly (stuck).
 15001 | Lair:5   | 15001 ||| Stepping randomly (stuck).
 15002 | Lair:5   | 15002 ||| Stepping randomly (stuck).
 15003 | Lair:5   | 15003 ||| Stepping randomly (stuck).
 15004 | Lair:5   | 15004 ||| Stepping randomly (stuck).
 15005 | Lair:5   | 15005 ||| Stepping randomly (stuck).
 15006 | Lair:5   | 15006 ||| Stepping randomly (stuck).
 15007 | Lair:5   | 15007 ||| Stepping randomly (stuck).
 15008 | Lair:5   | 15008 ||| Stepping randomly (stuck).
 15009 | Lair:5   | 15009 ||| Stepping randomly (stuck).
 15010 | Lair:5   | 15010 ||| Stepping randomly (stuck).
 15011 | Lair:5   | 15011 ||| Stepping randomly (stuck).
 15012 | Lair:5   | 15012 ||| Stepping randomly (stuck).
 15013 | Lair:5   | 15013 ||| Stepping randomly (stuck).
 15014 | Lair:5   | 15014 ||| Stepping randomly (stuck).
 15015 | Lair:5   | 15015 ||| Stepping randomly (stuck).
 15016 | Lair:5   | 15016 ||| Stepping randomly (stuck).
 15017 | Lair:5   | 15017 ||| Stepping randomly (stuck).
 15018 | Lair:5   | 15018 ||| Stepping randomly (stuck).
 15019 | Lair:5   | 15019 ||| Stepping randomly (stuck).
 15020 | Lair:5   | 15020 ||| Stepping randomly (stuck).
 15021 | Lair:5   | 15021 ||| Stepping randomly (stuck).
 15022 | Lair:5   | 15022 ||| Stepping randomly (stuck).
 15023 | Lair:5   | 15023 ||| Stepping randomly (stuck).
 15024 | Lair:5   | 15024 ||| Stepping randomly (stuck).
 15025 | Lair:5   | 15025 ||| Stepping randomly (stuck).
 15026 | Lair:5   | 15026 ||| Stepping randomly (stuck).
 15027 | Lair:5   | 15027 ||| Stepping randomly (stuck).
 15028 | Lair:5   | 15028 ||| Stepping randomly (stuck).
 15029 | Lair:5   | 15029 ||| Stepping randomly (stuck).
 15030 | Lair:5   | 15030 ||| Stepping randomly (stuck).
 15031 | Lair:5   | 15031 ||| Stepping randomly (stuck).
 15032 | Lair:5   | 15032 ||| Stepping randomly (stuck).
 15033 | Lair:5   | 15033 ||| Stepping randomly (stuck).
 15034 | Lair:5   | 15034 ||| Stepping randomly (stuck).
 15035 | Lair:5   | 15035 ||| Stepping randomly (stuck).
 15036 | Lair:5   | 15036 ||| Stepping randomly (stuck).
 15037 | Lair:5   | 15037 ||| Stepping randomly (stuck).
 15038 | Lair:5   | 15038 ||| Stepping randomly (stuck).
 15039 | Lair:5   | 15039 ||| Stepping randomly (stuck).
 15040 | Lair:5   | 15040 ||| Stepping randomly (stuck).
 15041 | Lair:5   | 15041 ||| Stepping randomly (stuck).
 15042 | Lair:5   | 15042 ||| Stepping randomly (stuck).
 15043 | Lair:5   | 15043 ||| Stepping randomly (stuck).
 15044 | Lair:5   | 15044 ||| Stepping randomly (stuck).
 15045 | Lair:5   | 15045 ||| Stepping randomly (stuck).
 15046 | Lair:5   | 15046 ||| Stepping randomly (stuck).
 15047 | Lair:5   | 15047 ||| Stepping randomly (stuck).
 15048 | Lair:5   | 15048 ||| Stepping randomly (stuck).
 15049 | Lair:5   | 15049 ||| Stepping randomly (stuck).
 15050 | Lair:5   | 15050 ||| Stepping randomly (stuck).
 15051 | Lair:5   | 15051 ||| Stepping randomly (stuck).
 15052 | Lair:5   | 15052 ||| Stepping randomly (stuck).
 15053 | Lair:5   | 15053 ||| Stepping randomly (stuck).
 15054 | Lair:5   | 15054 ||| Stepping randomly (stuck).
 15055 | Lair:5   | 15055 ||| Stepping randomly (stuck).
 15056 | Lair:5   | 15056 ||| Stepping randomly (stuck).
 15057 | Lair:5   | 15057 ||| Stepping randomly (stuck).
 15058 | Lair:5   | 15058 ||| Stepping randomly (stuck).
 15059 | Lair:5   | 15059 ||| Stepping randomly (stuck).
 15060 | Lair:5   | 15060 ||| Stepping randomly (stuck).
 15061 | Lair:5   | 15061 ||| Stepping randomly (stuck).
 15062 | Lair:5   | 15062 ||| Stepping randomly (stuck).
 15063 | Lair:5   | 15063 ||| Stepping randomly (stuck).
 15064 | Lair:5   | 15064 ||| Stepping randomly (stuck).
 15065 | Lair:5   | 15065 ||| Stepping randomly (stuck).
 15066 | Lair:5   | 15066 ||| Stepping randomly (stuck).
 15067 | Lair:5   | 15067 ||| Stepping randomly (stuck).
 15068 | Lair:5   | 15068 ||| Stepping randomly (stuck).
 15069 | Lair:5   | 15069 ||| Stepping randomly (stuck).
 15070 | Lair:5   | 15070 ||| Stepping randomly (stuck).
 15071 | Lair:5   | 15071 ||| Stepping randomly (stuck).
 15072 | Lair:5   | 15072 ||| Stepping randomly (stuck).
 15073 | Lair:5   | 15073 ||| Stepping randomly (stuck).
 15074 | Lair:5   | 15074 ||| Stepping randomly (stuck).
 15075 | Lair:5   | 15075 ||| Stepping randomly (stuck).
 15076 | Lair:5   | 15076 ||| Stepping randomly (stuck).
 15077 | Lair:5   | 15077 ||| Stepping randomly (stuck).
 15078 | Lair:5   | 15078 ||| Stepping randomly (stuck).
 15079 | Lair:5   | 15079 ||| Stepping randomly (stuck).
 15080 | Lair:5   | 15080 ||| Stepping randomly (stuck).
 15081 | Lair:5   | 15081 ||| Stepping randomly (stuck).
 15082 | Lair:5   | 15082 ||| Stepping randomly (stuck).
 15083 | Lair:5   | 15083 ||| Stepping randomly (stuck).
 15084 | Lair:5   | 15084 ||| Stepping randomly (stuck).
 15085 | Lair:5   | 15085 ||| Stepping randomly (stuck).
 15086 | Lair:5   | 15086 ||| Stepping randomly (stuck).
 15087 | Lair:5   | 15087 ||| Stepping randomly (stuck).
 15088 | Lair:5   | 15088 ||| Stepping randomly (stuck).
 15089 | Lair:5   | 15089 ||| Stepping randomly (stuck).
 15090 | Lair:5   | 15090 ||| Stepping randomly (stuck).
 15091 | Lair:5   | 15091 ||| Stepping randomly (stuck).
 15092 | Lair:5   | 15092 ||| Stepping randomly (stuck).
 15093 | Lair:5   | 15093 ||| Stepping randomly (stuck).
 15094 | Lair:5   | 15094 ||| Stepping randomly (stuck).
 15095 | Lair:5   | 15095 ||| Stepping randomly (stuck).
 15096 | Lair:5   | 15096 ||| Stepping randomly (stuck).
 15097 | Lair:5   | 15097 ||| Stepping randomly (stuck).
 15098 | Lair:5   | 15098 ||| Stepping randomly (stuck).
 15099 | Lair:5   | 15099 ||| Stepping randomly (stuck).
 15100 | Lair:5   | 15100 ||| Stepping randomly (stuck).
 15101 | Lair:5   | 15101 ||| Stepping randomly (stuck).
 15102 | Lair:5   | 15102 ||| Stepping randomly (stuck).
 15103 | Lair:5   | 15103 ||| Stepping randomly (stuck).
 15104 | Lair:5   | 15104 ||| Stepping randomly (stuck).
 15105 | Lair:5   | 15105 ||| Stepping randomly (stuck).
 15106 | Lair:5   | 15106 ||| Stepping randomly (stuck).
 15107 | Lair:5   | 15107 ||| Stepping randomly (stuck).
 15108 | Lair:5   | 15108 ||| Stepping randomly (stuck).
 15109 | Lair:5   | 15109 ||| Stepping randomly (stuck).
 15110 | Lair:5   | 15110 ||| Stepping randomly (stuck).
 15111 | Lair:5   | 15111 ||| Stepping randomly (stuck).
 15112 | Lair:5   | 15112 ||| Stepping randomly (stuck).
 15113 | Lair:5   | 15113 ||| Stepping randomly (stuck).
 15114 | Lair:5   | 15114 ||| Stepping randomly (stuck).
 15115 | Lair:5   | 15115 ||| Stepping randomly (stuck).
 15116 | Lair:5   | 15116 ||| Stepping randomly (stuck).
 15117 | Lair:5   | 15117 ||| Stepping randomly (stuck).
 15118 | Lair:5   | 15118 ||| Stepping randomly (stuck).
 15119 | Lair:5   | 15119 ||| Stepping randomly (stuck).
 15120 | Lair:5   | 15120 ||| Stepping randomly (stuck).
 15121 | Lair:5   | 15121 ||| Stepping randomly (stuck).
 15122 | Lair:5   | 15122 ||| Stepping randomly (stuck).
 15123 | Lair:5   | 15123 ||| Stepping randomly (stuck).
 15124 | Lair:5   | 15124 ||| Stepping randomly (stuck).
 15125 | Lair:5   | 15125 ||| Stepping randomly (stuck).
 15126 | Lair:5   | 15126 ||| Stepping randomly (stuck).
 15127 | Lair:5   | 15127 ||| Stepping randomly (stuck).
 15128 | Lair:5   | 15128 ||| Stepping randomly (stuck).
 15129 | Lair:5   | 15129 ||| Stepping randomly (stuck).
 15130 | Lair:5   | 15130 ||| Stepping randomly (stuck).
 15131 | Lair:5   | 15131 ||| Stepping randomly (stuck).
 15132 | Lair:5   | 15132 ||| Stepping randomly (stuck).
 15133 | Lair:5   | 15133 ||| Stepping randomly (stuck).
 15134 | Lair:5   | 15134 ||| Stepping randomly (stuck).
 15135 | Lair:5   | 15135 ||| Stepping randomly (stuck).
 15136 | Lair:5   | 15136 ||| Stepping randomly (stuck).
 15137 | Lair:5   | 15137 ||| Stepping randomly (stuck).
 15138 | Lair:5   | 15138 ||| Stepping randomly (stuck).
 15139 | Lair:5   | 15139 ||| Stepping randomly (stuck).
 15140 | Lair:5   | 15140 ||| Stepping randomly (stuck).
 15141 | Lair:5   | 15141 ||| Stepping randomly (stuck).
 15142 | Lair:5   | 15142 ||| Stepping randomly (stuck).
 15143 | Lair:5   | 15143 ||| Stepping randomly (stuck).
 15144 | Lair:5   | 15144 ||| Stepping randomly (stuck).
 15145 | Lair:5   | 15145 ||| Stepping randomly (stuck).
 15146 | Lair:5   | 15146 ||| Stepping randomly (stuck).
 15147 | Lair:5   | 15147 ||| Stepping randomly (stuck).
 15148 | Lair:5   | 15148 ||| Stepping randomly (stuck).
 15149 | Lair:5   | 15149 ||| Stepping randomly (stuck).
 15150 | Lair:5   | 15150 ||| Stepping randomly (stuck).
 15151 | Lair:5   | 15151 ||| Stepping randomly (stuck).
 15152 | Lair:5   | 15152 ||| Stepping randomly (stuck).
 15153 | Lair:5   | 15153 ||| Stepping randomly (stuck).
 15154 | Lair:5   | 15154 ||| Stepping randomly (stuck).
 15155 | Lair:5   | 15155 ||| Stepping randomly (stuck).
 15156 | Lair:5   | 15156 ||| Stepping randomly (stuck).
 15157 | Lair:5   | 15157 ||| Stepping randomly (stuck).
 15158 | Lair:5   | 15158 ||| Stepping randomly (stuck).
 15159 | Lair:5   | 15159 ||| Stepping randomly (stuck).
 15160 | Lair:5   | 15160 ||| Stepping randomly (stuck).
 15161 | Lair:5   | 15161 ||| Stepping randomly (stuck).
 15162 | Lair:5   | 15162 ||| Stepping randomly (stuck).
 15163 | Lair:5   | 15163 ||| Stepping randomly (stuck).
 15164 | Lair:5   | 15164 ||| Stepping randomly (stuck).
 15165 | Lair:5   | 15165 ||| Stepping randomly (stuck).
 15166 | Lair:5   | 15166 ||| Stepping randomly (stuck).
 15167 | Lair:5   | 15167 ||| Stepping randomly (stuck).
 15168 | Lair:5   | 15168 ||| Stepping randomly (stuck).
 15169 | Lair:5   | 15169 ||| Stepping randomly (stuck).
 15170 | Lair:5   | 15170 ||| Stepping randomly (stuck).
 15171 | Lair:5   | 15171 ||| Stepping randomly (stuck).
 15172 | Lair:5   | 15172 ||| Stepping randomly (stuck).
 15173 | Lair:5   | 15173 ||| Stepping randomly (stuck).
 15174 | Lair:5   | 15174 ||| Stepping randomly (stuck).
 15175 | Lair:5   | 15175 ||| Stepping randomly (stuck).
 15176 | Lair:5   | 15176 ||| Stepping randomly (stuck).
 15177 | Lair:5   | 15177 ||| Stepping randomly (stuck).
 15178 | Lair:5   | 15178 ||| Stepping randomly (stuck).
 15179 | Lair:5   | 15179 ||| Stepping randomly (stuck).
 15180 | Lair:5   | 15180 ||| Stepping randomly (stuck).
 15181 | Lair:5   | 15181 ||| Stepping randomly (stuck).
 15182 | Lair:5   | 15182 ||| Stepping randomly (stuck).
 15183 | Lair:5   | 15183 ||| Stepping randomly (stuck).
 15184 | Lair:5   | 15184 ||| Stepping randomly (stuck).
 15185 | Lair:5   | 15185 ||| Stepping randomly (stuck).
 15186 | Lair:5   | 15186 ||| Stepping randomly (stuck).
 15187 | Lair:5   | 15187 ||| Stepping randomly (stuck).
 15188 | Lair:5   | 15188 ||| Stepping randomly (stuck).
 15189 | Lair:5   | 15189 ||| Stepping randomly (stuck).
 15190 | Lair:5   | 15190 ||| Stepping randomly (stuck).
 15191 | Lair:5   | 15191 ||| Stepping randomly (stuck).
 15192 | Lair:5   | 15192 ||| Stepping randomly (stuck).
 15193 | Lair:5   | 15193 ||| Stepping randomly (stuck).
 15194 | Lair:5   | 15194 ||| Stepping randomly (stuck).
 15195 | Lair:5   | 15195 ||| Stepping randomly (stuck).
 15196 | Lair:5   | 15196 ||| Stepping randomly (stuck).
 15197 | Lair:5   | 15197 ||| Stepping randomly (stuck).
 15198 | Lair:5   | 15198 ||| Stepping randomly (stuck).
 15199 | Lair:5   | 15199 ||| Stepping randomly (stuck).
 15200 | Lair:5   | 15200 ||| Stepping randomly (stuck).
 15201 | Lair:5   | 15201 ||| Stepping randomly (stuck).
 15202 | Lair:5   | 15202 ||| Stepping randomly (stuck).
 15203 | Lair:5   | 15203 ||| Stepping randomly (stuck).
 15204 | Lair:5   | 15204 ||| Stepping randomly (stuck).
 15205 | Lair:5   | 15205 ||| Stepping randomly (stuck).
 15206 | Lair:5   | 15206 ||| Stepping randomly (stuck).
 15207 | Lair:5   | 15207 ||| Stepping randomly (stuck).
 15208 | Lair:5   | 15208 ||| Stepping randomly (stuck).
 15209 | Lair:5   | 15209 ||| Stepping randomly (stuck).
 15210 | Lair:5   | 15210 ||| Stepping randomly (stuck).
 15211 | Lair:5   | 15211 ||| Stepping randomly (stuck).
 15212 | Lair:5   | 15212 ||| Stepping randomly (stuck).
 15213 | Lair:5   | 15213 ||| Stepping randomly (stuck).
 15214 | Lair:5   | 15214 ||| Stepping randomly (stuck).
 15215 | Lair:5   | 15215 ||| Stepping randomly (stuck).
 15216 | Lair:5   | 15216 ||| Stepping randomly (stuck).
 15217 | Lair:5   | 15217 ||| Stepping randomly (stuck).
 15218 | Lair:5   | 15218 ||| Stepping randomly (stuck).
 15219 | Lair:5   | 15219 ||| Stepping randomly (stuck).
 15220 | Lair:5   | 15220 ||| Stepping randomly (stuck).
 15221 | Lair:5   | 15221 ||| Stepping randomly (stuck).
 15222 | Lair:5   | 15222 ||| Stepping randomly (stuck).
 15223 | Lair:5   | 15223 ||| Stepping randomly (stuck).
 15224 | Lair:5   | 15224 ||| Stepping randomly (stuck).
 15225 | Lair:5   | 15225 ||| Stepping randomly (stuck).
 15226 | Lair:5   | 15226 ||| Stepping randomly (stuck).
 15227 | Lair:5   | 15227 ||| Stepping randomly (stuck).
 15228 | Lair:5   | 15228 ||| Stepping randomly (stuck).
 15229 | Lair:5   | 15229 ||| Stepping randomly (stuck).
 15230 | Lair:5   | 15230 ||| Stepping randomly (stuck).
 15231 | Lair:5   | 15231 ||| Stepping randomly (stuck).
 15232 | Lair:5   | 15232 ||| Stepping randomly (stuck).
 15233 | Lair:5   | 15233 ||| Stepping randomly (stuck).
 15234 | Lair:5   | 15234 ||| Stepping randomly (stuck).
 15235 | Lair:5   | 15235 ||| Stepping randomly (stuck).
 15236 | Lair:5   | 15236 ||| Stepping randomly (stuck).
 15237 | Lair:5   | 15237 ||| Stepping randomly (stuck).
 15238 | Lair:5   | 15238 ||| Stepping randomly (stuck).
 15239 | Lair:5   | 15239 ||| Stepping randomly (stuck).
 15240 | Lair:5   | 15240 ||| Stepping randomly (stuck).
 15241 | Lair:5   | 15241 ||| Stepping randomly (stuck).
 15242 | Lair:5   | 15242 ||| Stepping randomly (stuck).
 15243 | Lair:5   | 15243 ||| Stepping randomly (stuck).
 15244 | Lair:5   | 15244 ||| Stepping randomly (stuck).
 15245 | Lair:5   | 15245 ||| Stepping randomly (stuck).
 15246 | Lair:5   | 15246 ||| Stepping randomly (stuck).
 15247 | Lair:5   | 15247 ||| Stepping randomly (stuck).
 15248 | Lair:5   | 15248 ||| Stepping randomly (stuck).
 15249 | Lair:5   | 15249 ||| Stepping randomly (stuck).
 15250 | Lair:5   | 15250 ||| Stepping randomly (stuck).
 15251 | Lair:5   | 15251 ||| Stepping randomly (stuck).
 15252 | Lair:5   | 15252 ||| Stepping randomly (stuck).
 15253 | Lair:5   | 15253 ||| Stepping randomly (stuck).
 15254 | Lair:5   | 15254 ||| Stepping randomly (stuck).
 15255 | Lair:5   | 15255 ||| Stepping randomly (stuck).
 15256 | Lair:5   | 15256 ||| Stepping randomly (stuck).
 15257 | Lair:5   | 15257 ||| Stepping randomly (stuck).
 15258 | Lair:5   | 15258 ||| Stepping randomly (stuck).
 15259 | Lair:5   | 15259 ||| Stepping randomly (stuck).
 15260 | Lair:5   | 15260 ||| Stepping randomly (stuck).
 15261 | Lair:5   | 15261 ||| Stepping randomly (stuck).
 15262 | Lair:5   | 15262 ||| Stepping randomly (stuck).
 15263 | Lair:5   | 15263 ||| Stepping randomly (stuck).
 15264 | Lair:5   | 15264 ||| Stepping randomly (stuck).
 15265 | Lair:5   | 15265 ||| Stepping randomly (stuck).
 15266 | Lair:5   | 15266 ||| Stepping randomly (stuck).
 15267 | Lair:5   | 15267 ||| Stepping randomly (stuck).
 15268 | Lair:5   | 15268 ||| Stepping randomly (stuck).
 15269 | Lair:5   | 15269 ||| Stepping randomly (stuck).
 15270 | Lair:5   | 15270 ||| Stepping randomly (stuck).
 15271 | Lair:5   | 15271 ||| Stepping randomly (stuck).
 15272 | Lair:5   | 15272 ||| Stepping randomly (stuck).
 15273 | Lair:5   | 15273 ||| Stepping randomly (stuck).
 15274 | Lair:5   | 15274 ||| Stepping randomly (stuck).
 15275 | Lair:5   | 15275 ||| Stepping randomly (stuck).
 15276 | Lair:5   | 15276 ||| Stepping randomly (stuck).
 15277 | Lair:5   | 15277 ||| Stepping randomly (stuck).
 15278 | Lair:5   | 15278 ||| Stepping randomly (stuck).
 15279 | Lair:5   | 15279 ||| Stepping randomly (stuck).
 15280 | Lair:5   | 15280 ||| Stepping randomly (stuck).
 15281 | Lair:5   | 15281 ||| Stepping randomly (stuck).
 15282 | Lair:5   | 15282 ||| Stepping randomly (stuck).
 15283 | Lair:5   | 15283 ||| Stepping randomly (stuck).
 15284 | Lair:5   | 15284 ||| Stepping randomly (stuck).
 15285 | Lair:5   | 15285 ||| Stepping randomly (stuck).
 15286 | Lair:5   | 15286 ||| Stepping randomly (stuck).
 15287 | Lair:5   | 15287 ||| Stepping randomly (stuck).
 15288 | Lair:5   | 15288 ||| Stepping randomly (stuck).
 15289 | Lair:5   | 15289 ||| Stepping randomly (stuck).
 15290 | Lair:5   | 15290 ||| Stepping randomly (stuck).
 15291 | Lair:5   | 15291 ||| Stepping randomly (stuck).
 15292 | Lair:5   | 15292 ||| Stepping randomly (stuck).
 15293 | Lair:5   | 15293 ||| Stepping randomly (stuck).
 15294 | Lair:5   | 15294 ||| Stepping randomly (stuck).
 15295 | Lair:5   | 15295 ||| Stepping randomly (stuck).
 15296 | Lair:5   | 15296 ||| Stepping randomly (stuck).
 15297 | Lair:5   | 15297 ||| Stepping randomly (stuck).
 15298 | Lair:5   | 15298 ||| Stepping randomly (stuck).
 15299 | Lair:5   | 15299 ||| Stepping randomly (stuck).
 15300 | Lair:5   | 15300 ||| Stepping randomly (stuck).
 15301 | Lair:5   | 15301 ||| Stepping randomly (stuck).
 15302 | Lair:5   | 15302 ||| Stepping randomly (stuck).
 15303 | Lair:5   | 15303 ||| Stepping randomly (stuck).
 15304 | Lair:5   | 15304 ||| Stepping randomly (stuck).
 15305 | Lair:5   | 15305 ||| Stepping randomly (stuck).
 15306 | Lair:5   | 15306 ||| Stepping randomly (stuck).
 15307 | Lair:5   | 15307 ||| Stepping randomly (stuck).
 15308 | Lair:5   | 15308 ||| Stepping randomly (stuck).
 15309 | Lair:5   | 15309 ||| Stepping randomly (stuck).
 15310 | Lair:5   | 15310 ||| Stepping randomly (stuck).
 15311 | Lair:5   | 15311 ||| Stepping randomly (stuck).
 15312 | Lair:5   | 15312 ||| Stepping randomly (stuck).
 15313 | Lair:5   | 15313 ||| Stepping randomly (stuck).
 15314 | Lair:5   | 15314 ||| Stepping randomly (stuck).
 15315 | Lair:5   | 15315 ||| Stepping randomly (stuck).
 15316 | Lair:5   | 15316 ||| Stepping randomly (stuck).
 15317 | Lair:5   | 15317 ||| Stepping randomly (stuck).
 15318 | Lair:5   | 15318 ||| Stepping randomly (stuck).
 15319 | Lair:5   | 15319 ||| Stepping randomly (stuck).
 15320 | Lair:5   | 15320 ||| Stepping randomly (stuck).
 15321 | Lair:5   | 15321 ||| Stepping randomly (stuck).
 15322 | Lair:5   | 15322 ||| Stepping randomly (stuck).
 15323 | Lair:5   | 15323 ||| Stepping randomly (stuck).
 15324 | Lair:5   | 15324 ||| Stepping randomly (stuck).
 15325 | Lair:5   | 15325 ||| Stepping randomly (stuck).
 15326 | Lair:5   | 15326 ||| Stepping randomly (stuck).
 15327 | Lair:5   | 15327 ||| Stepping randomly (stuck).
 15328 | Lair:5   | 15328 ||| Stepping randomly (stuck).
 15329 | Lair:5   | 15329 ||| Stepping randomly (stuck).
 15330 | Lair:5   | 15330 ||| Stepping randomly (stuck).
 15331 | Lair:5   | 15331 ||| Stepping randomly (stuck).
 15332 | Lair:5   | 15332 ||| Stepping randomly (stuck).
 15333 | Lair:5   | 15333 ||| Stepping randomly (stuck).
 15334 | Lair:5   | 15334 ||| Stepping randomly (stuck).
 15335 | Lair:5   | 15335 ||| Stepping randomly (stuck).
 15336 | Lair:5   | 15336 ||| Stepping randomly (stuck).
 15337 | Lair:5   | 15337 ||| Stepping randomly (stuck).
 15338 | Lair:5   | 15338 ||| Stepping randomly (stuck).
 15339 | Lair:5   | 15339 ||| Stepping randomly (stuck).
 15340 | Lair:5   | 15340 ||| Stepping randomly (stuck).
 15341 | Lair:5   | 15341 ||| Stepping randomly (stuck).
 15342 | Lair:5   | 15342 ||| Stepping randomly (stuck).
 15343 | Lair:5   | 15343 ||| Stepping randomly (stuck).
 15344 | Lair:5   | 15344 ||| Stepping randomly (stuck).
 15345 | Lair:5   | 15345 ||| Stepping randomly (stuck).
 15346 | Lair:5   | 15346 ||| Stepping randomly (stuck).
 15347 | Lair:5   | 15347 ||| Stepping randomly (stuck).
 15348 | Lair:5   | 15348 ||| Stepping randomly (stuck).
 15349 | Lair:5   | 15349 ||| Stepping randomly (stuck).
 15350 | Lair:5   | 15350 ||| Stepping randomly (stuck).
 15351 | Lair:5   | 15351 ||| Stepping randomly (stuck).
 15352 | Lair:5   | 15352 ||| Stepping randomly (stuck).
 15353 | Lair:5   | 15353 ||| Stepping randomly (stuck).
 15354 | Lair:5   | 15354 ||| Stepping randomly (stuck).
 15355 | Lair:5   | 15355 ||| Stepping randomly (stuck).
 15356 | Lair:5   | 15356 ||| Stepping randomly (stuck).
 15357 | Lair:5   | 15357 ||| Stepping randomly (stuck).
 15358 | Lair:5   | 15358 ||| Stepping randomly (stuck).
 15359 | Lair:5   | 15359 ||| Stepping randomly (stuck).
 15360 | Lair:5   | 15360 ||| Stepping randomly (stuck).
 15361 | Lair:5   | 15361 ||| Stepping randomly (stuck).
 15362 | Lair:5   | 15362 ||| Stepping randomly (stuck).
 15363 | Lair:5   | 15363 ||| Stepping randomly (stuck).
 15364 | Lair:5   | 15364 ||| Stepping randomly (stuck).
 15365 | Lair:5   | 15365 ||| Stepping randomly (stuck).
 15366 | Lair:5   | 15366 ||| Stepping randomly (stuck).
 15367 | Lair:5   | 15367 ||| Stepping randomly (stuck).
 15368 | Lair:5   | 15368 ||| Stepping randomly (stuck).
 15369 | Lair:5   | 15369 ||| Stepping randomly (stuck).
 15370 | Lair:5   | 15370 ||| Stepping randomly (stuck).
 15371 | Lair:5   | 15371 ||| Stepping randomly (stuck).
 15372 | Lair:5   | 15372 ||| Stepping randomly (stuck).
 15373 | Lair:5   | 15373 ||| Stepping randomly (stuck).
 15374 | Lair:5   | 15374 ||| Stepping randomly (stuck).
 15375 | Lair:5   | 15375 ||| Stepping randomly (stuck).
 15376 | Lair:5   | 15376 ||| Stepping randomly (stuck).
 15377 | Lair:5   | 15377 ||| Stepping randomly (stuck).
 15378 | Lair:5   | 15378 ||| Stepping randomly (stuck).
 15379 | Lair:5   | 15379 ||| Stepping randomly (stuck).
 15380 | Lair:5   | 15380 ||| Stepping randomly (stuck).
 15381 | Lair:5   | 15381 ||| Stepping randomly (stuck).
 15382 | Lair:5   | 15382 ||| Stepping randomly (stuck).
 15383 | Lair:5   | 15383 ||| Stepping randomly (stuck).
 15384 | Lair:5   | 15384 ||| Stepping randomly (stuck).
 15385 | Lair:5   | 15385 ||| Stepping randomly (stuck).
 15386 | Lair:5   | 15386 ||| Stepping randomly (stuck).
 15387 | Lair:5   | 15387 ||| Stepping randomly (stuck).
 15388 | Lair:5   | 15388 ||| Stepping randomly (stuck).
 15389 | Lair:5   | 15389 ||| Stepping randomly (stuck).
 15390 | Lair:5   | 15390 ||| Stepping randomly (stuck).
 15391 | Lair:5   | 15391 ||| Stepping randomly (stuck).
 15392 | Lair:5   | 15392 ||| Stepping randomly (stuck).
 15393 | Lair:5   | 15393 ||| Stepping randomly (stuck).
 15394 | Lair:5   | 15394 ||| Stepping randomly (stuck).
 15395 | Lair:5   | 15395 ||| Stepping randomly (stuck).
 15396 | Lair:5   | 15396 ||| Stepping randomly (stuck).
 15397 | Lair:5   | 15397 ||| Stepping randomly (stuck).
 15398 | Lair:5   | 15398 ||| Stepping randomly (stuck).
 15399 | Lair:5   | 15399 ||| Stepping randomly (stuck).
 15400 | Lair:5   | 15400 ||| Stepping randomly (stuck).
 15401 | Lair:5   | 15401 ||| Stepping randomly (stuck).
 15402 | Lair:5   | 15402 ||| Stepping randomly (stuck).
 15403 | Lair:5   | 15403 ||| Stepping randomly (stuck).
 15404 | Lair:5   | 15404 ||| Stepping randomly (stuck).
 15405 | Lair:5   | 15405 ||| Stepping randomly (stuck).
 15406 | Lair:5   | 15406 ||| Stepping randomly (stuck).
 15407 | Lair:5   | 15407 ||| Stepping randomly (stuck).
 15408 | Lair:5   | 15408 ||| Stepping randomly (stuck).
 15409 | Lair:5   | 15409 ||| Stepping randomly (stuck).
 15410 | Lair:5   | 15410 ||| Stepping randomly (stuck).
 15411 | Lair:5   | 15411 ||| Stepping randomly (stuck).
 15412 | Lair:5   | 15412 ||| Stepping randomly (stuck).
 15413 | Lair:5   | 15413 ||| Stepping randomly (stuck).
 15414 | Lair:5   | 15414 ||| Stepping randomly (stuck).
 15415 | Lair:5   | 15415 ||| Stepping randomly (stuck).
 15416 | Lair:5   | 15416 ||| Stepping randomly (stuck).
 15417 | Lair:5   | 15417 ||| Stepping randomly (stuck).
 15418 | Lair:5   | 15418 ||| Stepping randomly (stuck).
 15419 | Lair:5   | 15419 ||| Stepping randomly (stuck).
 15420 | Lair:5   | 15420 ||| Stepping randomly (stuck).
 15421 | Lair:5   | 15421 ||| Stepping randomly (stuck).
 15422 | Lair:5   | 15422 ||| Stepping randomly (stuck).
 15423 | Lair:5   | 15423 ||| Stepping randomly (stuck).
 15424 | Lair:5   | 15424 ||| Stepping randomly (stuck).
 15425 | Lair:5   | 15425 ||| Stepping randomly (stuck).
 15426 | Lair:5   | 15426 ||| Stepping randomly (stuck).
 15427 | Lair:5   | 15427 ||| Stepping randomly (stuck).
 15428 | Lair:5   | 15428 ||| Stepping randomly (stuck).
 15429 | Lair:5   | 15429 ||| Stepping randomly (stuck).
 15430 | Lair:5   | 15430 ||| Stepping randomly (stuck).
 15431 | Lair:5   | 15431 ||| Stepping randomly (stuck).
 15432 | Lair:5   | 15432 ||| Stepping randomly (stuck).
 15433 | Lair:5   | 15433 ||| Stepping randomly (stuck).
 15434 | Lair:5   | 15434 ||| Stepping randomly (stuck).
 15435 | Lair:5   | 15435 ||| Stepping randomly (stuck).
 15436 | Lair:5   | 15436 ||| Stepping randomly (stuck).
 15437 | Lair:5   | 15437 ||| Stepping randomly (stuck).
 15438 | Lair:5   | 15438 ||| Stepping randomly (stuck).
 15439 | Lair:5   | 15439 ||| Stepping randomly (stuck).
 15440 | Lair:5   | 15440 ||| Stepping randomly (stuck).
 15441 | Lair:5   | 15441 ||| Stepping randomly (stuck).
 15442 | Lair:5   | 15442 ||| Stepping randomly (stuck).
 15443 | Lair:5   | 15443 ||| Stepping randomly (stuck).
 15444 | Lair:5   | 15444 ||| Stepping randomly (stuck).
 15445 | Lair:5   | 15445 ||| Stepping randomly (stuck).
 15446 | Lair:5   | 15446 ||| Stepping randomly (stuck).
 15447 | Lair:5   | 15447 ||| Stepping randomly (stuck).
 15448 | Lair:5   | 15448 ||| Stepping randomly (stuck).
 15449 | Lair:5   | 15449 ||| Stepping randomly (stuck).
 15450 | Lair:5   | 15450 ||| Stepping randomly (stuck).
 15451 | Lair:5   | 15451 ||| Stepping randomly (stuck).
 15452 | Lair:5   | 15452 ||| Stepping randomly (stuck).
 15453 | Lair:5   | 15453 ||| Stepping randomly (stuck).
 15454 | Lair:5   | 15454 ||| Stepping randomly (stuck).
 15455 | Lair:5   | 15455 ||| Stepping randomly (stuck).
 15456 | Lair:5   | 15456 ||| Stepping randomly (stuck).
 15457 | Lair:5   | 15457 ||| Stepping randomly (stuck).
 15458 | Lair:5   | 15458 ||| Stepping randomly (stuck).
 15459 | Lair:5   | 15459 ||| Stepping randomly (stuck).
 15460 | Lair:5   | 15460 ||| Stepping randomly (stuck).
 15461 | Lair:5   | 15461 ||| Stepping randomly (stuck).
 15462 | Lair:5   | 15462 ||| Stepping randomly (stuck).
 15463 | Lair:5   | 15463 ||| Stepping randomly (stuck).
 15464 | Lair:5   | 15464 ||| Stepping randomly (stuck).
 15465 | Lair:5   | 15465 ||| Stepping randomly (stuck).
 15466 | Lair:5   | 15466 ||| Stepping randomly (stuck).
 15467 | Lair:5   | 15467 ||| Stepping randomly (stuck).
 15468 | Lair:5   | 15468 ||| Stepping randomly (stuck).
 15469 | Lair:5   | 15469 ||| Stepping randomly (stuck).
 15470 | Lair:5   | 15470 ||| Stepping randomly (stuck).
 15471 | Lair:5   | 15471 ||| Stepping randomly (stuck).
 15472 | Lair:5   | 15472 ||| Stepping randomly (stuck).
 15473 | Lair:5   | 15473 ||| Stepping randomly (stuck).
 15474 | Lair:5   | 15474 ||| Stepping randomly (stuck).
 15475 | Lair:5   | 15475 ||| Stepping randomly (stuck).
 15476 | Lair:5   | 15476 ||| Stepping randomly (stuck).
 15477 | Lair:5   | 15477 ||| Stepping randomly (stuck).
 15478 | Lair:5   | 15478 ||| Stepping randomly (stuck).
 15479 | Lair:5   | 15479 ||| Stepping randomly (stuck).
 15480 | Lair:5   | 15480 ||| Stepping randomly (stuck).
 15481 | Lair:5   | 15481 ||| Stepping randomly (stuck).
 15482 | Lair:5   | 15482 ||| Stepping randomly (stuck).
 15483 | Lair:5   | 15483 ||| Stepping randomly (stuck).
 15484 | Lair:5   | 15484 ||| Stepping randomly (stuck).
 15485 | Lair:5   | 15485 ||| Stepping randomly (stuck).
 15486 | Lair:5   | 15486 ||| Stepping randomly (stuck).
 15487 | Lair:5   | 15487 ||| Stepping randomly (stuck).
 15488 | Lair:5   | 15488 ||| Stepping randomly (stuck).
 15489 | Lair:5   | 15489 ||| Stepping randomly (stuck).
 15490 | Lair:5   | 15490 ||| Stepping randomly (stuck).
 15491 | Lair:5   | 15491 ||| Stepping randomly (stuck).
 15492 | Lair:5   | 15492 ||| Stepping randomly (stuck).
 15493 | Lair:5   | 15493 ||| Stepping randomly (stuck).
 15494 | Lair:5   | 15494 ||| Stepping randomly (stuck).
 15495 | Lair:5   | 15495 ||| Stepping randomly (stuck).
 15496 | Lair:5   | 15496 ||| Stepping randomly (stuck).
 15497 | Lair:5   | 15497 ||| Stepping randomly (stuck).
 15498 | Lair:5   | 15498 ||| Stepping randomly (stuck).
 15499 | Lair:5   | 15499 ||| Stepping randomly (stuck).
 15500 | Lair:5   | 15500 ||| Stepping randomly (stuck).
 15501 | Lair:5   | 15501 ||| Stepping randomly (stuck).
 15502 | Lair:5   | 15502 ||| Stepping randomly (stuck).
 15503 | Lair:5   | 15503 ||| Stepping randomly (stuck).
 15504 | Lair:5   | 15504 ||| Stepping randomly (stuck).
 15505 | Lair:5   | 15505 ||| Stepping randomly (stuck).
 15506 | Lair:5   | 15506 ||| Stepping randomly (stuck).
 15507 | Lair:5   | 15507 ||| Stepping randomly (stuck).
 15508 | Lair:5   | 15508 ||| Stepping randomly (stuck).
 15509 | Lair:5   | 15509 ||| Stepping randomly (stuck).
 15510 | Lair:5   | 15510 ||| Stepping randomly (stuck).
 15511 | Lair:5   | 15511 ||| Stepping randomly (stuck).
 15512 | Lair:5   | 15512 ||| Stepping randomly (stuck).
 15513 | Lair:5   | 15513 ||| Stepping randomly (stuck).
 15514 | Lair:5   | 15514 ||| Stepping randomly (stuck).
 15515 | Lair:5   | 15515 ||| Stepping randomly (stuck).
 15516 | Lair:5   | 15516 ||| Stepping randomly (stuck).
 15517 | Lair:5   | 15517 ||| Stepping randomly (stuck).
 15518 | Lair:5   | 15518 ||| Stepping randomly (stuck).
 15519 | Lair:5   | 15519 ||| Stepping randomly (stuck).
 15520 | Lair:5   | 15520 ||| Stepping randomly (stuck).
 15521 | Lair:5   | 15521 ||| Stepping randomly (stuck).
 15522 | Lair:5   | 15522 ||| Stepping randomly (stuck).
 15523 | Lair:5   | 15523 ||| Stepping randomly (stuck).
 15524 | Lair:5   | 15524 ||| Stepping randomly (stuck).
 15525 | Lair:5   | 15525 ||| Stepping randomly (stuck).
 15526 | Lair:5   | 15526 ||| Stepping randomly (stuck).
 15527 | Lair:5   | 15527 ||| Stepping randomly (stuck).
 15528 | Lair:5   | 15528 ||| Stepping randomly (stuck).
 15529 | Lair:5   | 15529 ||| Stepping randomly (stuck).
 15530 | Lair:5   | 15530 ||| Stepping randomly (stuck).
 15531 | Lair:5   | 15531 ||| Stepping randomly (stuck).
 15532 | Lair:5   | 15532 ||| Stepping randomly (stuck).
 15533 | Lair:5   | 15533 ||| Stepping randomly (stuck).
 15534 | Lair:5   | 15534 ||| Stepping randomly (stuck).
 15535 | Lair:5   | 15535 ||| Stepping randomly (stuck).
 15536 | Lair:5   | 15536 ||| Stepping randomly (stuck).
 15537 | Lair:5   | 15537 ||| Stepping randomly (stuck).
 15538 | Lair:5   | 15538 ||| Stepping randomly (stuck).
 15539 | Lair:5   | 15539 ||| Stepping randomly (stuck).
 15540 | Lair:5   | 15540 ||| Stepping randomly (stuck).
 15541 | Lair:5   | 15541 ||| Stepping randomly (stuck).
 15542 | Lair:5   | 15542 ||| Stepping randomly (stuck).
 15543 | Lair:5   | 15543 ||| Stepping randomly (stuck).
 15544 | Lair:5   | 15544 ||| Stepping randomly (stuck).
 15545 | Lair:5   | 15545 ||| Stepping randomly (stuck).
 15546 | Lair:5   | 15546 ||| Stepping randomly (stuck).
 15547 | Lair:5   | 15547 ||| Stepping randomly (stuck).
 15548 | Lair:5   | 15548 ||| Stepping randomly (stuck).
 15549 | Lair:5   | 15549 ||| Stepping randomly (stuck).
 15550 | Lair:5   | 15550 ||| Stepping randomly (stuck).
 15551 | Lair:5   | 15551 ||| Stepping randomly (stuck).
 15552 | Lair:5   | 15552 ||| Stepping randomly (stuck).
 15553 | Lair:5   | 15553 ||| Stepping randomly (stuck).
 15554 | Lair:5   | 15554 ||| Stepping randomly (stuck).
 15555 | Lair:5   | 15555 ||| Stepping randomly (stuck).
 15556 | Lair:5   | 15556 ||| Stepping randomly (stuck).
 15557 | Lair:5   | 15557 ||| Stepping randomly (stuck).
 15558 | Lair:5   | 15558 ||| Stepping randomly (stuck).
 15559 | Lair:5   | 15559 ||| Stepping randomly (stuck).
 15560 | Lair:5   | 15560 ||| Stepping randomly (stuck).
 15561 | Lair:5   | 15561 ||| Stepping randomly (stuck).
 15562 | Lair:5   | 15562 ||| Stepping randomly (stuck).
 15563 | Lair:5   | 15563 ||| Stepping randomly (stuck).
 15564 | Lair:5   | 15564 ||| Stepping randomly (stuck).
 15565 | Lair:5   | 15565 ||| Stepping randomly (stuck).
 15566 | Lair:5   | 15566 ||| Stepping randomly (stuck).
 15567 | Lair:5   | 15567 ||| Stepping randomly (stuck).
 15568 | Lair:5   | 15568 ||| Stepping randomly (stuck).
 15569 | Lair:5   | 15569 ||| Stepping randomly (stuck).
 15570 | Lair:5   | 15570 ||| Stepping randomly (stuck).
 15571 | Lair:5   | 15571 ||| Stepping randomly (stuck).
 15572 | Lair:5   | 15572 ||| Stepping randomly (stuck).
 15573 | Lair:5   | 15573 ||| Stepping randomly (stuck).
 15574 | Lair:5   | 15574 ||| Stepping randomly (stuck).
 15575 | Lair:5   | 15575 ||| Stepping randomly (stuck).
 15576 | Lair:5   | 15576 ||| Stepping randomly (stuck).
 15577 | Lair:5   | 15577 ||| Stepping randomly (stuck).
 15578 | Lair:5   | 15578 ||| Stepping randomly (stuck).
 15579 | Lair:5   | 15579 ||| Stepping randomly (stuck).
 15580 | Lair:5   | 15580 ||| Stepping randomly (stuck).
 15581 | Lair:5   | 15581 ||| Stepping randomly (stuck).
 15582 | Lair:5   | 15582 ||| Stepping randomly (stuck).
 15583 | Lair:5   | 15583 ||| Stepping randomly (stuck).
 15584 | Lair:5   | 15584 ||| Stepping randomly (stuck).
 15585 | Lair:5   | 15585 ||| Stepping randomly (stuck).
 15586 | Lair:5   | 15586 ||| Stepping randomly (stuck).
 15587 | Lair:5   | 15587 ||| Stepping randomly (stuck).
 15588 | Lair:5   | 15588 ||| Stepping randomly (stuck).
 15589 | Lair:5   | 15589 ||| Stepping randomly (stuck).
 15590 | Lair:5   | 15590 ||| Stepping randomly (stuck).
 15591 | Lair:5   | 15591 ||| Stepping randomly (stuck).
 15592 | Lair:5   | 15592 ||| Stepping randomly (stuck).
 15593 | Lair:5   | 15593 ||| Stepping randomly (stuck).
 15594 | Lair:5   | 15594 ||| Stepping randomly (stuck).
 15595 | Lair:5   | 15595 ||| Stepping randomly (stuck).
 15596 | Lair:5   | 15596 ||| Stepping randomly (stuck).
 15597 | Lair:5   | 15597 ||| Stepping randomly (stuck).
 15598 | Lair:5   | 15598 ||| Stepping randomly (stuck).
 15599 | Lair:5   | 15599 ||| Stepping randomly (stuck).
 15600 | Lair:5   | 15600 ||| Stepping randomly (stuck).
 15601 | Lair:5   | 15601 ||| Stepping randomly (stuck).
 15602 | Lair:5   | 15602 ||| Stepping randomly (stuck).
 15603 | Lair:5   | 15603 ||| Stepping randomly (stuck).
 15604 | Lair:5   | 15604 ||| Stepping randomly (stuck).
 15605 | Lair:5   | 15605 ||| Stepping randomly (stuck).
 15606 | Lair:5   | 15606 ||| Stepping randomly (stuck).
 15607 | Lair:5   | 15607 ||| Stepping randomly (stuck).
 15608 | Lair:5   | 15608 ||| Stepping randomly (stuck).
 15609 | Lair:5   | 15609 ||| Stepping randomly (stuck).
 15610 | Lair:5   | 15610 ||| Stepping randomly (stuck).
 15611 | Lair:5   | 15611 ||| Stepping randomly (stuck).
 15612 | Lair:5   | 15612 ||| Stepping randomly (stuck).
 15613 | Lair:5   | 15613 ||| Stepping randomly (stuck).
 15614 | Lair:5   | 15614 ||| Stepping randomly (stuck).
 15615 | Lair:5   | 15615 ||| Stepping randomly (stuck).
 15616 | Lair:5   | 15616 ||| Stepping randomly (stuck).
 15617 | Lair:5   | 15617 ||| Stepping randomly (stuck).
 15618 | Lair:5   | 15618 ||| Stepping randomly (stuck).
 15619 | Lair:5   | 15619 ||| Stepping randomly (stuck).
 15620 | Lair:5   | 15620 ||| Stepping randomly (stuck).
 15621 | Lair:5   | 15621 ||| Stepping randomly (stuck).
 15622 | Lair:5   | 15622 ||| Stepping randomly (stuck).
 15623 | Lair:5   | 15623 ||| Stepping randomly (stuck).
 15624 | Lair:5   | 15624 ||| Stepping randomly (stuck).
 15625 | Lair:5   | 15625 ||| Stepping randomly (stuck).
 15626 | Lair:5   | 15626 ||| Stepping randomly (stuck).
 15627 | Lair:5   | 15627 ||| Stepping randomly (stuck).
 15628 | Lair:5   | 15628 ||| Stepping randomly (stuck).
 15629 | Lair:5   | 15629 ||| Stepping randomly (stuck).
 15630 | Lair:5   | 15630 ||| Stepping randomly (stuck).
 15631 | Lair:5   | 15631 ||| Stepping randomly (stuck).
 15632 | Lair:5   | 15632 ||| Stepping randomly (stuck).
 15633 | Lair:5   | 15633 ||| Stepping randomly (stuck).
 15634 | Lair:5   | 15634 ||| Stepping randomly (stuck).
 15635 | Lair:5   | 15635 ||| Stepping randomly (stuck).
 15636 | Lair:5   | 15636 ||| Stepping randomly (stuck).
 15637 | Lair:5   | 15637 ||| Stepping randomly (stuck).
 15638 | Lair:5   | 15638 ||| Stepping randomly (stuck).
 15639 | Lair:5   | 15639 ||| Stepping randomly (stuck).
 15640 | Lair:5   | 15640 ||| Stepping randomly (stuck).
 15641 | Lair:5   | 15641 ||| Stepping randomly (stuck).
 15642 | Lair:5   | 15642 ||| Stepping randomly (stuck).
 15643 | Lair:5   | 15643 ||| Stepping randomly (stuck).
 15644 | Lair:5   | 15644 ||| Stepping randomly (stuck).
 15645 | Lair:5   | 15645 ||| Stepping randomly (stuck).
 15646 | Lair:5   | 15646 ||| Stepping randomly (stuck).
 15647 | Lair:5   | 15647 ||| Stepping randomly (stuck).
 15648 | Lair:5   | 15648 ||| Stepping randomly (stuck).
 15649 | Lair:5   | 15649 ||| Stepping randomly (stuck).
 15650 | Lair:5   | 15650 ||| Stepping randomly (stuck).
 15651 | Lair:5   | 15651 ||| Stepping randomly (stuck).
 15652 | Lair:5   | 15652 ||| Stepping randomly (stuck).
 15653 | Lair:5   | 15653 ||| Stepping randomly (stuck).
 15654 | Lair:5   | 15654 ||| Stepping randomly (stuck).
 15655 | Lair:5   | 15655 ||| Stepping randomly (stuck).
 15656 | Lair:5   | 15656 ||| Stepping randomly (stuck).
 15657 | Lair:5   | 15657 ||| Stepping randomly (stuck).
 15658 | Lair:5   | 15658 ||| Stepping randomly (stuck).
 15659 | Lair:5   | 15659 ||| Stepping randomly (stuck).
 15660 | Lair:5   | 15660 ||| Stepping randomly (stuck).
 15661 | Lair:5   | 15661 ||| Stepping randomly (stuck).
 15662 | Lair:5   | 15662 ||| Stepping randomly (stuck).
 15663 | Lair:5   | 15663 ||| Stepping randomly (stuck).
 15664 | Lair:5   | 15664 ||| Stepping randomly (stuck).
 15665 | Lair:5   | 15665 ||| Stepping randomly (stuck).
 15666 | Lair:5   | 15666 ||| Stepping randomly (stuck).
 15667 | Lair:5   | 15667 ||| Stepping randomly (stuck).
 15668 | Lair:5   | 15668 ||| Stepping randomly (stuck).
 15669 | Lair:5   | 15669 ||| Stepping randomly (stuck).
 15670 | Lair:5   | 15670 ||| Stepping randomly (stuck).
 15671 | Lair:5   | 15671 ||| Stepping randomly (stuck).
 15672 | Lair:5   | 15672 ||| Stepping randomly (stuck).
 15673 | Lair:5   | 15673 ||| Stepping randomly (stuck).
 15674 | Lair:5   | 15674 ||| Stepping randomly (stuck).
 15675 | Lair:5   | 15675 ||| Stepping randomly (stuck).
 15676 | Lair:5   | 15676 ||| Stepping randomly (stuck).
 15677 | Lair:5   | 15677 ||| Stepping randomly (stuck).
 15678 | Lair:5   | 15678 ||| Stepping randomly (stuck).
 15679 | Lair:5   | 15679 ||| Stepping randomly (stuck).
 15680 | Lair:5   | 15680 ||| Stepping randomly (stuck).
 15681 | Lair:5   | 15681 ||| Stepping randomly (stuck).
 15682 | Lair:5   | 15682 ||| Stepping randomly (stuck).
 15683 | Lair:5   | 15683 ||| Stepping randomly (stuck).
 15684 | Lair:5   | 15684 ||| Stepping randomly (stuck).
 15685 | Lair:5   | 15685 ||| Stepping randomly (stuck).
 15686 | Lair:5   | 15686 ||| Stepping randomly (stuck).
 15687 | Lair:5   | 15687 ||| Stepping randomly (stuck).
 15688 | Lair:5   | 15688 ||| Stepping randomly (stuck).
 15689 | Lair:5   | 15689 ||| Stepping randomly (stuck).
 15690 | Lair:5   | 15690 ||| Stepping randomly (stuck).
 15691 | Lair:5   | 15691 ||| Stepping randomly (stuck).
 15692 | Lair:5   | 15692 ||| Stepping randomly (stuck).
 15693 | Lair:5   | 15693 ||| Stepping randomly (stuck).
 15694 | Lair:5   | 15694 ||| Stepping randomly (stuck).
 15695 | Lair:5   | 15695 ||| Stepping randomly (stuck).
 15696 | Lair:5   | 15696 ||| Stepping randomly (stuck).
 15697 | Lair:5   | 15697 ||| Stepping randomly (stuck).
 15698 | Lair:5   | 15698 ||| Stepping randomly (stuck).
 15699 | Lair:5   | 15699 ||| Stepping randomly (stuck).
 15700 | Lair:5   | 15700 ||| Stepping randomly (stuck).
 15701 | Lair:5   | 15701 ||| Stepping randomly (stuck).
 15702 | Lair:5   | 15702 ||| Stepping randomly (stuck).
 15703 | Lair:5   | 15703 ||| Stepping randomly (stuck).
 15704 | Lair:5   | 15704 ||| Stepping randomly (stuck).
 15705 | Lair:5   | 15705 ||| Stepping randomly (stuck).
 15706 | Lair:5   | 15706 ||| Stepping randomly (stuck).
 15707 | Lair:5   | 15707 ||| Stepping randomly (stuck).
 15708 | Lair:5   | 15708 ||| Stepping randomly (stuck).
 15709 | Lair:5   | 15709 ||| Stepping randomly (stuck).
 15710 | Lair:5   | 15710 ||| Stepping randomly (stuck).
 15711 | Lair:5   | 15711 ||| Stepping randomly (stuck).
 15712 | Lair:5   | 15712 ||| Stepping randomly (stuck).
 15713 | Lair:5   | 15713 ||| Stepping randomly (stuck).
 15714 | Lair:5   | 15714 ||| Stepping randomly (stuck).
 15715 | Lair:5   | 15715 ||| Stepping randomly (stuck).
 15716 | Lair:5   | 15716 ||| Stepping randomly (stuck).
 15717 | Lair:5   | 15717 ||| Stepping randomly (stuck).
 15718 | Lair:5   | 15718 ||| Stepping randomly (stuck).
 15719 | Lair:5   | 15719 ||| Stepping randomly (stuck).
 15720 | Lair:5   | 15720 ||| Stepping randomly (stuck).
 15721 | Lair:5   | 15721 ||| Stepping randomly (stuck).
 15722 | Lair:5   | 15722 ||| Stepping randomly (stuck).
 15723 | Lair:5   | 15723 ||| Stepping randomly (stuck).
 15724 | Lair:5   | 15724 ||| Stepping randomly (stuck).
 15725 | Lair:5   | 15725 ||| Stepping randomly (stuck).
 15726 | Lair:5   | 15726 ||| Stepping randomly (stuck).
 15727 | Lair:5   | 15727 ||| Stepping randomly (stuck).
 15728 | Lair:5   | 15728 ||| Stepping randomly (stuck).
 15729 | Lair:5   | 15729 ||| Stepping randomly (stuck).
 15730 | Lair:5   | 15730 ||| Stepping randomly (stuck).
 15731 | Lair:5   | 15731 ||| Stepping randomly (stuck).
 15732 | Lair:5   | 15732 ||| Stepping randomly (stuck).
 15733 | Lair:5   | 15733 ||| Stepping randomly (stuck).
 15734 | Lair:5   | 15734 ||| Stepping randomly (stuck).
 15735 | Lair:5   | 15735 ||| Stepping randomly (stuck).
 15736 | Lair:5   | 15736 ||| Stepping randomly (stuck).
 15737 | Lair:5   | 15737 ||| Stepping randomly (stuck).
 15738 | Lair:5   | 15738 ||| Stepping randomly (stuck).
 15739 | Lair:5   | 15739 ||| Stepping randomly (stuck).
 15740 | Lair:5   | 15740 ||| Stepping randomly (stuck).
 15741 | Lair:5   | 15741 ||| Stepping randomly (stuck).
 15742 | Lair:5   | 15742 ||| Stepping randomly (stuck).
 15743 | Lair:5   | 15743 ||| Stepping randomly (stuck).
 15744 | Lair:5   | 15744 ||| Stepping randomly (stuck).
 15745 | Lair:5   | 15745 ||| Stepping randomly (stuck).
 15746 | Lair:5   | 15746 ||| Stepping randomly (stuck).
 15747 | Lair:5   | 15747 ||| Stepping randomly (stuck).
 15748 | Lair:5   | 15748 ||| Stepping randomly (stuck).
 15749 | Lair:5   | 15749 ||| Stepping randomly (stuck).
 15750 | Lair:5   | 15750 ||| Stepping randomly (stuck).
 15751 | Lair:5   | 15751 ||| Stepping randomly (stuck).
 15752 | Lair:5   | 15752 ||| Stepping randomly (stuck).
 15753 | Lair:5   | 15753 ||| Stepping randomly (stuck).
 15754 | Lair:5   | 15754 ||| Stepping randomly (stuck).
 15755 | Lair:5   | 15755 ||| INVOKING Heroism.
 15771 | Lair:5   | 15771 ||| Stepping randomly (stuck).
 15772 | Lair:5   | 15772 ||| Stepping randomly (stuck).
 15773 | Lair:5   | 15773 ||| Stepping randomly (stuck).
 15774 | Lair:5   | 15774 ||| Stepping randomly (stuck).
 15775 | Lair:5   | 15775 ||| Stepping randomly (stuck).
 15776 | Lair:5   | 15776 ||| Stepping randomly (stuck).
 15777 | Lair:5   | 15777 ||| Stepping randomly (stuck).
 15778 | Lair:5   | 15778 ||| Stepping randomly (stuck).
 15779 | Lair:5   | 15779 ||| Stepping randomly (stuck).
 15780 | Lair:5   | 15780 ||| Stepping randomly (stuck).
 15781 | Lair:5   | 15781 ||| Stepping randomly (stuck).
 15782 | Lair:5   | 15782 ||| Stepping randomly (stuck).
 15783 | Lair:5   | 15783 ||| Stepping randomly (stuck).
 15784 | Lair:5   | 15784 ||| Stepping randomly (stuck).
 15785 | Lair:5   | 15785 ||| Stepping randomly (stuck).
 15786 | Lair:5   | 15786 ||| Stepping randomly (stuck).
 15787 | Lair:5   | 15787 ||| Stepping randomly (stuck).
 15788 | Lair:5   | 15788 ||| Stepping randomly (stuck).
 15789 | Lair:5   | 15789 ||| Stepping randomly (stuck).
 15790 | Lair:5   | 15790 ||| Stepping randomly (stuck).
 15791 | Lair:5   | 15791 ||| Stepping randomly (stuck).
 15792 | Lair:5   | 15792 ||| Stepping randomly (stuck).
 15793 | Lair:5   | 15793 ||| Stepping randomly (stuck).
 15794 | Lair:5   | 15794 ||| Stepping randomly (stuck).
 15795 | Lair:5   | 15795 ||| Stepping randomly (stuck).
 15796 | Lair:5   | 15796 ||| Stepping randomly (stuck).
 15797 | Lair:5   | 15797 ||| Stepping randomly (stuck).
 15798 | Lair:5   | 15798 ||| Stepping randomly (stuck).
 15799 | Lair:5   | 15799 ||| Stepping randomly (stuck).
 15800 | Lair:5   | 15800 ||| Stepping randomly (stuck).
 15801 | Lair:5   | 15801 ||| Stepping randomly (stuck).
 15802 | Lair:5   | 15802 ||| Stepping randomly (stuck).
 15803 | Lair:5   | 15803 ||| Stepping randomly (stuck).
 15804 | Lair:5   | 15804 ||| Stepping randomly (stuck).
 15805 | Lair:5   | 15805 ||| Stepping randomly (stuck).
 15806 | Lair:5   | 15806 ||| Stepping randomly (stuck).
 15807 | Lair:5   | 15807 ||| Stepping randomly (stuck).
 15808 | Lair:5   | 15808 ||| Stepping randomly (stuck).
 15809 | Lair:5   | 15809 ||| Stepping randomly (stuck).
 15810 | Lair:5   | 15810 ||| Stepping randomly (stuck).
 15811 | Lair:5   | 15811 ||| Stepping randomly (stuck).
 15812 | Lair:5   | 15812 ||| Stepping randomly (stuck).
 15813 | Lair:5   | 15813 ||| Stepping randomly (stuck).
 15814 | Lair:5   | 15814 ||| Stepping randomly (stuck).
 15815 | Lair:5   | 15815 ||| Stepping randomly (stuck).
 15816 | Lair:5   | 15816 ||| Stepping randomly (stuck).
 15817 | Lair:5   | 15817 ||| Stepping randomly (stuck).
 15818 | Lair:5   | 15818 ||| Stepping randomly (stuck).
 15819 | Lair:5   | 15819 ||| Stepping randomly (stuck).
 15820 | Lair:5   | 15820 ||| Stepping randomly (stuck).
 15821 | Lair:5   | 15821 ||| Stepping randomly (stuck).
 15822 | Lair:5   | 15822 ||| Stepping randomly (stuck).
 15823 | Lair:5   | 15823 ||| Stepping randomly (stuck).
 15824 | Lair:5   | 15824 ||| Stepping randomly (stuck).
 15825 | Lair:5   | 15825 ||| Stepping randomly (stuck).
 15826 | Lair:5   | 15826 ||| Stepping randomly (stuck).
 15827 | Lair:5   | 15827 ||| Stepping randomly (stuck).
 15828 | Lair:5   | 15828 ||| Stepping randomly (stuck).
 15829 | Lair:5   | 15829 ||| Stepping randomly (stuck).
 15830 | Lair:5   | 15830 ||| Stepping randomly (stuck).
 15831 | Lair:5   | 15831 ||| Stepping randomly (stuck).
 15832 | Lair:5   | 15832 ||| Stepping randomly (stuck).
 15833 | Lair:5   | 15833 ||| Stepping randomly (stuck).
 15834 | Lair:5   | 15834 ||| Stepping randomly (stuck).
 15835 | Lair:5   | 15835 ||| Stepping randomly (stuck).
 15836 | Lair:5   | 15836 ||| Stepping randomly (stuck).
 15837 | Lair:5   | 15837 ||| Stepping randomly (stuck).
 15838 | Lair:5   | 15838 ||| Stepping randomly (stuck).
 15839 | Lair:5   | 15839 ||| Stepping randomly (stuck).
 15840 | Lair:5   | 15840 ||| Stepping randomly (stuck).
 15841 | Lair:5   | 15841 ||| Stepping randomly (stuck).
 15842 | Lair:5   | 15842 ||| Stepping randomly (stuck).
 15843 | Lair:5   | 15843 ||| Stepping randomly (stuck).
 15844 | Lair:5   | 15844 ||| Stepping randomly (stuck).
 15845 | Lair:5   | 15845 ||| Stepping randomly (stuck).
 15846 | Lair:5   | 15846 ||| Stepping randomly (stuck).
 15847 | Lair:5   | 15847 ||| Stepping randomly (stuck).
 15848 | Lair:5   | 15848 ||| Stepping randomly (stuck).
 15849 | Lair:5   | 15849 ||| Stepping randomly (stuck).
 15850 | Lair:5   | 15850 ||| Stepping randomly (stuck).
 15851 | Lair:5   | 15851 ||| Stepping randomly (stuck).
 15852 | Lair:5   | 15852 ||| Stepping randomly (stuck).
 15853 | Lair:5   | 15853 ||| Stepping randomly (stuck).
 15854 | Lair:5   | 15854 ||| Stepping randomly (stuck).
 15855 | Lair:5   | 15855 ||| Stepping randomly (stuck).
 15856 | Lair:5   | 15856 ||| Stepping randomly (stuck).
 15857 | Lair:5   | 15857 ||| Stepping randomly (stuck).
 15858 | Lair:5   | 15858 ||| Stepping randomly (stuck).
 15859 | Lair:5   | 15859 ||| Stepping randomly (stuck).
 15860 | Lair:5   | 15860 ||| Stepping randomly (stuck).
 15861 | Lair:5   | 15861 ||| Stepping randomly (stuck).
 15862 | Lair:5   | 15862 ||| Stepping randomly (stuck).
 15863 | Lair:5   | 15863 ||| Stepping randomly (stuck).
 15864 | Lair:5   | 15864 ||| Stepping randomly (stuck).
 15865 | Lair:5   | 15865 ||| Stepping randomly (stuck).
 15866 | Lair:5   | 15866 ||| Stepping randomly (stuck).
 15867 | Lair:5   | 15867 ||| Stepping randomly (stuck).
 15868 | Lair:5   | 15868 ||| Stepping randomly (stuck).
 15869 | Lair:5   | 15869 ||| Stepping randomly (stuck).
 15870 | Lair:5   | 15870 ||| Stepping randomly (stuck).
 15871 | Lair:5   | 15871 ||| Stepping randomly (stuck).
 15872 | Lair:5   | 15872 ||| Stepping randomly (stuck).
 15873 | Lair:5   | 15873 ||| Stepping randomly (stuck).
 15874 | Lair:5   | 15874 ||| Stepping randomly (stuck).
 15875 | Lair:5   | 15875 ||| Stepping randomly (stuck).
 15876 | Lair:5   | 15876 ||| Stepping randomly (stuck).
 15877 | Lair:5   | 15877 ||| Stepping randomly (stuck).
 15878 | Lair:5   | 15878 ||| Stepping randomly (stuck).
 15879 | Lair:5   | 15879 ||| Stepping randomly (stuck).
 15880 | Lair:5   | 15880 ||| Stepping randomly (stuck).
 15881 | Lair:5   | 15881 ||| Stepping randomly (stuck).
 15882 | Lair:5   | 15882 ||| Stepping randomly (stuck).
 15883 | Lair:5   | 15883 ||| Stepping randomly (stuck).
 15884 | Lair:5   | 15884 ||| Stepping randomly (stuck).
 15885 | Lair:5   | 15885 ||| Stepping randomly (stuck).
 15886 | Lair:5   | 15886 ||| Stepping randomly (stuck).
 15887 | Lair:5   | 15887 ||| Stepping randomly (stuck).
 15888 | Lair:5   | 15888 ||| Stepping randomly (stuck).
 15889 | Lair:5   | 15889 ||| Stepping randomly (stuck).
 15890 | Lair:5   | 15890 ||| Stepping randomly (stuck).
 15891 | Lair:5   | 15891 ||| Stepping randomly (stuck).
 15892 | Lair:5   | 15892 ||| Stepping randomly (stuck).
 15893 | Lair:5   | 15893 ||| Stepping randomly (stuck).
 15894 | Lair:5   | 15894 ||| Stepping randomly (stuck).
 15895 | Lair:5   | 15895 ||| Stepping randomly (stuck).
 15896 | Lair:5   | 15896 ||| Stepping randomly (stuck).
 15897 | Lair:5   | 15897 ||| Stepping randomly (stuck).
 15898 | Lair:5   | 15898 ||| Stepping randomly (stuck).
 15899 | Lair:5   | 15899 ||| Stepping randomly (stuck).
 15900 | Lair:5   | 15900 ||| Stepping randomly (stuck).
 15901 | Lair:5   | 15901 ||| Stepping randomly (stuck).
 15902 | Lair:5   | 15902 ||| Stepping randomly (stuck).
 15903 | Lair:5   | 15903 ||| Stepping randomly (stuck).
 15904 | Lair:5   | 15904 ||| Stepping randomly (stuck).
 15905 | Lair:5   | 15905 ||| Stepping randomly (stuck).
 15906 | Lair:5   | 15906 ||| Stepping randomly (stuck).
 15907 | Lair:5   | 15907 ||| Stepping randomly (stuck).
 15908 | Lair:5   | 15908 ||| Stepping randomly (stuck).
 15909 | Lair:5   | 15909 ||| Stepping randomly (stuck).
 15910 | Lair:5   | 15910 ||| Stepping randomly (stuck).
 15911 | Lair:5   | 15911 ||| Stepping randomly (stuck).
 15912 | Lair:5   | 15912 ||| Stepping randomly (stuck).
 15913 | Lair:5   | 15913 ||| Stepping randomly (stuck).
 15914 | Lair:5   | 15914 ||| Stepping randomly (stuck).
 15915 | Lair:5   | 15915 ||| Stepping randomly (stuck).
 15916 | Lair:5   | 15916 ||| Stepping randomly (stuck).
 15917 | Lair:5   | 15917 ||| Stepping randomly (stuck).
 15918 | Lair:5   | 15918 ||| Stepping randomly (stuck).
 15919 | Lair:5   | 15919 ||| Stepping randomly (stuck).
 15920 | Lair:5   | 15920 ||| Stepping randomly (stuck).
 15921 | Lair:5   | 15921 ||| Stepping randomly (stuck).
 15922 | Lair:5   | 15922 ||| Stepping randomly (stuck).
 15923 | Lair:5   | 15923 ||| Stepping randomly (stuck).
 15924 | Lair:5   | 15924 ||| Stepping randomly (stuck).
 15925 | Lair:5   | 15925 ||| Stepping randomly (stuck).
 15926 | Lair:5   | 15926 ||| Stepping randomly (stuck).
 15927 | Lair:5   | 15927 ||| Stepping randomly (stuck).
 15928 | Lair:5   | 15928 ||| Stepping randomly (stuck).
 15929 | Lair:5   | 15929 ||| Stepping randomly (stuck).
 15930 | Lair:5   | 15930 ||| Stepping randomly (stuck).
 15931 | Lair:5   | 15931 ||| Stepping randomly (stuck).
 15932 | Lair:5   | 15932 ||| Stepping randomly (stuck).
 15933 | Lair:5   | 15933 ||| Stepping randomly (stuck).
 15934 | Lair:5   | 15934 ||| Stepping randomly (stuck).
 15935 | Lair:5   | 15935 ||| Stepping randomly (stuck).
 15936 | Lair:5   | 15936 ||| Stepping randomly (stuck).
 15937 | Lair:5   | 15937 ||| Stepping randomly (stuck).
 15938 | Lair:5   | 15938 ||| Stepping randomly (stuck).
 15939 | Lair:5   | 15939 ||| Stepping randomly (stuck).
 15940 | Lair:5   | 15940 ||| Stepping randomly (stuck).
 15941 | Lair:5   | 15941 ||| Stepping randomly (stuck).
 15942 | Lair:5   | 15942 ||| Stepping randomly (stuck).
 15943 | Lair:5   | 15943 ||| Stepping randomly (stuck).
 15944 | Lair:5   | 15944 ||| Stepping randomly (stuck).
 15945 | Lair:5   | 15945 ||| Stepping randomly (stuck).
 15946 | Lair:5   | 15946 ||| Stepping randomly (stuck).
 15947 | Lair:5   | 15947 ||| Stepping randomly (stuck).
 15948 | Lair:5   | 15948 ||| Stepping randomly (stuck).
 15949 | Lair:5   | 15949 ||| Stepping randomly (stuck).
 15950 | Lair:5   | 15950 ||| Stepping randomly (stuck).
 15951 | Lair:5   | 15951 ||| Stepping randomly (stuck).
 15952 | Lair:5   | 15952 ||| Stepping randomly (stuck).
 15953 | Lair:5   | 15953 ||| Stepping randomly (stuck).
 15954 | Lair:5   | 15954 ||| Stepping randomly (stuck).
 15955 | Lair:5   | 15955 ||| Stepping randomly (stuck).
 15956 | Lair:5   | 15956 ||| Stepping randomly (stuck).
 15957 | Lair:5   | 15957 ||| Stepping randomly (stuck).
 15958 | Lair:5   | 15958 ||| Stepping randomly (stuck).
 15959 | Lair:5   | 15959 ||| Stepping randomly (stuck).
 15960 | Lair:5   | 15960 ||| Stepping randomly (stuck).
 15961 | Lair:5   | 15961 ||| Stepping randomly (stuck).
 15962 | Lair:5   | 15962 ||| Stepping randomly (stuck).
 15963 | Lair:5   | 15963 ||| Stepping randomly (stuck).
 15964 | Lair:5   | 15964 ||| Stepping randomly (stuck).
 15965 | Lair:5   | 15965 ||| Stepping randomly (stuck).
 15966 | Lair:5   | 15966 ||| Stepping randomly (stuck).
 15967 | Lair:5   | 15967 ||| Stepping randomly (stuck).
 15968 | Lair:5   | 15968 ||| Stepping randomly (stuck).
 15969 | Lair:5   | 15969 ||| Stepping randomly (stuck).
 15970 | Lair:5   | 15970 ||| Stepping randomly (stuck).
 15971 | Lair:5   | 15971 ||| Stepping randomly (stuck).
 15972 | Lair:5   | 15972 ||| Stepping randomly (stuck).
 15973 | Lair:5   | 15973 ||| Stepping randomly (stuck).
 15974 | Lair:5   | 15974 ||| Stepping randomly (stuck).
 15975 | Lair:5   | 15975 ||| Stepping randomly (stuck).
 15976 | Lair:5   | 15976 ||| Stepping randomly (stuck).
 15977 | Lair:5   | 15977 ||| Stepping randomly (stuck).
 15978 | Lair:5   | 15978 ||| Stepping randomly (stuck).
 15979 | Lair:5   | 15979 ||| Stepping randomly (stuck).
 15980 | Lair:5   | 15980 ||| Stepping randomly (stuck).
 15981 | Lair:5   | 15981 ||| Stepping randomly (stuck).
 15982 | Lair:5   | 15982 ||| Stepping randomly (stuck).
 15983 | Lair:5   | 15983 ||| Stepping randomly (stuck).
 15984 | Lair:5   | 15984 ||| Stepping randomly (stuck).
 15985 | Lair:5   | 15985 ||| Stepping randomly (stuck).
 15986 | Lair:5   | 15986 ||| Stepping randomly (stuck).
 15987 | Lair:5   | 15987 ||| Stepping randomly (stuck).
 15988 | Lair:5   | 15988 ||| Stepping randomly (stuck).
 15989 | Lair:5   | 15989 ||| Stepping randomly (stuck).
 15990 | Lair:5   | 15990 ||| Stepping randomly (stuck).
 15991 | Lair:5   | 15991 ||| Stepping randomly (stuck).
 15992 | Lair:5   | 15992 ||| Stepping randomly (stuck).
 15993 | Lair:5   | 15993 ||| Stepping randomly (stuck).
 15994 | Lair:5   | 15994 ||| Stepping randomly (stuck).
 15995 | Lair:5   | 15995 ||| Stepping randomly (stuck).
 15996 | Lair:5   | 15996 ||| Stepping randomly (stuck).
 15997 | Lair:5   | 15997 ||| Stepping randomly (stuck).
 15998 | Lair:5   | 15998 ||| Stepping randomly (stuck).
 15999 | Lair:5   | 15999 ||| Stepping randomly (stuck).
 16000 | Lair:5   | 16000 ||| Stepping randomly (stuck).
 16001 | Lair:5   | 16001 ||| Stepping randomly (stuck).
 16002 | Lair:5   | 16002 ||| Stepping randomly (stuck).
 16003 | Lair:5   | 16003 ||| Stepping randomly (stuck).
 16004 | Lair:5   | 16004 ||| Stepping randomly (stuck).
 16005 | Lair:5   | 16005 ||| Stepping randomly (stuck).
 16006 | Lair:5   | 16006 ||| Stepping randomly (stuck).
 16007 | Lair:5   | 16007 ||| Stepping randomly (stuck).
 16008 | Lair:5   | 16008 ||| Stepping randomly (stuck).
 16009 | Lair:5   | 16009 ||| Stepping randomly (stuck).
 16010 | Lair:5   | 16010 ||| Stepping randomly (stuck).
 16011 | Lair:5   | 16011 ||| Stepping randomly (stuck).
 16012 | Lair:5   | 16012 ||| Stepping randomly (stuck).
 16013 | Lair:5   | 16013 ||| Stepping randomly (stuck).
 16014 | Lair:5   | 16014 ||| Stepping randomly (stuck).
 16015 | Lair:5   | 16015 ||| Stepping randomly (stuck).
 16016 | Lair:5   | 16016 ||| Stepping randomly (stuck).
 16017 | Lair:5   | 16017 ||| Stepping randomly (stuck).
 16018 | Lair:5   | 16018 ||| Stepping randomly (stuck).
 16019 | Lair:5   | 16019 ||| Stepping randomly (stuck).
 16020 | Lair:5   | 16020 ||| Stepping randomly (stuck).
 16021 | Lair:5   | 16021 ||| Stepping randomly (stuck).
 16022 | Lair:5   | 16022 ||| Stepping randomly (stuck).
 16023 | Lair:5   | 16023 ||| Stepping randomly (stuck).
 16024 | Lair:5   | 16024 ||| Stepping randomly (stuck).
 16025 | Lair:5   | 16025 ||| Stepping randomly (stuck).
 16026 | Lair:5   | 16026 ||| Stepping randomly (stuck).
 16027 | Lair:5   | 16027 ||| Stepping randomly (stuck).
 16028 | Lair:5   | 16028 ||| Stepping randomly (stuck).
 16029 | Lair:5   | 16029 ||| Stepping randomly (stuck).
 16030 | Lair:5   | 16030 ||| Stepping randomly (stuck).
 16031 | Lair:5   | 16031 ||| Stepping randomly (stuck).
 16032 | Lair:5   | 16032 ||| Stepping randomly (stuck).
 16033 | Lair:5   | 16033 ||| Stepping randomly (stuck).
 16034 | Lair:5   | 16034 ||| Stepping randomly (stuck).
 16035 | Lair:5   | 16035 ||| Stepping randomly (stuck).
 16036 | Lair:5   | 16036 ||| Stepping randomly (stuck).
 16037 | Lair:5   | 16037 ||| Stepping randomly (stuck).
 16038 | Lair:5   | 16038 ||| Stepping randomly (stuck).
 16039 | Lair:5   | 16039 ||| Stepping randomly (stuck).
 16040 | Lair:5   | 16040 ||| Stepping randomly (stuck).
 16041 | Lair:5   | 16041 ||| Stepping randomly (stuck).
 16042 | Lair:5   | 16042 ||| Stepping randomly (stuck).
 16043 | Lair:5   | 16043 ||| Stepping randomly (stuck).
 16044 | Lair:5   | 16044 ||| Stepping randomly (stuck).
 16045 | Lair:5   | 16045 ||| Stepping randomly (stuck).
 16046 | Lair:5   | 16046 ||| Stepping randomly (stuck).
 16047 | Lair:5   | 16047 ||| Stepping randomly (stuck).
 16048 | Lair:5   | 16048 ||| Stepping randomly (stuck).
 16049 | Lair:5   | 16049 ||| Stepping randomly (stuck).
 16050 | Lair:5   | 16050 ||| Stepping randomly (stuck).
 16051 | Lair:5   | 16051 ||| Stepping randomly (stuck).
 16052 | Lair:5   | 16052 ||| Stepping randomly (stuck).
 16053 | Lair:5   | 16053 ||| Stepping randomly (stuck).
 16054 | Lair:5   | 16054 ||| Stepping randomly (stuck).
 16055 | Lair:5   | 16055 ||| Stepping randomly (stuck).
 16056 | Lair:5   | 16056 ||| Stepping randomly (stuck).
 16057 | Lair:5   | 16057 ||| Stepping randomly (stuck).
 16058 | Lair:5   | 16058 ||| Stepping randomly (stuck).
 16059 | Lair:5   | 16059 ||| Stepping randomly (stuck).
 16060 | Lair:5   | 16060 ||| Stepping randomly (stuck).
 16061 | Lair:5   | 16061 ||| Stepping randomly (stuck).
 16062 | Lair:5   | 16062 ||| Stepping randomly (stuck).
 16063 | Lair:5   | 16063 ||| Stepping randomly (stuck).
 16064 | Lair:5   | 16064 ||| Stepping randomly (stuck).
 16065 | Lair:5   | 16065 ||| Stepping randomly (stuck).
 16066 | Lair:5   | 16066 ||| Stepping randomly (stuck).
 16067 | Lair:5   | 16067 ||| Stepping randomly (stuck).
 16068 | Lair:5   | 16068 ||| Stepping randomly (stuck).
 16069 | Lair:5   | 16069 ||| Stepping randomly (stuck).
 16070 | Lair:5   | 16070 ||| Stepping randomly (stuck).
 16071 | Lair:5   | 16071 ||| Stepping randomly (stuck).
 16072 | Lair:5   | 16072 ||| Stepping randomly (stuck).
 16073 | Lair:5   | 16073 ||| Stepping randomly (stuck).
 16074 | Lair:5   | 16074 ||| Stepping randomly (stuck).
 16075 | Lair:5   | 16075 ||| Stepping randomly (stuck).
 16076 | Lair:5   | 16076 ||| Stepping randomly (stuck).
 16077 | Lair:5   | 16077 ||| Stepping randomly (stuck).
 16078 | Lair:5   | 16078 ||| Stepping randomly (stuck).
 16079 | Lair:5   | 16079 ||| Stepping randomly (stuck).
 16080 | Lair:5   | 16080 ||| Stepping randomly (stuck).
 16081 | Lair:5   | 16081 ||| Stepping randomly (stuck).
 16082 | Lair:5   | 16082 ||| Stepping randomly (stuck).
 16083 | Lair:5   | 16083 ||| Stepping randomly (stuck).
 16084 | Lair:5   | 16084 ||| Stepping randomly (stuck).
 16085 | Lair:5   | 16085 ||| Stepping randomly (stuck).
 16086 | Lair:5   | 16086 ||| Stepping randomly (stuck).
 16087 | Lair:5   | 16087 ||| Stepping randomly (stuck).
 16088 | Lair:5   | 16088 ||| Stepping randomly (stuck).
 16089 | Lair:5   | 16089 ||| Stepping randomly (stuck).
 16090 | Lair:5   | 16090 ||| Stepping randomly (stuck).
 16091 | Lair:5   | 16091 ||| Stepping randomly (stuck).
 16092 | Lair:5   | 16092 ||| Stepping randomly (stuck).
 16093 | Lair:5   | 16093 ||| Stepping randomly (stuck).
 16094 | Lair:5   | 16094 ||| Stepping randomly (stuck).
 16095 | Lair:5   | 16095 ||| Stepping randomly (stuck).
 16096 | Lair:5   | 16096 ||| Stepping randomly (stuck).
 16097 | Lair:5   | 16097 ||| Stepping randomly (stuck).
 16098 | Lair:5   | 16098 ||| Stepping randomly (stuck).
 16099 | Lair:5   | 16099 ||| Stepping randomly (stuck).
 16100 | Lair:5   | 16100 ||| Stepping randomly (stuck).
 16101 | Lair:5   | 16101 ||| Stepping randomly (stuck).
 16102 | Lair:5   | 16102 ||| Stepping randomly (stuck).
 16103 | Lair:5   | 16103 ||| Stepping randomly (stuck).
 16104 | Lair:5   | 16104 ||| Stepping randomly (stuck).
 16105 | Lair:5   | 16105 ||| Stepping randomly (stuck).
 16106 | Lair:5   | 16106 ||| Stepping randomly (stuck).
 16107 | Lair:5   | 16107 ||| Stepping randomly (stuck).
 16108 | Lair:5   | 16108 ||| Stepping randomly (stuck).
 16109 | Lair:5   | 16109 ||| Stepping randomly (stuck).
 16110 | Lair:5   | 16110 ||| Stepping randomly (stuck).
 16111 | Lair:5   | 16111 ||| Stepping randomly (stuck).
 16112 | Lair:5   | 16112 ||| Stepping randomly (stuck).
 16113 | Lair:5   | 16113 ||| Stepping randomly (stuck).
 16114 | Lair:5   | 16114 ||| Stepping randomly (stuck).
 16115 | Lair:5   | 16115 ||| Stepping randomly (stuck).
 16116 | Lair:5   | 16116 ||| Stepping randomly (stuck).
 16117 | Lair:5   | 16117 ||| Stepping randomly (stuck).
 16118 | Lair:5   | 16118 ||| Stepping randomly (stuck).
 16119 | Lair:5   | 16119 ||| Stepping randomly (stuck).
 16120 | Lair:5   | 16120 ||| Stepping randomly (stuck).
 16121 | Lair:5   | 16121 ||| Stepping randomly (stuck).
 16122 | Lair:5   | 16122 ||| Stepping randomly (stuck).
 16123 | Lair:5   | 16123 ||| Stepping randomly (stuck).
 16124 | Lair:5   | 16124 ||| Stepping randomly (stuck).
 16125 | Lair:5   | 16125 ||| Stepping randomly (stuck).
 16126 | Lair:5   | 16126 ||| Stepping randomly (stuck).
 16127 | Lair:5   | 16127 ||| Stepping randomly (stuck).
 16128 | Lair:5   | 16128 ||| Stepping randomly (stuck).
 16129 | Lair:5   | 16129 ||| Stepping randomly (stuck).
 16130 | Lair:5   | 16130 ||| Stepping randomly (stuck).
 16131 | Lair:5   | 16131 ||| Stepping randomly (stuck).
 16132 | Lair:5   | 16132 ||| Stepping randomly (stuck).
 16133 | Lair:5   | 16133 ||| Stepping randomly (stuck).
 16134 | Lair:5   | 16134 ||| Stepping randomly (stuck).
 16135 | Lair:5   | 16135 ||| Stepping randomly (stuck).
 16136 | Lair:5   | 16136 ||| Stepping randomly (stuck).
 16137 | Lair:5   | 16137 ||| Stepping randomly (stuck).
 16138 | Lair:5   | 16138 ||| Stepping randomly (stuck).
 16139 | Lair:5   | 16139 ||| Stepping randomly (stuck).
 16140 | Lair:5   | 16140 ||| Stepping randomly (stuck).
 16141 | Lair:5   | 16141 ||| Stepping randomly (stuck).
 16142 | Lair:5   | 16142 ||| Stepping randomly (stuck).
 16143 | Lair:5   | 16143 ||| Stepping randomly (stuck).
 16144 | Lair:5   | 16144 ||| Stepping randomly (stuck).
 16145 | Lair:5   | 16145 ||| Stepping randomly (stuck).
 16146 | Lair:5   | 16146 ||| Stepping randomly (stuck).
 16147 | Lair:5   | 16147 ||| Stepping randomly (stuck).
 16148 | Lair:5   | 16148 ||| Stepping randomly (stuck).
 16149 | Lair:5   | 16149 ||| Stepping randomly (stuck).
 16150 | Lair:5   | 16150 ||| Stepping randomly (stuck).
 16151 | Lair:5   | 16151 ||| Stepping randomly (stuck).
 16152 | Lair:5   | 16152 ||| Stepping randomly (stuck).
 16153 | Lair:5   | 16153 ||| Stepping randomly (stuck).
 16154 | Lair:5   | 16154 ||| Stepping randomly (stuck).
 16155 | Lair:5   | 16155 ||| Stepping randomly (stuck).
 16156 | Lair:5   | 16156 ||| Stepping randomly (stuck).
 16157 | Lair:5   | 16157 ||| Stepping randomly (stuck).
 16158 | Lair:5   | 16158 ||| Stepping randomly (stuck).
 16159 | Lair:5   | 16159 ||| Stepping randomly (stuck).
 16160 | Lair:5   | 16160 ||| Stepping randomly (stuck).
 16161 | Lair:5   | 16161 ||| Stepping randomly (stuck).
 16162 | Lair:5   | 16162 ||| Stepping randomly (stuck).
 16163 | Lair:5   | 16163 ||| Stepping randomly (stuck).
 16164 | Lair:5   | 16164 ||| Stepping randomly (stuck).
 16165 | Lair:5   | 16165 ||| Stepping randomly (stuck).
 16166 | Lair:5   | 16166 ||| Stepping randomly (stuck).
 16167 | Lair:5   | 16167 ||| Stepping randomly (stuck).
 16168 | Lair:5   | 16168 ||| Stepping randomly (stuck).
 16169 | Lair:5   | 16169 ||| Stepping randomly (stuck).
 16170 | Lair:5   | 16170 ||| Stepping randomly (stuck).
 16171 | Lair:5   | 16171 ||| Stepping randomly (stuck).
 16172 | Lair:5   | 16172 ||| Stepping randomly (stuck).
 16173 | Lair:5   | 16173 ||| Stepping randomly (stuck).
 16174 | Lair:5   | 16174 ||| Stepping randomly (stuck).
 16175 | Lair:5   | 16175 ||| Stepping randomly (stuck).
 16176 | Lair:5   | 16176 ||| Stepping randomly (stuck).
 16177 | Lair:5   | 16177 ||| Stepping randomly (stuck).
 16178 | Lair:5   | 16178 ||| Stepping randomly (stuck).
 16179 | Lair:5   | 16179 ||| Stepping randomly (stuck).
 16180 | Lair:5   | 16180 ||| Stepping randomly (stuck).
 16181 | Lair:5   | 16181 ||| Stepping randomly (stuck).
 16182 | Lair:5   | 16182 ||| Stepping randomly (stuck).
 16183 | Lair:5   | 16183 ||| Stepping randomly (stuck).
 16184 | Lair:5   | 16184 ||| Stepping randomly (stuck).
 16185 | Lair:5   | 16185 ||| Stepping randomly (stuck).
 16186 | Lair:5   | 16186 ||| Stepping randomly (stuck).
 16187 | Lair:5   | 16187 ||| Stepping randomly (stuck).
 16188 | Lair:5   | 16188 ||| Stepping randomly (stuck).
 16189 | Lair:5   | 16189 ||| Stepping randomly (stuck).
 16190 | Lair:5   | 16190 ||| Stepping randomly (stuck).
 16191 | Lair:5   | 16191 ||| Stepping randomly (stuck).
 16192 | Lair:5   | 16192 ||| Stepping randomly (stuck).
 16193 | Lair:5   | 16193 ||| Stepping randomly (stuck).
 16194 | Lair:5   | 16194 ||| Stepping randomly (stuck).
 16195 | Lair:5   | 16195 ||| Stepping randomly (stuck).
 16196 | Lair:5   | 16196 ||| Stepping randomly (stuck).
 16197 | Lair:5   | 16197 ||| Stepping randomly (stuck).
 16198 | Lair:5   | 16198 ||| Stepping randomly (stuck).
 16199 | Lair:5   | 16199 ||| Stepping randomly (stuck).
 16200 | Lair:5   | 16200 ||| Stepping randomly (stuck).
 16201 | Lair:5   | 16201 ||| Stepping randomly (stuck).
 16202 | Lair:5   | 16202 ||| Stepping randomly (stuck).
 16203 | Lair:5   | 16203 ||| Stepping randomly (stuck).
 16204 | Lair:5   | 16204 ||| Stepping randomly (stuck).
 16205 | Lair:5   | 16205 ||| Stepping randomly (stuck).
 16206 | Lair:5   | 16206 ||| Stepping randomly (stuck).
 16207 | Lair:5   | 16207 ||| Stepping randomly (stuck).
 16208 | Lair:5   | 16208 ||| Stepping randomly (stuck).
 16209 | Lair:5   | 16209 ||| Stepping randomly (stuck).
 16210 | Lair:5   | 16210 ||| Stepping randomly (stuck).
 16211 | Lair:5   | 16211 ||| Stepping randomly (stuck).
 16212 | Lair:5   | 16212 ||| Stepping randomly (stuck).
 16213 | Lair:5   | 16213 ||| Stepping randomly (stuck).
 16214 | Lair:5   | 16214 ||| Stepping randomly (stuck).
 16215 | Lair:5   | 16215 ||| Stepping randomly (stuck).
 16216 | Lair:5   | 16216 ||| Stepping randomly (stuck).
 16217 | Lair:5   | 16217 ||| Stepping randomly (stuck).
 16218 | Lair:5   | 16218 ||| Stepping randomly (stuck).
 16219 | Lair:5   | 16219 ||| Stepping randomly (stuck).
 16220 | Lair:5   | 16220 ||| Stepping randomly (stuck).
 16221 | Lair:5   | 16221 ||| Stepping randomly (stuck).
 16222 | Lair:5   | 16222 ||| Stepping randomly (stuck).
 16223 | Lair:5   | 16223 ||| Stepping randomly (stuck).
 16224 | Lair:5   | 16224 ||| Stepping randomly (stuck).
 16225 | Lair:5   | 16225 ||| Stepping randomly (stuck).
 16226 | Lair:5   | 16226 ||| Stepping randomly (stuck).
 16227 | Lair:5   | 16227 ||| Stepping randomly (stuck).
 16228 | Lair:5   | 16228 ||| Stepping randomly (stuck).
 16229 | Lair:5   | 16229 ||| Stepping randomly (stuck).
 16230 | Lair:5   | 16230 ||| Stepping randomly (stuck).
 16231 | Lair:5   | 16231 ||| Stepping randomly (stuck).
 16232 | Lair:5   | 16232 ||| Stepping randomly (stuck).
 16233 | Lair:5   | 16233 ||| Stepping randomly (stuck).
 16234 | Lair:5   | 16234 ||| Stepping randomly (stuck).
 16235 | Lair:5   | 16235 ||| Stepping randomly (stuck).
 16236 | Lair:5   | 16236 ||| Stepping randomly (stuck).
 16237 | Lair:5   | 16237 ||| Stepping randomly (stuck).
 16238 | Lair:5   | 16238 ||| Stepping randomly (stuck).
 16239 | Lair:5   | 16239 ||| Stepping randomly (stuck).
 16240 | Lair:5   | 16240 ||| Stepping randomly (stuck).
 16241 | Lair:5   | 16241 ||| Stepping randomly (stuck).
 16242 | Lair:5   | 16242 ||| Stepping randomly (stuck).
 16243 | Lair:5   | 16243 ||| Stepping randomly (stuck).
 16244 | Lair:5   | 16244 ||| Stepping randomly (stuck).
 16245 | Lair:5   | 16245 ||| Stepping randomly (stuck).
 16246 | Lair:5   | 16246 ||| Stepping randomly (stuck).
 16247 | Lair:5   | 16247 ||| Stepping randomly (stuck).
 16248 | Lair:5   | 16248 ||| Stepping randomly (stuck).
 16249 | Lair:5   | 16249 ||| Stepping randomly (stuck).
 16250 | Lair:5   | 16250 ||| Stepping randomly (stuck).
 16251 | Lair:5   | 16251 ||| Stepping randomly (stuck).
 16252 | Lair:5   | 16252 ||| Stepping randomly (stuck).
 16253 | Lair:5   | 16253 ||| Stepping randomly (stuck).
 16254 | Lair:5   | 16254 ||| Stepping randomly (stuck).
 16255 | Lair:5   | 16255 ||| Stepping randomly (stuck).
 16256 | Lair:5   | 16256 ||| Stepping randomly (stuck).
 16257 | Lair:5   | 16257 ||| Stepping randomly (stuck).
 16258 | Lair:5   | 16258 ||| Stepping randomly (stuck).
 16259 | Lair:5   | 16259 ||| Stepping randomly (stuck).
 16260 | Lair:5   | 16260 ||| Stepping randomly (stuck).
 16261 | Lair:5   | 16261 ||| Stepping randomly (stuck).
 16262 | Lair:5   | 16262 ||| Stepping randomly (stuck).
 16263 | Lair:5   | 16263 ||| Stepping randomly (stuck).
 16264 | Lair:5   | 16264 ||| Stepping randomly (stuck).
 16265 | Lair:5   | 16265 ||| Stepping randomly (stuck).
 16266 | Lair:5   | 16266 ||| Stepping randomly (stuck).
 16267 | Lair:5   | 16267 ||| Stepping randomly (stuck).
 16268 | Lair:5   | 16268 ||| Stepping randomly (stuck).
 16269 | Lair:5   | 16269 ||| Stepping randomly (stuck).
 16270 | Lair:5   | 16270 ||| Stepping randomly (stuck).
 16271 | Lair:5   | 16271 ||| Stepping randomly (stuck).
 16272 | Lair:5   | 16272 ||| Stepping randomly (stuck).
 16273 | Lair:5   | 16273 ||| Stepping randomly (stuck).
 16274 | Lair:5   | 16274 ||| Stepping randomly (stuck).
 16275 | Lair:5   | 16275 ||| Stepping randomly (stuck).
 16276 | Lair:5   | 16276 ||| Stepping randomly (stuck).
 16277 | Lair:5   | 16277 ||| Stepping randomly (stuck).
 16278 | Lair:5   | 16278 ||| Stepping randomly (stuck).
 16279 | Lair:5   | 16279 ||| Stepping randomly (stuck).
 16280 | Lair:5   | 16280 ||| Stepping randomly (stuck).
 16281 | Lair:5   | 16281 ||| Stepping randomly (stuck).
 16282 | Lair:5   | 16282 ||| Stepping randomly (stuck).
 16283 | Lair:5   | 16283 ||| Stepping randomly (stuck).
 16284 | Lair:5   | 16284 ||| Stepping randomly (stuck).
 16285 | Lair:5   | 16285 ||| Stepping randomly (stuck).
 16286 | Lair:5   | 16286 ||| Stepping randomly (stuck).
 16287 | Lair:5   | 16287 ||| Stepping randomly (stuck).
 16288 | Lair:5   | 16288 ||| Stepping randomly (stuck).
 16289 | Lair:5   | 16289 ||| Stepping randomly (stuck).
 16290 | Lair:5   | 16290 ||| Stepping randomly (stuck).
 16291 | Lair:5   | 16291 ||| Stepping randomly (stuck).
 16292 | Lair:5   | 16292 ||| Stepping randomly (stuck).
 16293 | Lair:5   | 16293 ||| Stepping randomly (stuck).
 16294 | Lair:5   | 16294 ||| Stepping randomly (stuck).
 16295 | Lair:5   | 16295 ||| Stepping randomly (stuck).
 16296 | Lair:5   | 16296 ||| Stepping randomly (stuck).
 16297 | Lair:5   | 16297 ||| Stepping randomly (stuck).
 16298 | Lair:5   | 16298 ||| Stepping randomly (stuck).
 16299 | Lair:5   | 16299 ||| Stepping randomly (stuck).
 16300 | Lair:5   | 16300 ||| Stepping randomly (stuck).
 16301 | Lair:5   | 16301 ||| Stepping randomly (stuck).
 16302 | Lair:5   | 16302 ||| Stepping randomly (stuck).
 16303 | Lair:5   | 16303 ||| Stepping randomly (stuck).
 16304 | Lair:5   | 16304 ||| Stepping randomly (stuck).
 16305 | Lair:5   | 16305 ||| Stepping randomly (stuck).
 16306 | Lair:5   | 16306 ||| Stepping randomly (stuck).
 16307 | Lair:5   | 16307 ||| Stepping randomly (stuck).
 16308 | Lair:5   | 16308 ||| Stepping randomly (stuck).
 16309 | Lair:5   | 16309 ||| Stepping randomly (stuck).
 16310 | Lair:5   | 16310 ||| Stepping randomly (stuck).
 16311 | Lair:5   | 16311 ||| Stepping randomly (stuck).
 16312 | Lair:5   | 16312 ||| Stepping randomly (stuck).
 16313 | Lair:5   | 16313 ||| Stepping randomly (stuck).
 16314 | Lair:5   | 16314 ||| Stepping randomly (stuck).
 16315 | Lair:5   | 16315 ||| Stepping randomly (stuck).
 16316 | Lair:5   | 16316 ||| Stepping randomly (stuck).
 16317 | Lair:5   | 16317 ||| Stepping randomly (stuck).
 16318 | Lair:5   | 16318 ||| Stepping randomly (stuck).
 16319 | Lair:5   | 16319 ||| Stepping randomly (stuck).
 16320 | Lair:5   | 16320 ||| Stepping randomly (stuck).
 16321 | Lair:5   | 16321 ||| Stepping randomly (stuck).
 16322 | Lair:5   | 16322 ||| Stepping randomly (stuck).
 16323 | Lair:5   | 16323 ||| Stepping randomly (stuck).
 16324 | Lair:5   | 16324 ||| Stepping randomly (stuck).
 16325 | Lair:5   | 16325 ||| Stepping randomly (stuck).
 16326 | Lair:5   | 16326 ||| Stepping randomly (stuck).
 16327 | Lair:5   | 16327 ||| Stepping randomly (stuck).
 16328 | Lair:5   | 16328 ||| Stepping randomly (stuck).
 16329 | Lair:5   | 16329 ||| Stepping randomly (stuck).
 16330 | Lair:5   | 16330 ||| Stepping randomly (stuck).
 16331 | Lair:5   | 16331 ||| Stepping randomly (stuck).
 16332 | Lair:5   | 16332 ||| Stepping randomly (stuck).
 16333 | Lair:5   | 16333 ||| Stepping randomly (stuck).
 16334 | Lair:5   | 16334 ||| Stepping randomly (stuck).
 16335 | Lair:5   | 16335 ||| Stepping randomly (stuck).
 16336 | Lair:5   | 16336 ||| Stepping randomly (stuck).
 16337 | Lair:5   | 16337 ||| Stepping randomly (stuck).
 16338 | Lair:5   | 16338 ||| Stepping randomly (stuck).
 16339 | Lair:5   | 16339 ||| Stepping randomly (stuck).
 16340 | Lair:5   | 16340 ||| Stepping randomly (stuck).
 16341 | Lair:5   | 16341 ||| Stepping randomly (stuck).
 16342 | Lair:5   | 16342 ||| Stepping randomly (stuck).
 16343 | Lair:5   | 16343 ||| Stepping randomly (stuck).
 16344 | Lair:5   | 16344 ||| Stepping randomly (stuck).
 16345 | Lair:5   | 16345 ||| Stepping randomly (stuck).
 16346 | Lair:5   | 16346 ||| Stepping randomly (stuck).
 16347 | Lair:5   | 16347 ||| Stepping randomly (stuck).
 16348 | Lair:5   | 16348 ||| Stepping randomly (stuck).
 16349 | Lair:5   | 16349 ||| Stepping randomly (stuck).
 16350 | Lair:5   | 16350 ||| Stepping randomly (stuck).
 16351 | Lair:5   | 16351 ||| Stepping randomly (stuck).
 16352 | Lair:5   | 16352 ||| Stepping randomly (stuck).
 16353 | Lair:5   | 16353 ||| Stepping randomly (stuck).
 16354 | Lair:5   | 16354 ||| Stepping randomly (stuck).
 16355 | Lair:5   | 16355 ||| Stepping randomly (stuck).
 16356 | Lair:5   | 16356 ||| Stepping randomly (stuck).
 16357 | Lair:5   | 16357 ||| Stepping randomly (stuck).
 16358 | Lair:5   | 16358 ||| Stepping randomly (stuck).
 16359 | Lair:5   | 16359 ||| Stepping randomly (stuck).
 16360 | Lair:5   | 16360 ||| Stepping randomly (stuck).
 16361 | Lair:5   | 16361 ||| Stepping randomly (stuck).
 16362 | Lair:5   | 16362 ||| Stepping randomly (stuck).
 16363 | Lair:5   | 16363 ||| Stepping randomly (stuck).
 16364 | Lair:5   | 16364 ||| Stepping randomly (stuck).
 16365 | Lair:5   | 16365 ||| Stepping randomly (stuck).
 16366 | Lair:5   | 16366 ||| Stepping randomly (stuck).
 16367 | Lair:5   | 16367 ||| Stepping randomly (stuck).
 16368 | Lair:5   | 16368 ||| Stepping randomly (stuck).
 16369 | Lair:5   | 16369 ||| Stepping randomly (stuck).
 16370 | Lair:5   | 16370 ||| Stepping randomly (stuck).
 16371 | Lair:5   | 16371 ||| Stepping randomly (stuck).
 16372 | Lair:5   | 16372 ||| Stepping randomly (stuck).
 16373 | Lair:5   | 16373 ||| Stepping randomly (stuck).
 16374 | Lair:5   | 16374 ||| Stepping randomly (stuck).
 16375 | Lair:5   | 16375 ||| Stepping randomly (stuck).
 16376 | Lair:5   | 16376 ||| Stepping randomly (stuck).
 16377 | Lair:5   | 16377 ||| Stepping randomly (stuck).
 16378 | Lair:5   | 16378 ||| Stepping randomly (stuck).
 16379 | Lair:5   | 16379 ||| Stepping randomly (stuck).
 16380 | Lair:5   | 16380 ||| Stepping randomly (stuck).
 16381 | Lair:5   | 16381 ||| Stepping randomly (stuck).
 16382 | Lair:5   | 16382 ||| Stepping randomly (stuck).
 16383 | Lair:5   | 16383 ||| Stepping randomly (stuck).
 16384 | Lair:5   | 16384 ||| Stepping randomly (stuck).
 16385 | Lair:5   | 16385 ||| Stepping randomly (stuck).
 16386 | Lair:5   | 16386 ||| Stepping randomly (stuck).
 16387 | Lair:5   | 16387 ||| Stepping randomly (stuck).
 16388 | Lair:5   | 16388 ||| Stepping randomly (stuck).
 16389 | Lair:5   | 16389 ||| Stepping randomly (stuck).
 16390 | Lair:5   | 16390 ||| Stepping randomly (stuck).
 16391 | Lair:5   | 16391 ||| Stepping randomly (stuck).
 16392 | Lair:5   | 16392 ||| Stepping randomly (stuck).
 16393 | Lair:5   | 16393 ||| Stepping randomly (stuck).
 16394 | Lair:5   | 16394 ||| Stepping randomly (stuck).
 16395 | Lair:5   | 16395 ||| Stepping randomly (stuck).
 16396 | Lair:5   | 16396 ||| Stepping randomly (stuck).
 16397 | Lair:5   | 16397 ||| Stepping randomly (stuck).
 16398 | Lair:5   | 16398 ||| Stepping randomly (stuck).
 16399 | Lair:5   | 16399 ||| Stepping randomly (stuck).
 16400 | Lair:5   | 16400 ||| Stepping randomly (stuck).
 16401 | Lair:5   | 16401 ||| Stepping randomly (stuck).
 16402 | Lair:5   | 16402 ||| Stepping randomly (stuck).
 16403 | Lair:5   | 16403 ||| Stepping randomly (stuck).
 16404 | Lair:5   | 16404 ||| Stepping randomly (stuck).
 16405 | Lair:5   | 16405 ||| Stepping randomly (stuck).
 16406 | Lair:5   | 16406 ||| Stepping randomly (stuck).
 16407 | Lair:5   | 16407 ||| Stepping randomly (stuck).
 16408 | Lair:5   | 16408 ||| Stepping randomly (stuck).
 16409 | Lair:5   | 16409 ||| Stepping randomly (stuck).
 16410 | Lair:5   | 16410 ||| Stepping randomly (stuck).
 16411 | Lair:5   | 16411 ||| Stepping randomly (stuck).
 16412 | Lair:5   | 16412 ||| Stepping randomly (stuck).
 16413 | Lair:5   | 16413 ||| Stepping randomly (stuck).
 16414 | Lair:5   | 16414 ||| Stepping randomly (stuck).
 16415 | Lair:5   | 16415 ||| Stepping randomly (stuck).
 16416 | Lair:5   | 16416 ||| Stepping randomly (stuck).
 16417 | Lair:5   | 16417 ||| Stepping randomly (stuck).
 16418 | Lair:5   | 16418 ||| Stepping randomly (stuck).
 16419 | Lair:5   | 16419 ||| Stepping randomly (stuck).
 16420 | Lair:5   | 16420 ||| Stepping randomly (stuck).
 16421 | Lair:5   | 16421 ||| Stepping randomly (stuck).
 16422 | Lair:5   | 16422 ||| Stepping randomly (stuck).
 16423 | Lair:5   | 16423 ||| Stepping randomly (stuck).
 16424 | Lair:5   | 16424 ||| Stepping randomly (stuck).
 16425 | Lair:5   | 16425 ||| Stepping randomly (stuck).
 16426 | Lair:5   | 16426 ||| Stepping randomly (stuck).
 16427 | Lair:5   | 16427 ||| Stepping randomly (stuck).
 16428 | Lair:5   | 16428 ||| Stepping randomly (stuck).
 16429 | Lair:5   | 16429 ||| Stepping randomly (stuck).
 16430 | Lair:5   | 16430 ||| Stepping randomly (stuck).
 16431 | Lair:5   | 16431 ||| Stepping randomly (stuck).
 16432 | Lair:5   | 16432 ||| Stepping randomly (stuck).
 16433 | Lair:5   | 16433 ||| Stepping randomly (stuck).
 16434 | Lair:5   | 16434 ||| Stepping randomly (stuck).
 16435 | Lair:5   | 16435 ||| Stepping randomly (stuck).
 16436 | Lair:5   | 16436 ||| Stepping randomly (stuck).
 16437 | Lair:5   | 16437 ||| Stepping randomly (stuck).
 16438 | Lair:5   | 16438 ||| Stepping randomly (stuck).
 16439 | Lair:5   | 16439 ||| Stepping randomly (stuck).
 16440 | Lair:5   | 16440 ||| Stepping randomly (stuck).
 16441 | Lair:5   | 16441 ||| Stepping randomly (stuck).
 16442 | Lair:5   | 16442 ||| Stepping randomly (stuck).
 16443 | Lair:5   | 16443 ||| Stepping randomly (stuck).
 16444 | Lair:5   | 16444 ||| Stepping randomly (stuck).
 16445 | Lair:5   | 16445 ||| Stepping randomly (stuck).
 16446 | Lair:5   | 16446 ||| Stepping randomly (stuck).
 16447 | Lair:5   | 16447 ||| Stepping randomly (stuck).
 16448 | Lair:5   | 16448 ||| Stepping randomly (stuck).
 16449 | Lair:5   | 16449 ||| Stepping randomly (stuck).
 16450 | Lair:5   | 16450 ||| Stepping randomly (stuck).
 16451 | Lair:5   | 16451 ||| Stepping randomly (stuck).
 16452 | Lair:5   | 16452 ||| Stepping randomly (stuck).
 16453 | Lair:5   | 16453 ||| Stepping randomly (stuck).
 16454 | Lair:5   | 16454 ||| Stepping randomly (stuck).
 16455 | Lair:5   | 16455 ||| Stepping randomly (stuck).
 16456 | Lair:5   | 16456 ||| Stepping randomly (stuck).
 16457 | Lair:5   | 16457 ||| Stepping randomly (stuck).
 16458 | Lair:5   | 16458 ||| Stepping randomly (stuck).
 16459 | Lair:5   | 16459 ||| Stepping randomly (stuck).
 16460 | Lair:5   | 16460 ||| Stepping randomly (stuck).
 16461 | Lair:5   | 16461 ||| Stepping randomly (stuck).
 16462 | Lair:5   | 16462 ||| Stepping randomly (stuck).
 16463 | Lair:5   | 16463 ||| Stepping randomly (stuck).
 16464 | Lair:5   | 16464 ||| Stepping randomly (stuck).
 16465 | Lair:5   | 16465 ||| Stepping randomly (stuck).
 16466 | Lair:5   | 16466 ||| Stepping randomly (stuck).
 16467 | Lair:5   | 16467 ||| Stepping randomly (stuck).
 16468 | Lair:5   | 16468 ||| Stepping randomly (stuck).
 16469 | Lair:5   | 16469 ||| Stepping randomly (stuck).
 16470 | Lair:5   | 16470 ||| Stepping randomly (stuck).
 16471 | Lair:5   | 16471 ||| Stepping randomly (stuck).
 16472 | Lair:5   | 16472 ||| Stepping randomly (stuck).
 16473 | Lair:5   | 16473 ||| Stepping randomly (stuck).
 16474 | Lair:5   | 16474 ||| Stepping randomly (stuck).
 16475 | Lair:5   | 16475 ||| Stepping randomly (stuck).
 16476 | Lair:5   | 16476 ||| Stepping randomly (stuck).
 16477 | Lair:5   | 16477 ||| Stepping randomly (stuck).
 16478 | Lair:5   | 16478 ||| Stepping randomly (stuck).
 16479 | Lair:5   | 16479 ||| Stepping randomly (stuck).
 16480 | Lair:5   | 16480 ||| Stepping randomly (stuck).
 16481 | Lair:5   | 16481 ||| Stepping randomly (stuck).
 16482 | Lair:5   | 16482 ||| Stepping randomly (stuck).
 16483 | Lair:5   | 16483 ||| Stepping randomly (stuck).
 16484 | Lair:5   | 16484 ||| Stepping randomly (stuck).
 16485 | Lair:5   | 16485 ||| Stepping randomly (stuck).
 16486 | Lair:5   | 16486 ||| Stepping randomly (stuck).
 16487 | Lair:5   | 16487 ||| Stepping randomly (stuck).
 16488 | Lair:5   | 16488 ||| Stepping randomly (stuck).
 16489 | Lair:5   | 16489 ||| Stepping randomly (stuck).
 16490 | Lair:5   | 16490 ||| Stepping randomly (stuck).
 16491 | Lair:5   | 16491 ||| Stepping randomly (stuck).
 16492 | Lair:5   | 16492 ||| Stepping randomly (stuck).
 16493 | Lair:5   | 16493 ||| Stepping randomly (stuck).
 16494 | Lair:5   | 16494 ||| Stepping randomly (stuck).
 16495 | Lair:5   | 16495 ||| Stepping randomly (stuck).
 16496 | Lair:5   | 16496 ||| Stepping randomly (stuck).
 16497 | Lair:5   | 16497 ||| Stepping randomly (stuck).
 16498 | Lair:5   | 16498 ||| Stepping randomly (stuck).
 16499 | Lair:5   | 16499 ||| Stepping randomly (stuck).
 16500 | Lair:5   | 16500 ||| Stepping randomly (stuck).
 16501 | Lair:5   | 16501 ||| Stepping randomly (stuck).
 16502 | Lair:5   | 16502 ||| Stepping randomly (stuck).
 16503 | Lair:5   | 16503 ||| Stepping randomly (stuck).
 16504 | Lair:5   | 16504 ||| Stepping randomly (stuck).
 16505 | Lair:5   | 16505 ||| Stepping randomly (stuck).
 16506 | Lair:5   | 16506 ||| Stepping randomly (stuck).
 16507 | Lair:5   | 16507 ||| Stepping randomly (stuck).
 16508 | Lair:5   | 16508 ||| Stepping randomly (stuck).
 16509 | Lair:5   | 16509 ||| Stepping randomly (stuck).
 16510 | Lair:5   | 16510 ||| Stepping randomly (stuck).
 16511 | Lair:5   | 16511 ||| Stepping randomly (stuck).
 16512 | Lair:5   | 16512 ||| Stepping randomly (stuck).
 16513 | Lair:5   | 16513 ||| Stepping randomly (stuck).
 16514 | Lair:5   | 16514 ||| Stepping randomly (stuck).
 16515 | Lair:5   | 16515 ||| Stepping randomly (stuck).
 16516 | Lair:5   | 16516 ||| Stepping randomly (stuck).
 16517 | Lair:5   | 16517 ||| Stepping randomly (stuck).
 16518 | Lair:5   | 16518 ||| Stepping randomly (stuck).
 16519 | Lair:5   | 16519 ||| Stepping randomly (stuck).
 16520 | Lair:5   | 16520 ||| Stepping randomly (stuck).
 16521 | Lair:5   | 16521 ||| Stepping randomly (stuck).
 16522 | Lair:5   | 16522 ||| Stepping randomly (stuck).
 16523 | Lair:5   | 16523 ||| Stepping randomly (stuck).
 16524 | Lair:5   | 16524 ||| Stepping randomly (stuck).
 16525 | Lair:5   | 16525 ||| Stepping randomly (stuck).
 16526 | Lair:5   | 16526 ||| Stepping randomly (stuck).
 16527 | Lair:5   | 16527 ||| Stepping randomly (stuck).
 16528 | Lair:5   | 16528 ||| Stepping randomly (stuck).
 16529 | Lair:5   | 16529 ||| Stepping randomly (stuck).
 16530 | Lair:5   | 16530 ||| Stepping randomly (stuck).
 16531 | Lair:5   | 16531 ||| Stepping randomly (stuck).
 16532 | Lair:5   | 16532 ||| Stepping randomly (stuck).
 16533 | Lair:5   | 16533 ||| Stepping randomly (stuck).
 16534 | Lair:5   | 16534 ||| Stepping randomly (stuck).
 16535 | Lair:5   | 16535 ||| Stepping randomly (stuck).
 16536 | Lair:5   | 16536 ||| Stepping randomly (stuck).
 16537 | Lair:5   | 16537 ||| Stepping randomly (stuck).
 16538 | Lair:5   | 16538 ||| Stepping randomly (stuck).
 16539 | Lair:5   | 16539 ||| Stepping randomly (stuck).
 16540 | Lair:5   | 16540 ||| Stepping randomly (stuck).
 16541 | Lair:5   | 16541 ||| Stepping randomly (stuck).
 16542 | Lair:5   | 16542 ||| Stepping randomly (stuck).
 16543 | Lair:5   | 16543 ||| Stepping randomly (stuck).
 16544 | Lair:5   | 16544 ||| Stepping randomly (stuck).
 16545 | Lair:5   | 16545 ||| Stepping randomly (stuck).
 16546 | Lair:5   | 16546 ||| Stepping randomly (stuck).
 16547 | Lair:5   | 16547 ||| Stepping randomly (stuck).
 16548 | Lair:5   | 16548 ||| Stepping randomly (stuck).
 16549 | Lair:5   | 16549 ||| Stepping randomly (stuck).
 16550 | Lair:5   | 16550 ||| Stepping randomly (stuck).
 16551 | Lair:5   | 16551 ||| Stepping randomly (stuck).
 16552 | Lair:5   | 16552 ||| Stepping randomly (stuck).
 16553 | Lair:5   | 16553 ||| Stepping randomly (stuck).
 16554 | Lair:5   | 16554 ||| Stepping randomly (stuck).
 16555 | Lair:5   | 16555 ||| Stepping randomly (stuck).
 16556 | Lair:5   | 16556 ||| Stepping randomly (stuck).
 16557 | Lair:5   | 16557 ||| Stepping randomly (stuck).
 16558 | Lair:5   | 16558 ||| Stepping randomly (stuck).
 16559 | Lair:5   | 16559 ||| Stepping randomly (stuck).
 16560 | Lair:5   | 16560 ||| Stepping randomly (stuck).
 16561 | Lair:5   | 16561 ||| Stepping randomly (stuck).
 16562 | Lair:5   | 16562 ||| Stepping randomly (stuck).
 16563 | Lair:5   | 16563 ||| Stepping randomly (stuck).
 16564 | Lair:5   | 16564 ||| Stepping randomly (stuck).
 16565 | Lair:5   | 16565 ||| Stepping randomly (stuck).
 16566 | Lair:5   | 16566 ||| Stepping randomly (stuck).
 16567 | Lair:5   | 16567 ||| Stepping randomly (stuck).
 16568 | Lair:5   | 16568 ||| Stepping randomly (stuck).
 16569 | Lair:5   | 16569 ||| Stepping randomly (stuck).
 16570 | Lair:5   | 16570 ||| Stepping randomly (stuck).
 16571 | Lair:5   | 16571 ||| Stepping randomly (stuck).
 16572 | Lair:5   | 16572 ||| Stepping randomly (stuck).
 16573 | Lair:5   | 16573 ||| Stepping randomly (stuck).
 16574 | Lair:5   | 16574 ||| Stepping randomly (stuck).
 16575 | Lair:5   | 16575 ||| Stepping randomly (stuck).
 16576 | Lair:5   | 16576 ||| Stepping randomly (stuck).
 16577 | Lair:5   | 16577 ||| Stepping randomly (stuck).
 16578 | Lair:5   | 16578 ||| Stepping randomly (stuck).
 16579 | Lair:5   | 16579 ||| Stepping randomly (stuck).
 16580 | Lair:5   | 16580 ||| Stepping randomly (stuck).
 16581 | Lair:5   | 16581 ||| Stepping randomly (stuck).
 16582 | Lair:5   | 16582 ||| Stepping randomly (stuck).
 16583 | Lair:5   | 16583 ||| Stepping randomly (stuck).
 16584 | Lair:5   | 16584 ||| Stepping randomly (stuck).
 16585 | Lair:5   | 16585 ||| Stepping randomly (stuck).
 16586 | Lair:5   | 16586 ||| Stepping randomly (stuck).
 16587 | Lair:5   | 16587 ||| Stepping randomly (stuck).
 16588 | Lair:5   | 16588 ||| Stepping randomly (stuck).
 16589 | Lair:5   | 16589 ||| Stepping randomly (stuck).
 16590 | Lair:5   | 16590 ||| Stepping randomly (stuck).
 16591 | Lair:5   | 16591 ||| Stepping randomly (stuck).
 16592 | Lair:5   | 16592 ||| Stepping randomly (stuck).
 16593 | Lair:5   | 16593 ||| Stepping randomly (stuck).
 16594 | Lair:5   | 16594 ||| Stepping randomly (stuck).
 16595 | Lair:5   | 16595 ||| Stepping randomly (stuck).
 16596 | Lair:5   | 16596 ||| Stepping randomly (stuck).
 16597 | Lair:5   | 16597 ||| Stepping randomly (stuck).
 16598 | Lair:5   | 16598 ||| Stepping randomly (stuck).
 16599 | Lair:5   | 16599 ||| Stepping randomly (stuck).
 16600 | Lair:5   | 16600 ||| Stepping randomly (stuck).
 16601 | Lair:5   | 16601 ||| Stepping randomly (stuck).
 16602 | Lair:5   | 16602 ||| Stepping randomly (stuck).
 16603 | Lair:5   | 16603 ||| Stepping randomly (stuck).
 16604 | Lair:5   | 16604 ||| Stepping randomly (stuck).
 16605 | Lair:5   | 16605 ||| Stepping randomly (stuck).
 16606 | Lair:5   | 16606 ||| Stepping randomly (stuck).
 16607 | Lair:5   | 16607 ||| Stepping randomly (stuck).
 16608 | Lair:5   | 16608 ||| Stepping randomly (stuck).
 16609 | Lair:5   | 16609 ||| Stepping randomly (stuck).
 16610 | Lair:5   | 16610 ||| Stepping randomly (stuck).
 16611 | Lair:5   | 16611 ||| Stepping randomly (stuck).
 16612 | Lair:5   | 16612 ||| Stepping randomly (stuck).
 16613 | Lair:5   | 16613 ||| Stepping randomly (stuck).
 16614 | Lair:5   | 16614 ||| Stepping randomly (stuck).
 16615 | Lair:5   | 16615 ||| Stepping randomly (stuck).
 16616 | Lair:5   | 16616 ||| Stepping randomly (stuck).
 16617 | Lair:5   | 16617 ||| Stepping randomly (stuck).
 16618 | Lair:5   | 16618 ||| Stepping randomly (stuck).
 16619 | Lair:5   | 16619 ||| Stepping randomly (stuck).
 16620 | Lair:5   | 16620 ||| Stepping randomly (stuck).
 16621 | Lair:5   | 16621 ||| Stepping randomly (stuck).
 16622 | Lair:5   | 16622 ||| Stepping randomly (stuck).
 16623 | Lair:5   | 16623 ||| Stepping randomly (stuck).
 16624 | Lair:5   | 16624 ||| Stepping randomly (stuck).
 16625 | Lair:5   | 16625 ||| Stepping randomly (stuck).
 16626 | Lair:5   | 16626 ||| Stepping randomly (stuck).
 16627 | Lair:5   | 16627 ||| Stepping randomly (stuck).
 16628 | Lair:5   | 16628 ||| Stepping randomly (stuck).
 16629 | Lair:5   | 16629 ||| Stepping randomly (stuck).
 16630 | Lair:5   | 16630 ||| Stepping randomly (stuck).
 16631 | Lair:5   | 16631 ||| Stepping randomly (stuck).
 16632 | Lair:5   | 16632 ||| Stepping randomly (stuck).
 16633 | Lair:5   | 16633 ||| Stepping randomly (stuck).
 16634 | Lair:5   | 16634 ||| Stepping randomly (stuck).
 16635 | Lair:5   | 16635 ||| Stepping randomly (stuck).
 16636 | Lair:5   | 16636 ||| Stepping randomly (stuck).
 16637 | Lair:5   | 16637 ||| Stepping randomly (stuck).
 16638 | Lair:5   | 16638 ||| Stepping randomly (stuck).
 16639 | Lair:5   | 16639 ||| Stepping randomly (stuck).
 16640 | Lair:5   | 16640 ||| Stepping randomly (stuck).
 16641 | Lair:5   | 16641 ||| Stepping randomly (stuck).
 16642 | Lair:5   | 16642 ||| Stepping randomly (stuck).
 16643 | Lair:5   | 16643 ||| Stepping randomly (stuck).
 16644 | Lair:5   | 16644 ||| Stepping randomly (stuck).
 16645 | Lair:5   | 16645 ||| Stepping randomly (stuck).
 16646 | Lair:5   | 16646 ||| Stepping randomly (stuck).
 16647 | Lair:5   | 16647 ||| Stepping randomly (stuck).
 16648 | Lair:5   | 16648 ||| Stepping randomly (stuck).
 16649 | Lair:5   | 16649 ||| Stepping randomly (stuck).
 16650 | Lair:5   | 16650 ||| Stepping randomly (stuck).
 16651 | Lair:5   | 16651 ||| Stepping randomly (stuck).
 16652 | Lair:5   | 16652 ||| Stepping randomly (stuck).
 16653 | Lair:5   | 16653 ||| Stepping randomly (stuck).
 16654 | Lair:5   | 16654 ||| Stepping randomly (stuck).
 16655 | Lair:5   | 16655 ||| Stepping randomly (stuck).
 16656 | Lair:5   | 16656 ||| Stepping randomly (stuck).
 16657 | Lair:5   | 16657 ||| Stepping randomly (stuck).
 16658 | Lair:5   | 16658 ||| Stepping randomly (stuck).
 16659 | Lair:5   | 16659 ||| Stepping randomly (stuck).
 16660 | Lair:5   | 16660 ||| Stepping randomly (stuck).
 16661 | Lair:5   | 16661 ||| Stepping randomly (stuck).
 16662 | Lair:5   | 16662 ||| Stepping randomly (stuck).
 16663 | Lair:5   | 16663 ||| Stepping randomly (stuck).
 16664 | Lair:5   | 16664 ||| Stepping randomly (stuck).
 16665 | Lair:5   | 16665 ||| Stepping randomly (stuck).
 16666 | Lair:5   | 16666 ||| Stepping randomly (stuck).
 16667 | Lair:5   | 16667 ||| Stepping randomly (stuck).
 16668 | Lair:5   | 16668 ||| Stepping randomly (stuck).
 16669 | Lair:5   | 16669 ||| Stepping randomly (stuck).
 16670 | Lair:5   | 16670 ||| Stepping randomly (stuck).
 16671 | Lair:5   | 16671 ||| Stepping randomly (stuck).
 16672 | Lair:5   | 16672 ||| Stepping randomly (stuck).
 16673 | Lair:5   | 16673 ||| Stepping randomly (stuck).
 16674 | Lair:5   | 16674 ||| Stepping randomly (stuck).
 16675 | Lair:5   | 16675 ||| Stepping randomly (stuck).
 16676 | Lair:5   | 16676 ||| Stepping randomly (stuck).
 16677 | Lair:5   | 16677 ||| Stepping randomly (stuck).
 16678 | Lair:5   | 16678 ||| Stepping randomly (stuck).
 16679 | Lair:5   | 16679 ||| Stepping randomly (stuck).
 16680 | Lair:5   | 16680 ||| Stepping randomly (stuck).
 16681 | Lair:5   | 16681 ||| Stepping randomly (stuck).
 16682 | Lair:5   | 16682 ||| Stepping randomly (stuck).
 16683 | Lair:5   | 16683 ||| Stepping randomly (stuck).
 16684 | Lair:5   | 16684 ||| Stepping randomly (stuck).
 16685 | Lair:5   | 16685 ||| Stepping randomly (stuck).
 16686 | Lair:5   | 16686 ||| Stepping randomly (stuck).
 16687 | Lair:5   | 16687 ||| Stepping randomly (stuck).
 16688 | Lair:5   | 16688 ||| Stepping randomly (stuck).
 16689 | Lair:5   | 16689 ||| Stepping randomly (stuck).
 16690 | Lair:5   | 16690 ||| Stepping randomly (stuck).
 16691 | Lair:5   | 16691 ||| Stepping randomly (stuck).
 16692 | Lair:5   | 16692 ||| Stepping randomly (stuck).
 16693 | Lair:5   | 16693 ||| Stepping randomly (stuck).
 16694 | Lair:5   | 16694 ||| Stepping randomly (stuck).
 16695 | Lair:5   | 16695 ||| Stepping randomly (stuck).
 16696 | Lair:5   | 16696 ||| Stepping randomly (stuck).
 16697 | Lair:5   | 16697 ||| Stepping randomly (stuck).
 16698 | Lair:5   | 16698 ||| Stepping randomly (stuck).
 16699 | Lair:5   | 16699 ||| Stepping randomly (stuck).
 16700 | Lair:5   | 16700 ||| Stepping randomly (stuck).
 16701 | Lair:5   | 16701 ||| Stepping randomly (stuck).
 16702 | Lair:5   | 16702 ||| Stepping randomly (stuck).
 16703 | Lair:5   | 16703 ||| Stepping randomly (stuck).
 16704 | Lair:5   | 16704 ||| Stepping randomly (stuck).
 16705 | Lair:5   | 16705 ||| Stepping randomly (stuck).
 16706 | Lair:5   | 16706 ||| Stepping randomly (stuck).
 16707 | Lair:5   | 16707 ||| Stepping randomly (stuck).
 16708 | Lair:5   | 16708 ||| Stepping randomly (stuck).
 16709 | Lair:5   | 16709 ||| Stepping randomly (stuck).
 16710 | Lair:5   | 16710 ||| Stepping randomly (stuck).
 16711 | Lair:5   | 16711 ||| Stepping randomly (stuck).
 16712 | Lair:5   | 16712 ||| Stepping randomly (stuck).
 16713 | Lair:5   | 16713 ||| Stepping randomly (stuck).
 16714 | Lair:5   | 16714 ||| Stepping randomly (stuck).
 16715 | Lair:5   | 16715 ||| Stepping randomly (stuck).
 16716 | Lair:5   | 16716 ||| Stepping randomly (stuck).
 16717 | Lair:5   | 16717 ||| Stepping randomly (stuck).
 16718 | Lair:5   | 16718 ||| Stepping randomly (stuck).
 16719 | Lair:5   | 16719 ||| Stepping randomly (stuck).
 16720 | Lair:5   | 16720 ||| Stepping randomly (stuck).
 16721 | Lair:5   | 16721 ||| Stepping randomly (stuck).
 16722 | Lair:5   | 16722 ||| Stepping randomly (stuck).
 16723 | Lair:5   | 16723 ||| Stepping randomly (stuck).
 16724 | Lair:5   | 16724 ||| Stepping randomly (stuck).
 16725 | Lair:5   | 16725 ||| Stepping randomly (stuck).
 16726 | Lair:5   | 16726 ||| Stepping randomly (stuck).
 16727 | Lair:5   | 16727 ||| Stepping randomly (stuck).
 16728 | Lair:5   | 16728 ||| Stepping randomly (stuck).
 16729 | Lair:5   | 16729 ||| Stepping randomly (stuck).
 16730 | Lair:5   | 16730 ||| Stepping randomly (stuck).
 16731 | Lair:5   | 16731 ||| Stepping randomly (stuck).
 16732 | Lair:5   | 16732 ||| Stepping randomly (stuck).
 16733 | Lair:5   | 16733 ||| Stepping randomly (stuck).
 16734 | Lair:5   | 16734 ||| Stepping randomly (stuck).
 16735 | Lair:5   | 16735 ||| Stepping randomly (stuck).
 16736 | Lair:5   | 16736 ||| Stepping randomly (stuck).
 16737 | Lair:5   | 16737 ||| Stepping randomly (stuck).
 16738 | Lair:5   | 16738 ||| Stepping randomly (stuck).
 16739 | Lair:5   | 16739 ||| Stepping randomly (stuck).
 16740 | Lair:5   | 16740 ||| Stepping randomly (stuck).
 16741 | Lair:5   | 16741 ||| Stepping randomly (stuck).
 16742 | Lair:5   | 16742 ||| Stepping randomly (stuck).
 16743 | Lair:5   | 16743 ||| Stepping randomly (stuck).
 16744 | Lair:5   | 16744 ||| Stepping randomly (stuck).
 16745 | Lair:5   | 16745 ||| Stepping randomly (stuck).
 16746 | Lair:5   | 16746 ||| Stepping randomly (stuck).
 16747 | Lair:5   | 16747 ||| Stepping randomly (stuck).
 16748 | Lair:5   | 16748 ||| Stepping randomly (stuck).
 16749 | Lair:5   | 16749 ||| Stepping randomly (stuck).
 16750 | Lair:5   | 16750 ||| Stepping randomly (stuck).
 16751 | Lair:5   | 16751 ||| Stepping randomly (stuck).
 16752 | Lair:5   | 16752 ||| Stepping randomly (stuck).
 16753 | Lair:5   | 16753 ||| Stepping randomly (stuck).
 16754 | Lair:5   | 16754 ||| Stepping randomly (stuck).
 16755 | Lair:5   | 16755 ||| Stepping randomly (stuck).
 16756 | Lair:5   | 16756 ||| Stepping randomly (stuck).
 16757 | Lair:5   | 16757 ||| Stepping randomly (stuck).
 16758 | Lair:5   | 16758 ||| Stepping randomly (stuck).
 16759 | Lair:5   | 16759 ||| Stepping randomly (stuck).
 16760 | Lair:5   | 16760 ||| Stepping randomly (stuck).
 16761 | Lair:5   | 16761 ||| Stepping randomly (stuck).
 16762 | Lair:5   | 16762 ||| Stepping randomly (stuck).
 16763 | Lair:5   | 16763 ||| Stepping randomly (stuck).
 16764 | Lair:5   | 16764 ||| Stepping randomly (stuck).
 16765 | Lair:5   | 16765 ||| Stepping randomly (stuck).
 16766 | Lair:5   | 16766 ||| Stepping randomly (stuck).
 16767 | Lair:5   | 16767 ||| Stepping randomly (stuck).
 16768 | Lair:5   | 16768 ||| Stepping randomly (stuck).
 16769 | Lair:5   | 16769 ||| Stepping randomly (stuck).
 16770 | Lair:5   | 16770 ||| Stepping randomly (stuck).
 16771 | Lair:5   | 16771 ||| Stepping randomly (stuck).
 16772 | Lair:5   | 16772 ||| Stepping randomly (stuck).
 16773 | Lair:5   | 16773 ||| Stepping randomly (stuck).
 16774 | Lair:5   | 16774 ||| Stepping randomly (stuck).
 16775 | Lair:5   | 16775 ||| Stepping randomly (stuck).
 16776 | Lair:5   | 16776 ||| Stepping randomly (stuck).
 16777 | Lair:5   | 16777 ||| Stepping randomly (stuck).
 16778 | Lair:5   | 16778 ||| Stepping randomly (stuck).
 16779 | Lair:5   | 16779 ||| Stepping randomly (stuck).
 16780 | Lair:5   | 16780 ||| Stepping randomly (stuck).
 16781 | Lair:5   | 16781 ||| Stepping randomly (stuck).
 16782 | Lair:5   | 16782 ||| Stepping randomly (stuck).
 16783 | Lair:5   | 16783 ||| Stepping randomly (stuck).
 16784 | Lair:5   | 16784 ||| Stepping randomly (stuck).
 16785 | Lair:5   | 16785 ||| Stepping randomly (stuck).
 16786 | Lair:5   | 16786 ||| Stepping randomly (stuck).
 16787 | Lair:5   | 16787 ||| Stepping randomly (stuck).
 16788 | Lair:5   | 16788 ||| Stepping randomly (stuck).
 16789 | Lair:5   | 16789 ||| Stepping randomly (stuck).
 16790 | Lair:5   | 16790 ||| Stepping randomly (stuck).
 16791 | Lair:5   | 16791 ||| Stepping randomly (stuck).
 16792 | Lair:5   | 16792 ||| Stepping randomly (stuck).
 16793 | Lair:5   | 16793 ||| Stepping randomly (stuck).
 16794 | Lair:5   | 16794 ||| Stepping randomly (stuck).
 16795 | Lair:5   | 16795 ||| Stepping randomly (stuck).
 16796 | Lair:5   | 16796 ||| Stepping randomly (stuck).
 16797 | Lair:5   | 16797 ||| Stepping randomly (stuck).
 16798 | Lair:5   | 16798 ||| Stepping randomly (stuck).
 16799 | Lair:5   | 16799 ||| Stepping randomly (stuck).
 16800 | Lair:5   | 16800 ||| Stepping randomly (stuck).
 16801 | Lair:5   | 16801 ||| Stepping randomly (stuck).
 16802 | Lair:5   | 16802 ||| Stepping randomly (stuck).
 16803 | Lair:5   | 16803 ||| Stepping randomly (stuck).
 16804 | Lair:5   | 16804 ||| Stepping randomly (stuck).
 16805 | Lair:5   | 16805 ||| Stepping randomly (stuck).
 16806 | Lair:5   | 16806 ||| Stepping randomly (stuck).
 16807 | Lair:5   | 16807 ||| Stepping randomly (stuck).
 16808 | Lair:5   | 16808 ||| Stepping randomly (stuck).
 16809 | Lair:5   | 16809 ||| Stepping randomly (stuck).
 16810 | Lair:5   | 16810 ||| Stepping randomly (stuck).
 16811 | Lair:5   | 16811 ||| Stepping randomly (stuck).
 16812 | Lair:5   | 16812 ||| Stepping randomly (stuck).
 16813 | Lair:5   | 16813 ||| Stepping randomly (stuck).
 16814 | Lair:5   | 16814 ||| Stepping randomly (stuck).
 16815 | Lair:5   | 16815 ||| Stepping randomly (stuck).
 16816 | Lair:5   | 16816 ||| Stepping randomly (stuck).
 16817 | Lair:5   | 16817 ||| Stepping randomly (stuck).
 16818 | Lair:5   | 16818 ||| Stepping randomly (stuck).
 16819 | Lair:5   | 16819 ||| Stepping randomly (stuck).
 16820 | Lair:5   | 16820 ||| Stepping randomly (stuck).
 16821 | Lair:5   | 16821 ||| Stepping randomly (stuck).
 16822 | Lair:5   | 16822 ||| Stepping randomly (stuck).
 16823 | Lair:5   | 16823 ||| Stepping randomly (stuck).
 16824 | Lair:5   | 16824 ||| Stepping randomly (stuck).
 16825 | Lair:5   | 16825 ||| Stepping randomly (stuck).
 16826 | Lair:5   | 16826 ||| Stepping randomly (stuck).
 16827 | Lair:5   | 16827 ||| Stepping randomly (stuck).
 16828 | Lair:5   | 16828 ||| Stepping randomly (stuck).
 16829 | Lair:5   | 16829 ||| Stepping randomly (stuck).
 16830 | Lair:5   | 16830 ||| Stepping randomly (stuck).
 16831 | Lair:5   | 16831 ||| Stepping randomly (stuck).
 16832 | Lair:5   | 16832 ||| Stepping randomly (stuck).
 16833 | Lair:5   | 16833 ||| Stepping randomly (stuck).
 16834 | Lair:5   | 16834 ||| Stepping randomly (stuck).
 16835 | Lair:5   | 16835 ||| Stepping randomly (stuck).
 16836 | Lair:5   | 16836 ||| Stepping randomly (stuck).
 16837 | Lair:5   | 16837 ||| Stepping randomly (stuck).
 16838 | Lair:5   | 16838 ||| Stepping randomly (stuck).
 16839 | Lair:5   | 16839 ||| Stepping randomly (stuck).
 16840 | Lair:5   | 16840 ||| Stepping randomly (stuck).
 16841 | Lair:5   | 16841 ||| Stepping randomly (stuck).
 16842 | Lair:5   | 16842 ||| Stepping randomly (stuck).
 16843 | Lair:5   | 16843 ||| Stepping randomly (stuck).
 16844 | Lair:5   | 16844 ||| Stepping randomly (stuck).
 16845 | Lair:5   | 16845 ||| Stepping randomly (stuck).
 16846 | Lair:5   | 16846 ||| Stepping randomly (stuck).
 16847 | Lair:5   | 16847 ||| Stepping randomly (stuck).
 16848 | Lair:5   | 16848 ||| Stepping randomly (stuck).
 16849 | Lair:5   | 16849 ||| Stepping randomly (stuck).
 16850 | Lair:5   | 16850 ||| Stepping randomly (stuck).
 16851 | Lair:5   | 16851 ||| Stepping randomly (stuck).
 16852 | Lair:5   | 16852 ||| Stepping randomly (stuck).
 16853 | Lair:5   | 16853 ||| Stepping randomly (stuck).
 16854 | Lair:5   | 16854 ||| Stepping randomly (stuck).
 16855 | Lair:5   | 16855 ||| Stepping randomly (stuck).
 16856 | Lair:5   | 16856 ||| Stepping randomly (stuck).
 16857 | Lair:5   | 16857 ||| Stepping randomly (stuck).
 16858 | Lair:5   | 16858 ||| Stepping randomly (stuck).
 16859 | Lair:5   | 16859 ||| Stepping randomly (stuck).
 16860 | Lair:5   | 16860 ||| Stepping randomly (stuck).
 16861 | Lair:5   | 16861 ||| Stepping randomly (stuck).
 16862 | Lair:5   | 16862 ||| Stepping randomly (stuck).
 16863 | Lair:5   | 16863 ||| Stepping randomly (stuck).
 16864 | Lair:5   | 16864 ||| Stepping randomly (stuck).
 16865 | Lair:5   | 16865 ||| Stepping randomly (stuck).
 16866 | Lair:5   | 16866 ||| Stepping randomly (stuck).
 16867 | Lair:5   | 16867 ||| Stepping randomly (stuck).
 16868 | Lair:5   | 16868 ||| Stepping randomly (stuck).
 16869 | Lair:5   | 16869 ||| Stepping randomly (stuck).
 16870 | Lair:5   | 16870 ||| Stepping randomly (stuck).
 16871 | Lair:5   | 16871 ||| Stepping randomly (stuck).
 16872 | Lair:5   | 16872 ||| Stepping randomly (stuck).
 16873 | Lair:5   | 16873 ||| Stepping randomly (stuck).
 16874 | Lair:5   | 16874 ||| Stepping randomly (stuck).
 16875 | Lair:5   | 16875 ||| Stepping randomly (stuck).
 16876 | Lair:5   | 16876 ||| Stepping randomly (stuck).
 16877 | Lair:5   | 16877 ||| Stepping randomly (stuck).
 16878 | Lair:5   | 16878 ||| Stepping randomly (stuck).
 16879 | Lair:5   | 16879 ||| Stepping randomly (stuck).
 16880 | Lair:5   | 16880 ||| Stepping randomly (stuck).
 16881 | Lair:5   | 16881 ||| Stepping randomly (stuck).
 16882 | Lair:5   | 16882 ||| Stepping randomly (stuck).
 16883 | Lair:5   | 16883 ||| Stepping randomly (stuck).
 16884 | Lair:5   | 16884 ||| Stepping randomly (stuck).
 16885 | Lair:5   | 16885 ||| Stepping randomly (stuck).
 16886 | Lair:5   | 16886 ||| Stepping randomly (stuck).
 16887 | Lair:5   | 16887 ||| Stepping randomly (stuck).
 16888 | Lair:5   | 16888 ||| Stepping randomly (stuck).
 16889 | Lair:5   | 16889 ||| Stepping randomly (stuck).
 16890 | Lair:5   | 16890 ||| Stepping randomly (stuck).
 16891 | Lair:5   | 16891 ||| Stepping randomly (stuck).
 16892 | Lair:5   | 16892 ||| Stepping randomly (stuck).
 16893 | Lair:5   | 16893 ||| Stepping randomly (stuck).
 16894 | Lair:5   | 16894 ||| Stepping randomly (stuck).
 16895 | Lair:5   | 16895 ||| Stepping randomly (stuck).
 16896 | Lair:5   | 16896 ||| Stepping randomly (stuck).
 16897 | Lair:5   | 16897 ||| Stepping randomly (stuck).
 16898 | Lair:5   | 16898 ||| Stepping randomly (stuck).
 16899 | Lair:5   | 16899 ||| Stepping randomly (stuck).
 16900 | Lair:5   | 16900 ||| Stepping randomly (stuck).
 16901 | Lair:5   | 16901 ||| Stepping randomly (stuck).
 16902 | Lair:5   | 16902 ||| Stepping randomly (stuck).
 16903 | Lair:5   | 16903 ||| Stepping randomly (stuck).
 16904 | Lair:5   | 16904 ||| Stepping randomly (stuck).
 16905 | Lair:5   | 16905 ||| Stepping randomly (stuck).
 16906 | Lair:5   | 16906 ||| Stepping randomly (stuck).
 16907 | Lair:5   | 16907 ||| Stepping randomly (stuck).
 16908 | Lair:5   | 16908 ||| Stepping randomly (stuck).
 16909 | Lair:5   | 16909 ||| Stepping randomly (stuck).
 16910 | Lair:5   | 16910 ||| Stepping randomly (stuck).
 16911 | Lair:5   | 16911 ||| Stepping randomly (stuck).
 16912 | Lair:5   | 16912 ||| Stepping randomly (stuck).
 16913 | Lair:5   | 16913 ||| Stepping randomly (stuck).
 16914 | Lair:5   | 16914 ||| Stepping randomly (stuck).
 16915 | Lair:5   | 16915 ||| Stepping randomly (stuck).
 16916 | Lair:5   | 16916 ||| Stepping randomly (stuck).
 16917 | Lair:5   | 16917 ||| Stepping randomly (stuck).
 16918 | Lair:5   | 16918 ||| Stepping randomly (stuck).
 16919 | Lair:5   | 16919 ||| Stepping randomly (stuck).
 16920 | Lair:5   | 16920 ||| Stepping randomly (stuck).
 16921 | Lair:5   | 16921 ||| Stepping randomly (stuck).
 16922 | Lair:5   | 16922 ||| Stepping randomly (stuck).
 16923 | Lair:5   | 16923 ||| Stepping randomly (stuck).
 16924 | Lair:5   | 16924 ||| Stepping randomly (stuck).
 16925 | Lair:5   | 16925 ||| Stepping randomly (stuck).
 16926 | Lair:5   | 16926 ||| Stepping randomly (stuck).
 16927 | Lair:5   | 16927 ||| Stepping randomly (stuck).
 16928 | Lair:5   | 16928 ||| Stepping randomly (stuck).
 16929 | Lair:5   | 16929 ||| Stepping randomly (stuck).
 16930 | Lair:5   | 16930 ||| Stepping randomly (stuck).
 16931 | Lair:5   | 16931 ||| Stepping randomly (stuck).
 16932 | Lair:5   | 16932 ||| Stepping randomly (stuck).
 16933 | Lair:5   | 16933 ||| Stepping randomly (stuck).
 16934 | Lair:5   | 16934 ||| Stepping randomly (stuck).
 16935 | Lair:5   | 16935 ||| Stepping randomly (stuck).
 16936 | Lair:5   | 16936 ||| Stepping randomly (stuck).
 16937 | Lair:5   | 16937 ||| Stepping randomly (stuck).
 16938 | Lair:5   | 16938 ||| Stepping randomly (stuck).
 16939 | Lair:5   | 16939 ||| Stepping randomly (stuck).
 16940 | Lair:5   | 16940 ||| Stepping randomly (stuck).
 16941 | Lair:5   | 16941 ||| Stepping randomly (stuck).
 16942 | Lair:5   | 16942 ||| Stepping randomly (stuck).
 16943 | Lair:5   | 16943 ||| Stepping randomly (stuck).
 16944 | Lair:5   | 16944 ||| Stepping randomly (stuck).
 16945 | Lair:5   | 16945 ||| Stepping randomly (stuck).
 16946 | Lair:5   | 16946 ||| Stepping randomly (stuck).
 16947 | Lair:5   | 16947 ||| Stepping randomly (stuck).
 16948 | Lair:5   | 16948 ||| Stepping randomly (stuck).
 16949 | Lair:5   | 16949 ||| Stepping randomly (stuck).
 16950 | Lair:5   | 16950 ||| Stepping randomly (stuck).
 16951 | Lair:5   | 16951 ||| Stepping randomly (stuck).
 16952 | Lair:5   | 16952 ||| Stepping randomly (stuck).
 16953 | Lair:5   | 16953 ||| Stepping randomly (stuck).
 16954 | Lair:5   | 16954 ||| Stepping randomly (stuck).
 16955 | Lair:5   | 16955 ||| Stepping randomly (stuck).
 16956 | Lair:5   | 16956 ||| Stepping randomly (stuck).
 16957 | Lair:5   | 16957 ||| Stepping randomly (stuck).
 16958 | Lair:5   | 16958 ||| Stepping randomly (stuck).
 16959 | Lair:5   | 16959 ||| Stepping randomly (stuck).
 16960 | Lair:5   | 16960 ||| Stepping randomly (stuck).
 16961 | Lair:5   | 16961 ||| Stepping randomly (stuck).
 16962 | Lair:5   | 16962 ||| Stepping randomly (stuck).
 16963 | Lair:5   | 16963 ||| Stepping randomly (stuck).
 16964 | Lair:5   | 16964 ||| Stepping randomly (stuck).
 16965 | Lair:5   | 16965 ||| Stepping randomly (stuck).
 16966 | Lair:5   | 16966 ||| Stepping randomly (stuck).
 16967 | Lair:5   | 16967 ||| Stepping randomly (stuck).
 16968 | Lair:5   | 16968 ||| Stepping randomly (stuck).
 16969 | Lair:5   | 16969 ||| Stepping randomly (stuck).
 16970 | Lair:5   | 16970 ||| Stepping randomly (stuck).
 16971 | Lair:5   | 16971 ||| Stepping randomly (stuck).
 16972 | Lair:5   | 16972 ||| Stepping randomly (stuck).
 16973 | Lair:5   | 16973 ||| Stepping randomly (stuck).
 16974 | Lair:5   | 16974 ||| Stepping randomly (stuck).
 16975 | Lair:5   | 16975 ||| Stepping randomly (stuck).
 16976 | Lair:5   | 16976 ||| Stepping randomly (stuck).
 16977 | Lair:5   | 16977 ||| Stepping randomly (stuck).
 16978 | Lair:5   | 16978 ||| Stepping randomly (stuck).
 16979 | Lair:5   | 16979 ||| Stepping randomly (stuck).
 16980 | Lair:5   | 16980 ||| Stepping randomly (stuck).
 16981 | Lair:5   | 16981 ||| Stepping randomly (stuck).
 16982 | Lair:5   | 16982 ||| Stepping randomly (stuck).
 16983 | Lair:5   | 16983 ||| Stepping randomly (stuck).
 16984 | Lair:5   | 16984 ||| Stepping randomly (stuck).
 16985 | Lair:5   | 16985 ||| Stepping randomly (stuck).
 16986 | Lair:5   | 16986 ||| Stepping randomly (stuck).
 16987 | Lair:5   | 16987 ||| Stepping randomly (stuck).
 16988 | Lair:5   | 16988 ||| Stepping randomly (stuck).
 16989 | Lair:5   | 16989 ||| Stepping randomly (stuck).
 16990 | Lair:5   | 16990 ||| Stepping randomly (stuck).
 16991 | Lair:5   | 16991 ||| Stepping randomly (stuck).
 16992 | Lair:5   | 16992 ||| Stepping randomly (stuck).
 16993 | Lair:5   | 16993 ||| Stepping randomly (stuck).
 16994 | Lair:5   | 16994 ||| Stepping randomly (stuck).
 16995 | Lair:5   | 16995 ||| Stepping randomly (stuck).
 16996 | Lair:5   | 16996 ||| Stepping randomly (stuck).
 16997 | Lair:5   | 16997 ||| Stepping randomly (stuck).
 16998 | Lair:5   | 16998 ||| Stepping randomly (stuck).
 16999 | Lair:5   | 16999 ||| Stepping randomly (stuck).
 17000 | Lair:5   | 17000 ||| Stepping randomly (stuck).
 17001 | Lair:5   | 17001 ||| Stepping randomly (stuck).
 17002 | Lair:5   | 17002 ||| Stepping randomly (stuck).
 17003 | Lair:5   | 17003 ||| Stepping randomly (stuck).
 17004 | Lair:5   | 17004 ||| Stepping randomly (stuck).
 17005 | Lair:5   | 17005 ||| Stepping randomly (stuck).
 17006 | Lair:5   | 17006 ||| Stepping randomly (stuck).
 17007 | Lair:5   | 17007 ||| Stepping randomly (stuck).
 17008 | Lair:5   | 17008 ||| Stepping randomly (stuck).
 17009 | Lair:5   | 17009 ||| Stepping randomly (stuck).
 17010 | Lair:5   | 17010 ||| Stepping randomly (stuck).
 17011 | Lair:5   | 17011 ||| Stepping randomly (stuck).
 17012 | Lair:5   | 17012 ||| Stepping randomly (stuck).
 17013 | Lair:5   | 17013 ||| Stepping randomly (stuck).
 17014 | Lair:5   | 17014 ||| Stepping randomly (stuck).
 17015 | Lair:5   | 17015 ||| Stepping randomly (stuck).
 17016 | Lair:5   | 17016 ||| Stepping randomly (stuck).
 17017 | Lair:5   | 17017 ||| Stepping randomly (stuck).
 17018 | Lair:5   | 17018 ||| Stepping randomly (stuck).
 17019 | Lair:5   | 17019 ||| Stepping randomly (stuck).
 17020 | Lair:5   | 17020 ||| Stepping randomly (stuck).
 17021 | Lair:5   | 17021 ||| Stepping randomly (stuck).
 17022 | Lair:5   | 17022 ||| Stepping randomly (stuck).
 17023 | Lair:5   | 17023 ||| Stepping randomly (stuck).
 17024 | Lair:5   | 17024 ||| Stepping randomly (stuck).
 17025 | Lair:5   | 17025 ||| Stepping randomly (stuck).
 17026 | Lair:5   | 17026 ||| Stepping randomly (stuck).
 17027 | Lair:5   | 17027 ||| Stepping randomly (stuck).
 17028 | Lair:5   | 17028 ||| Stepping randomly (stuck).
 17029 | Lair:5   | 17029 ||| Stepping randomly (stuck).
 17030 | Lair:5   | 17030 ||| Stepping randomly (stuck).
 17031 | Lair:5   | 17031 ||| Stepping randomly (stuck).
 17032 | Lair:5   | 17032 ||| Stepping randomly (stuck).
 17033 | Lair:5   | 17033 ||| Stepping randomly (stuck).
 17034 | Lair:5   | 17034 ||| Stepping randomly (stuck).
 17035 | Lair:5   | 17035 ||| Stepping randomly (stuck).
 17036 | Lair:5   | 17036 ||| Stepping randomly (stuck).
 17037 | Lair:5   | 17037 ||| Stepping randomly (stuck).
 17038 | Lair:5   | 17038 ||| Stepping randomly (stuck).
 17039 | Lair:5   | 17039 ||| Stepping randomly (stuck).
 17040 | Lair:5   | 17040 ||| Stepping randomly (stuck).
 17041 | Lair:5   | 17041 ||| Stepping randomly (stuck).
 17042 | Lair:5   | 17042 ||| Stepping randomly (stuck).
 17043 | Lair:5   | 17043 ||| Stepping randomly (stuck).
 17044 | Lair:5   | 17044 ||| Stepping randomly (stuck).
 17045 | Lair:5   | 17045 ||| Stepping randomly (stuck).
 17046 | Lair:5   | 17046 ||| Stepping randomly (stuck).
 17047 | Lair:5   | 17047 ||| Stepping randomly (stuck).
 17048 | Lair:5   | 17048 ||| Stepping randomly (stuck).
 17049 | Lair:5   | 17049 ||| Stepping randomly (stuck).
 17050 | Lair:5   | 17050 ||| Stepping randomly (stuck).
 17051 | Lair:5   | 17051 ||| Stepping randomly (stuck).
 17052 | Lair:5   | 17052 ||| Stepping randomly (stuck).
 17053 | Lair:5   | 17053 ||| Stepping randomly (stuck).
 17054 | Lair:5   | 17054 ||| Stepping randomly (stuck).
 17055 | Lair:5   | 17055 ||| Stepping randomly (stuck).
 17056 | Lair:5   | 17056 ||| Stepping randomly (stuck).
 17057 | Lair:5   | 17057 ||| Stepping randomly (stuck).
 17058 | Lair:5   | 17058 ||| Stepping randomly (stuck).
 17059 | Lair:5   | 17059 ||| Stepping randomly (stuck).
 17060 | Lair:5   | 17060 ||| Stepping randomly (stuck).
 17061 | Lair:5   | 17061 ||| Stepping randomly (stuck).
 17062 | Lair:5   | 17062 ||| Stepping randomly (stuck).
 17063 | Lair:5   | 17063 ||| Stepping randomly (stuck).
 17064 | Lair:5   | 17064 ||| Stepping randomly (stuck).
 17065 | Lair:5   | 17065 ||| Stepping randomly (stuck).
 17066 | Lair:5   | 17066 ||| Stepping randomly (stuck).
 17067 | Lair:5   | 17067 ||| Stepping randomly (stuck).
 17068 | Lair:5   | 17068 ||| Stepping randomly (stuck).
 17069 | Lair:5   | 17069 ||| Stepping randomly (stuck).
 17070 | Lair:5   | 17070 ||| Stepping randomly (stuck).
 17071 | Lair:5   | 17071 ||| Stepping randomly (stuck).
 17072 | Lair:5   | 17072 ||| Stepping randomly (stuck).
 17073 | Lair:5   | 17073 ||| Stepping randomly (stuck).
 17074 | Lair:5   | 17074 ||| Stepping randomly (stuck).
 17075 | Lair:5   | 17075 ||| Stepping randomly (stuck).
 17076 | Lair:5   | 17076 ||| Stepping randomly (stuck).
 17077 | Lair:5   | 17077 ||| Stepping randomly (stuck).
 17078 | Lair:5   | 17078 ||| Stepping randomly (stuck).
 17079 | Lair:5   | 17079 ||| Stepping randomly (stuck).
 17080 | Lair:5   | 17080 ||| Stepping randomly (stuck).
 17081 | Lair:5   | 17081 ||| Stepping randomly (stuck).
 17082 | Lair:5   | 17082 ||| Stepping randomly (stuck).
 17083 | Lair:5   | 17083 ||| Stepping randomly (stuck).
 17084 | Lair:5   | 17084 ||| Stepping randomly (stuck).
 17085 | Lair:5   | 17085 ||| Stepping randomly (stuck).
 17086 | Lair:5   | 17086 ||| Stepping randomly (stuck).
 17087 | Lair:5   | 17087 ||| Stepping randomly (stuck).
 17088 | Lair:5   | 17088 ||| Stepping randomly (stuck).
 17089 | Lair:5   | 17089 ||| Stepping randomly (stuck).
 17090 | Lair:5   | 17090 ||| Stepping randomly (stuck).
 17091 | Lair:5   | 17091 ||| Stepping randomly (stuck).
 17092 | Lair:5   | 17092 ||| Stepping randomly (stuck).
 17093 | Lair:5   | 17093 ||| Stepping randomly (stuck).
 17094 | Lair:5   | 17094 ||| Stepping randomly (stuck).
 17095 | Lair:5   | 17095 ||| Stepping randomly (stuck).
 17096 | Lair:5   | 17096 ||| Stepping randomly (stuck).
 17097 | Lair:5   | 17097 ||| Stepping randomly (stuck).
 17098 | Lair:5   | 17098 ||| Stepping randomly (stuck).
 17099 | Lair:5   | 17099 ||| Stepping randomly (stuck).
 17100 | Lair:5   | 17100 ||| Stepping randomly (stuck).
 17101 | Lair:5   | 17101 ||| Stepping randomly (stuck).
 17102 | Lair:5   | 17102 ||| Stepping randomly (stuck).
 17103 | Lair:5   | 17103 ||| Stepping randomly (stuck).
 17104 | Lair:5   | 17104 ||| Stepping randomly (stuck).
 17105 | Lair:5   | 17105 ||| Stepping randomly (stuck).
 17106 | Lair:5   | 17106 ||| Stepping randomly (stuck).
 17107 | Lair:5   | 17107 ||| Stepping randomly (stuck).
 17108 | Lair:5   | 17108 ||| Stepping randomly (stuck).
 17109 | Lair:5   | 17109 ||| Stepping randomly (stuck).
 17110 | Lair:5   | 17110 ||| Stepping randomly (stuck).
 17111 | Lair:5   | 17111 ||| Stepping randomly (stuck).
 17112 | Lair:5   | 17112 ||| Stepping randomly (stuck).
 17113 | Lair:5   | 17113 ||| Stepping randomly (stuck).
 17114 | Lair:5   | 17114 ||| Stepping randomly (stuck).
 17115 | Lair:5   | 17115 ||| Stepping randomly (stuck).
 17116 | Lair:5   | 17116 ||| Stepping randomly (stuck).
 17117 | Lair:5   | 17117 ||| Stepping randomly (stuck).
 17118 | Lair:5   | 17118 ||| Stepping randomly (stuck).
 17119 | Lair:5   | 17119 ||| Stepping randomly (stuck).
 17120 | Lair:5   | 17120 ||| Stepping randomly (stuck).
 17121 | Lair:5   | 17121 ||| Stepping randomly (stuck).
 17122 | Lair:5   | 17122 ||| Stepping randomly (stuck).
 17123 | Lair:5   | 17123 ||| Stepping randomly (stuck).
 17124 | Lair:5   | 17124 ||| Stepping randomly (stuck).
 17125 | Lair:5   | 17125 ||| Stepping randomly (stuck).
 17126 | Lair:5   | 17126 ||| Stepping randomly (stuck).
 17127 | Lair:5   | 17127 ||| Stepping randomly (stuck).
 17128 | Lair:5   | 17128 ||| Stepping randomly (stuck).
 17129 | Lair:5   | 17129 ||| Stepping randomly (stuck).
 17130 | Lair:5   | 17130 ||| Stepping randomly (stuck).
 17131 | Lair:5   | 17131 ||| Stepping randomly (stuck).
 17132 | Lair:5   | 17132 ||| Stepping randomly (stuck).
 17133 | Lair:5   | 17133 ||| Stepping randomly (stuck).
 17134 | Lair:5   | 17134 ||| Stepping randomly (stuck).
 17135 | Lair:5   | 17135 ||| Stepping randomly (stuck).
 17136 | Lair:5   | 17136 ||| Stepping randomly (stuck).
 17137 | Lair:5   | 17137 ||| Stepping randomly (stuck).
 17138 | Lair:5   | 17138 ||| Stepping randomly (stuck).
 17139 | Lair:5   | 17139 ||| Stepping randomly (stuck).
 17140 | Lair:5   | 17140 ||| Stepping randomly (stuck).
 17141 | Lair:5   | 17141 ||| Stepping randomly (stuck).
 17142 | Lair:5   | 17142 ||| Stepping randomly (stuck).
 17143 | Lair:5   | 17143 ||| Stepping randomly (stuck).
 17144 | Lair:5   | 17144 ||| Stepping randomly (stuck).
 17145 | Lair:5   | 17145 ||| Stepping randomly (stuck).
 17146 | Lair:5   | 17146 ||| Stepping randomly (stuck).
 17147 | Lair:5   | 17147 ||| Stepping randomly (stuck).
 17148 | Lair:5   | 17148 ||| Stepping randomly (stuck).
 17149 | Lair:5   | 17149 ||| Stepping randomly (stuck).
 17150 | Lair:5   | 17150 ||| Stepping randomly (stuck).
 17151 | Lair:5   | 17151 ||| Stepping randomly (stuck).
 17152 | Lair:5   | 17152 ||| Stepping randomly (stuck).
 17153 | Lair:5   | 17153 ||| Stepping randomly (stuck).
 17154 | Lair:5   | 17154 ||| Stepping randomly (stuck).
 17155 | Lair:5   | 17155 ||| Stepping randomly (stuck).
 17156 | Lair:5   | 17156 ||| Stepping randomly (stuck).
 17157 | Lair:5   | 17157 ||| Stepping randomly (stuck).
 17158 | Lair:5   | 17158 ||| Stepping randomly (stuck).
 17159 | Lair:5   | 17159 ||| Stepping randomly (stuck).
 17160 | Lair:5   | 17160 ||| Stepping randomly (stuck).
 17161 | Lair:5   | 17161 ||| Stepping randomly (stuck).
 17162 | Lair:5   | 17162 ||| Stepping randomly (stuck).
 17163 | Lair:5   | 17163 ||| Stepping randomly (stuck).
 17164 | Lair:5   | 17164 ||| Stepping randomly (stuck).
 17165 | Lair:5   | 17165 ||| Stepping randomly (stuck).
 17166 | Lair:5   | 17166 ||| Stepping randomly (stuck).
 17167 | Lair:5   | 17167 ||| Stepping randomly (stuck).
 17168 | Lair:5   | 17168 ||| Stepping randomly (stuck).
 17169 | Lair:5   | 17169 ||| Stepping randomly (stuck).
 17170 | Lair:5   | 17170 ||| Stepping randomly (stuck).
 17171 | Lair:5   | 17171 ||| Stepping randomly (stuck).
 17172 | Lair:5   | 17172 ||| Stepping randomly (stuck).
 17173 | Lair:5   | 17173 ||| Stepping randomly (stuck).
 17174 | Lair:5   | 17174 ||| Stepping randomly (stuck).
 17175 | Lair:5   | 17175 ||| Stepping randomly (stuck).
 17176 | Lair:5   | 17176 ||| Stepping randomly (stuck).
 17177 | Lair:5   | 17177 ||| Stepping randomly (stuck).
 17178 | Lair:5   | 17178 ||| Stepping randomly (stuck).
 17179 | Lair:5   | 17179 ||| Stepping randomly (stuck).
 17180 | Lair:5   | 17180 ||| Stepping randomly (stuck).
 17181 | Lair:5   | 17181 ||| Stepping randomly (stuck).
 17182 | Lair:5   | 17182 ||| Stepping randomly (stuck).
 17183 | Lair:5   | 17183 ||| Stepping randomly (stuck).
 17184 | Lair:5   | 17184 ||| Stepping randomly (stuck).
 17185 | Lair:5   | 17185 ||| Stepping randomly (stuck).
 17186 | Lair:5   | 17186 ||| Stepping randomly (stuck).
 17187 | Lair:5   | 17187 ||| Stepping randomly (stuck).
 17188 | Lair:5   | 17188 ||| Stepping randomly (stuck).
 17189 | Lair:5   | 17189 ||| Stepping randomly (stuck).
 17190 | Lair:5   | 17190 ||| Stepping randomly (stuck).
 17191 | Lair:5   | 17191 ||| Stepping randomly (stuck).
 17192 | Lair:5   | 17192 ||| Stepping randomly (stuck).
 17193 | Lair:5   | 17193 ||| Stepping randomly (stuck).
 17194 | Lair:5   | 17194 ||| Stepping randomly (stuck).
 17195 | Lair:5   | 17195 ||| Stepping randomly (stuck).
 17196 | Lair:5   | 17196 ||| Stepping randomly (stuck).
 17197 | Lair:5   | 17197 ||| Stepping randomly (stuck).
 17198 | Lair:5   | 17198 ||| Stepping randomly (stuck).
 17199 | Lair:5   | 17199 ||| Stepping randomly (stuck).
 17200 | Lair:5   | 17200 ||| Stepping randomly (stuck).
 17201 | Lair:5   | 17201 ||| Stepping randomly (stuck).
 17202 | Lair:5   | 17202 ||| Stepping randomly (stuck).
 17203 | Lair:5   | 17203 ||| Stepping randomly (stuck).
 17204 | Lair:5   | 17204 ||| Stepping randomly (stuck).
 17205 | Lair:5   | 17205 ||| Stepping randomly (stuck).
 17206 | Lair:5   | 17206 ||| Stepping randomly (stuck).
 17207 | Lair:5   | 17207 ||| Stepping randomly (stuck).
 17208 | Lair:5   | 17208 ||| Stepping randomly (stuck).
 17209 | Lair:5   | 17209 ||| Stepping randomly (stuck).
 17210 | Lair:5   | 17210 ||| Stepping randomly (stuck).
 17211 | Lair:5   | 17211 ||| Stepping randomly (stuck).
 17212 | Lair:5   | 17212 ||| Stepping randomly (stuck).
 17213 | Lair:5   | 17213 ||| Stepping randomly (stuck).
 17214 | Lair:5   | 17214 ||| Stepping randomly (stuck).
 17215 | Lair:5   | 17215 ||| Stepping randomly (stuck).
 17216 | Lair:5   | 17216 ||| Stepping randomly (stuck).
 17217 | Lair:5   | 17217 ||| Stepping randomly (stuck).
 17218 | Lair:5   | 17218 ||| Stepping randomly (stuck).
 17219 | Lair:5   | 17219 ||| Stepping randomly (stuck).
 17220 | Lair:5   | 17220 ||| Stepping randomly (stuck).
 17221 | Lair:5   | 17221 ||| Stepping randomly (stuck).
 17222 | Lair:5   | 17222 ||| Stepping randomly (stuck).
 17223 | Lair:5   | 17223 ||| Stepping randomly (stuck).
 17224 | Lair:5   | 17224 ||| Stepping randomly (stuck).
 17225 | Lair:5   | 17225 ||| Stepping randomly (stuck).
 17226 | Lair:5   | 17226 ||| Stepping randomly (stuck).
 17227 | Lair:5   | 17227 ||| Stepping randomly (stuck).
 17228 | Lair:5   | 17228 ||| Stepping randomly (stuck).
 17229 | Lair:5   | 17229 ||| Stepping randomly (stuck).
 17230 | Lair:5   | 17230 ||| Stepping randomly (stuck).
 17231 | Lair:5   | 17231 ||| Stepping randomly (stuck).
 17232 | Lair:5   | 17232 ||| Stepping randomly (stuck).
 17233 | Lair:5   | 17233 ||| Stepping randomly (stuck).
 17234 | Lair:5   | 17234 ||| Stepping randomly (stuck).
 17235 | Lair:5   | 17235 ||| Stepping randomly (stuck).
 17236 | Lair:5   | 17236 ||| Stepping randomly (stuck).
 17237 | Lair:5   | 17237 ||| Stepping randomly (stuck).
 17238 | Lair:5   | 17238 ||| Stepping randomly (stuck).
 17239 | Lair:5   | 17239 ||| Stepping randomly (stuck).
 17240 | Lair:5   | 17240 ||| Stepping randomly (stuck).
 17241 | Lair:5   | 17241 ||| INVOKING Heroism.
 17246 | Lair:5   | 17246 ||| SWAPPING to +4 flail of draining.
 17252 | Lair:5   | 17252 ||| SWAPPING to +2 heavy war axe.
 17282 | Lair:5   | 17282 ||| Stepping randomly (stuck).
 17283 | Lair:5   | 17283 ||| Stepping randomly (stuck).
 17284 | Lair:5   | 17284 ||| Stepping randomly (stuck).
 17285 | Lair:5   | 17285 ||| Stepping randomly (stuck).
 17286 | Lair:5   | 17286 ||| Stepping randomly (stuck).
 17287 | Lair:5   | 17287 ||| Stepping randomly (stuck).
 17288 | Lair:5   | 17288 ||| Stepping randomly (stuck).
 17289 | Lair:5   | 17289 ||| Stepping randomly (stuck).
 17290 | Lair:5   | 17290 ||| Stepping randomly (stuck).
 17291 | Lair:5   | 17291 ||| Stepping randomly (stuck).
 17292 | Lair:5   | 17292 ||| Stepping randomly (stuck).
 17293 | Lair:5   | 17293 ||| Stepping randomly (stuck).
 17294 | Lair:5   | 17294 ||| Stepping randomly (stuck).
 17295 | Lair:5   | 17295 ||| Stepping randomly (stuck).
 17296 | Lair:5   | 17296 ||| Stepping randomly (stuck).
 17297 | Lair:5   | 17297 ||| Stepping randomly (stuck).
 17298 | Lair:5   | 17298 ||| Stepping randomly (stuck).
 17299 | Lair:5   | 17299 ||| Stepping randomly (stuck).
 17300 | Lair:5   | 17300 ||| Stepping randomly (stuck).
 17301 | Lair:5   | 17301 ||| Stepping randomly (stuck).
 17302 | Lair:5   | 17302 ||| Stepping randomly (stuck).
 17303 | Lair:5   | 17303 ||| Stepping randomly (stuck).
 17304 | Lair:5   | 17304 ||| Stepping randomly (stuck).
 17305 | Lair:5   | 17305 ||| Stepping randomly (stuck).
 17306 | Lair:5   | 17306 ||| Stepping randomly (stuck).
 17307 | Lair:5   | 17307 ||| Stepping randomly (stuck).
 17308 | Lair:5   | 17308 ||| Stepping randomly (stuck).
 17309 | Lair:5   | 17309 ||| Stepping randomly (stuck).
 17310 | Lair:5   | 17310 ||| Stepping randomly (stuck).
 17311 | Lair:5   | 17311 ||| Stepping randomly (stuck).
 17312 | Lair:5   | 17312 ||| Stepping randomly (stuck).
 17313 | Lair:5   | 17313 ||| Stepping randomly (stuck).
 17314 | Lair:5   | 17314 ||| Stepping randomly (stuck).
 17315 | Lair:5   | 17315 ||| Stepping randomly (stuck).
 17316 | Lair:5   | 17316 ||| Stepping randomly (stuck).
 17317 | Lair:5   | 17317 ||| Stepping randomly (stuck).
 17318 | Lair:5   | 17318 ||| Stepping randomly (stuck).
 17319 | Lair:5   | 17319 ||| Stepping randomly (stuck).
 17320 | Lair:5   | 17320 ||| Stepping randomly (stuck).
 17321 | Lair:5   | 17321 ||| Stepping randomly (stuck).
 17322 | Lair:5   | 17322 ||| Stepping randomly (stuck).
 17323 | Lair:5   | 17323 ||| Stepping randomly (stuck).
 17324 | Lair:5   | 17324 ||| Stepping randomly (stuck).
 17325 | Lair:5   | 17325 ||| Stepping randomly (stuck).
 17326 | Lair:5   | 17326 ||| Stepping randomly (stuck).
 17327 | Lair:5   | 17327 ||| Stepping randomly (stuck).
 17328 | Lair:5   | 17328 ||| Stepping randomly (stuck).
 17329 | Lair:5   | 17329 ||| Stepping randomly (stuck).
 17330 | Lair:5   | 17330 ||| Stepping randomly (stuck).
 17331 | Lair:5   | 17331 ||| Stepping randomly (stuck).
 17332 | Lair:5   | 17332 ||| Stepping randomly (stuck).
 17333 | Lair:5   | 17333 ||| Stepping randomly (stuck).
 17334 | Lair:5   | 17334 ||| Stepping randomly (stuck).
 17335 | Lair:5   | 17335 ||| Stepping randomly (stuck).
 17336 | Lair:5   | 17336 ||| Stepping randomly (stuck).
 17337 | Lair:5   | 17337 ||| Stepping randomly (stuck).
 17338 | Lair:5   | 17338 ||| Stepping randomly (stuck).
 17339 | Lair:5   | 17339 ||| Stepping randomly (stuck).
 17340 | Lair:5   | 17340 ||| Stepping randomly (stuck).
 17341 | Lair:5   | 17341 ||| Stepping randomly (stuck).
 17342 | Lair:5   | 17342 ||| Stepping randomly (stuck).
 17343 | Lair:5   | 17343 ||| Stepping randomly (stuck).
 17344 | Lair:5   | 17344 ||| Stepping randomly (stuck).
 17345 | Lair:5   | 17345 ||| Stepping randomly (stuck).
 17346 | Lair:5   | 17346 ||| Stepping randomly (stuck).
 17347 | Lair:5   | 17347 ||| Stepping randomly (stuck).
 17348 | Lair:5   | 17348 ||| Stepping randomly (stuck).
 17349 | Lair:5   | 17349 ||| Stepping randomly (stuck).
 17350 | Lair:5   | 17350 ||| Stepping randomly (stuck).
 17351 | Lair:5   | 17351 ||| Stepping randomly (stuck).
 17352 | Lair:5   | 17352 ||| Stepping randomly (stuck).
 17353 | Lair:5   | 17353 ||| Stepping randomly (stuck).
 17354 | Lair:5   | 17354 ||| Stepping randomly (stuck).
 17355 | Lair:5   | 17355 ||| Stepping randomly (stuck).
 17356 | Lair:5   | 17356 ||| Stepping randomly (stuck).
 17357 | Lair:5   | 17357 ||| Stepping randomly (stuck).
 17358 | Lair:5   | 17358 ||| Stepping randomly (stuck).
 17359 | Lair:5   | 17359 ||| Stepping randomly (stuck).
 17360 | Lair:5   | 17360 ||| Stepping randomly (stuck).
 17361 | Lair:5   | 17361 ||| Stepping randomly (stuck).
 17362 | Lair:5   | 17362 ||| Stepping randomly (stuck).
 17363 | Lair:5   | 17363 ||| Stepping randomly (stuck).
 17364 | Lair:5   | 17364 ||| Stepping randomly (stuck).
 17365 | Lair:5   | 17365 ||| Stepping randomly (stuck).
 17366 | Lair:5   | 17366 ||| Stepping randomly (stuck).
 17367 | Lair:5   | 17367 ||| Stepping randomly (stuck).
 17368 | Lair:5   | 17368 ||| Stepping randomly (stuck).
 17369 | Lair:5   | 17369 ||| Stepping randomly (stuck).
 17370 | Lair:5   | 17370 ||| Stepping randomly (stuck).
 17371 | Lair:5   | 17371 ||| Stepping randomly (stuck).
 17372 | Lair:5   | 17372 ||| Stepping randomly (stuck).
 17373 | Lair:5   | 17373 ||| Stepping randomly (stuck).
 17374 | Lair:5   | 17374 ||| Stepping randomly (stuck).
 17375 | Lair:5   | 17375 ||| Stepping randomly (stuck).
 17376 | Lair:5   | 17376 ||| Stepping randomly (stuck).
 17377 | Lair:5   | 17377 ||| Stepping randomly (stuck).
 17378 | Lair:5   | 17378 ||| Stepping randomly (stuck).
 17379 | Lair:5   | 17379 ||| Stepping randomly (stuck).
 17380 | Lair:5   | 17380 ||| Stepping randomly (stuck).
 17381 | Lair:5   | 17381 ||| Stepping randomly (stuck).
 17382 | Lair:5   | 17382 ||| Stepping randomly (stuck).
 17383 | Lair:5   | 17383 ||| Stepping randomly (stuck).
 17384 | Lair:5   | 17384 ||| Stepping randomly (stuck).
 17385 | Lair:5   | 17385 ||| Stepping randomly (stuck).
 17386 | Lair:5   | 17386 ||| Stepping randomly (stuck).
 17387 | Lair:5   | 17387 ||| Stepping randomly (stuck).
 17388 | Lair:5   | 17388 ||| Stepping randomly (stuck).
 17389 | Lair:5   | 17389 ||| Stepping randomly (stuck).
 17390 | Lair:5   | 17390 ||| Stepping randomly (stuck).
 17391 | Lair:5   | 17391 ||| Stepping randomly (stuck).
 17392 | Lair:5   | 17392 ||| Stepping randomly (stuck).
 17393 | Lair:5   | 17393 ||| Stepping randomly (stuck).
 17394 | Lair:5   | 17394 ||| Stepping randomly (stuck).
 17395 | Lair:5   | 17395 ||| Stepping randomly (stuck).
 17396 | Lair:5   | 17396 ||| Stepping randomly (stuck).
 17397 | Lair:5   | 17397 ||| Stepping randomly (stuck).
 17398 | Lair:5   | 17398 ||| Stepping randomly (stuck).
 17399 | Lair:5   | 17399 ||| Stepping randomly (stuck).
 17400 | Lair:5   | 17400 ||| Stepping randomly (stuck).
 17401 | Lair:5   | 17401 ||| Stepping randomly (stuck).
 17402 | Lair:5   | 17402 ||| Stepping randomly (stuck).
 17403 | Lair:5   | 17403 ||| Stepping randomly (stuck).
 17404 | Lair:5   | 17404 ||| Stepping randomly (stuck).
 17405 | Lair:5   | 17405 ||| Stepping randomly (stuck).
 17406 | Lair:5   | 17406 ||| Stepping randomly (stuck).
 17407 | Lair:5   | 17407 ||| Stepping randomly (stuck).
 17408 | Lair:5   | 17408 ||| Stepping randomly (stuck).
 17409 | Lair:5   | 17409 ||| Stepping randomly (stuck).
 17410 | Lair:5   | 17410 ||| Stepping randomly (stuck).
 17411 | Lair:5   | 17411 ||| Stepping randomly (stuck).
 17412 | Lair:5   | 17412 ||| Stepping randomly (stuck).
 17413 | Lair:5   | 17413 ||| Stepping randomly (stuck).
 17414 | Lair:5   | 17414 ||| Stepping randomly (stuck).
 17415 | Lair:5   | 17415 ||| Stepping randomly (stuck).
 17416 | Lair:5   | 17416 ||| Stepping randomly (stuck).
 17417 | Lair:5   | 17417 ||| Stepping randomly (stuck).
 17418 | Lair:5   | 17418 ||| Stepping randomly (stuck).
 17419 | Lair:5   | 17419 ||| Stepping randomly (stuck).
 17420 | Lair:5   | 17420 ||| Stepping randomly (stuck).
 17421 | Lair:5   | 17421 ||| Stepping randomly (stuck).
 17422 | Lair:5   | 17422 ||| Stepping randomly (stuck).
 17423 | Lair:5   | 17423 ||| Stepping randomly (stuck).
 17424 | Lair:5   | 17424 ||| Stepping randomly (stuck).
 17425 | Lair:5   | 17425 ||| Stepping randomly (stuck).
 17426 | Lair:5   | 17426 ||| Stepping randomly (stuck).
 17427 | Lair:5   | 17427 ||| Stepping randomly (stuck).
 17428 | Lair:5   | 17428 ||| Stepping randomly (stuck).
 17429 | Lair:5   | 17429 ||| Stepping randomly (stuck).
 17430 | Lair:5   | 17430 ||| Stepping randomly (stuck).
 17431 | Lair:5   | 17431 ||| Stepping randomly (stuck).
 17432 | Lair:5   | 17432 ||| Stepping randomly (stuck).
 17433 | Lair:5   | 17433 ||| Stepping randomly (stuck).
 17434 | Lair:5   | 17434 ||| Stepping randomly (stuck).
 17435 | Lair:5   | 17435 ||| Stepping randomly (stuck).
 17436 | Lair:5   | 17436 ||| Stepping randomly (stuck).
 17437 | Lair:5   | 17437 ||| Stepping randomly (stuck).
 17438 | Lair:5   | 17438 ||| Stepping randomly (stuck).
 17439 | Lair:5   | 17439 ||| Stepping randomly (stuck).
 17440 | Lair:5   | 17440 ||| Stepping randomly (stuck).
 17441 | Lair:5   | 17441 ||| Stepping randomly (stuck).
 17442 | Lair:5   | 17442 ||| Stepping randomly (stuck).
 17443 | Lair:5   | 17443 ||| Stepping randomly (stuck).
 17444 | Lair:5   | 17444 ||| Stepping randomly (stuck).
 17445 | Lair:5   | 17445 ||| Stepping randomly (stuck).
 17446 | Lair:5   | 17446 ||| Stepping randomly (stuck).
 17447 | Lair:5   | 17447 ||| Stepping randomly (stuck).
 17448 | Lair:5   | 17448 ||| Stepping randomly (stuck).
 17449 | Lair:5   | 17449 ||| Stepping randomly (stuck).
 17450 | Lair:5   | 17450 ||| Stepping randomly (stuck).
 17451 | Lair:5   | 17451 ||| Stepping randomly (stuck).
 17452 | Lair:5   | 17452 ||| Stepping randomly (stuck).
 17453 | Lair:5   | 17453 ||| Stepping randomly (stuck).
 17454 | Lair:5   | 17454 ||| Stepping randomly (stuck).
 17455 | Lair:5   | 17455 ||| Stepping randomly (stuck).
 17456 | Lair:5   | 17456 ||| Stepping randomly (stuck).
 17457 | Lair:5   | 17457 ||| Stepping randomly (stuck).
 17458 | Lair:5   | 17458 ||| Stepping randomly (stuck).
 17459 | Lair:5   | 17459 ||| Stepping randomly (stuck).
 17460 | Lair:5   | 17460 ||| Stepping randomly (stuck).
 17461 | Lair:5   | 17461 ||| Stepping randomly (stuck).
 17462 | Lair:5   | 17462 ||| Stepping randomly (stuck).
 17463 | Lair:5   | 17463 ||| Stepping randomly (stuck).
 17464 | Lair:5   | 17464 ||| Stepping randomly (stuck).
 17465 | Lair:5   | 17465 ||| Stepping randomly (stuck).
 17466 | Lair:5   | 17466 ||| Stepping randomly (stuck).
 17467 | Lair:5   | 17467 ||| Stepping randomly (stuck).
 17468 | Lair:5   | 17468 ||| Stepping randomly (stuck).
 17469 | Lair:5   | 17469 ||| Stepping randomly (stuck).
 17470 | Lair:5   | 17470 ||| Stepping randomly (stuck).
 17471 | Lair:5   | 17471 ||| Stepping randomly (stuck).
 17472 | Lair:5   | 17472 ||| Stepping randomly (stuck).
 17473 | Lair:5   | 17473 ||| Stepping randomly (stuck).
 17474 | Lair:5   | 17474 ||| Stepping randomly (stuck).
 17475 | Lair:5   | 17475 ||| Stepping randomly (stuck).
 17476 | Lair:5   | 17476 ||| Stepping randomly (stuck).
 17477 | Lair:5   | 17477 ||| Stepping randomly (stuck).
 17478 | Lair:5   | 17478 ||| Stepping randomly (stuck).
 17479 | Lair:5   | 17479 ||| Stepping randomly (stuck).
 17480 | Lair:5   | 17480 ||| Stepping randomly (stuck).
 17481 | Lair:5   | 17481 ||| Stepping randomly (stuck).
 17482 | Lair:5   | 17482 ||| Stepping randomly (stuck).
 17483 | Lair:5   | 17483 ||| Stepping randomly (stuck).
 17484 | Lair:5   | 17484 ||| Stepping randomly (stuck).
 17485 | Lair:5   | 17485 ||| Stepping randomly (stuck).
 17486 | Lair:5   | 17486 ||| Stepping randomly (stuck).
 17487 | Lair:5   | 17487 ||| Stepping randomly (stuck).
 17488 | Lair:5   | 17488 ||| Stepping randomly (stuck).
 17489 | Lair:5   | 17489 ||| Stepping randomly (stuck).
 17490 | Lair:5   | 17490 ||| Stepping randomly (stuck).
 17491 | Lair:5   | 17491 ||| Stepping randomly (stuck).
 17492 | Lair:5   | 17492 ||| Stepping randomly (stuck).
 17493 | Lair:5   | 17493 ||| Stepping randomly (stuck).
 17494 | Lair:5   | 17494 ||| Stepping randomly (stuck).
 17495 | Lair:5   | 17495 ||| Stepping randomly (stuck).
 17496 | Lair:5   | 17496 ||| Stepping randomly (stuck).
 17497 | Lair:5   | 17497 ||| Stepping randomly (stuck).
 17498 | Lair:5   | 17498 ||| Stepping randomly (stuck).
 17499 | Lair:5   | 17499 ||| Stepping randomly (stuck).
 17500 | Lair:5   | 17500 ||| Stepping randomly (stuck).
 17501 | Lair:5   | 17501 ||| Stepping randomly (stuck).
 17502 | Lair:5   | 17502 ||| Stepping randomly (stuck).
 17503 | Lair:5   | 17503 ||| Stepping randomly (stuck).
 17504 | Lair:5   | 17504 ||| Stepping randomly (stuck).
 17505 | Lair:5   | 17505 ||| Stepping randomly (stuck).
 17506 | Lair:5   | 17506 ||| Stepping randomly (stuck).
 17507 | Lair:5   | 17507 ||| Stepping randomly (stuck).
 17508 | Lair:5   | 17508 ||| Stepping randomly (stuck).
 17509 | Lair:5   | 17509 ||| Stepping randomly (stuck).
 17510 | Lair:5   | 17510 ||| Stepping randomly (stuck).
 17511 | Lair:5   | 17511 ||| Stepping randomly (stuck).
 17512 | Lair:5   | 17512 ||| Stepping randomly (stuck).
 17513 | Lair:5   | 17513 ||| Stepping randomly (stuck).
 17514 | Lair:5   | 17514 ||| Stepping randomly (stuck).
 17515 | Lair:5   | 17515 ||| Stepping randomly (stuck).
 17516 | Lair:5   | 17516 ||| Stepping randomly (stuck).
 17517 | Lair:5   | 17517 ||| Stepping randomly (stuck).
 17518 | Lair:5   | 17518 ||| Stepping randomly (stuck).
 17519 | Lair:5   | 17519 ||| Stepping randomly (stuck).
 17520 | Lair:5   | 17520 ||| Stepping randomly (stuck).
 17521 | Lair:5   | 17521 ||| Stepping randomly (stuck).
 17522 | Lair:5   | 17522 ||| Stepping randomly (stuck).
 17523 | Lair:5   | 17523 ||| Stepping randomly (stuck).
 17524 | Lair:5   | 17524 ||| Stepping randomly (stuck).
 17525 | Lair:5   | 17525 ||| Stepping randomly (stuck).
 17526 | Lair:5   | 17526 ||| Stepping randomly (stuck).
 17527 | Lair:5   | 17527 ||| Stepping randomly (stuck).
 17528 | Lair:5   | 17528 ||| Stepping randomly (stuck).
 17529 | Lair:5   | 17529 ||| Stepping randomly (stuck).
 17530 | Lair:5   | 17530 ||| Stepping randomly (stuck).
 17531 | Lair:5   | 17531 ||| Stepping randomly (stuck).
 17532 | Lair:5   | 17532 ||| Stepping randomly (stuck).
 17533 | Lair:5   | 17533 ||| Stepping randomly (stuck).
 17534 | Lair:5   | 17534 ||| Stepping randomly (stuck).
 17535 | Lair:5   | 17535 ||| Stepping randomly (stuck).
 17536 | Lair:5   | 17536 ||| Stepping randomly (stuck).
 17537 | Lair:5   | 17537 ||| Stepping randomly (stuck).
 17538 | Lair:5   | 17538 ||| Stepping randomly (stuck).
 17539 | Lair:5   | 17539 ||| Stepping randomly (stuck).
 17540 | Lair:5   | 17540 ||| Stepping randomly (stuck).
 17541 | Lair:5   | 17541 ||| Stepping randomly (stuck).
 17542 | Lair:5   | 17542 ||| Stepping randomly (stuck).
 17543 | Lair:5   | 17543 ||| Stepping randomly (stuck).
 17544 | Lair:5   | 17544 ||| Stepping randomly (stuck).
 17545 | Lair:5   | 17545 ||| Stepping randomly (stuck).
 17546 | Lair:5   | 17546 ||| Stepping randomly (stuck).
 17547 | Lair:5   | 17547 ||| Stepping randomly (stuck).
 17548 | Lair:5   | 17548 ||| Stepping randomly (stuck).
 17549 | Lair:5   | 17549 ||| Stepping randomly (stuck).
 17550 | Lair:5   | 17550 ||| Stepping randomly (stuck).
 17551 | Lair:5   | 17551 ||| Stepping randomly (stuck).
 17552 | Lair:5   | 17552 ||| Stepping randomly (stuck).
 17553 | Lair:5   | 17553 ||| Stepping randomly (stuck).
 17554 | Lair:5   | 17554 ||| Stepping randomly (stuck).
 17555 | Lair:5   | 17555 ||| Stepping randomly (stuck).
 17556 | Lair:5   | 17556 ||| Stepping randomly (stuck).
 17557 | Lair:5   | 17557 ||| Stepping randomly (stuck).
 17558 | Lair:5   | 17558 ||| Stepping randomly (stuck).
 17559 | Lair:5   | 17559 ||| Stepping randomly (stuck).
 17560 | Lair:5   | 17560 ||| Stepping randomly (stuck).
 17561 | Lair:5   | 17561 ||| Stepping randomly (stuck).
 17562 | Lair:5   | 17562 ||| Stepping randomly (stuck).
 17563 | Lair:5   | 17563 ||| Stepping randomly (stuck).
 17564 | Lair:5   | 17564 ||| Stepping randomly (stuck).
 17565 | Lair:5   | 17565 ||| Stepping randomly (stuck).
 17566 | Lair:5   | 17566 ||| Stepping randomly (stuck).
 17567 | Lair:5   | 17567 ||| Stepping randomly (stuck).
 17568 | Lair:5   | 17568 ||| Stepping randomly (stuck).
 17569 | Lair:5   | 17569 ||| Stepping randomly (stuck).
 17570 | Lair:5   | 17570 ||| Stepping randomly (stuck).
 17571 | Lair:5   | 17571 ||| Stepping randomly (stuck).
 17572 | Lair:5   | 17572 ||| Stepping randomly (stuck).
 17573 | Lair:5   | 17573 ||| Stepping randomly (stuck).
 17574 | Lair:5   | 17574 ||| Stepping randomly (stuck).
 17575 | Lair:5   | 17575 ||| Stepping randomly (stuck).
 17576 | Lair:5   | 17576 ||| Stepping randomly (stuck).
 17577 | Lair:5   | 17577 ||| Stepping randomly (stuck).
 17578 | Lair:5   | 17578 ||| Stepping randomly (stuck).
 17579 | Lair:5   | 17579 ||| Stepping randomly (stuck).
 17580 | Lair:5   | 17580 ||| Stepping randomly (stuck).
 17581 | Lair:5   | 17581 ||| Stepping randomly (stuck).
 17582 | Lair:5   | 17582 ||| Stepping randomly (stuck).
 17583 | Lair:5   | 17583 ||| Stepping randomly (stuck).
 17584 | Lair:5   | 17584 ||| Stepping randomly (stuck).
 17585 | Lair:5   | 17585 ||| Stepping randomly (stuck).
 17586 | Lair:5   | 17586 ||| Stepping randomly (stuck).
 17587 | Lair:5   | 17587 ||| Stepping randomly (stuck).
 17588 | Lair:5   | 17588 ||| Stepping randomly (stuck).
 17589 | Lair:5   | 17589 ||| Stepping randomly (stuck).
 17590 | Lair:5   | 17590 ||| Stepping randomly (stuck).
 17591 | Lair:5   | 17591 ||| Stepping randomly (stuck).
 17592 | Lair:5   | 17592 ||| Stepping randomly (stuck).
 17593 | Lair:5   | 17593 ||| Stepping randomly (stuck).
 17594 | Lair:5   | 17594 ||| Stepping randomly (stuck).
 17595 | Lair:5   | 17595 ||| Stepping randomly (stuck).
 17596 | Lair:5   | 17596 ||| Stepping randomly (stuck).
 17597 | Lair:5   | 17597 ||| Stepping randomly (stuck).
 17598 | Lair:5   | 17598 ||| Stepping randomly (stuck).
 17599 | Lair:5   | 17599 ||| Stepping randomly (stuck).
 17600 | Lair:5   | 17600 ||| Stepping randomly (stuck).
 17601 | Lair:5   | 17601 ||| Stepping randomly (stuck).
 17602 | Lair:5   | 17602 ||| Stepping randomly (stuck).
 17603 | Lair:5   | 17603 ||| Stepping randomly (stuck).
 17604 | Lair:5   | 17604 ||| Stepping randomly (stuck).
 17605 | Lair:5   | 17605 ||| Stepping randomly (stuck).
 17606 | Lair:5   | 17606 ||| Stepping randomly (stuck).
 17607 | Lair:5   | 17607 ||| Stepping randomly (stuck).
 17608 | Lair:5   | 17608 ||| Stepping randomly (stuck).
 17609 | Lair:5   | 17609 ||| Stepping randomly (stuck).
 17610 | Lair:5   | 17610 ||| Stepping randomly (stuck).
 17611 | Lair:5   | 17611 ||| Stepping randomly (stuck).
 17612 | Lair:5   | 17612 ||| Stepping randomly (stuck).
 17613 | Lair:5   | 17613 ||| Stepping randomly (stuck).
 17614 | Lair:5   | 17614 ||| Stepping randomly (stuck).
 17615 | Lair:5   | 17615 ||| Stepping randomly (stuck).
 17616 | Lair:5   | 17616 ||| Stepping randomly (stuck).
 17617 | Lair:5   | 17617 ||| Stepping randomly (stuck).
 17618 | Lair:5   | 17618 ||| Stepping randomly (stuck).
 17619 | Lair:5   | 17619 ||| Stepping randomly (stuck).
 17620 | Lair:5   | 17620 ||| Stepping randomly (stuck).
 17621 | Lair:5   | 17621 ||| Stepping randomly (stuck).
 17622 | Lair:5   | 17622 ||| Stepping randomly (stuck).
 17623 | Lair:5   | 17623 ||| Stepping randomly (stuck).
 17624 | Lair:5   | 17624 ||| Stepping randomly (stuck).
 17625 | Lair:5   | 17625 ||| Stepping randomly (stuck).
 17626 | Lair:5   | 17626 ||| Stepping randomly (stuck).
 17627 | Lair:5   | 17627 ||| Stepping randomly (stuck).
 17628 | Lair:5   | 17628 ||| Stepping randomly (stuck).
 17629 | Lair:5   | 17629 ||| Stepping randomly (stuck).
 17630 | Lair:5   | 17630 ||| Stepping randomly (stuck).
 17631 | Lair:5   | 17631 ||| Stepping randomly (stuck).
 17632 | Lair:5   | 17632 ||| Stepping randomly (stuck).
 17633 | Lair:5   | 17633 ||| Stepping randomly (stuck).
 17634 | Lair:5   | 17634 ||| Stepping randomly (stuck).
 17635 | Lair:5   | 17635 ||| Stepping randomly (stuck).
 17636 | Lair:5   | 17636 ||| Stepping randomly (stuck).
 17637 | Lair:5   | 17637 ||| Stepping randomly (stuck).
 17638 | Lair:5   | 17638 ||| Stepping randomly (stuck).
 17639 | Lair:5   | 17639 ||| Stepping randomly (stuck).
 17640 | Lair:5   | 17640 ||| Stepping randomly (stuck).
 17641 | Lair:5   | 17641 ||| Stepping randomly (stuck).
 17642 | Lair:5   | 17642 ||| Stepping randomly (stuck).
 17643 | Lair:5   | 17643 ||| Stepping randomly (stuck).
 17644 | Lair:5   | 17644 ||| Stepping randomly (stuck).
 17645 | Lair:5   | 17645 ||| Stepping randomly (stuck).
 17646 | Lair:5   | 17646 ||| Stepping randomly (stuck).
 17647 | Lair:5   | 17647 ||| Stepping randomly (stuck).
 17648 | Lair:5   | 17648 ||| Stepping randomly (stuck).
 17649 | Lair:5   | 17649 ||| Stepping randomly (stuck).
 17650 | Lair:5   | 17650 ||| Stepping randomly (stuck).
 17651 | Lair:5   | 17651 ||| Stepping randomly (stuck).
 17652 | Lair:5   | 17652 ||| Stepping randomly (stuck).
 17653 | Lair:5   | 17653 ||| Stepping randomly (stuck).
 17654 | Lair:5   | 17654 ||| Stepping randomly (stuck).
 17655 | Lair:5   | 17655 ||| Stepping randomly (stuck).
 17656 | Lair:5   | 17656 ||| Stepping randomly (stuck).
 17657 | Lair:5   | 17657 ||| Stepping randomly (stuck).
 17658 | Lair:5   | 17658 ||| Stepping randomly (stuck).
 17659 | Lair:5   | 17659 ||| Stepping randomly (stuck).
 17660 | Lair:5   | 17660 ||| Stepping randomly (stuck).
 17661 | Lair:5   | 17661 ||| Stepping randomly (stuck).
 17662 | Lair:5   | 17662 ||| Stepping randomly (stuck).
 17664 | Lair:5   | 17664 ||| Stepping randomly (stuck).
 17665 | Lair:5   | 17665 ||| Stepping randomly (stuck).
 17666 | Lair:5   | 17666 ||| Stepping randomly (stuck).
 17667 | Lair:5   | 17667 ||| Stepping randomly (stuck).
 17668 | Lair:5   | 17668 ||| Stepping randomly (stuck).
 17669 | Lair:5   | 17669 ||| Stepping randomly (stuck).
 17670 | Lair:5   | 17670 ||| Stepping randomly (stuck).
 17671 | Lair:5   | 17671 ||| Stepping randomly (stuck).
 17672 | Lair:5   | 17672 ||| Stepping randomly (stuck).
 17673 | Lair:5   | 17673 ||| Stepping randomly (stuck).
 17674 | Lair:5   | 17674 ||| Stepping randomly (stuck).
 17675 | Lair:5   | 17675 ||| Stepping randomly (stuck).
 17676 | Lair:5   | 17676 ||| Stepping randomly (stuck).
 17677 | Lair:5   | 17677 ||| Stepping randomly (stuck).
 17678 | Lair:5   | 17678 ||| Stepping randomly (stuck).
 17679 | Lair:5   | 17679 ||| Stepping randomly (stuck).
 17680 | Lair:5   | 17680 ||| Stepping randomly (stuck).
 17681 | Lair:5   | 17681 ||| Stepping randomly (stuck).
 17682 | Lair:5   | 17682 ||| Stepping randomly (stuck).
 17683 | Lair:5   | 17683 ||| Stepping randomly (stuck).
 17684 | Lair:5   | 17684 ||| Stepping randomly (stuck).
 17685 | Lair:5   | 17685 ||| Stepping randomly (stuck).
 17686 | Lair:5   | 17686 ||| Stepping randomly (stuck).
 17687 | Lair:5   | 17687 ||| Stepping randomly (stuck).
 17688 | Lair:5   | 17688 ||| Stepping randomly (stuck).
 17689 | Lair:5   | 17689 ||| Stepping randomly (stuck).
 17690 | Lair:5   | 17690 ||| Stepping randomly (stuck).
 17691 | Lair:5   | 17691 ||| Stepping randomly (stuck).
 17692 | Lair:5   | 17692 ||| Stepping randomly (stuck).
 17693 | Lair:5   | 17693 ||| Stepping randomly (stuck).
 17694 | Lair:5   | 17694 ||| Stepping randomly (stuck).
 17695 | Lair:5   | 17695 ||| Stepping randomly (stuck).
 17696 | Lair:5   | 17696 ||| Stepping randomly (stuck).
 17697 | Lair:5   | 17697 ||| Stepping randomly (stuck).
 17698 | Lair:5   | 17698 ||| Stepping randomly (stuck).
 17699 | Lair:5   | 17699 ||| Stepping randomly (stuck).
 17700 | Lair:5   | 17700 ||| Stepping randomly (stuck).
 17701 | Lair:5   | 17701 ||| Stepping randomly (stuck).
 17702 | Lair:5   | 17702 ||| Stepping randomly (stuck).
 17703 | Lair:5   | 17703 ||| Stepping randomly (stuck).
 17704 | Lair:5   | 17704 ||| Stepping randomly (stuck).
 17705 | Lair:5   | 17705 ||| Stepping randomly (stuck).
 17706 | Lair:5   | 17706 ||| Stepping randomly (stuck).
 17707 | Lair:5   | 17707 ||| Stepping randomly (stuck).
 17708 | Lair:5   | 17708 ||| Stepping randomly (stuck).
 17709 | Lair:5   | 17709 ||| Stepping randomly (stuck).
 17710 | Lair:5   | 17710 ||| Stepping randomly (stuck).
 17711 | Lair:5   | 17711 ||| Stepping randomly (stuck).
 17712 | Lair:5   | 17712 ||| Stepping randomly (stuck).
 17713 | Lair:5   | 17713 ||| Stepping randomly (stuck).
 17714 | Lair:5   | 17714 ||| Stepping randomly (stuck).
 17715 | Lair:5   | 17715 ||| Stepping randomly (stuck).
 17716 | Lair:5   | 17716 ||| Stepping randomly (stuck).
 17717 | Lair:5   | 17717 ||| Stepping randomly (stuck).
 17718 | Lair:5   | 17718 ||| Stepping randomly (stuck).
 17719 | Lair:5   | 17719 ||| Stepping randomly (stuck).
 17720 | Lair:5   | 17720 ||| Stepping randomly (stuck).
 17721 | Lair:5   | 17721 ||| Stepping randomly (stuck).
 17722 | Lair:5   | 17722 ||| Stepping randomly (stuck).
 17723 | Lair:5   | 17723 ||| Stepping randomly (stuck).
 17724 | Lair:5   | 17724 ||| Stepping randomly (stuck).
 17725 | Lair:5   | 17725 ||| Stepping randomly (stuck).
 17726 | Lair:5   | 17726 ||| Stepping randomly (stuck).
 17727 | Lair:5   | 17727 ||| Stepping randomly (stuck).
 17728 | Lair:5   | 17728 ||| Stepping randomly (stuck).
 17729 | Lair:5   | 17729 ||| Stepping randomly (stuck).
 17730 | Lair:5   | 17730 ||| Stepping randomly (stuck).
 17731 | Lair:5   | 17731 ||| Stepping randomly (stuck).
 17732 | Lair:5   | 17732 ||| Stepping randomly (stuck).
 17733 | Lair:5   | 17733 ||| Stepping randomly (stuck).
 17734 | Lair:5   | 17734 ||| Stepping randomly (stuck).
 17735 | Lair:5   | 17735 ||| Stepping randomly (stuck).
 17736 | Lair:5   | 17736 ||| Stepping randomly (stuck).
 17737 | Lair:5   | 17737 ||| Stepping randomly (stuck).
 17738 | Lair:5   | 17738 ||| Stepping randomly (stuck).
 17739 | Lair:5   | 17739 ||| Stepping randomly (stuck).
 17740 | Lair:5   | 17740 ||| Stepping randomly (stuck).
 17741 | Lair:5   | 17741 ||| Stepping randomly (stuck).
 17742 | Lair:5   | 17742 ||| Stepping randomly (stuck).
 17743 | Lair:5   | 17743 ||| Stepping randomly (stuck).
 17744 | Lair:5   | 17744 ||| Stepping randomly (stuck).
 17745 | Lair:5   | 17745 ||| Stepping randomly (stuck).
 17746 | Lair:5   | 17746 ||| Stepping randomly (stuck).
 17747 | Lair:5   | 17747 ||| Stepping randomly (stuck).
 17748 | Lair:5   | 17748 ||| Stepping randomly (stuck).
 17749 | Lair:5   | 17749 ||| Stepping randomly (stuck).
 17750 | Lair:5   | 17750 ||| Stepping randomly (stuck).
 17751 | Lair:5   | 17751 ||| Stepping randomly (stuck).
 17752 | Lair:5   | 17752 ||| Stepping randomly (stuck).
 17753 | Lair:5   | 17753 ||| Stepping randomly (stuck).
 17754 | Lair:5   | 17754 ||| Stepping randomly (stuck).
 17755 | Lair:5   | 17755 ||| Stepping randomly (stuck).
 17756 | Lair:5   | 17756 ||| Stepping randomly (stuck).
 17757 | Lair:5   | 17757 ||| Stepping randomly (stuck).
 17758 | Lair:5   | 17758 ||| Stepping randomly (stuck).
 17759 | Lair:5   | 17759 ||| Stepping randomly (stuck).
 17760 | Lair:5   | 17760 ||| Stepping randomly (stuck).
 17761 | Lair:5   | 17761 ||| Stepping randomly (stuck).
 17762 | Lair:5   | 17762 ||| Stepping randomly (stuck).
 17763 | Lair:5   | 17763 ||| Stepping randomly (stuck).
 17764 | Lair:5   | 17764 ||| Stepping randomly (stuck).
 17765 | Lair:5   | 17765 ||| Stepping randomly (stuck).
 17766 | Lair:5   | 17766 ||| Stepping randomly (stuck).
 17767 | Lair:5   | 17767 ||| Stepping randomly (stuck).
 17768 | Lair:5   | 17768 ||| Stepping randomly (stuck).
 17769 | Lair:5   | 17769 ||| Stepping randomly (stuck).
 17770 | Lair:5   | 17770 ||| Stepping randomly (stuck).
 17771 | Lair:5   | 17771 ||| Stepping randomly (stuck).
 17772 | Lair:5   | 17772 ||| Stepping randomly (stuck).
 17773 | Lair:5   | 17773 ||| Stepping randomly (stuck).
 17774 | Lair:5   | 17774 ||| Stepping randomly (stuck).
 17775 | Lair:5   | 17775 ||| Stepping randomly (stuck).
 17776 | Lair:5   | 17776 ||| Stepping randomly (stuck).
 17777 | Lair:5   | 17777 ||| Stepping randomly (stuck).
 17778 | Lair:5   | 17778 ||| Stepping randomly (stuck).
 17779 | Lair:5   | 17779 ||| Stepping randomly (stuck).
 17780 | Lair:5   | 17780 ||| Stepping randomly (stuck).
 17781 | Lair:5   | 17781 ||| Stepping randomly (stuck).
 17782 | Lair:5   | 17782 ||| Stepping randomly (stuck).
 17783 | Lair:5   | 17783 ||| Stepping randomly (stuck).
 17784 | Lair:5   | 17784 ||| Stepping randomly (stuck).
 17785 | Lair:5   | 17785 ||| Stepping randomly (stuck).
 17786 | Lair:5   | 17786 ||| Stepping randomly (stuck).
 17787 | Lair:5   | 17787 ||| Stepping randomly (stuck).
 17788 | Lair:5   | 17788 ||| Stepping randomly (stuck).
 17789 | Lair:5   | 17789 ||| Stepping randomly (stuck).
 17790 | Lair:5   | 17790 ||| Stepping randomly (stuck).
 17791 | Lair:5   | 17791 ||| Stepping randomly (stuck).
 17792 | Lair:5   | 17792 ||| Stepping randomly (stuck).
 17793 | Lair:5   | 17793 ||| Stepping randomly (stuck).
 17794 | Lair:5   | 17794 ||| Stepping randomly (stuck).
 17795 | Lair:5   | 17795 ||| Stepping randomly (stuck).
 17796 | Lair:5   | 17796 ||| Stepping randomly (stuck).
 17797 | Lair:5   | 17797 ||| Stepping randomly (stuck).
 17798 | Lair:5   | 17798 ||| Stepping randomly (stuck).
 17799 | Lair:5   | 17799 ||| Stepping randomly (stuck).
 17800 | Lair:5   | 17800 ||| Stepping randomly (stuck).
 17801 | Lair:5   | 17801 ||| Stepping randomly (stuck).
 17802 | Lair:5   | 17802 ||| Stepping randomly (stuck).
 17803 | Lair:5   | 17803 ||| Stepping randomly (stuck).
 17804 | Lair:5   | 17804 ||| Stepping randomly (stuck).
 17805 | Lair:5   | 17805 ||| Stepping randomly (stuck).
 17806 | Lair:5   | 17806 ||| Stepping randomly (stuck).
 17807 | Lair:5   | 17807 ||| Stepping randomly (stuck).
 17808 | Lair:5   | 17808 ||| Stepping randomly (stuck).
 17809 | Lair:5   | 17809 ||| Stepping randomly (stuck).
 17810 | Lair:5   | 17810 ||| Stepping randomly (stuck).
 17811 | Lair:5   | 17811 ||| Stepping randomly (stuck).
 17812 | Lair:5   | 17812 ||| Stepping randomly (stuck).
 17813 | Lair:5   | 17813 ||| Stepping randomly (stuck).
 17814 | Lair:5   | 17814 ||| Stepping randomly (stuck).
 17815 | Lair:5   | 17815 ||| Stepping randomly (stuck).
 17816 | Lair:5   | 17816 ||| Stepping randomly (stuck).
 17817 | Lair:5   | 17817 ||| Stepping randomly (stuck).
 17818 | Lair:5   | 17818 ||| Stepping randomly (stuck).
 17819 | Lair:5   | 17819 ||| Stepping randomly (stuck).
 17820 | Lair:5   | 17820 ||| Stepping randomly (stuck).
 17821 | Lair:5   | 17821 ||| Stepping randomly (stuck).
 17822 | Lair:5   | 17822 ||| Stepping randomly (stuck).
 17823 | Lair:5   | 17823 ||| Stepping randomly (stuck).
 17824 | Lair:5   | 17824 ||| Stepping randomly (stuck).
 17825 | Lair:5   | 17825 ||| Stepping randomly (stuck).
 17826 | Lair:5   | 17826 ||| Stepping randomly (stuck).
 17827 | Lair:5   | 17827 ||| Stepping randomly (stuck).
 17828 | Lair:5   | 17828 ||| Stepping randomly (stuck).
 17829 | Lair:5   | 17829 ||| Stepping randomly (stuck).
 17830 | Lair:5   | 17830 ||| Stepping randomly (stuck).
 17831 | Lair:5   | 17831 ||| Stepping randomly (stuck).
 17832 | Lair:5   | 17832 ||| Stepping randomly (stuck).
 17833 | Lair:5   | 17833 ||| Stepping randomly (stuck).
 17834 | Lair:5   | 17834 ||| Stepping randomly (stuck).
 17835 | Lair:5   | 17835 ||| Stepping randomly (stuck).
 17836 | Lair:5   | 17836 ||| Stepping randomly (stuck).
 17837 | Lair:5   | 17837 ||| Stepping randomly (stuck).
 17838 | Lair:5   | 17838 ||| Stepping randomly (stuck).
 17839 | Lair:5   | 17839 ||| Stepping randomly (stuck).
 17840 | Lair:5   | 17840 ||| Stepping randomly (stuck).
 17841 | Lair:5   | 17841 ||| Stepping randomly (stuck).
 17842 | Lair:5   | 17842 ||| Stepping randomly (stuck).
 17843 | Lair:5   | 17843 ||| Stepping randomly (stuck).
 17844 | Lair:5   | 17844 ||| Stepping randomly (stuck).
 17845 | Lair:5   | 17845 ||| Stepping randomly (stuck).
 17846 | Lair:5   | 17846 ||| Stepping randomly (stuck).
 17847 | Lair:5   | 17847 ||| Stepping randomly (stuck).
 17848 | Lair:5   | 17848 ||| Stepping randomly (stuck).
 17849 | Lair:5   | 17849 ||| Stepping randomly (stuck).
 17850 | Lair:5   | 17850 ||| Stepping randomly (stuck).
 17851 | Lair:5   | 17851 ||| Stepping randomly (stuck).
 17852 | Lair:5   | 17852 ||| Stepping randomly (stuck).
 17853 | Lair:5   | 17853 ||| Stepping randomly (stuck).
 17854 | Lair:5   | 17854 ||| Stepping randomly (stuck).
 17855 | Lair:5   | 17855 ||| Stepping randomly (stuck).
 17856 | Lair:5   | 17856 ||| Stepping randomly (stuck).
 17857 | Lair:5   | 17857 ||| Stepping randomly (stuck).
 17858 | Lair:5   | 17858 ||| Stepping randomly (stuck).
 17859 | Lair:5   | 17859 ||| Stepping randomly (stuck).
 17860 | Lair:5   | 17860 ||| Stepping randomly (stuck).
 17861 | Lair:5   | 17861 ||| Stepping randomly (stuck).
 17862 | Lair:5   | 17862 ||| Stepping randomly (stuck).
 17863 | Lair:5   | 17863 ||| Stepping randomly (stuck).
 17864 | Lair:5   | 17864 ||| Stepping randomly (stuck).
 17865 | Lair:5   | 17865 ||| Stepping randomly (stuck).
 17866 | Lair:5   | 17866 ||| Stepping randomly (stuck).
 17867 | Lair:5   | 17867 ||| Stepping randomly (stuck).
 17868 | Lair:5   | 17868 ||| Stepping randomly (stuck).
 17869 | Lair:5   | 17869 ||| Stepping randomly (stuck).
 17870 | Lair:5   | 17870 ||| Stepping randomly (stuck).
 17871 | Lair:5   | 17871 ||| Stepping randomly (stuck).
 17872 | Lair:5   | 17872 ||| Stepping randomly (stuck).
 17873 | Lair:5   | 17873 ||| Stepping randomly (stuck).
 17874 | Lair:5   | 17874 ||| Stepping randomly (stuck).
 17875 | Lair:5   | 17875 ||| Stepping randomly (stuck).
 17876 | Lair:5   | 17876 ||| Stepping randomly (stuck).
 17877 | Lair:5   | 17877 ||| Stepping randomly (stuck).
 17878 | Lair:5   | 17878 ||| Stepping randomly (stuck).
 17879 | Lair:5   | 17879 ||| Stepping randomly (stuck).
 17880 | Lair:5   | 17880 ||| Stepping randomly (stuck).
 17881 | Lair:5   | 17881 ||| Stepping randomly (stuck).
 17882 | Lair:5   | 17882 ||| Stepping randomly (stuck).
 17883 | Lair:5   | 17883 ||| Stepping randomly (stuck).
 17884 | Lair:5   | 17884 ||| Stepping randomly (stuck).
 17885 | Lair:5   | 17885 ||| Stepping randomly (stuck).
 17886 | Lair:5   | 17886 ||| Stepping randomly (stuck).
 17887 | Lair:5   | 17887 ||| Stepping randomly (stuck).
 17888 | Lair:5   | 17888 ||| Stepping randomly (stuck).
 17889 | Lair:5   | 17889 ||| Stepping randomly (stuck).
 17890 | Lair:5   | 17890 ||| Stepping randomly (stuck).
 17891 | Lair:5   | 17891 ||| Stepping randomly (stuck).
 17892 | Lair:5   | 17892 ||| Stepping randomly (stuck).
 17893 | Lair:5   | 17893 ||| Stepping randomly (stuck).
 17894 | Lair:5   | 17894 ||| Stepping randomly (stuck).
 17895 | Lair:5   | 17895 ||| Stepping randomly (stuck).
 17896 | Lair:5   | 17896 ||| Stepping randomly (stuck).
 17897 | Lair:5   | 17897 ||| Stepping randomly (stuck).
 17898 | Lair:5   | 17898 ||| Stepping randomly (stuck).
 17899 | Lair:5   | 17899 ||| Stepping randomly (stuck).
 17900 | Lair:5   | 17900 ||| Stepping randomly (stuck).
 17901 | Lair:5   | 17901 ||| Stepping randomly (stuck).
 17902 | Lair:5   | 17902 ||| Stepping randomly (stuck).
 17903 | Lair:5   | 17903 ||| Stepping randomly (stuck).
 17904 | Lair:5   | 17904 ||| Stepping randomly (stuck).
 17905 | Lair:5   | 17905 ||| Stepping randomly (stuck).
 17906 | Lair:5   | 17906 ||| Stepping randomly (stuck).
 17907 | Lair:5   | 17907 ||| Stepping randomly (stuck).
 17908 | Lair:5   | 17908 ||| Stepping randomly (stuck).
 17909 | Lair:5   | 17909 ||| Stepping randomly (stuck).
 17910 | Lair:5   | 17910 ||| Stepping randomly (stuck).
 17911 | Lair:5   | 17911 ||| Stepping randomly (stuck).
 17912 | Lair:5   | 17912 ||| Stepping randomly (stuck).
 17913 | Lair:5   | 17913 ||| Stepping randomly (stuck).
 17914 | Lair:5   | 17914 ||| Stepping randomly (stuck).
 17915 | Lair:5   | 17915 ||| Stepping randomly (stuck).
 17916 | Lair:5   | 17916 ||| Stepping randomly (stuck).
 17917 | Lair:5   | 17917 ||| Stepping randomly (stuck).
 17918 | Lair:5   | 17918 ||| Stepping randomly (stuck).
 17919 | Lair:5   | 17919 ||| Stepping randomly (stuck).
 17920 | Lair:5   | 17920 ||| Stepping randomly (stuck).
 17921 | Lair:5   | 17921 ||| Stepping randomly (stuck).
 17922 | Lair:5   | 17922 ||| Stepping randomly (stuck).
 17923 | Lair:5   | 17923 ||| Stepping randomly (stuck).
 17924 | Lair:5   | 17924 ||| Stepping randomly (stuck).
 17925 | Lair:5   | 17925 ||| Stepping randomly (stuck).
 17926 | Lair:5   | 17926 ||| Stepping randomly (stuck).
 17927 | Lair:5   | 17927 ||| Stepping randomly (stuck).
 17928 | Lair:5   | 17928 ||| Stepping randomly (stuck).
 17929 | Lair:5   | 17929 ||| Stepping randomly (stuck).
 17930 | Lair:5   | 17930 ||| Stepping randomly (stuck).
 17931 | Lair:5   | 17931 ||| Stepping randomly (stuck).
 17932 | Lair:5   | 17932 ||| Stepping randomly (stuck).
 17933 | Lair:5   | 17933 ||| Stepping randomly (stuck).
 17934 | Lair:5   | 17934 ||| Stepping randomly (stuck).
 17935 | Lair:5   | 17935 ||| Stepping randomly (stuck).
 17936 | Lair:5   | 17936 ||| Stepping randomly (stuck).
 17937 | Lair:5   | 17937 ||| Stepping randomly (stuck).
 17938 | Lair:5   | 17938 ||| Stepping randomly (stuck).
 17939 | Lair:5   | 17939 ||| Stepping randomly (stuck).
 17940 | Lair:5   | 17940 ||| Stepping randomly (stuck).
 17941 | Lair:5   | 17941 ||| Stepping randomly (stuck).
 17942 | Lair:5   | 17942 ||| Stepping randomly (stuck).
 17943 | Lair:5   | 17943 ||| Stepping randomly (stuck).
 17944 | Lair:5   | 17944 ||| Stepping randomly (stuck).
 17945 | Lair:5   | 17945 ||| Stepping randomly (stuck).
 17946 | Lair:5   | 17946 ||| Stepping randomly (stuck).
 17947 | Lair:5   | 17947 ||| Stepping randomly (stuck).
 17948 | Lair:5   | 17948 ||| Stepping randomly (stuck).
 17949 | Lair:5   | 17949 ||| Stepping randomly (stuck).
 17950 | Lair:5   | 17950 ||| Stepping randomly (stuck).
 17951 | Lair:5   | 17951 ||| Stepping randomly (stuck).
 17952 | Lair:5   | 17952 ||| Stepping randomly (stuck).
 17953 | Lair:5   | 17953 ||| Stepping randomly (stuck).
 17954 | Lair:5   | 17954 ||| Stepping randomly (stuck).
 17955 | Lair:5   | 17955 ||| Stepping randomly (stuck).
 17956 | Lair:5   | 17956 ||| Stepping randomly (stuck).
 17957 | Lair:5   | 17957 ||| Stepping randomly (stuck).
 17958 | Lair:5   | 17958 ||| Stepping randomly (stuck).
 17959 | Lair:5   | 17959 ||| Stepping randomly (stuck).
 17960 | Lair:5   | 17960 ||| Stepping randomly (stuck).
 17961 | Lair:5   | 17961 ||| Stepping randomly (stuck).
 17962 | Lair:5   | 17962 ||| Stepping randomly (stuck).
 17963 | Lair:5   | 17963 ||| Stepping randomly (stuck).
 17964 | Lair:5   | 17964 ||| Stepping randomly (stuck).
 17965 | Lair:5   | 17965 ||| Stepping randomly (stuck).
 17966 | Lair:5   | 17966 ||| Stepping randomly (stuck).
 17967 | Lair:5   | 17967 ||| Stepping randomly (stuck).
 17968 | Lair:5   | 17968 ||| Stepping randomly (stuck).
 17969 | Lair:5   | 17969 ||| Stepping randomly (stuck).
 17970 | Lair:5   | 17970 ||| Stepping randomly (stuck).
 17971 | Lair:5   | 17971 ||| Stepping randomly (stuck).
 17972 | Lair:5   | 17972 ||| Stepping randomly (stuck).
 17973 | Lair:5   | 17973 ||| Stepping randomly (stuck).
 17974 | Lair:5   | 17974 ||| Stepping randomly (stuck).
 17975 | Lair:5   | 17975 ||| Stepping randomly (stuck).
 17976 | Lair:5   | 17976 ||| Stepping randomly (stuck).
 17977 | Lair:5   | 17977 ||| Stepping randomly (stuck).
 17978 | Lair:5   | 17978 ||| Stepping randomly (stuck).
 17979 | Lair:5   | 17979 ||| Stepping randomly (stuck).
 17980 | Lair:5   | 17980 ||| Stepping randomly (stuck).
 17981 | Lair:5   | 17981 ||| Stepping randomly (stuck).
 17982 | Lair:5   | 17982 ||| Stepping randomly (stuck).
 17983 | Lair:5   | 17983 ||| Stepping randomly (stuck).
 17984 | Lair:5   | 17984 ||| Stepping randomly (stuck).
 17985 | Lair:5   | 17985 ||| Stepping randomly (stuck).
 17986 | Lair:5   | 17986 ||| Stepping randomly (stuck).
 17987 | Lair:5   | 17987 ||| Stepping randomly (stuck).
 17988 | Lair:5   | 17988 ||| Stepping randomly (stuck).
 17989 | Lair:5   | 17989 ||| Stepping randomly (stuck).
 17990 | Lair:5   | 17990 ||| Stepping randomly (stuck).
 17991 | Lair:5   | 17991 ||| Stepping randomly (stuck).
 17992 | Lair:5   | 17992 ||| Stepping randomly (stuck).
 17993 | Lair:5   | 17993 ||| Stepping randomly (stuck).
 17994 | Lair:5   | 17994 ||| Stepping randomly (stuck).
 17995 | Lair:5   | 17995 ||| Stepping randomly (stuck).
 17996 | Lair:5   | 17996 ||| Stepping randomly (stuck).
 17997 | Lair:5   | 17997 ||| Stepping randomly (stuck).
 17998 | Lair:5   | 17998 ||| Stepping randomly (stuck).
 17999 | Lair:5   | 17999 ||| Stepping randomly (stuck).
 18000 | Lair:5   | 18000 ||| Stepping randomly (stuck).
 18001 | Lair:5   | 18001 ||| Stepping randomly (stuck).
 18002 | Lair:5   | 18002 ||| Stepping randomly (stuck).
 18003 | Lair:5   | 18003 ||| Stepping randomly (stuck).
 18004 | Lair:5   | 18004 ||| Stepping randomly (stuck).
 18005 | Lair:5   | 18005 ||| Stepping randomly (stuck).
 18006 | Lair:5   | 18006 ||| Stepping randomly (stuck).
 18007 | Lair:5   | 18007 ||| Stepping randomly (stuck).
 18008 | Lair:5   | 18008 ||| Stepping randomly (stuck).
 18009 | Lair:5   | 18009 ||| Stepping randomly (stuck).
 18010 | Lair:5   | 18010 ||| Stepping randomly (stuck).
 18011 | Lair:5   | 18011 ||| Stepping randomly (stuck).
 18012 | Lair:5   | 18012 ||| Stepping randomly (stuck).
 18013 | Lair:5   | 18013 ||| Stepping randomly (stuck).
 18014 | Lair:5   | 18014 ||| Stepping randomly (stuck).
 18015 | Lair:5   | 18015 ||| Stepping randomly (stuck).
 18016 | Lair:5   | 18016 ||| Stepping randomly (stuck).
 18017 | Lair:5   | 18017 ||| Stepping randomly (stuck).
 18018 | Lair:5   | 18018 ||| Stepping randomly (stuck).
 18019 | Lair:5   | 18019 ||| Stepping randomly (stuck).
 18020 | Lair:5   | 18020 ||| Stepping randomly (stuck).
 18021 | Lair:5   | 18021 ||| Stepping randomly (stuck).
 18022 | Lair:5   | 18022 ||| Stepping randomly (stuck).
 18023 | Lair:5   | 18023 ||| Stepping randomly (stuck).
 18024 | Lair:5   | 18024 ||| Stepping randomly (stuck).
 18025 | Lair:5   | 18025 ||| Stepping randomly (stuck).
 18026 | Lair:5   | 18026 ||| Stepping randomly (stuck).
 18027 | Lair:5   | 18027 ||| Stepping randomly (stuck).
 18028 | Lair:5   | 18028 ||| Stepping randomly (stuck).
 18029 | Lair:5   | 18029 ||| Stepping randomly (stuck).
 18030 | Lair:5   | 18030 ||| Stepping randomly (stuck).
 18031 | Lair:5   | 18031 ||| Stepping randomly (stuck).
 18032 | Lair:5   | 18032 ||| Stepping randomly (stuck).
 18033 | Lair:5   | 18033 ||| Stepping randomly (stuck).
 18034 | Lair:5   | 18034 ||| Stepping randomly (stuck).
 18035 | Lair:5   | 18035 ||| Stepping randomly (stuck).
 18036 | Lair:5   | 18036 ||| Stepping randomly (stuck).
 18037 | Lair:5   | 18037 ||| Stepping randomly (stuck).
 18038 | Lair:5   | 18038 ||| Stepping randomly (stuck).
 18039 | Lair:5   | 18039 ||| Stepping randomly (stuck).
 18040 | Lair:5   | 18040 ||| Stepping randomly (stuck).
 18041 | Lair:5   | 18041 ||| Stepping randomly (stuck).
 18042 | Lair:5   | 18042 ||| Stepping randomly (stuck).
 18043 | Lair:5   | 18043 ||| Stepping randomly (stuck).
 18044 | Lair:5   | 18044 ||| Stepping randomly (stuck).
 18045 | Lair:5   | 18045 ||| Stepping randomly (stuck).
 18046 | Lair:5   | 18046 ||| Stepping randomly (stuck).
 18047 | Lair:5   | 18047 ||| Stepping randomly (stuck).
 18048 | Lair:5   | 18048 ||| Stepping randomly (stuck).
 18049 | Lair:5   | 18049 ||| Stepping randomly (stuck).
 18050 | Lair:5   | 18050 ||| Stepping randomly (stuck).
 18051 | Lair:5   | 18051 ||| Stepping randomly (stuck).
 18052 | Lair:5   | 18052 ||| Stepping randomly (stuck).
 18053 | Lair:5   | 18053 ||| Stepping randomly (stuck).
 18054 | Lair:5   | 18054 ||| Stepping randomly (stuck).
 18055 | Lair:5   | 18055 ||| Stepping randomly (stuck).
 18056 | Lair:5   | 18056 ||| Stepping randomly (stuck).
 18057 | Lair:5   | 18057 ||| Stepping randomly (stuck).
 18058 | Lair:5   | 18058 ||| Stepping randomly (stuck).
 18059 | Lair:5   | 18059 ||| Stepping randomly (stuck).
 18060 | Lair:5   | 18060 ||| Stepping randomly (stuck).
 18061 | Lair:5   | 18061 ||| Stepping randomly (stuck).
 18062 | Lair:5   | 18062 ||| Stepping randomly (stuck).
 18063 | Lair:5   | 18063 ||| Stepping randomly (stuck).
 18064 | Lair:5   | 18064 ||| Stepping randomly (stuck).
 18065 | Lair:5   | 18065 ||| Stepping randomly (stuck).
 18066 | Lair:5   | 18066 ||| Stepping randomly (stuck).
 18067 | Lair:5   | 18067 ||| Stepping randomly (stuck).
 18068 | Lair:5   | 18068 ||| Stepping randomly (stuck).
 18069 | Lair:5   | 18069 ||| Stepping randomly (stuck).
 18070 | Lair:5   | 18070 ||| Stepping randomly (stuck).
 18071 | Lair:5   | 18071 ||| Stepping randomly (stuck).
 18072 | Lair:5   | 18072 ||| Stepping randomly (stuck).
 18073 | Lair:5   | 18073 ||| Stepping randomly (stuck).
 18074 | Lair:5   | 18074 ||| Stepping randomly (stuck).
 18075 | Lair:5   | 18075 ||| Stepping randomly (stuck).
 18076 | Lair:5   | 18076 ||| Stepping randomly (stuck).
 18077 | Lair:5   | 18077 ||| Stepping randomly (stuck).
 18078 | Lair:5   | 18078 ||| Stepping randomly (stuck).
 18079 | Lair:5   | 18079 ||| Stepping randomly (stuck).
 18080 | Lair:5   | 18080 ||| Stepping randomly (stuck).
 18081 | Lair:5   | 18081 ||| Stepping randomly (stuck).
 18082 | Lair:5   | 18082 ||| Stepping randomly (stuck).
 18083 | Lair:5   | 18083 ||| Stepping randomly (stuck).
 18084 | Lair:5   | 18084 ||| Stepping randomly (stuck).
 18085 | Lair:5   | 18085 ||| Stepping randomly (stuck).
 18086 | Lair:5   | 18086 ||| Stepping randomly (stuck).
 18087 | Lair:5   | 18087 ||| Stepping randomly (stuck).
 18088 | Lair:5   | 18088 ||| Stepping randomly (stuck).
 18089 | Lair:5   | 18089 ||| Stepping randomly (stuck).
 18090 | Lair:5   | 18090 ||| Stepping randomly (stuck).
 18091 | Lair:5   | 18091 ||| Stepping randomly (stuck).
 18092 | Lair:5   | 18092 ||| Stepping randomly (stuck).
 18093 | Lair:5   | 18093 ||| Stepping randomly (stuck).
 18094 | Lair:5   | 18094 ||| Stepping randomly (stuck).
 18095 | Lair:5   | 18095 ||| Stepping randomly (stuck).
 18096 | Lair:5   | 18096 ||| Stepping randomly (stuck).
 18097 | Lair:5   | 18097 ||| Stepping randomly (stuck).
 18098 | Lair:5   | 18098 ||| Stepping randomly (stuck).
 18099 | Lair:5   | 18099 ||| Stepping randomly (stuck).
 18100 | Lair:5   | 18100 ||| Stepping randomly (stuck).
 18101 | Lair:5   | 18101 ||| Stepping randomly (stuck).
 18102 | Lair:5   | 18102 ||| Stepping randomly (stuck).
 18103 | Lair:5   | 18103 ||| Stepping randomly (stuck).
 18104 | Lair:5   | 18104 ||| Stepping randomly (stuck).
 18105 | Lair:5   | 18105 ||| Stepping randomly (stuck).
 18106 | Lair:5   | 18106 ||| Stepping randomly (stuck).
 18107 | Lair:5   | 18107 ||| Stepping randomly (stuck).
 18108 | Lair:5   | 18108 ||| Stepping randomly (stuck).
 18109 | Lair:5   | 18109 ||| Stepping randomly (stuck).
 18110 | Lair:5   | 18110 ||| Stepping randomly (stuck).
 18111 | Lair:5   | 18111 ||| Stepping randomly (stuck).
 18112 | Lair:5   | 18112 ||| Stepping randomly (stuck).
 18113 | Lair:5   | 18113 ||| Stepping randomly (stuck).
 18114 | Lair:5   | 18114 ||| Stepping randomly (stuck).
 18115 | Lair:5   | 18115 ||| Stepping randomly (stuck).
 18116 | Lair:5   | 18116 ||| Stepping randomly (stuck).
 18117 | Lair:5   | 18117 ||| Stepping randomly (stuck).
 18118 | Lair:5   | 18118 ||| Stepping randomly (stuck).
 18119 | Lair:5   | 18119 ||| Stepping randomly (stuck).
 18120 | Lair:5   | 18120 ||| Stepping randomly (stuck).
 18121 | Lair:5   | 18121 ||| Stepping randomly (stuck).
 18122 | Lair:5   | 18122 ||| Stepping randomly (stuck).
 18123 | Lair:5   | 18123 ||| Stepping randomly (stuck).
 18124 | Lair:5   | 18124 ||| Stepping randomly (stuck).
 18125 | Lair:5   | 18125 ||| Stepping randomly (stuck).
 18126 | Lair:5   | 18126 ||| Stepping randomly (stuck).
 18127 | Lair:5   | 18127 ||| Stepping randomly (stuck).
 18128 | Lair:5   | 18128 ||| Stepping randomly (stuck).
 18129 | Lair:5   | 18129 ||| Stepping randomly (stuck).
 18130 | Lair:5   | 18130 ||| Stepping randomly (stuck).
 18131 | Lair:5   | 18131 ||| Stepping randomly (stuck).
 18132 | Lair:5   | 18132 ||| Stepping randomly (stuck).
 18133 | Lair:5   | 18133 ||| Stepping randomly (stuck).
 18134 | Lair:5   | 18134 ||| Stepping randomly (stuck).
 18135 | Lair:5   | 18135 ||| Stepping randomly (stuck).
 18136 | Lair:5   | 18136 ||| Stepping randomly (stuck).
 18137 | Lair:5   | 18137 ||| Stepping randomly (stuck).
 18138 | Lair:5   | 18138 ||| Stepping randomly (stuck).
 18139 | Lair:5   | 18139 ||| Stepping randomly (stuck).
 18140 | Lair:5   | 18140 ||| Stepping randomly (stuck).
 18141 | Lair:5   | 18141 ||| Stepping randomly (stuck).
 18142 | Lair:5   | 18142 ||| Stepping randomly (stuck).
 18143 | Lair:5   | 18143 ||| Stepping randomly (stuck).
 18144 | Lair:5   | 18144 ||| Stepping randomly (stuck).
 18145 | Lair:5   | 18145 ||| Stepping randomly (stuck).
 18146 | Lair:5   | 18146 ||| Stepping randomly (stuck).
 18147 | Lair:5   | 18147 ||| Stepping randomly (stuck).
 18148 | Lair:5   | 18148 ||| Stepping randomly (stuck).
 18149 | Lair:5   | 18149 ||| Stepping randomly (stuck).
 18150 | Lair:5   | 18150 ||| Stepping randomly (stuck).
 18151 | Lair:5   | 18151 ||| Stepping randomly (stuck).
 18152 | Lair:5   | 18152 ||| Stepping randomly (stuck).
 18153 | Lair:5   | 18153 ||| Stepping randomly (stuck).
 18154 | Lair:5   | 18154 ||| Stepping randomly (stuck).
 18155 | Lair:5   | 18155 ||| Stepping randomly (stuck).
 18156 | Lair:5   | 18156 ||| Stepping randomly (stuck).
 18157 | Lair:5   | 18157 ||| Stepping randomly (stuck).
 18158 | Lair:5   | 18158 ||| Stepping randomly (stuck).
 18159 | Lair:5   | 18159 ||| Stepping randomly (stuck).
 18160 | Lair:5   | 18160 ||| Stepping randomly (stuck).
 18161 | Lair:5   | 18161 ||| Stepping randomly (stuck).
 18162 | Lair:5   | 18162 ||| Stepping randomly (stuck).
 18163 | Lair:5   | 18163 ||| Stepping randomly (stuck).
 18164 | Lair:5   | 18164 ||| Stepping randomly (stuck).
 18165 | Lair:5   | 18165 ||| Stepping randomly (stuck).
 18166 | Lair:5   | 18166 ||| Stepping randomly (stuck).
 18167 | Lair:5   | 18167 ||| Stepping randomly (stuck).
 18168 | Lair:5   | 18168 ||| Stepping randomly (stuck).
 18169 | Lair:5   | 18169 ||| Stepping randomly (stuck).
 18170 | Lair:5   | 18170 ||| Stepping randomly (stuck).
 18171 | Lair:5   | 18171 ||| Stepping randomly (stuck).
 18172 | Lair:5   | 18172 ||| Stepping randomly (stuck).
 18173 | Lair:5   | 18173 ||| Stepping randomly (stuck).
 18174 | Lair:5   | 18174 ||| Stepping randomly (stuck).
 18175 | Lair:5   | 18175 ||| Stepping randomly (stuck).
 18176 | Lair:5   | 18176 ||| Stepping randomly (stuck).
 18177 | Lair:5   | 18177 ||| Stepping randomly (stuck).
 18178 | Lair:5   | 18178 ||| Stepping randomly (stuck).
 18179 | Lair:5   | 18179 ||| Stepping randomly (stuck).
 18180 | Lair:5   | 18180 ||| Stepping randomly (stuck).
 18181 | Lair:5   | 18181 ||| Stepping randomly (stuck).
 18182 | Lair:5   | 18182 ||| Stepping randomly (stuck).
 18183 | Lair:5   | 18183 ||| Stepping randomly (stuck).
 18184 | Lair:5   | 18184 ||| Stepping randomly (stuck).
 18185 | Lair:5   | 18185 ||| Stepping randomly (stuck).
 18186 | Lair:5   | 18186 ||| Stepping randomly (stuck).
 18187 | Lair:5   | 18187 ||| Stepping randomly (stuck).
 18188 | Lair:5   | 18188 ||| Stepping randomly (stuck).
 18189 | Lair:5   | 18189 ||| Stepping randomly (stuck).
 18190 | Lair:5   | 18190 ||| Stepping randomly (stuck).
 18191 | Lair:5   | 18191 ||| Stepping randomly (stuck).
 18192 | Lair:5   | 18192 ||| Stepping randomly (stuck).
 18193 | Lair:5   | 18193 ||| Stepping randomly (stuck).
 18194 | Lair:5   | 18194 ||| Stepping randomly (stuck).
 18195 | Lair:5   | 18195 ||| Stepping randomly (stuck).
 18196 | Lair:5   | 18196 ||| Stepping randomly (stuck).
 18197 | Lair:5   | 18197 ||| Stepping randomly (stuck).
 18198 | Lair:5   | 18198 ||| Stepping randomly (stuck).
 18199 | Lair:5   | 18199 ||| Stepping randomly (stuck).
 18200 | Lair:5   | 18200 ||| Stepping randomly (stuck).
 18201 | Lair:5   | 18201 ||| Stepping randomly (stuck).
 18202 | Lair:5   | 18202 ||| Stepping randomly (stuck).
 18203 | Lair:5   | 18203 ||| Stepping randomly (stuck).
 18204 | Lair:5   | 18204 ||| Stepping randomly (stuck).
 18205 | Lair:5   | 18205 ||| Stepping randomly (stuck).
 18206 | Lair:5   | 18206 ||| Stepping randomly (stuck).
 18207 | Lair:5   | 18207 ||| Stepping randomly (stuck).
 18208 | Lair:5   | 18208 ||| Stepping randomly (stuck).
 18209 | Lair:5   | 18209 ||| Stepping randomly (stuck).
 18210 | Lair:5   | 18210 ||| Stepping randomly (stuck).
 18211 | Lair:5   | 18211 ||| Stepping randomly (stuck).
 18212 | Lair:5   | 18212 ||| Stepping randomly (stuck).
 18213 | Lair:5   | 18213 ||| Stepping randomly (stuck).
 18214 | Lair:5   | 18214 ||| Stepping randomly (stuck).
 18215 | Lair:5   | 18215 ||| Stepping randomly (stuck).
 18216 | Lair:5   | 18216 ||| Stepping randomly (stuck).
 18217 | Lair:5   | 18217 ||| Stepping randomly (stuck).
 18218 | Lair:5   | 18218 ||| Stepping randomly (stuck).
 18219 | Lair:5   | 18219 ||| Stepping randomly (stuck).
 18220 | Lair:5   | 18220 ||| Stepping randomly (stuck).
 18221 | Lair:5   | 18221 ||| Stepping randomly (stuck).
 18222 | Lair:5   | 18222 ||| Stepping randomly (stuck).
 18223 | Lair:5   | 18223 ||| Stepping randomly (stuck).
 18224 | Lair:5   | 18224 ||| Stepping randomly (stuck).
 18225 | Lair:5   | 18225 ||| Stepping randomly (stuck).
 18226 | Lair:5   | 18226 ||| Stepping randomly (stuck).
 18227 | Lair:5   | 18227 ||| Stepping randomly (stuck).
 18228 | Lair:5   | 18228 ||| Stepping randomly (stuck).
 18229 | Lair:5   | 18229 ||| Stepping randomly (stuck).
 18230 | Lair:5   | 18230 ||| Stepping randomly (stuck).
 18231 | Lair:5   | 18231 ||| Stepping randomly (stuck).
 18232 | Lair:5   | 18232 ||| Stepping randomly (stuck).
 18233 | Lair:5   | 18233 ||| Stepping randomly (stuck).
 18234 | Lair:5   | 18234 ||| Stepping randomly (stuck).
 18235 | Lair:5   | 18235 ||| Stepping randomly (stuck).
 18236 | Lair:5   | 18236 ||| Stepping randomly (stuck).
 18237 | Lair:5   | 18237 ||| Stepping randomly (stuck).
 18238 | Lair:5   | 18238 ||| Stepping randomly (stuck).
 18239 | Lair:5   | 18239 ||| Stepping randomly (stuck).
 18240 | Lair:5   | 18240 ||| Stepping randomly (stuck).
 18241 | Lair:5   | 18241 ||| Stepping randomly (stuck).
 18242 | Lair:5   | 18242 ||| Stepping randomly (stuck).
 18243 | Lair:5   | 18243 ||| Stepping randomly (stuck).
 18244 | Lair:5   | 18244 ||| Stepping randomly (stuck).
 18245 | Lair:5   | 18245 ||| Stepping randomly (stuck).
 18246 | Lair:5   | 18246 ||| Stepping randomly (stuck).
 18247 | Lair:5   | 18247 ||| Stepping randomly (stuck).
 18248 | Lair:5   | 18248 ||| Stepping randomly (stuck).
 18249 | Lair:5   | 18249 ||| Stepping randomly (stuck).
 18250 | Lair:5   | 18250 ||| Stepping randomly (stuck).
 18251 | Lair:5   | 18251 ||| Stepping randomly (stuck).
 18252 | Lair:5   | 18252 ||| Stepping randomly (stuck).
 18253 | Lair:5   | 18253 ||| Stepping randomly (stuck).
 18254 | Lair:5   | 18254 ||| Stepping randomly (stuck).
 18255 | Lair:5   | 18255 ||| Stepping randomly (stuck).
 18256 | Lair:5   | 18256 ||| Stepping randomly (stuck).
 18257 | Lair:5   | 18257 ||| Stepping randomly (stuck).
 18258 | Lair:5   | 18258 ||| Stepping randomly (stuck).
 18259 | Lair:5   | 18259 ||| Stepping randomly (stuck).
 18260 | Lair:5   | 18260 ||| Stepping randomly (stuck).
 18261 | Lair:5   | 18261 ||| Stepping randomly (stuck).
 18262 | Lair:5   | 18262 ||| Stepping randomly (stuck).
 18263 | Lair:5   | 18263 ||| Stepping randomly (stuck).
 18264 | Lair:5   | 18264 ||| Stepping randomly (stuck).
 18265 | Lair:5   | 18265 ||| Stepping randomly (stuck).
 18266 | Lair:5   | 18266 ||| Stepping randomly (stuck).
 18267 | Lair:5   | 18267 ||| Stepping randomly (stuck).
 18268 | Lair:5   | 18268 ||| Stepping randomly (stuck).
 18269 | Lair:5   | 18269 ||| Stepping randomly (stuck).
 18270 | Lair:5   | 18270 ||| Stepping randomly (stuck).
 18271 | Lair:5   | 18271 ||| Stepping randomly (stuck).
 18272 | Lair:5   | 18272 ||| Stepping randomly (stuck).
 18273 | Lair:5   | 18273 ||| Stepping randomly (stuck).
 18274 | Lair:5   | 18274 ||| Stepping randomly (stuck).
 18275 | Lair:5   | 18275 ||| Stepping randomly (stuck).
 18276 | Lair:5   | 18276 ||| Stepping randomly (stuck).
 18277 | Lair:5   | 18277 ||| Stepping randomly (stuck).
 18278 | Lair:5   | 18278 ||| Stepping randomly (stuck).
 18279 | Lair:5   | 18279 ||| Stepping randomly (stuck).
 18280 | Lair:5   | 18280 ||| Stepping randomly (stuck).
 18281 | Lair:5   | 18281 ||| Stepping randomly (stuck).
 18282 | Lair:5   | 18282 ||| Stepping randomly (stuck).
 18283 | Lair:5   | 18283 ||| Stepping randomly (stuck).
 18284 | Lair:5   | 18284 ||| Stepping randomly (stuck).
 18285 | Lair:5   | 18285 ||| Stepping randomly (stuck).
 18286 | Lair:5   | 18286 ||| Stepping randomly (stuck).
 18287 | Lair:5   | 18287 ||| Stepping randomly (stuck).
 18288 | Lair:5   | 18288 ||| Stepping randomly (stuck).
 18289 | Lair:5   | 18289 ||| Stepping randomly (stuck).
 18290 | Lair:5   | 18290 ||| Stepping randomly (stuck).
 18291 | Lair:5   | 18291 ||| Stepping randomly (stuck).
 18292 | Lair:5   | 18292 ||| Stepping randomly (stuck).
 18293 | Lair:5   | 18293 ||| Stepping randomly (stuck).
 18294 | Lair:5   | 18294 ||| Stepping randomly (stuck).
 18295 | Lair:5   | 18295 ||| Stepping randomly (stuck).
 18296 | Lair:5   | 18296 ||| Stepping randomly (stuck).
 18297 | Lair:5   | 18297 ||| Stepping randomly (stuck).
 18298 | Lair:5   | 18298 ||| Stepping randomly (stuck).
 18299 | Lair:5   | 18299 ||| Stepping randomly (stuck).
 18300 | Lair:5   | 18300 ||| Stepping randomly (stuck).
 18301 | Lair:5   | 18301 ||| Stepping randomly (stuck).
 18302 | Lair:5   | 18302 ||| Stepping randomly (stuck).
 18303 | Lair:5   | 18303 ||| Stepping randomly (stuck).
 18304 | Lair:5   | 18304 ||| Stepping randomly (stuck).
 18305 | Lair:5   | 18305 ||| Stepping randomly (stuck).
 18306 | Lair:5   | 18306 ||| Stepping randomly (stuck).
 18307 | Lair:5   | 18307 ||| Stepping randomly (stuck).
 18308 | Lair:5   | 18308 ||| Stepping randomly (stuck).
 18309 | Lair:5   | 18309 ||| Stepping randomly (stuck).
 18310 | Lair:5   | 18310 ||| Stepping randomly (stuck).
 18311 | Lair:5   | 18311 ||| Stepping randomly (stuck).
 18312 | Lair:5   | 18312 ||| Stepping randomly (stuck).
 18313 | Lair:5   | 18313 ||| Stepping randomly (stuck).
 18314 | Lair:5   | 18314 ||| Stepping randomly (stuck).
 18315 | Lair:5   | 18315 ||| Stepping randomly (stuck).
 18316 | Lair:5   | 18316 ||| Stepping randomly (stuck).
 18317 | Lair:5   | 18317 ||| Stepping randomly (stuck).
 18318 | Lair:5   | 18318 ||| Stepping randomly (stuck).
 18319 | Lair:5   | 18319 ||| Stepping randomly (stuck).
 18320 | Lair:5   | 18320 ||| Stepping randomly (stuck).
 18321 | Lair:5   | 18321 ||| Stepping randomly (stuck).
 18322 | Lair:5   | 18322 ||| Stepping randomly (stuck).
 18323 | Lair:5   | 18323 ||| Stepping randomly (stuck).
 18324 | Lair:5   | 18324 ||| Stepping randomly (stuck).
 18325 | Lair:5   | 18325 ||| Stepping randomly (stuck).
 18326 | Lair:5   | 18326 ||| Stepping randomly (stuck).
 18327 | Lair:5   | 18327 ||| Stepping randomly (stuck).
 18328 | Lair:5   | 18328 ||| Stepping randomly (stuck).
 18329 | Lair:5   | 18329 ||| Stepping randomly (stuck).
 18330 | Lair:5   | 18330 ||| Stepping randomly (stuck).
 18331 | Lair:5   | 18331 ||| Stepping randomly (stuck).
 18332 | Lair:5   | 18332 ||| Stepping randomly (stuck).
 18333 | Lair:5   | 18333 ||| Stepping randomly (stuck).
 18334 | Lair:5   | 18334 ||| Stepping randomly (stuck).
 18335 | Lair:5   | 18335 ||| Stepping randomly (stuck).
 18336 | Lair:5   | 18336 ||| Stepping randomly (stuck).
 18337 | Lair:5   | 18337 ||| Stepping randomly (stuck).
 18338 | Lair:5   | 18338 ||| Stepping randomly (stuck).
 18339 | Lair:5   | 18339 ||| Stepping randomly (stuck).
 18340 | Lair:5   | 18340 ||| Stepping randomly (stuck).
 18341 | Lair:5   | 18341 ||| Stepping randomly (stuck).
 18342 | Lair:5   | 18342 ||| Stepping randomly (stuck).
 18343 | Lair:5   | 18343 ||| Stepping randomly (stuck).
 18344 | Lair:5   | 18344 ||| Stepping randomly (stuck).
 18345 | Lair:5   | 18345 ||| Stepping randomly (stuck).
 18346 | Lair:5   | 18346 ||| Stepping randomly (stuck).
 18347 | Lair:5   | 18347 ||| Stepping randomly (stuck).
 18348 | Lair:5   | 18348 ||| Stepping randomly (stuck).
 18349 | Lair:5   | 18349 ||| Stepping randomly (stuck).
 18350 | Lair:5   | 18350 ||| Stepping randomly (stuck).
 18351 | Lair:5   | 18351 ||| Stepping randomly (stuck).
 18352 | Lair:5   | 18352 ||| Stepping randomly (stuck).
 18353 | Lair:5   | 18353 ||| Stepping randomly (stuck).
 18354 | Lair:5   | 18354 ||| Stepping randomly (stuck).
 18355 | Lair:5   | 18355 ||| Stepping randomly (stuck).
 18356 | Lair:5   | 18356 ||| Stepping randomly (stuck).
 18357 | Lair:5   | 18357 ||| Stepping randomly (stuck).
 18358 | Lair:5   | 18358 ||| Stepping randomly (stuck).
 18359 | Lair:5   | 18359 ||| Stepping randomly (stuck).
 18360 | Lair:5   | 18360 ||| Stepping randomly (stuck).
 18361 | Lair:5   | 18361 ||| Stepping randomly (stuck).
 18362 | Lair:5   | 18362 ||| Stepping randomly (stuck).
 18363 | Lair:5   | 18363 ||| Stepping randomly (stuck).
 18364 | Lair:5   | 18364 ||| Stepping randomly (stuck).
 18365 | Lair:5   | 18365 ||| Stepping randomly (stuck).
 18366 | Lair:5   | 18366 ||| Stepping randomly (stuck).
 18367 | Lair:5   | 18367 ||| Stepping randomly (stuck).
 18368 | Lair:5   | 18368 ||| Stepping randomly (stuck).
 18369 | Lair:5   | 18369 ||| Stepping randomly (stuck).
 18370 | Lair:5   | 18370 ||| Stepping randomly (stuck).
 18371 | Lair:5   | 18371 ||| Stepping randomly (stuck).
 18372 | Lair:5   | 18372 ||| Stepping randomly (stuck).
 18373 | Lair:5   | 18373 ||| Stepping randomly (stuck).
 18374 | Lair:5   | 18374 ||| Stepping randomly (stuck).
 18375 | Lair:5   | 18375 ||| Stepping randomly (stuck).
 18376 | Lair:5   | 18376 ||| Stepping randomly (stuck).
 18377 | Lair:5   | 18377 ||| Stepping randomly (stuck).
 18378 | Lair:5   | 18378 ||| Stepping randomly (stuck).
 18379 | Lair:5   | 18379 ||| Stepping randomly (stuck).
 18380 | Lair:5   | 18380 ||| Stepping randomly (stuck).
 18381 | Lair:5   | 18381 ||| Stepping randomly (stuck).
 18382 | Lair:5   | 18382 ||| Stepping randomly (stuck).
 18383 | Lair:5   | 18383 ||| Stepping randomly (stuck).
 18384 | Lair:5   | 18384 ||| Stepping randomly (stuck).
 18385 | Lair:5   | 18385 ||| Stepping randomly (stuck).
 18386 | Lair:5   | 18386 ||| Stepping randomly (stuck).
 18387 | Lair:5   | 18387 ||| Stepping randomly (stuck).
 18388 | Lair:5   | 18388 ||| Stepping randomly (stuck).
 18389 | Lair:5   | 18389 ||| Stepping randomly (stuck).
 18390 | Lair:5   | 18390 ||| Stepping randomly (stuck).
 18391 | Lair:5   | 18391 ||| Stepping randomly (stuck).
 18392 | Lair:5   | 18392 ||| Stepping randomly (stuck).
 18393 | Lair:5   | 18393 ||| Stepping randomly (stuck).
 18394 | Lair:5   | 18394 ||| Stepping randomly (stuck).
 18395 | Lair:5   | 18395 ||| Stepping randomly (stuck).
 18396 | Lair:5   | 18396 ||| Stepping randomly (stuck).
 18397 | Lair:5   | 18397 ||| Stepping randomly (stuck).
 18398 | Lair:5   | 18398 ||| Stepping randomly (stuck).
 18399 | Lair:5   | 18399 ||| Stepping randomly (stuck).
 18400 | Lair:5   | 18400 ||| Stepping randomly (stuck).
 18401 | Lair:5   | 18401 ||| Stepping randomly (stuck).
 18402 | Lair:5   | 18402 ||| Stepping randomly (stuck).
 18403 | Lair:5   | 18403 ||| Stepping randomly (stuck).
 18404 | Lair:5   | 18404 ||| Stepping randomly (stuck).
 18405 | Lair:5   | 18405 ||| Stepping randomly (stuck).
 18406 | Lair:5   | 18406 ||| Stepping randomly (stuck).
 18407 | Lair:5   | 18407 ||| Stepping randomly (stuck).
 18408 | Lair:5   | 18408 ||| Stepping randomly (stuck).
 18409 | Lair:5   | 18409 ||| Stepping randomly (stuck).
 18410 | Lair:5   | 18410 ||| Stepping randomly (stuck).
 18411 | Lair:5   | 18411 ||| Stepping randomly (stuck).
 18412 | Lair:5   | 18412 ||| Stepping randomly (stuck).
 18413 | Lair:5   | 18413 ||| Stepping randomly (stuck).
 18414 | Lair:5   | 18414 ||| Stepping randomly (stuck).
 18415 | Lair:5   | 18415 ||| Stepping randomly (stuck).
 18416 | Lair:5   | 18416 ||| Stepping randomly (stuck).
 18417 | Lair:5   | 18417 ||| Stepping randomly (stuck).
 18418 | Lair:5   | 18418 ||| Stepping randomly (stuck).
 18419 | Lair:5   | 18419 ||| Stepping randomly (stuck).
 18420 | Lair:5   | 18420 ||| Stepping randomly (stuck).
 18421 | Lair:5   | 18421 ||| Stepping randomly (stuck).
 18422 | Lair:5   | 18422 ||| Stepping randomly (stuck).
 18423 | Lair:5   | 18423 ||| Stepping randomly (stuck).
 18424 | Lair:5   | 18424 ||| Stepping randomly (stuck).
 18425 | Lair:5   | 18425 ||| Stepping randomly (stuck).
 18426 | Lair:5   | 18426 ||| Stepping randomly (stuck).
 18427 | Lair:5   | 18427 ||| Stepping randomly (stuck).
 18428 | Lair:5   | 18428 ||| Stepping randomly (stuck).
 18429 | Lair:5   | 18429 ||| Stepping randomly (stuck).
 18430 | Lair:5   | 18430 ||| Stepping randomly (stuck).
 18431 | Lair:5   | 18431 ||| Stepping randomly (stuck).
 18432 | Lair:5   | 18432 ||| Stepping randomly (stuck).
 18433 | Lair:5   | 18433 ||| Stepping randomly (stuck).
 18434 | Lair:5   | 18434 ||| Stepping randomly (stuck).
 18435 | Lair:5   | 18435 ||| Stepping randomly (stuck).
 18436 | Lair:5   | 18436 ||| Stepping randomly (stuck).
 18437 | Lair:5   | 18437 ||| Stepping randomly (stuck).
 18438 | Lair:5   | 18438 ||| Stepping randomly (stuck).
 18439 | Lair:5   | 18439 ||| Stepping randomly (stuck).
 18440 | Lair:5   | 18440 ||| Stepping randomly (stuck).
 18441 | Lair:5   | 18441 ||| Stepping randomly (stuck).
 18442 | Lair:5   | 18442 ||| Stepping randomly (stuck).
 18443 | Lair:5   | 18443 ||| Stepping randomly (stuck).
 18444 | Lair:5   | 18444 ||| Stepping randomly (stuck).
 18445 | Lair:5   | 18445 ||| Stepping randomly (stuck).
 18446 | Lair:5   | 18446 ||| Stepping randomly (stuck).
 18447 | Lair:5   | 18447 ||| Stepping randomly (stuck).
 18448 | Lair:5   | 18448 ||| Stepping randomly (stuck).
 18449 | Lair:5   | 18449 ||| Stepping randomly (stuck).
 18450 | Lair:5   | 18450 ||| Stepping randomly (stuck).
 18451 | Lair:5   | 18451 ||| Stepping randomly (stuck).
 18452 | Lair:5   | 18452 ||| Stepping randomly (stuck).
 18453 | Lair:5   | 18453 ||| Stepping randomly (stuck).
 18454 | Lair:5   | 18454 ||| Stepping randomly (stuck).
 18455 | Lair:5   | 18455 ||| Stepping randomly (stuck).
 18456 | Lair:5   | 18456 ||| Stepping randomly (stuck).
 18457 | Lair:5   | 18457 ||| Stepping randomly (stuck).
 18458 | Lair:5   | 18458 ||| Stepping randomly (stuck).
 18459 | Lair:5   | 18459 ||| Stepping randomly (stuck).
 18460 | Lair:5   | 18460 ||| Stepping randomly (stuck).
 18461 | Lair:5   | 18461 ||| Stepping randomly (stuck).
 18462 | Lair:5   | 18462 ||| Stepping randomly (stuck).
 18463 | Lair:5   | 18463 ||| Stepping randomly (stuck).
 18464 | Lair:5   | 18464 ||| Stepping randomly (stuck).
 18465 | Lair:5   | 18465 ||| Stepping randomly (stuck).
 18466 | Lair:5   | 18466 ||| Stepping randomly (stuck).
 18467 | Lair:5   | 18467 ||| Stepping randomly (stuck).
 18468 | Lair:5   | 18468 ||| Stepping randomly (stuck).
 18469 | Lair:5   | 18469 ||| Stepping randomly (stuck).
 18470 | Lair:5   | 18470 ||| Stepping randomly (stuck).
 18471 | Lair:5   | 18471 ||| Stepping randomly (stuck).
 18472 | Lair:5   | 18472 ||| Stepping randomly (stuck).
 18473 | Lair:5   | 18473 ||| Stepping randomly (stuck).
 18474 | Lair:5   | 18474 ||| Stepping randomly (stuck).
 18475 | Lair:5   | 18475 ||| Stepping randomly (stuck).
 18476 | Lair:5   | 18476 ||| Stepping randomly (stuck).
 18477 | Lair:5   | 18477 ||| Stepping randomly (stuck).
 18478 | Lair:5   | 18478 ||| Stepping randomly (stuck).
 18479 | Lair:5   | 18479 ||| Stepping randomly (stuck).
 18480 | Lair:5   | 18480 ||| Stepping randomly (stuck).
 18481 | Lair:5   | 18481 ||| Stepping randomly (stuck).
 18482 | Lair:5   | 18482 ||| Stepping randomly (stuck).
 18483 | Lair:5   | 18483 ||| Stepping randomly (stuck).
 18484 | Lair:5   | 18484 ||| Stepping randomly (stuck).
 18485 | Lair:5   | 18485 ||| Stepping randomly (stuck).
 18486 | Lair:5   | 18486 ||| Stepping randomly (stuck).
 18487 | Lair:5   | 18487 ||| Stepping randomly (stuck).
 18488 | Lair:5   | 18488 ||| Stepping randomly (stuck).
 18489 | Lair:5   | 18489 ||| Stepping randomly (stuck).
 18490 | Lair:5   | 18490 ||| Stepping randomly (stuck).
 18491 | Lair:5   | 18491 ||| Stepping randomly (stuck).
 18492 | Lair:5   | 18492 ||| Stepping randomly (stuck).
 18493 | Lair:5   | 18493 ||| Stepping randomly (stuck).
 18494 | Lair:5   | 18494 ||| Stepping randomly (stuck).
 18495 | Lair:5   | 18495 ||| Stepping randomly (stuck).
 18496 | Lair:5   | 18496 ||| Stepping randomly (stuck).
 18497 | Lair:5   | 18497 ||| Stepping randomly (stuck).
 18498 | Lair:5   | 18498 ||| Stepping randomly (stuck).
 18499 | Lair:5   | 18499 ||| Stepping randomly (stuck).
 18500 | Lair:5   | 18500 ||| Stepping randomly (stuck).
 18501 | Lair:5   | 18501 ||| Stepping randomly (stuck).
 18502 | Lair:5   | 18502 ||| Stepping randomly (stuck).
 18503 | Lair:5   | 18503 ||| Stepping randomly (stuck).
 18504 | Lair:5   | 18504 ||| Stepping randomly (stuck).
 18505 | Lair:5   | 18505 ||| Stepping randomly (stuck).
 18506 | Lair:5   | 18506 ||| Stepping randomly (stuck).
 18507 | Lair:5   | 18507 ||| Stepping randomly (stuck).
 18508 | Lair:5   | 18508 ||| Stepping randomly (stuck).
 18509 | Lair:5   | 18509 ||| Stepping randomly (stuck).
 18510 | Lair:5   | 18510 ||| Stepping randomly (stuck).
 18511 | Lair:5   | 18511 ||| Stepping randomly (stuck).
 18512 | Lair:5   | 18512 ||| Stepping randomly (stuck).
 18513 | Lair:5   | 18513 ||| Stepping randomly (stuck).
 18514 | Lair:5   | 18514 ||| Stepping randomly (stuck).
 18515 | Lair:5   | 18515 ||| Stepping randomly (stuck).
 18516 | Lair:5   | 18516 ||| Stepping randomly (stuck).
 18517 | Lair:5   | 18517 ||| Stepping randomly (stuck).
 18518 | Lair:5   | 18518 ||| Stepping randomly (stuck).
 18519 | Lair:5   | 18519 ||| Stepping randomly (stuck).
 18520 | Lair:5   | 18520 ||| Stepping randomly (stuck).
 18521 | Lair:5   | 18521 ||| Stepping randomly (stuck).
 18522 | Lair:5   | 18522 ||| Stepping randomly (stuck).
 18523 | Lair:5   | 18523 ||| Stepping randomly (stuck).
 18524 | Lair:5   | 18524 ||| Stepping randomly (stuck).
 18525 | Lair:5   | 18525 ||| Stepping randomly (stuck).
 18526 | Lair:5   | 18526 ||| Stepping randomly (stuck).
 18527 | Lair:5   | 18527 ||| Stepping randomly (stuck).
 18528 | Lair:5   | 18528 ||| Stepping randomly (stuck).
 18529 | Lair:5   | 18529 ||| Stepping randomly (stuck).
 18530 | Lair:5   | 18530 ||| Stepping randomly (stuck).
 18531 | Lair:5   | 18531 ||| Stepping randomly (stuck).
 18532 | Lair:5   | 18532 ||| Stepping randomly (stuck).
 18533 | Lair:5   | 18533 ||| Stepping randomly (stuck).
 18534 | Lair:5   | 18534 ||| Stepping randomly (stuck).
 18535 | Lair:5   | 18535 ||| Stepping randomly (stuck).
 18536 | Lair:5   | 18536 ||| Stepping randomly (stuck).
 18537 | Lair:5   | 18537 ||| Stepping randomly (stuck).
 18538 | Lair:5   | 18538 ||| Stepping randomly (stuck).
 18539 | Lair:5   | 18539 ||| Stepping randomly (stuck).
 18540 | Lair:5   | 18540 ||| Stepping randomly (stuck).
 18541 | Lair:5   | 18541 ||| Stepping randomly (stuck).
 18542 | Lair:5   | 18542 ||| Stepping randomly (stuck).
 18543 | Lair:5   | 18543 ||| Stepping randomly (stuck).
 18544 | Lair:5   | 18544 ||| Stepping randomly (stuck).
 18545 | Lair:5   | 18545 ||| Stepping randomly (stuck).
 18546 | Lair:5   | 18546 ||| Stepping randomly (stuck).
 18547 | Lair:5   | 18547 ||| Stepping randomly (stuck).
 18548 | Lair:5   | 18548 ||| Stepping randomly (stuck).
 18549 | Lair:5   | 18549 ||| Stepping randomly (stuck).
 18550 | Lair:5   | 18550 ||| Stepping randomly (stuck).
 18551 | Lair:5   | 18551 ||| Stepping randomly (stuck).
 18552 | Lair:5   | 18552 ||| Stepping randomly (stuck).
 18553 | Lair:5   | 18553 ||| Stepping randomly (stuck).
 18554 | Lair:5   | 18554 ||| Stepping randomly (stuck).
 18555 | Lair:5   | 18555 ||| Stepping randomly (stuck).
 18556 | Lair:5   | 18556 ||| Stepping randomly (stuck).
 18557 | Lair:5   | 18557 ||| Stepping randomly (stuck).
 18558 | Lair:5   | 18558 ||| Stepping randomly (stuck).
 18559 | Lair:5   | 18559 ||| Stepping randomly (stuck).
 18560 | Lair:5   | 18560 ||| Stepping randomly (stuck).
 18561 | Lair:5   | 18561 ||| Stepping randomly (stuck).
 18562 | Lair:5   | 18562 ||| Stepping randomly (stuck).
 18563 | Lair:5   | 18563 ||| Stepping randomly (stuck).
 18564 | Lair:5   | 18564 ||| Stepping randomly (stuck).
 18565 | Lair:5   | 18565 ||| Stepping randomly (stuck).
 18566 | Lair:5   | 18566 ||| Stepping randomly (stuck).
 18567 | Lair:5   | 18567 ||| Stepping randomly (stuck).
 18568 | Lair:5   | 18568 ||| Stepping randomly (stuck).
 18569 | Lair:5   | 18569 ||| Stepping randomly (stuck).
 18570 | Lair:5   | 18570 ||| Stepping randomly (stuck).
 18571 | Lair:5   | 18571 ||| Stepping randomly (stuck).
 18572 | Lair:5   | 18572 ||| Stepping randomly (stuck).
 18573 | Lair:5   | 18573 ||| Stepping randomly (stuck).
 18574 | Lair:5   | 18574 ||| Stepping randomly (stuck).
 18575 | Lair:5   | 18575 ||| Stepping randomly (stuck).
 18576 | Lair:5   | 18576 ||| Stepping randomly (stuck).
 18577 | Lair:5   | 18577 ||| Stepping randomly (stuck).
 18578 | Lair:5   | 18578 ||| Stepping randomly (stuck).
 18579 | Lair:5   | 18579 ||| Stepping randomly (stuck).
 18580 | Lair:5   | 18580 ||| Stepping randomly (stuck).
 18581 | Lair:5   | 18581 ||| Stepping randomly (stuck).
 18582 | Lair:5   | 18582 ||| Stepping randomly (stuck).
 18583 | Lair:5   | 18583 ||| Stepping randomly (stuck).
 18584 | Lair:5   | 18584 ||| Stepping randomly (stuck).
 18585 | Lair:5   | 18585 ||| Stepping randomly (stuck).
 18586 | Lair:5   | 18586 ||| Stepping randomly (stuck).
 18587 | Lair:5   | 18587 ||| Stepping randomly (stuck).
 18588 | Lair:5   | 18588 ||| Stepping randomly (stuck).
 18589 | Lair:5   | 18589 ||| Stepping randomly (stuck).
 18590 | Lair:5   | 18590 ||| Stepping randomly (stuck).
 18591 | Lair:5   | 18591 ||| Stepping randomly (stuck).
 18592 | Lair:5   | 18592 ||| Stepping randomly (stuck).
 18593 | Lair:5   | 18593 ||| Stepping randomly (stuck).
 18594 | Lair:5   | 18594 ||| Stepping randomly (stuck).
 18595 | Lair:5   | 18595 ||| Stepping randomly (stuck).
 18596 | Lair:5   | 18596 ||| Stepping randomly (stuck).
 18597 | Lair:5   | 18597 ||| Stepping randomly (stuck).
 18598 | Lair:5   | 18598 ||| Stepping randomly (stuck).
 18599 | Lair:5   | 18599 ||| Stepping randomly (stuck).
 18600 | Lair:5   | 18600 ||| Stepping randomly (stuck).
 18601 | Lair:5   | 18601 ||| Stepping randomly (stuck).
 18602 | Lair:5   | 18602 ||| Stepping randomly (stuck).
 18603 | Lair:5   | 18603 ||| Stepping randomly (stuck).
 18604 | Lair:5   | 18604 ||| Stepping randomly (stuck).
 18605 | Lair:5   | 18605 ||| Stepping randomly (stuck).
 18606 | Lair:5   | 18606 ||| Stepping randomly (stuck).
 18607 | Lair:5   | 18607 ||| Stepping randomly (stuck).
 18608 | Lair:5   | 18608 ||| Stepping randomly (stuck).
 18609 | Lair:5   | 18609 ||| Stepping randomly (stuck).
 18610 | Lair:5   | 18610 ||| Stepping randomly (stuck).
 18611 | Lair:5   | 18611 ||| Stepping randomly (stuck).
 18612 | Lair:5   | 18612 ||| Stepping randomly (stuck).
 18613 | Lair:5   | 18613 ||| Stepping randomly (stuck).
 18614 | Lair:5   | 18614 ||| Stepping randomly (stuck).
 18615 | Lair:5   | 18615 ||| Stepping randomly (stuck).
 18616 | Lair:5   | 18616 ||| Stepping randomly (stuck).
 18617 | Lair:5   | 18617 ||| Stepping randomly (stuck).
 18618 | Lair:5   | 18618 ||| Stepping randomly (stuck).
 18619 | Lair:5   | 18619 ||| Stepping randomly (stuck).
 18620 | Lair:5   | 18620 ||| Stepping randomly (stuck).
 18621 | Lair:5   | 18621 ||| Stepping randomly (stuck).
 18622 | Lair:5   | 18622 ||| Stepping randomly (stuck).
 18623 | Lair:5   | 18623 ||| Stepping randomly (stuck).
 18624 | Lair:5   | 18624 ||| Stepping randomly (stuck).
 18625 | Lair:5   | 18625 ||| Stepping randomly (stuck).
 18626 | Lair:5   | 18626 ||| Stepping randomly (stuck).
 18627 | Lair:5   | 18627 ||| Stepping randomly (stuck).
 18628 | Lair:5   | 18628 ||| Stepping randomly (stuck).
 18629 | Lair:5   | 18629 ||| Stepping randomly (stuck).
 18630 | Lair:5   | 18630 ||| Stepping randomly (stuck).
 18631 | Lair:5   | 18631 ||| Stepping randomly (stuck).
 18632 | Lair:5   | 18632 ||| Stepping randomly (stuck).
 18633 | Lair:5   | 18633 ||| Stepping randomly (stuck).
 18634 | Lair:5   | 18634 ||| Stepping randomly (stuck).
 18635 | Lair:5   | 18635 ||| Stepping randomly (stuck).
 18636 | Lair:5   | 18636 ||| Stepping randomly (stuck).
 18637 | Lair:5   | 18637 ||| Stepping randomly (stuck).
 18638 | Lair:5   | 18638 ||| Stepping randomly (stuck).
 18639 | Lair:5   | 18639 ||| Stepping randomly (stuck).
 18640 | Lair:5   | 18640 ||| Stepping randomly (stuck).
 18641 | Lair:5   | 18641 ||| Stepping randomly (stuck).
 18642 | Lair:5   | 18642 ||| Stepping randomly (stuck).
 18643 | Lair:5   | 18643 ||| Stepping randomly (stuck).
 18644 | Lair:5   | 18644 ||| Stepping randomly (stuck).
 18645 | Lair:5   | 18645 ||| Stepping randomly (stuck).
 18646 | Lair:5   | 18646 ||| Stepping randomly (stuck).
 18647 | Lair:5   | 18647 ||| Stepping randomly (stuck).
 18648 | Lair:5   | 18648 ||| Stepping randomly (stuck).
 18649 | Lair:5   | 18649 ||| Stepping randomly (stuck).
 18650 | Lair:5   | 18650 ||| Stepping randomly (stuck).
 18651 | Lair:5   | 18651 ||| Stepping randomly (stuck).
 18652 | Lair:5   | 18652 ||| Stepping randomly (stuck).
 18653 | Lair:5   | 18653 ||| Stepping randomly (stuck).
 18654 | Lair:5   | 18654 ||| Stepping randomly (stuck).
 18655 | Lair:5   | 18655 ||| Stepping randomly (stuck).
 18656 | Lair:5   | 18656 ||| Stepping randomly (stuck).
 18657 | Lair:5   | 18657 ||| Stepping randomly (stuck).
 18658 | Lair:5   | 18658 ||| Stepping randomly (stuck).
 18659 | Lair:5   | 18659 ||| Stepping randomly (stuck).
 18660 | Lair:5   | 18660 ||| Stepping randomly (stuck).
 18661 | Lair:5   | 18661 ||| Stepping randomly (stuck).
 18662 | Lair:5   | 18662 ||| Stepping randomly (stuck).
 18663 | Lair:5   | 18663 ||| Stepping randomly (stuck).
 18664 | Lair:5   | 18664 ||| Stepping randomly (stuck).
 18665 | Lair:5   | 18665 ||| Stepping randomly (stuck).
 18666 | Lair:5   | 18666 ||| Stepping randomly (stuck).
 18667 | Lair:5   | 18667 ||| Stepping randomly (stuck).
 18668 | Lair:5   | 18668 ||| Stepping randomly (stuck).
 18669 | Lair:5   | 18669 ||| Stepping randomly (stuck).
 18670 | Lair:5   | 18670 ||| Stepping randomly (stuck).
 18671 | Lair:5   | 18671 ||| Stepping randomly (stuck).
 18672 | Lair:5   | 18672 ||| Stepping randomly (stuck).
 18673 | Lair:5   | 18673 ||| Stepping randomly (stuck).
 18674 | Lair:5   | 18674 ||| Stepping randomly (stuck).
 18675 | Lair:5   | 18675 ||| Stepping randomly (stuck).
 18676 | Lair:5   | 18676 ||| Stepping randomly (stuck).
 18677 | Lair:5   | 18677 ||| Stepping randomly (stuck).
 18678 | Lair:5   | 18678 ||| Stepping randomly (stuck).
 18679 | Lair:5   | 18679 ||| Stepping randomly (stuck).
 18680 | Lair:5   | 18680 ||| Stepping randomly (stuck).
 18681 | Lair:5   | 18681 ||| Stepping randomly (stuck).
 18682 | Lair:5   | 18682 ||| Stepping randomly (stuck).
 18683 | Lair:5   | 18683 ||| Stepping randomly (stuck).
 18684 | Lair:5   | 18684 ||| Stepping randomly (stuck).
 18685 | Lair:5   | 18685 ||| Stepping randomly (stuck).
 18686 | Lair:5   | 18686 ||| Stepping randomly (stuck).
 18687 | Lair:5   | 18687 ||| Stepping randomly (stuck).
 18688 | Lair:5   | 18688 ||| Stepping randomly (stuck).
 18689 | Lair:5   | 18689 ||| Stepping randomly (stuck).
 18690 | Lair:5   | 18690 ||| Stepping randomly (stuck).
 18691 | Lair:5   | 18691 ||| Stepping randomly (stuck).
 18692 | Lair:5   | 18692 ||| Stepping randomly (stuck).
 18693 | Lair:5   | 18693 ||| Stepping randomly (stuck).
 18694 | Lair:5   | 18694 ||| Stepping randomly (stuck).
 18695 | Lair:5   | 18695 ||| Stepping randomly (stuck).
 18696 | Lair:5   | 18696 ||| Stepping randomly (stuck).
 18697 | Lair:5   | 18697 ||| Stepping randomly (stuck).
 18698 | Lair:5   | 18698 ||| Stepping randomly (stuck).
 18699 | Lair:5   | 18699 ||| Stepping randomly (stuck).
 18700 | Lair:5   | 18700 ||| Stepping randomly (stuck).
 18701 | Lair:5   | 18701 ||| Stepping randomly (stuck).
 18702 | Lair:5   | 18702 ||| Stepping randomly (stuck).
 18703 | Lair:5   | 18703 ||| Stepping randomly (stuck).
 18704 | Lair:5   | 18704 ||| Stepping randomly (stuck).
 18705 | Lair:5   | 18705 ||| Stepping randomly (stuck).
 18706 | Lair:5   | 18706 ||| Stepping randomly (stuck).
 18707 | Lair:5   | 18707 ||| Stepping randomly (stuck).
 18708 | Lair:5   | 18708 ||| Stepping randomly (stuck).
 18709 | Lair:5   | 18709 ||| Stepping randomly (stuck).
 18710 | Lair:5   | 18710 ||| Stepping randomly (stuck).
 18711 | Lair:5   | 18711 ||| Stepping randomly (stuck).
 18712 | Lair:5   | 18712 ||| Stepping randomly (stuck).
 18713 | Lair:5   | 18713 ||| Stepping randomly (stuck).
 18714 | Lair:5   | 18714 ||| Stepping randomly (stuck).
 18715 | Lair:5   | 18715 ||| Stepping randomly (stuck).
 18716 | Lair:5   | 18716 ||| Stepping randomly (stuck).
 18717 | Lair:5   | 18717 ||| Stepping randomly (stuck).
 18718 | Lair:5   | 18718 ||| Stepping randomly (stuck).
 18719 | Lair:5   | 18719 ||| Stepping randomly (stuck).
 18720 | Lair:5   | 18720 ||| Stepping randomly (stuck).
 18721 | Lair:5   | 18721 ||| Stepping randomly (stuck).
 18722 | Lair:5   | 18722 ||| Stepping randomly (stuck).
 18723 | Lair:5   | 18723 ||| Stepping randomly (stuck).
 18724 | Lair:5   | 18724 ||| Stepping randomly (stuck).
 18725 | Lair:5   | 18725 ||| Stepping randomly (stuck).
 18726 | Lair:5   | 18726 ||| Stepping randomly (stuck).
 18727 | Lair:5   | 18727 ||| Stepping randomly (stuck).
 18728 | Lair:5   | 18728 ||| Stepping randomly (stuck).
 18729 | Lair:5   | 18729 ||| Stepping randomly (stuck).
 18730 | Lair:5   | 18730 ||| Stepping randomly (stuck).
 18731 | Lair:5   | 18731 ||| Stepping randomly (stuck).
 18732 | Lair:5   | 18732 ||| Stepping randomly (stuck).
 18733 | Lair:5   | 18733 ||| Stepping randomly (stuck).
 18734 | Lair:5   | 18734 ||| Stepping randomly (stuck).
 18735 | Lair:5   | 18735 ||| Stepping randomly (stuck).
 18736 | Lair:5   | 18736 ||| Stepping randomly (stuck).
 18737 | Lair:5   | 18737 ||| Stepping randomly (stuck).
 18738 | Lair:5   | 18738 ||| Stepping randomly (stuck).
 18739 | Lair:5   | 18739 ||| Stepping randomly (stuck).
 18740 | Lair:5   | 18740 ||| Stepping randomly (stuck).
 18741 | Lair:5   | 18741 ||| Stepping randomly (stuck).
 18742 | Lair:5   | 18742 ||| Stepping randomly (stuck).
 18743 | Lair:5   | 18743 ||| Stepping randomly (stuck).
 18744 | Lair:5   | 18744 ||| Stepping randomly (stuck).
 18745 | Lair:5   | 18745 ||| Stepping randomly (stuck).
 18746 | Lair:5   | 18746 ||| Stepping randomly (stuck).
 18747 | Lair:5   | 18747 ||| Stepping randomly (stuck).
 18748 | Lair:5   | 18748 ||| Stepping randomly (stuck).
 18749 | Lair:5   | 18749 ||| Stepping randomly (stuck).
 18750 | Lair:5   | 18750 ||| Stepping randomly (stuck).
 18751 | Lair:5   | 18751 ||| Stepping randomly (stuck).
 18752 | Lair:5   | 18752 ||| Stepping randomly (stuck).
 18753 | Lair:5   | 18753 ||| Stepping randomly (stuck).
 18754 | Lair:5   | 18754 ||| Stepping randomly (stuck).
 18755 | Lair:5   | 18755 ||| Stepping randomly (stuck).
 18756 | Lair:5   | 18756 ||| Stepping randomly (stuck).
 18757 | Lair:5   | 18757 ||| Stepping randomly (stuck).
 18758 | Lair:5   | 18758 ||| Stepping randomly (stuck).
 18759 | Lair:5   | 18759 ||| Stepping randomly (stuck).
 18760 | Lair:5   | 18760 ||| Stepping randomly (stuck).
 18761 | Lair:5   | 18761 ||| Stepping randomly (stuck).
 18762 | Lair:5   | 18762 ||| Stepping randomly (stuck).
 18763 | Lair:5   | 18763 ||| Stepping randomly (stuck).
 18764 | Lair:5   | 18764 ||| Stepping randomly (stuck).
 18765 | Lair:5   | 18765 ||| Stepping randomly (stuck).
 18766 | Lair:5   | 18766 ||| Stepping randomly (stuck).
 18767 | Lair:5   | 18767 ||| Stepping randomly (stuck).
 18768 | Lair:5   | 18768 ||| Stepping randomly (stuck).
 18769 | Lair:5   | 18769 ||| Stepping randomly (stuck).
 18770 | Lair:5   | 18770 ||| Stepping randomly (stuck).
 18771 | Lair:5   | 18771 ||| Stepping randomly (stuck).
 18772 | Lair:5   | 18772 ||| Stepping randomly (stuck).
 18773 | Lair:5   | 18773 ||| Stepping randomly (stuck).
 18774 | Lair:5   | 18774 ||| Stepping randomly (stuck).
 18775 | Lair:5   | 18775 ||| Stepping randomly (stuck).
 18776 | Lair:5   | 18776 ||| Stepping randomly (stuck).
 18777 | Lair:5   | 18777 ||| Stepping randomly (stuck).
 18778 | Lair:5   | 18778 ||| Stepping randomly (stuck).
 18779 | Lair:5   | 18779 ||| Stepping randomly (stuck).
 18780 | Lair:5   | 18780 ||| Stepping randomly (stuck).
 18781 | Lair:5   | 18781 ||| Stepping randomly (stuck).
 18782 | Lair:5   | 18782 ||| Stepping randomly (stuck).
 18783 | Lair:5   | 18783 ||| Stepping randomly (stuck).
 18784 | Lair:5   | 18784 ||| Stepping randomly (stuck).
 18785 | Lair:5   | 18785 ||| Stepping randomly (stuck).
 18786 | Lair:5   | 18786 ||| Stepping randomly (stuck).
 18787 | Lair:5   | 18787 ||| Stepping randomly (stuck).
 18788 | Lair:5   | 18788 ||| Stepping randomly (stuck).
 18789 | Lair:5   | 18789 ||| Stepping randomly (stuck).
 18790 | Lair:5   | 18790 ||| Stepping randomly (stuck).
 18791 | Lair:5   | 18791 ||| Stepping randomly (stuck).
 18792 | Lair:5   | 18792 ||| Stepping randomly (stuck).
 18793 | Lair:5   | 18793 ||| Stepping randomly (stuck).
 18794 | Lair:5   | 18794 ||| Stepping randomly (stuck).
 18795 | Lair:5   | 18795 ||| Stepping randomly (stuck).
 18796 | Lair:5   | 18796 ||| Stepping randomly (stuck).
 18797 | Lair:5   | 18797 ||| Stepping randomly (stuck).
 18798 | Lair:5   | 18798 ||| Stepping randomly (stuck).
 18799 | Lair:5   | 18799 ||| Stepping randomly (stuck).
 18800 | Lair:5   | 18800 ||| Stepping randomly (stuck).
 18801 | Lair:5   | 18801 ||| Stepping randomly (stuck).
 18802 | Lair:5   | 18802 ||| Stepping randomly (stuck).
 18803 | Lair:5   | 18803 ||| Stepping randomly (stuck).
 18804 | Lair:5   | 18804 ||| Stepping randomly (stuck).
 18805 | Lair:5   | 18805 ||| Stepping randomly (stuck).
 18806 | Lair:5   | 18806 ||| Stepping randomly (stuck).
 18807 | Lair:5   | 18807 ||| Stepping randomly (stuck).
 18808 | Lair:5   | 18808 ||| Stepping randomly (stuck).
 18809 | Lair:5   | 18809 ||| Stepping randomly (stuck).
 18810 | Lair:5   | 18810 ||| Stepping randomly (stuck).
 18811 | Lair:5   | 18811 ||| Stepping randomly (stuck).
 18812 | Lair:5   | 18812 ||| Stepping randomly (stuck).
 18813 | Lair:5   | 18813 ||| Stepping randomly (stuck).
 18814 | Lair:5   | 18814 ||| Stepping randomly (stuck).
 18815 | Lair:5   | 18815 ||| Stepping randomly (stuck).
 18816 | Lair:5   | 18816 ||| Stepping randomly (stuck).
 18817 | Lair:5   | 18817 ||| Stepping randomly (stuck).
 18818 | Lair:5   | 18818 ||| Stepping randomly (stuck).
 18819 | Lair:5   | 18819 ||| Stepping randomly (stuck).
 18820 | Lair:5   | 18820 ||| Stepping randomly (stuck).
 18821 | Lair:5   | 18821 ||| Stepping randomly (stuck).
 18822 | Lair:5   | 18822 ||| Stepping randomly (stuck).
 18823 | Lair:5   | 18823 ||| Stepping randomly (stuck).
 18824 | Lair:5   | 18824 ||| Stepping randomly (stuck).
 18825 | Lair:5   | 18825 ||| Stepping randomly (stuck).
 18826 | Lair:5   | 18826 ||| Stepping randomly (stuck).
 18827 | Lair:5   | 18827 ||| Stepping randomly (stuck).
 18828 | Lair:5   | 18828 ||| Stepping randomly (stuck).
 18829 | Lair:5   | 18829 ||| Stepping randomly (stuck).
 18830 | Lair:5   | 18830 ||| Stepping randomly (stuck).
 18831 | Lair:5   | 18831 ||| Stepping randomly (stuck).
 18832 | Lair:5   | 18832 ||| Stepping randomly (stuck).
 18833 | Lair:5   | 18833 ||| Stepping randomly (stuck).
 18834 | Lair:5   | 18834 ||| Stepping randomly (stuck).
 18835 | Lair:5   | 18835 ||| Stepping randomly (stuck).
 18836 | Lair:5   | 18836 ||| Stepping randomly (stuck).
 18837 | Lair:5   | 18837 ||| Stepping randomly (stuck).
 18838 | Lair:5   | 18838 ||| Stepping randomly (stuck).
 18839 | Lair:5   | 18839 ||| Stepping randomly (stuck).
 18840 | Lair:5   | 18840 ||| Stepping randomly (stuck).
 18841 | Lair:5   | 18841 ||| Stepping randomly (stuck).
 18842 | Lair:5   | 18842 ||| Stepping randomly (stuck).
 18843 | Lair:5   | 18843 ||| Stepping randomly (stuck).
 18844 | Lair:5   | 18844 ||| Stepping randomly (stuck).
 18845 | Lair:5   | 18845 ||| Stepping randomly (stuck).
 18846 | Lair:5   | 18846 ||| Stepping randomly (stuck).
 18847 | Lair:5   | 18847 ||| Stepping randomly (stuck).
 18848 | Lair:5   | 18848 ||| Stepping randomly (stuck).
 18849 | Lair:5   | 18849 ||| Stepping randomly (stuck).
 18850 | Lair:5   | 18850 ||| Stepping randomly (stuck).
 18851 | Lair:5   | 18851 ||| Stepping randomly (stuck).
 18852 | Lair:5   | 18852 ||| Stepping randomly (stuck).
 18853 | Lair:5   | 18853 ||| Stepping randomly (stuck).
 18854 | Lair:5   | 18854 ||| Stepping randomly (stuck).
 18855 | Lair:5   | 18855 ||| Stepping randomly (stuck).
 18856 | Lair:5   | 18856 ||| Stepping randomly (stuck).
 18857 | Lair:5   | 18857 ||| Stepping randomly (stuck).
 18858 | Lair:5   | 18858 ||| Stepping randomly (stuck).
 18859 | Lair:5   | 18859 ||| Stepping randomly (stuck).
 18860 | Lair:5   | 18860 ||| Stepping randomly (stuck).
 18861 | Lair:5   | 18861 ||| Stepping randomly (stuck).
 18862 | Lair:5   | 18862 ||| Stepping randomly (stuck).
 18863 | Lair:5   | 18863 ||| Stepping randomly (stuck).
 18864 | Lair:5   | 18864 ||| Stepping randomly (stuck).
 18865 | Lair:5   | 18865 ||| Stepping randomly (stuck).
 18866 | Lair:5   | 18866 ||| Stepping randomly (stuck).
 18867 | Lair:5   | 18867 ||| Stepping randomly (stuck).
 18868 | Lair:5   | 18868 ||| Stepping randomly (stuck).
 18869 | Lair:5   | 18869 ||| Stepping randomly (stuck).
 18870 | Lair:5   | 18870 ||| Stepping randomly (stuck).
 18871 | Lair:5   | 18871 ||| Stepping randomly (stuck).
 18872 | Lair:5   | 18872 ||| Stepping randomly (stuck).
 18873 | Lair:5   | 18873 ||| Stepping randomly (stuck).
 18874 | Lair:5   | 18874 ||| Stepping randomly (stuck).
 18875 | Lair:5   | 18875 ||| Stepping randomly (stuck).
 18876 | Lair:5   | 18876 ||| Stepping randomly (stuck).
 18877 | Lair:5   | 18877 ||| Stepping randomly (stuck).
 18878 | Lair:5   | 18878 ||| Stepping randomly (stuck).
 18879 | Lair:5   | 18879 ||| Stepping randomly (stuck).
 18880 | Lair:5   | 18880 ||| Stepping randomly (stuck).
 18881 | Lair:5   | 18881 ||| Stepping randomly (stuck).
 18882 | Lair:5   | 18882 ||| Stepping randomly (stuck).
 18883 | Lair:5   | 18883 ||| Stepping randomly (stuck).
 18884 | Lair:5   | 18884 ||| Stepping randomly (stuck).
 18885 | Lair:5   | 18885 ||| Stepping randomly (stuck).
 18886 | Lair:5   | 18886 ||| Stepping randomly (stuck).
 18887 | Lair:5   | 18887 ||| Stepping randomly (stuck).
 18888 | Lair:5   | 18888 ||| Stepping randomly (stuck).
 18889 | Lair:5   | 18889 ||| Stepping randomly (stuck).
 18890 | Lair:5   | 18890 ||| Stepping randomly (stuck).
 18891 | Lair:5   | 18891 ||| Stepping randomly (stuck).
 18892 | Lair:5   | 18892 ||| Stepping randomly (stuck).
 18893 | Lair:5   | 18893 ||| Stepping randomly (stuck).
 18894 | Lair:5   | 18894 ||| Stepping randomly (stuck).
 18895 | Lair:5   | 18895 ||| Stepping randomly (stuck).
 18896 | Lair:5   | 18896 ||| Stepping randomly (stuck).
 18897 | Lair:5   | 18897 ||| Stepping randomly (stuck).
 18898 | Lair:5   | 18898 ||| Stepping randomly (stuck).
 18899 | Lair:5   | 18899 ||| Stepping randomly (stuck).
 18900 | Lair:5   | 18900 ||| Stepping randomly (stuck).
 18901 | Lair:5   | 18901 ||| Stepping randomly (stuck).
 18902 | Lair:5   | 18902 ||| Stepping randomly (stuck).
 18903 | Lair:5   | 18903 ||| Stepping randomly (stuck).
 18904 | Lair:5   | 18904 ||| Stepping randomly (stuck).
 18905 | Lair:5   | 18905 ||| Stepping randomly (stuck).
 18906 | Lair:5   | 18906 ||| Stepping randomly (stuck).
 18907 | Lair:5   | 18907 ||| Stepping randomly (stuck).
 18908 | Lair:5   | 18908 ||| Stepping randomly (stuck).
 18909 | Lair:5   | 18909 ||| Stepping randomly (stuck).
 18910 | Lair:5   | 18910 ||| Stepping randomly (stuck).
 18911 | Lair:5   | 18911 ||| Stepping randomly (stuck).
 18912 | Lair:5   | 18912 ||| Stepping randomly (stuck).
 18913 | Lair:5   | 18913 ||| Stepping randomly (stuck).
 18914 | Lair:5   | 18914 ||| Stepping randomly (stuck).
 18915 | Lair:5   | 18915 ||| Stepping randomly (stuck).
 18916 | Lair:5   | 18916 ||| Stepping randomly (stuck).
 18917 | Lair:5   | 18917 ||| Stepping randomly (stuck).
 18918 | Lair:5   | 18918 ||| Stepping randomly (stuck).
 18919 | Lair:5   | 18919 ||| Stepping randomly (stuck).
 18920 | Lair:5   | 18920 ||| Stepping randomly (stuck).
 18921 | Lair:5   | 18921 ||| Stepping randomly (stuck).
 18922 | Lair:5   | 18922 ||| Stepping randomly (stuck).
 18923 | Lair:5   | 18923 ||| Stepping randomly (stuck).
 18924 | Lair:5   | 18924 ||| Stepping randomly (stuck).
 18925 | Lair:5   | 18925 ||| Stepping randomly (stuck).
 18926 | Lair:5   | 18926 ||| Stepping randomly (stuck).
 18927 | Lair:5   | 18927 ||| Stepping randomly (stuck).
 18928 | Lair:5   | 18928 ||| Stepping randomly (stuck).
 18929 | Lair:5   | 18929 ||| Stepping randomly (stuck).
 18930 | Lair:5   | 18930 ||| Stepping randomly (stuck).
 18931 | Lair:5   | 18931 ||| Stepping randomly (stuck).
 18932 | Lair:5   | 18932 ||| Stepping randomly (stuck).
 18933 | Lair:5   | 18933 ||| Stepping randomly (stuck).
 18934 | Lair:5   | 18934 ||| Stepping randomly (stuck).
 18935 | Lair:5   | 18935 ||| Stepping randomly (stuck).
 18936 | Lair:5   | 18936 ||| Stepping randomly (stuck).
 18937 | Lair:5   | 18937 ||| Stepping randomly (stuck).
 18938 | Lair:5   | 18938 ||| Stepping randomly (stuck).
 18939 | Lair:5   | 18939 ||| Stepping randomly (stuck).
 18940 | Lair:5   | 18940 ||| Stepping randomly (stuck).
 18941 | Lair:5   | 18941 ||| Stepping randomly (stuck).
 18942 | Lair:5   | 18942 ||| Stepping randomly (stuck).
 18943 | Lair:5   | 18943 ||| Stepping randomly (stuck).
 18944 | Lair:5   | 18944 ||| Stepping randomly (stuck).
 18945 | Lair:5   | 18945 ||| Stepping randomly (stuck).
 18946 | Lair:5   | 18946 ||| Stepping randomly (stuck).
 18947 | Lair:5   | 18947 ||| Stepping randomly (stuck).
 18948 | Lair:5   | 18948 ||| Stepping randomly (stuck).
 18949 | Lair:5   | 18949 ||| Stepping randomly (stuck).
 18950 | Lair:5   | 18950 ||| Stepping randomly (stuck).
 18951 | Lair:5   | 18951 ||| Stepping randomly (stuck).
 18952 | Lair:5   | 18952 ||| Stepping randomly (stuck).
 18953 | Lair:5   | 18953 ||| Stepping randomly (stuck).
 18954 | Lair:5   | 18954 ||| Stepping randomly (stuck).
 18955 | Lair:5   | 18955 ||| Stepping randomly (stuck).
 18956 | Lair:5   | 18956 ||| Stepping randomly (stuck).
 18957 | Lair:5   | 18957 ||| Stepping randomly (stuck).
 18958 | Lair:5   | 18958 ||| Stepping randomly (stuck).
 18959 | Lair:5   | 18959 ||| Stepping randomly (stuck).
 18960 | Lair:5   | 18960 ||| Stepping randomly (stuck).
 18961 | Lair:5   | 18961 ||| Stepping randomly (stuck).
 18962 | Lair:5   | 18962 ||| Stepping randomly (stuck).
 18963 | Lair:5   | 18963 ||| Stepping randomly (stuck).
 18964 | Lair:5   | 18964 ||| Stepping randomly (stuck).
 18965 | Lair:5   | 18965 ||| Stepping randomly (stuck).
 18966 | Lair:5   | 18966 ||| Stepping randomly (stuck).
 18967 | Lair:5   | 18967 ||| Stepping randomly (stuck).
 18968 | Lair:5   | 18968 ||| Stepping randomly (stuck).
 18969 | Lair:5   | 18969 ||| Stepping randomly (stuck).
 18970 | Lair:5   | 18970 ||| Stepping randomly (stuck).
 18971 | Lair:5   | 18971 ||| Stepping randomly (stuck).
 18972 | Lair:5   | 18972 ||| Stepping randomly (stuck).
 18973 | Lair:5   | 18973 ||| Stepping randomly (stuck).
 18974 | Lair:5   | 18974 ||| Stepping randomly (stuck).
 18975 | Lair:5   | 18975 ||| Stepping randomly (stuck).
 18976 | Lair:5   | 18976 ||| Stepping randomly (stuck).
 18977 | Lair:5   | 18977 ||| Stepping randomly (stuck).
 18978 | Lair:5   | 18978 ||| Stepping randomly (stuck).
 18979 | Lair:5   | 18979 ||| Stepping randomly (stuck).
 18980 | Lair:5   | 18980 ||| Stepping randomly (stuck).
 18981 | Lair:5   | 18981 ||| Stepping randomly (stuck).
 18982 | Lair:5   | 18982 ||| Stepping randomly (stuck).
 18983 | Lair:5   | 18983 ||| Stepping randomly (stuck).
 18984 | Lair:5   | 18984 ||| Stepping randomly (stuck).
 18985 | Lair:5   | 18985 ||| Stepping randomly (stuck).
 18986 | Lair:5   | 18986 ||| Stepping randomly (stuck).
 18987 | Lair:5   | 18987 ||| Stepping randomly (stuck).
 18988 | Lair:5   | 18988 ||| Stepping randomly (stuck).
 18989 | Lair:5   | 18989 ||| Stepping randomly (stuck).
 18990 | Lair:5   | 18990 ||| Stepping randomly (stuck).
 18991 | Lair:5   | 18991 ||| Stepping randomly (stuck).
 18992 | Lair:5   | 18992 ||| Stepping randomly (stuck).
 18993 | Lair:5   | 18993 ||| Stepping randomly (stuck).
 18994 | Lair:5   | 18994 ||| Stepping randomly (stuck).
 18995 | Lair:5   | 18995 ||| Stepping randomly (stuck).
 18996 | Lair:5   | 18996 ||| Stepping randomly (stuck).
 18997 | Lair:5   | 18997 ||| Stepping randomly (stuck).
 18998 | Lair:5   | 18998 ||| Stepping randomly (stuck).
 18999 | Lair:5   | 18999 ||| Stepping randomly (stuck).
 19000 | Lair:5   | 19000 ||| Stepping randomly (stuck).
 19001 | Lair:5   | 19001 ||| Stepping randomly (stuck).
 19002 | Lair:5   | 19002 ||| Stepping randomly (stuck).
 19003 | Lair:5   | 19003 ||| Stepping randomly (stuck).
 19004 | Lair:5   | 19004 ||| Stepping randomly (stuck).
 19005 | Lair:5   | 19005 ||| Stepping randomly (stuck).
 19006 | Lair:5   | 19006 ||| Stepping randomly (stuck).
 19007 | Lair:5   | 19007 ||| Stepping randomly (stuck).
 19008 | Lair:5   | 19008 ||| Stepping randomly (stuck).
 19009 | Lair:5   | 19009 ||| Stepping randomly (stuck).
 19010 | Lair:5   | 19010 ||| Stepping randomly (stuck).
 19011 | Lair:5   | 19011 ||| Stepping randomly (stuck).
 19012 | Lair:5   | 19012 ||| Stepping randomly (stuck).
 19013 | Lair:5   | 19013 ||| Stepping randomly (stuck).
 19014 | Lair:5   | 19014 ||| Stepping randomly (stuck).
 19015 | Lair:5   | 19015 ||| Stepping randomly (stuck).
 19016 | Lair:5   | 19016 ||| Stepping randomly (stuck).
 19017 | Lair:5   | 19017 ||| Stepping randomly (stuck).
 19018 | Lair:5   | 19018 ||| Stepping randomly (stuck).
 19019 | Lair:5   | 19019 ||| Stepping randomly (stuck).
 19020 | Lair:5   | 19020 ||| Stepping randomly (stuck).
 19021 | Lair:5   | 19021 ||| Stepping randomly (stuck).
 19022 | Lair:5   | 19022 ||| Stepping randomly (stuck).
 19023 | Lair:5   | 19023 ||| Stepping randomly (stuck).
 19024 | Lair:5   | 19024 ||| Stepping randomly (stuck).
 19025 | Lair:5   | 19025 ||| Stepping randomly (stuck).
 19026 | Lair:5   | 19026 ||| Stepping randomly (stuck).
 19027 | Lair:5   | 19027 ||| Stepping randomly (stuck).
 19028 | Lair:5   | 19028 ||| Stepping randomly (stuck).
 19029 | Lair:5   | 19029 ||| Stepping randomly (stuck).
 19030 | Lair:5   | 19030 ||| Stepping randomly (stuck).
 19031 | Lair:5   | 19031 ||| Stepping randomly (stuck).
 19032 | Lair:5   | 19032 ||| Stepping randomly (stuck).
 19033 | Lair:5   | 19033 ||| Stepping randomly (stuck).
 19034 | Lair:5   | 19034 ||| Stepping randomly (stuck).
 19035 | Lair:5   | 19035 ||| Stepping randomly (stuck).
 19036 | Lair:5   | 19036 ||| Stepping randomly (stuck).
 19037 | Lair:5   | 19037 ||| Stepping randomly (stuck).
 19038 | Lair:5   | 19038 ||| Stepping randomly (stuck).
 19039 | Lair:5   | 19039 ||| Stepping randomly (stuck).
 19040 | Lair:5   | 19040 ||| Stepping randomly (stuck).
 19041 | Lair:5   | 19041 ||| Stepping randomly (stuck).
 19042 | Lair:5   | 19042 ||| Stepping randomly (stuck).
 19043 | Lair:5   | 19043 ||| Stepping randomly (stuck).
 19044 | Lair:5   | 19044 ||| Stepping randomly (stuck).
 19045 | Lair:5   | 19045 ||| Stepping randomly (stuck).
 19046 | Lair:5   | 19046 ||| Stepping randomly (stuck).
 19047 | Lair:5   | 19047 ||| Stepping randomly (stuck).
 19048 | Lair:5   | 19048 ||| Stepping randomly (stuck).
 19049 | Lair:5   | 19049 ||| Stepping randomly (stuck).
 19050 | Lair:5   | 19050 ||| Stepping randomly (stuck).
 19051 | Lair:5   | 19051 ||| Stepping randomly (stuck).
 19052 | Lair:5   | 19052 ||| Stepping randomly (stuck).
 19053 | Lair:5   | 19053 ||| Stepping randomly (stuck).
 19054 | Lair:5   | 19054 ||| Stepping randomly (stuck).
 19055 | Lair:5   | 19055 ||| Stepping randomly (stuck).
 19056 | Lair:5   | 19056 ||| Stepping randomly (stuck).
 19057 | Lair:5   | 19057 ||| Stepping randomly (stuck).
 19058 | Lair:5   | 19058 ||| Stepping randomly (stuck).
 19059 | Lair:5   | 19059 ||| Stepping randomly (stuck).
 19060 | Lair:5   | 19060 ||| Stepping randomly (stuck).
 19061 | Lair:5   | 19061 ||| Stepping randomly (stuck).
 19062 | Lair:5   | 19062 ||| Stepping randomly (stuck).
 19063 | Lair:5   | 19063 ||| Stepping randomly (stuck).
 19064 | Lair:5   | 19064 ||| Stepping randomly (stuck).
 19065 | Lair:5   | 19065 ||| Stepping randomly (stuck).
 19066 | Lair:5   | 19066 ||| Stepping randomly (stuck).
 19067 | Lair:5   | 19067 ||| Stepping randomly (stuck).
 19068 | Lair:5   | 19068 ||| Stepping randomly (stuck).
 19069 | Lair:5   | 19069 ||| Stepping randomly (stuck).
 19070 | Lair:5   | 19070 ||| Stepping randomly (stuck).
 19071 | Lair:5   | 19071 ||| Stepping randomly (stuck).
 19072 | Lair:5   | 19072 ||| Stepping randomly (stuck).
 19073 | Lair:5   | 19073 ||| Stepping randomly (stuck).
 19074 | Lair:5   | 19074 ||| Stepping randomly (stuck).
 19075 | Lair:5   | 19075 ||| Stepping randomly (stuck).
 19076 | Lair:5   | 19076 ||| Stepping randomly (stuck).
 19077 | Lair:5   | 19077 ||| Stepping randomly (stuck).
 19078 | Lair:5   | 19078 ||| Stepping randomly (stuck).
 19079 | Lair:5   | 19079 ||| Stepping randomly (stuck).
 19080 | Lair:5   | 19080 ||| Stepping randomly (stuck).
 19081 | Lair:5   | 19081 ||| Stepping randomly (stuck).
 19082 | Lair:5   | 19082 ||| Stepping randomly (stuck).
 19083 | Lair:5   | 19083 ||| Stepping randomly (stuck).
 19084 | Lair:5   | 19084 ||| Stepping randomly (stuck).
 19085 | Lair:5   | 19085 ||| Stepping randomly (stuck).
 19086 | Lair:5   | 19086 ||| Stepping randomly (stuck).
 19087 | Lair:5   | 19087 ||| Stepping randomly (stuck).
 19088 | Lair:5   | 19088 ||| Stepping randomly (stuck).
 19089 | Lair:5   | 19089 ||| Stepping randomly (stuck).
 19090 | Lair:5   | 19090 ||| Stepping randomly (stuck).
 19091 | Lair:5   | 19091 ||| Stepping randomly (stuck).
 19092 | Lair:5   | 19092 ||| Stepping randomly (stuck).
 19093 | Lair:5   | 19093 ||| Stepping randomly (stuck).
 19094 | Lair:5   | 19094 ||| Stepping randomly (stuck).
 19095 | Lair:5   | 19095 ||| Stepping randomly (stuck).
 19096 | Lair:5   | 19096 ||| Stepping randomly (stuck).
 19097 | Lair:5   | 19097 ||| Stepping randomly (stuck).
 19098 | Lair:5   | 19098 ||| Stepping randomly (stuck).
 19099 | Lair:5   | 19099 ||| Stepping randomly (stuck).
 19100 | Lair:5   | 19100 ||| Stepping randomly (stuck).
 19101 | Lair:5   | 19101 ||| Stepping randomly (stuck).
 19102 | Lair:5   | 19102 ||| Stepping randomly (stuck).
 19103 | Lair:5   | 19103 ||| Stepping randomly (stuck).
 19104 | Lair:5   | 19104 ||| Stepping randomly (stuck).
 19105 | Lair:5   | 19105 ||| Stepping randomly (stuck).
 19106 | Lair:5   | 19106 ||| Stepping randomly (stuck).
 19107 | Lair:5   | 19107 ||| Stepping randomly (stuck).
 19108 | Lair:5   | 19108 ||| Stepping randomly (stuck).
 19109 | Lair:5   | 19109 ||| Stepping randomly (stuck).
 19110 | Lair:5   | 19110 ||| Stepping randomly (stuck).
 19111 | Lair:5   | 19111 ||| Stepping randomly (stuck).
 19112 | Lair:5   | 19112 ||| Stepping randomly (stuck).
 19113 | Lair:5   | 19113 ||| Stepping randomly (stuck).
 19114 | Lair:5   | 19114 ||| Stepping randomly (stuck).
 19115 | Lair:5   | 19115 ||| Stepping randomly (stuck).
 19116 | Lair:5   | 19116 ||| Stepping randomly (stuck).
 19117 | Lair:5   | 19117 ||| Stepping randomly (stuck).
 19118 | Lair:5   | 19118 ||| Stepping randomly (stuck).
 19119 | Lair:5   | 19119 ||| Stepping randomly (stuck).
 19120 | Lair:5   | 19120 ||| Stepping randomly (stuck).
 19121 | Lair:5   | 19121 ||| Stepping randomly (stuck).
 19122 | Lair:5   | 19122 ||| Stepping randomly (stuck).
 19123 | Lair:5   | 19123 ||| Stepping randomly (stuck).
 19124 | Lair:5   | 19124 ||| Stepping randomly (stuck).
 19125 | Lair:5   | 19125 ||| Stepping randomly (stuck).
 19126 | Lair:5   | 19126 ||| Stepping randomly (stuck).
 19127 | Lair:5   | 19127 ||| Stepping randomly (stuck).
 19128 | Lair:5   | 19128 ||| Stepping randomly (stuck).
 19129 | Lair:5   | 19129 ||| Stepping randomly (stuck).
 19130 | Lair:5   | 19130 ||| Stepping randomly (stuck).
 19131 | Lair:5   | 19131 ||| Stepping randomly (stuck).
 19132 | Lair:5   | 19132 ||| Stepping randomly (stuck).
 19133 | Lair:5   | 19133 ||| Stepping randomly (stuck).
 19134 | Lair:5   | 19134 ||| Stepping randomly (stuck).
 19135 | Lair:5   | 19135 ||| Stepping randomly (stuck).
 19136 | Lair:5   | 19136 ||| Stepping randomly (stuck).
 19137 | Lair:5   | 19137 ||| Stepping randomly (stuck).
 19138 | Lair:5   | 19138 ||| Stepping randomly (stuck).
 19139 | Lair:5   | 19139 ||| Stepping randomly (stuck).
 19140 | Lair:5   | 19140 ||| Stepping randomly (stuck).
 19141 | Lair:5   | 19141 ||| Stepping randomly (stuck).
 19142 | Lair:5   | 19142 ||| Stepping randomly (stuck).
 19143 | Lair:5   | 19143 ||| Stepping randomly (stuck).
 19144 | Lair:5   | 19144 ||| Stepping randomly (stuck).
 19145 | Lair:5   | 19145 ||| Stepping randomly (stuck).
 19146 | Lair:5   | 19146 ||| Stepping randomly (stuck).
 19147 | Lair:5   | 19147 ||| Stepping randomly (stuck).
 19148 | Lair:5   | 19148 ||| Stepping randomly (stuck).
 19149 | Lair:5   | 19149 ||| Stepping randomly (stuck).
 19150 | Lair:5   | 19150 ||| Stepping randomly (stuck).
 19151 | Lair:5   | 19151 ||| Stepping randomly (stuck).
 19152 | Lair:5   | 19152 ||| Stepping randomly (stuck).
 19153 | Lair:5   | 19153 ||| Stepping randomly (stuck).
 19154 | Lair:5   | 19154 ||| Stepping randomly (stuck).
 19155 | Lair:5   | 19155 ||| Stepping randomly (stuck).
 19156 | Lair:5   | 19156 ||| Stepping randomly (stuck).
 19157 | Lair:5   | 19157 ||| Stepping randomly (stuck).
 19158 | Lair:5   | 19158 ||| Stepping randomly (stuck).
 19159 | Lair:5   | 19159 ||| Stepping randomly (stuck).
 19160 | Lair:5   | 19160 ||| Stepping randomly (stuck).
 19161 | Lair:5   | 19161 ||| Stepping randomly (stuck).
 19162 | Lair:5   | 19162 ||| Stepping randomly (stuck).
 19163 | Lair:5   | 19163 ||| Stepping randomly (stuck).
 19164 | Lair:5   | 19164 ||| Stepping randomly (stuck).
 19165 | Lair:5   | 19165 ||| Stepping randomly (stuck).
 19166 | Lair:5   | 19166 ||| Stepping randomly (stuck).
 19167 | Lair:5   | 19167 ||| Stepping randomly (stuck).
 19168 | Lair:5   | 19168 ||| Stepping randomly (stuck).
 19169 | Lair:5   | 19169 ||| Stepping randomly (stuck).
 19170 | Lair:5   | 19170 ||| Stepping randomly (stuck).
 19171 | Lair:5   | 19171 ||| Stepping randomly (stuck).
 19172 | Lair:5   | 19172 ||| Stepping randomly (stuck).
 19173 | Lair:5   | 19173 ||| Stepping randomly (stuck).
 19174 | Lair:5   | 19174 ||| Stepping randomly (stuck).
 19175 | Lair:5   | 19175 ||| Stepping randomly (stuck).
 19176 | Lair:5   | 19176 ||| Stepping randomly (stuck).
 19177 | Lair:5   | 19177 ||| Stepping randomly (stuck).
 19178 | Lair:5   | 19178 ||| Stepping randomly (stuck).
 19179 | Lair:5   | 19179 ||| Stepping randomly (stuck).
 19180 | Lair:5   | 19180 ||| Stepping randomly (stuck).
 19181 | Lair:5   | 19181 ||| Stepping randomly (stuck).
 19182 | Lair:5   | 19182 ||| Stepping randomly (stuck).
 19183 | Lair:5   | 19183 ||| Stepping randomly (stuck).
 19184 | Lair:5   | 19184 ||| Stepping randomly (stuck).
 19185 | Lair:5   | 19185 ||| Stepping randomly (stuck).
 19186 | Lair:5   | 19186 ||| Stepping randomly (stuck).
 19187 | Lair:5   | 19187 ||| Stepping randomly (stuck).
 19188 | Lair:5   | 19188 ||| Stepping randomly (stuck).
 19189 | Lair:5   | 19189 ||| Stepping randomly (stuck).
 19190 | Lair:5   | 19190 ||| Stepping randomly (stuck).
 19191 | Lair:5   | 19191 ||| Stepping randomly (stuck).
 19192 | Lair:5   | 19192 ||| Stepping randomly (stuck).
 19193 | Lair:5   | 19193 ||| Stepping randomly (stuck).
 19194 | Lair:5   | 19194 ||| Stepping randomly (stuck).
 19195 | Lair:5   | 19195 ||| Stepping randomly (stuck).
 19196 | Lair:5   | 19196 ||| Stepping randomly (stuck).
 19197 | Lair:5   | 19197 ||| Stepping randomly (stuck).
 19198 | Lair:5   | 19198 ||| Stepping randomly (stuck).
 19199 | Lair:5   | 19199 ||| Stepping randomly (stuck).
 19200 | Lair:5   | 19200 ||| Stepping randomly (stuck).
 19201 | Lair:5   | 19201 ||| Stepping randomly (stuck).
 19202 | Lair:5   | 19202 ||| Stepping randomly (stuck).
 19203 | Lair:5   | 19203 ||| Stepping randomly (stuck).
 19204 | Lair:5   | 19204 ||| Stepping randomly (stuck).
 19205 | Lair:5   | 19205 ||| Stepping randomly (stuck).
 19206 | Lair:5   | 19206 ||| Stepping randomly (stuck).
 19207 | Lair:5   | 19207 ||| Stepping randomly (stuck).
 19208 | Lair:5   | 19208 ||| Stepping randomly (stuck).
 19209 | Lair:5   | 19209 ||| Stepping randomly (stuck).
 19210 | Lair:5   | 19210 ||| Stepping randomly (stuck).
 19211 | Lair:5   | 19211 ||| Stepping randomly (stuck).
 19212 | Lair:5   | 19212 ||| Stepping randomly (stuck).
 19213 | Lair:5   | 19213 ||| Stepping randomly (stuck).
 19214 | Lair:5   | 19214 ||| Stepping randomly (stuck).
 19215 | Lair:5   | 19215 ||| Stepping randomly (stuck).
 19216 | Lair:5   | 19216 ||| Stepping randomly (stuck).
 19217 | Lair:5   | 19217 ||| Stepping randomly (stuck).
 19218 | Lair:5   | 19218 ||| Stepping randomly (stuck).
 19219 | Lair:5   | 19219 ||| Stepping randomly (stuck).
 19220 | Lair:5   | 19220 ||| Stepping randomly (stuck).
 19221 | Lair:5   | 19221 ||| Stepping randomly (stuck).
 19222 | Lair:5   | 19222 ||| Stepping randomly (stuck).
 19223 | Lair:5   | 19223 ||| Stepping randomly (stuck).
 19224 | Lair:5   | 19224 ||| Stepping randomly (stuck).
 19225 | Lair:5   | 19225 ||| Stepping randomly (stuck).
 19226 | Lair:5   | 19226 ||| Stepping randomly (stuck).
 19227 | Lair:5   | 19227 ||| Stepping randomly (stuck).
 19228 | Lair:5   | 19228 ||| Stepping randomly (stuck).
 19229 | Lair:5   | 19229 ||| Stepping randomly (stuck).
 19230 | Lair:5   | 19230 ||| Stepping randomly (stuck).
 19231 | Lair:5   | 19231 ||| Stepping randomly (stuck).
 19232 | Lair:5   | 19232 ||| Stepping randomly (stuck).
 19233 | Lair:5   | 19233 ||| Stepping randomly (stuck).
 19234 | Lair:5   | 19234 ||| Stepping randomly (stuck).
 19235 | Lair:5   | 19235 ||| Stepping randomly (stuck).
 19236 | Lair:5   | 19236 ||| Stepping randomly (stuck).
 19237 | Lair:5   | 19237 ||| Stepping randomly (stuck).
 19238 | Lair:5   | 19238 ||| Stepping randomly (stuck).
 19239 | Lair:5   | 19239 ||| Stepping randomly (stuck).
 19240 | Lair:5   | 19240 ||| Stepping randomly (stuck).
 19241 | Lair:5   | 19241 ||| Stepping randomly (stuck).
 19242 | Lair:5   | 19242 ||| Stepping randomly (stuck).
 19243 | Lair:5   | 19243 ||| Stepping randomly (stuck).
 19244 | Lair:5   | 19244 ||| Stepping randomly (stuck).
 19245 | Lair:5   | 19245 ||| Stepping randomly (stuck).
 19246 | Lair:5   | 19246 ||| Stepping randomly (stuck).
 19247 | Lair:5   | 19247 ||| Stepping randomly (stuck).
 19248 | Lair:5   | 19248 ||| Stepping randomly (stuck).
 19249 | Lair:5   | 19249 ||| Stepping randomly (stuck).
 19250 | Lair:5   | 19250 ||| Stepping randomly (stuck).
 19251 | Lair:5   | 19251 ||| Stepping randomly (stuck).
 19252 | Lair:5   | 19252 ||| Stepping randomly (stuck).
 19253 | Lair:5   | 19253 ||| Stepping randomly (stuck).
 19254 | Lair:5   | 19254 ||| Stepping randomly (stuck).
 19255 | Lair:5   | 19255 ||| Stepping randomly (stuck).
 19256 | Lair:5   | 19256 ||| Stepping randomly (stuck).
 19257 | Lair:5   | 19257 ||| Stepping randomly (stuck).
 19258 | Lair:5   | 19258 ||| Stepping randomly (stuck).
 19259 | Lair:5   | 19259 ||| Stepping randomly (stuck).
 19260 | Lair:5   | 19260 ||| Stepping randomly (stuck).
 19261 | Lair:5   | 19261 ||| Stepping randomly (stuck).
 19262 | Lair:5   | 19262 ||| Stepping randomly (stuck).
 19263 | Lair:5   | 19263 ||| Stepping randomly (stuck).
 19264 | Lair:5   | 19264 ||| Stepping randomly (stuck).
 19265 | Lair:5   | 19265 ||| Stepping randomly (stuck).
 19266 | Lair:5   | 19266 ||| Stepping randomly (stuck).
 19267 | Lair:5   | 19267 ||| Stepping randomly (stuck).
 19268 | Lair:5   | 19268 ||| Stepping randomly (stuck).
 19269 | Lair:5   | 19269 ||| Stepping randomly (stuck).
 19270 | Lair:5   | 19270 ||| Stepping randomly (stuck).
 19271 | Lair:5   | 19271 ||| Stepping randomly (stuck).
 19272 | Lair:5   | 19272 ||| Stepping randomly (stuck).
 19273 | Lair:5   | 19273 ||| Stepping randomly (stuck).
 19274 | Lair:5   | 19274 ||| Stepping randomly (stuck).
 19275 | Lair:5   | 19275 ||| Stepping randomly (stuck).
 19276 | Lair:5   | 19276 ||| Stepping randomly (stuck).
 19277 | Lair:5   | 19277 ||| Stepping randomly (stuck).
 19278 | Lair:5   | 19278 ||| Stepping randomly (stuck).
 19279 | Lair:5   | 19279 ||| Stepping randomly (stuck).
 19280 | Lair:5   | 19280 ||| Stepping randomly (stuck).
 19281 | Lair:5   | 19281 ||| Stepping randomly (stuck).
 19282 | Lair:5   | 19282 ||| Stepping randomly (stuck).
 19283 | Lair:5   | 19283 ||| Stepping randomly (stuck).
 19284 | Lair:5   | 19284 ||| Stepping randomly (stuck).
 19285 | Lair:5   | 19285 ||| Stepping randomly (stuck).
 19286 | Lair:5   | 19286 ||| Stepping randomly (stuck).
 19287 | Lair:5   | 19287 ||| Stepping randomly (stuck).
 19288 | Lair:5   | 19288 ||| Stepping randomly (stuck).
 19289 | Lair:5   | 19289 ||| Stepping randomly (stuck).
 19290 | Lair:5   | 19290 ||| Stepping randomly (stuck).
 19291 | Lair:5   | 19291 ||| Stepping randomly (stuck).
 19292 | Lair:5   | 19292 ||| Stepping randomly (stuck).
 19293 | Lair:5   | 19293 ||| Stepping randomly (stuck).
 19294 | Lair:5   | 19294 ||| Stepping randomly (stuck).
 19295 | Lair:5   | 19295 ||| Stepping randomly (stuck).
 19296 | Lair:5   | 19296 ||| Stepping randomly (stuck).
 19297 | Lair:5   | 19297 ||| Stepping randomly (stuck).
 19298 | Lair:5   | 19298 ||| Stepping randomly (stuck).
 19299 | Lair:5   | 19299 ||| Stepping randomly (stuck).
 19300 | Lair:5   | 19300 ||| Stepping randomly (stuck).
 19301 | Lair:5   | 19301 ||| Stepping randomly (stuck).
 19302 | Lair:5   | 19302 ||| Stepping randomly (stuck).
 19303 | Lair:5   | 19303 ||| Stepping randomly (stuck).
 19304 | Lair:5   | 19304 ||| Stepping randomly (stuck).
 19305 | Lair:5   | 19305 ||| Stepping randomly (stuck).
 19306 | Lair:5   | 19306 ||| Stepping randomly (stuck).
 19307 | Lair:5   | 19307 ||| Stepping randomly (stuck).
 19308 | Lair:5   | 19308 ||| Stepping randomly (stuck).
 19309 | Lair:5   | 19309 ||| Stepping randomly (stuck).
 19310 | Lair:5   | 19310 ||| Stepping randomly (stuck).
 19311 | Lair:5   | 19311 ||| Stepping randomly (stuck).
 19312 | Lair:5   | 19312 ||| Stepping randomly (stuck).
 19313 | Lair:5   | 19313 ||| Stepping randomly (stuck).
 19314 | Lair:5   | 19314 ||| Stepping randomly (stuck).
 19315 | Lair:5   | 19315 ||| Stepping randomly (stuck).
 19316 | Lair:5   | 19316 ||| Stepping randomly (stuck).
 19317 | Lair:5   | 19317 ||| Stepping randomly (stuck).
 19318 | Lair:5   | 19318 ||| Stepping randomly (stuck).
 19319 | Lair:5   | 19319 ||| Stepping randomly (stuck).
 19320 | Lair:5   | 19320 ||| Stepping randomly (stuck).
 19321 | Lair:5   | 19321 ||| Stepping randomly (stuck).
 19322 | Lair:5   | 19322 ||| Stepping randomly (stuck).
 19323 | Lair:5   | 19323 ||| Stepping randomly (stuck).
 19324 | Lair:5   | 19324 ||| Stepping randomly (stuck).
 19325 | Lair:5   | 19325 ||| Stepping randomly (stuck).
 19326 | Lair:5   | 19326 ||| Stepping randomly (stuck).
 19327 | Lair:5   | 19327 ||| Stepping randomly (stuck).
 19328 | Lair:5   | 19328 ||| Stepping randomly (stuck).
 19329 | Lair:5   | 19329 ||| Stepping randomly (stuck).
 19330 | Lair:5   | 19330 ||| Stepping randomly (stuck).
 19331 | Lair:5   | 19331 ||| Stepping randomly (stuck).
 19332 | Lair:5   | 19332 ||| Stepping randomly (stuck).
 19333 | Lair:5   | 19333 ||| Stepping randomly (stuck).
 19334 | Lair:5   | 19334 ||| Stepping randomly (stuck).
 19335 | Lair:5   | 19335 ||| Stepping randomly (stuck).
 19336 | Lair:5   | 19336 ||| Stepping randomly (stuck).
 19337 | Lair:5   | 19337 ||| Stepping randomly (stuck).
 19338 | Lair:5   | 19338 ||| Stepping randomly (stuck).
 19339 | Lair:5   | 19339 ||| Stepping randomly (stuck).
 19340 | Lair:5   | 19340 ||| Stepping randomly (stuck).
 19341 | Lair:5   | 19341 ||| Stepping randomly (stuck).
 19342 | Lair:5   | 19342 ||| Stepping randomly (stuck).
 19343 | Lair:5   | 19343 ||| Stepping randomly (stuck).
 19344 | Lair:5   | 19344 ||| Stepping randomly (stuck).
 19345 | Lair:5   | 19345 ||| Stepping randomly (stuck).
 19346 | Lair:5   | 19346 ||| Stepping randomly (stuck).
 19347 | Lair:5   | 19347 ||| Stepping randomly (stuck).
 19348 | Lair:5   | 19348 ||| Stepping randomly (stuck).
 19349 | Lair:5   | 19349 ||| Stepping randomly (stuck).
 19350 | Lair:5   | 19350 ||| Stepping randomly (stuck).
 19351 | Lair:5   | 19351 ||| Stepping randomly (stuck).
 19352 | Lair:5   | 19352 ||| Stepping randomly (stuck).
 19353 | Lair:5   | 19353 ||| Stepping randomly (stuck).
 19354 | Lair:5   | 19354 ||| Stepping randomly (stuck).
 19355 | Lair:5   | 19355 ||| Stepping randomly (stuck).
 19356 | Lair:5   | 19356 ||| Stepping randomly (stuck).
 19357 | Lair:5   | 19357 ||| Stepping randomly (stuck).
 19358 | Lair:5   | 19358 ||| Stepping randomly (stuck).
 19359 | Lair:5   | 19359 ||| Stepping randomly (stuck).
 19360 | Lair:5   | 19360 ||| Stepping randomly (stuck).
 19361 | Lair:5   | 19361 ||| Stepping randomly (stuck).
 19362 | Lair:5   | 19362 ||| Stepping randomly (stuck).
 19363 | Lair:5   | 19363 ||| Stepping randomly (stuck).
 19364 | Lair:5   | 19364 ||| Stepping randomly (stuck).
 19365 | Lair:5   | 19365 ||| Stepping randomly (stuck).
 19366 | Lair:5   | 19366 ||| Stepping randomly (stuck).
 19367 | Lair:5   | 19367 ||| Stepping randomly (stuck).
 19368 | Lair:5   | 19368 ||| Stepping randomly (stuck).
 19369 | Lair:5   | 19369 ||| Stepping randomly (stuck).
 19370 | Lair:5   | 19370 ||| Stepping randomly (stuck).
 19371 | Lair:5   | 19371 ||| Stepping randomly (stuck).
 19372 | Lair:5   | 19372 ||| Stepping randomly (stuck).
 19373 | Lair:5   | 19373 ||| Stepping randomly (stuck).
 19374 | Lair:5   | 19374 ||| Stepping randomly (stuck).
 19375 | Lair:5   | 19375 ||| Stepping randomly (stuck).
 19376 | Lair:5   | 19376 ||| Stepping randomly (stuck).
 19377 | Lair:5   | 19377 ||| Stepping randomly (stuck).
 19378 | Lair:5   | 19378 ||| Stepping randomly (stuck).
 19379 | Lair:5   | 19379 ||| Stepping randomly (stuck).
 19380 | Lair:5   | 19380 ||| Stepping randomly (stuck).
 19381 | Lair:5   | 19381 ||| Stepping randomly (stuck).
 19382 | Lair:5   | 19382 ||| Stepping randomly (stuck).
 19383 | Lair:5   | 19383 ||| Stepping randomly (stuck).
 19384 | Lair:5   | 19384 ||| Stepping randomly (stuck).
 19385 | Lair:5   | 19385 ||| Stepping randomly (stuck).
 19386 | Lair:5   | 19386 ||| Stepping randomly (stuck).
 19387 | Lair:5   | 19387 ||| Stepping randomly (stuck).
 19388 | Lair:5   | 19388 ||| Stepping randomly (stuck).
 19389 | Lair:5   | 19389 ||| Stepping randomly (stuck).
 19390 | Lair:5   | 19390 ||| Stepping randomly (stuck).
 19391 | Lair:5   | 19391 ||| Stepping randomly (stuck).
 19392 | Lair:5   | 19392 ||| Stepping randomly (stuck).
 19393 | Lair:5   | 19393 ||| Stepping randomly (stuck).
 19394 | Lair:5   | 19394 ||| Stepping randomly (stuck).
 19395 | Lair:5   | 19395 ||| Stepping randomly (stuck).
 19396 | Lair:5   | 19396 ||| Stepping randomly (stuck).
 19397 | Lair:5   | 19397 ||| Stepping randomly (stuck).
 19398 | Lair:5   | 19398 ||| Stepping randomly (stuck).
 19399 | Lair:5   | 19399 ||| Stepping randomly (stuck).
 19400 | Lair:5   | 19400 ||| Stepping randomly (stuck).
 19401 | Lair:5   | 19401 ||| Stepping randomly (stuck).
 19402 | Lair:5   | 19402 ||| Stepping randomly (stuck).
 19403 | Lair:5   | 19403 ||| Stepping randomly (stuck).
 19404 | Lair:5   | 19404 ||| Stepping randomly (stuck).
 19405 | Lair:5   | 19405 ||| Stepping randomly (stuck).
 19406 | Lair:5   | 19406 ||| Stepping randomly (stuck).
 19407 | Lair:5   | 19407 ||| Stepping randomly (stuck).
 19408 | Lair:5   | 19408 ||| Stepping randomly (stuck).
 19409 | Lair:5   | 19409 ||| Stepping randomly (stuck).
 19410 | Lair:5   | 19410 ||| Stepping randomly (stuck).
 19411 | Lair:5   | 19411 ||| Stepping randomly (stuck).
 19412 | Lair:5   | 19412 ||| Stepping randomly (stuck).
 19413 | Lair:5   | 19413 ||| Stepping randomly (stuck).
 19414 | Lair:5   | 19414 ||| Stepping randomly (stuck).
 19415 | Lair:5   | 19415 ||| Stepping randomly (stuck).
 19416 | Lair:5   | 19416 ||| Stepping randomly (stuck).
 19417 | Lair:5   | 19417 ||| Stepping randomly (stuck).
 19418 | Lair:5   | 19418 ||| Stepping randomly (stuck).
 19419 | Lair:5   | 19419 ||| Stepping randomly (stuck).
 19420 | Lair:5   | 19420 ||| Stepping randomly (stuck).
 19421 | Lair:5   | 19421 ||| Stepping randomly (stuck).
 19422 | Lair:5   | 19422 ||| Stepping randomly (stuck).
 19423 | Lair:5   | 19423 ||| Stepping randomly (stuck).
 19424 | Lair:5   | 19424 ||| Stepping randomly (stuck).
 19425 | Lair:5   | 19425 ||| Stepping randomly (stuck).
 19426 | Lair:5   | 19426 ||| Stepping randomly (stuck).
 19427 | Lair:5   | 19427 ||| Stepping randomly (stuck).
 19428 | Lair:5   | 19428 ||| Stepping randomly (stuck).
 19429 | Lair:5   | 19429 ||| Stepping randomly (stuck).
 19430 | Lair:5   | 19430 ||| Stepping randomly (stuck).
 19431 | Lair:5   | 19431 ||| Stepping randomly (stuck).
 19432 | Lair:5   | 19432 ||| Stepping randomly (stuck).
 19433 | Lair:5   | 19433 ||| Stepping randomly (stuck).
 19434 | Lair:5   | 19434 ||| Stepping randomly (stuck).
 19435 | Lair:5   | 19435 ||| Stepping randomly (stuck).
 19436 | Lair:5   | 19436 ||| Stepping randomly (stuck).
 19437 | Lair:5   | 19437 ||| Stepping randomly (stuck).
 19438 | Lair:5   | 19438 ||| Stepping randomly (stuck).
 19439 | Lair:5   | 19439 ||| Stepping randomly (stuck).
 19440 | Lair:5   | 19440 ||| Stepping randomly (stuck).
 19441 | Lair:5   | 19441 ||| Stepping randomly (stuck).
 19442 | Lair:5   | 19442 ||| Stepping randomly (stuck).
 19443 | Lair:5   | 19443 ||| Stepping randomly (stuck).
 19444 | Lair:5   | 19444 ||| Stepping randomly (stuck).
 19445 | Lair:5   | 19445 ||| Stepping randomly (stuck).
 19446 | Lair:5   | 19446 ||| Stepping randomly (stuck).
 19447 | Lair:5   | 19447 ||| Stepping randomly (stuck).
 19448 | Lair:5   | 19448 ||| Stepping randomly (stuck).
 19449 | Lair:5   | 19449 ||| Stepping randomly (stuck).
 19450 | Lair:5   | 19450 ||| Stepping randomly (stuck).
 19451 | Lair:5   | 19451 ||| Stepping randomly (stuck).
 19452 | Lair:5   | 19452 ||| Stepping randomly (stuck).
 19453 | Lair:5   | 19453 ||| Stepping randomly (stuck).
 19454 | Lair:5   | 19454 ||| Stepping randomly (stuck).
 19455 | Lair:5   | 19455 ||| Stepping randomly (stuck).
 19456 | Lair:5   | 19456 ||| Stepping randomly (stuck).
 19457 | Lair:5   | 19457 ||| Stepping randomly (stuck).
 19458 | Lair:5   | 19458 ||| Stepping randomly (stuck).
 19459 | Lair:5   | 19459 ||| Stepping randomly (stuck).
 19460 | Lair:5   | 19460 ||| Stepping randomly (stuck).
 19461 | Lair:5   | 19461 ||| Stepping randomly (stuck).
 19462 | Lair:5   | 19462 ||| Stepping randomly (stuck).
 19463 | Lair:5   | 19463 ||| Stepping randomly (stuck).
 19464 | Lair:5   | 19464 ||| Stepping randomly (stuck).
 19465 | Lair:5   | 19465 ||| Stepping randomly (stuck).
 19466 | Lair:5   | 19466 ||| Stepping randomly (stuck).
 19467 | Lair:5   | 19467 ||| Stepping randomly (stuck).
 19468 | Lair:5   | 19468 ||| Stepping randomly (stuck).
 19469 | Lair:5   | 19469 ||| Stepping randomly (stuck).
 19470 | Lair:5   | 19470 ||| Stepping randomly (stuck).
 19471 | Lair:5   | 19471 ||| Stepping randomly (stuck).
 19472 | Lair:5   | 19472 ||| Stepping randomly (stuck).
 19473 | Lair:5   | 19473 ||| Stepping randomly (stuck).
 19474 | Lair:5   | 19474 ||| Stepping randomly (stuck).
 19475 | Lair:5   | 19475 ||| Stepping randomly (stuck).
 19476 | Lair:5   | 19476 ||| Stepping randomly (stuck).
 19477 | Lair:5   | 19477 ||| Stepping randomly (stuck).
 19478 | Lair:5   | 19478 ||| Stepping randomly (stuck).
 19479 | Lair:5   | 19479 ||| Stepping randomly (stuck).
 19480 | Lair:5   | 19480 ||| Stepping randomly (stuck).
 19481 | Lair:5   | 19481 ||| Stepping randomly (stuck).
 19482 | Lair:5   | 19482 ||| Stepping randomly (stuck).
 19483 | Lair:5   | 19483 ||| Stepping randomly (stuck).
 19484 | Lair:5   | 19484 ||| Stepping randomly (stuck).
 19485 | Lair:5   | 19485 ||| Stepping randomly (stuck).
 19486 | Lair:5   | 19486 ||| Stepping randomly (stuck).
 19487 | Lair:5   | 19487 ||| Stepping randomly (stuck).
 19488 | Lair:5   | 19488 ||| Stepping randomly (stuck).
 19489 | Lair:5   | 19489 ||| Stepping randomly (stuck).
 19490 | Lair:5   | 19490 ||| Stepping randomly (stuck).
 19491 | Lair:5   | 19491 ||| Stepping randomly (stuck).
 19492 | Lair:5   | 19492 ||| Stepping randomly (stuck).
 19493 | Lair:5   | 19493 ||| Stepping randomly (stuck).
 19494 | Lair:5   | 19494 ||| Stepping randomly (stuck).
 19495 | Lair:5   | 19495 ||| Stepping randomly (stuck).
 19496 | Lair:5   | 19496 ||| Stepping randomly (stuck).
 19497 | Lair:5   | 19497 ||| Stepping randomly (stuck).
 19498 | Lair:5   | 19498 ||| Stepping randomly (stuck).
 19499 | Lair:5   | 19499 ||| Stepping randomly (stuck).
 19500 | Lair:5   | 19500 ||| Stepping randomly (stuck).
 19501 | Lair:5   | 19501 ||| Stepping randomly (stuck).
 19502 | Lair:5   | 19502 ||| Stepping randomly (stuck).
 19503 | Lair:5   | 19503 ||| Stepping randomly (stuck).
 19504 | Lair:5   | 19504 ||| Stepping randomly (stuck).
 19505 | Lair:5   | 19505 ||| Stepping randomly (stuck).
 19506 | Lair:5   | 19506 ||| Stepping randomly (stuck).
 19507 | Lair:5   | 19507 ||| Stepping randomly (stuck).
 19508 | Lair:5   | 19508 ||| Stepping randomly (stuck).
 19509 | Lair:5   | 19509 ||| Stepping randomly (stuck).
 19510 | Lair:5   | 19510 ||| Stepping randomly (stuck).
 19511 | Lair:5   | 19511 ||| Stepping randomly (stuck).
 19512 | Lair:5   | 19512 ||| Stepping randomly (stuck).
 19513 | Lair:5   | 19513 ||| Stepping randomly (stuck).
 19514 | Lair:5   | 19514 ||| Stepping randomly (stuck).
 19515 | Lair:5   | 19515 ||| Stepping randomly (stuck).
 19516 | Lair:5   | 19516 ||| Stepping randomly (stuck).
 19517 | Lair:5   | 19517 ||| Stepping randomly (stuck).
 19518 | Lair:5   | 19518 ||| Stepping randomly (stuck).
 19519 | Lair:5   | 19519 ||| Stepping randomly (stuck).
 19520 | Lair:5   | 19520 ||| Stepping randomly (stuck).
 19521 | Lair:5   | 19521 ||| Stepping randomly (stuck).
 19522 | Lair:5   | 19522 ||| Stepping randomly (stuck).
 19523 | Lair:5   | 19523 ||| Stepping randomly (stuck).
 19524 | Lair:5   | 19524 ||| Stepping randomly (stuck).
 19525 | Lair:5   | 19525 ||| Stepping randomly (stuck).
 19526 | Lair:5   | 19526 ||| Stepping randomly (stuck).
 19527 | Lair:5   | 19527 ||| Stepping ~*~*~tactically~*~*~ (stealth).
 19539 | Lair:5   | 19539 ||| Stepping randomly (stuck).
 19540 | Lair:5   | 19540 ||| Stepping randomly (stuck).
 19541 | Lair:5   | 19541 ||| Stepping randomly (stuck).
 19542 | Lair:5   | 19542 ||| Stepping randomly (stuck).
 19543 | Lair:5   | 19543 ||| Stepping randomly (stuck).
 19544 | Lair:5   | 19544 ||| Stepping randomly (stuck).
 19545 | Lair:5   | 19545 ||| Stepping randomly (stuck).
 19546 | Lair:5   | 19546 ||| Stepping randomly (stuck).
 19547 | Lair:5   | 19547 ||| Stepping randomly (stuck).
 19548 | Lair:5   | 19548 ||| Stepping randomly (stuck).
 19549 | Lair:5   | 19549 ||| Stepping randomly (stuck).
 19550 | Lair:5   | 19550 ||| Stepping randomly (stuck).
 19551 | Lair:5   | 19551 ||| Stepping randomly (stuck).
 19552 | Lair:5   | 19552 ||| Stepping randomly (stuck).
 19553 | Lair:5   | 19553 ||| Stepping randomly (stuck).
 19554 | Lair:5   | 19554 ||| Stepping randomly (stuck).
 19555 | Lair:5   | 19555 ||| Stepping randomly (stuck).
 19556 | Lair:5   | 19556 ||| Stepping randomly (stuck).
 19557 | Lair:5   | 19557 ||| Stepping randomly (stuck).
 19558 | Lair:5   | 19558 ||| Stepping randomly (stuck).
 19559 | Lair:5   | 19559 ||| Stepping randomly (stuck).
 19560 | Lair:5   | 19560 ||| Stepping randomly (stuck).
 19561 | Lair:5   | 19561 ||| Stepping randomly (stuck).
 19562 | Lair:5   | 19562 ||| Stepping randomly (stuck).
 19563 | Lair:5   | 19563 ||| Stepping randomly (stuck).
 19564 | Lair:5   | 19564 ||| Stepping randomly (stuck).
 19565 | Lair:5   | 19565 ||| Stepping randomly (stuck).
 19566 | Lair:5   | 19566 ||| Stepping randomly (stuck).
 19567 | Lair:5   | 19567 ||| Stepping randomly (stuck).
 19568 | Lair:5   | 19568 ||| Stepping randomly (stuck).
 19569 | Lair:5   | 19569 ||| Stepping randomly (stuck).
 19570 | Lair:5   | 19570 ||| Stepping randomly (stuck).
 19571 | Lair:5   | 19571 ||| Stepping randomly (stuck).
 19572 | Lair:5   | 19572 ||| Stepping randomly (stuck).
 19573 | Lair:5   | 19573 ||| Stepping randomly (stuck).
 19574 | Lair:5   | 19574 ||| Stepping randomly (stuck).
 19575 | Lair:5   | 19575 ||| Stepping randomly (stuck).
 19576 | Lair:5   | 19576 ||| Stepping randomly (stuck).
 19577 | Lair:5   | 19577 ||| Stepping randomly (stuck).
 19578 | Lair:5   | 19578 ||| Stepping randomly (stuck).
 19579 | Lair:5   | 19579 ||| Stepping randomly (stuck).
 19580 | Lair:5   | 19580 ||| Stepping randomly (stuck).
 19581 | Lair:5   | 19581 ||| Stepping randomly (stuck).
 19582 | Lair:5   | 19582 ||| Stepping randomly (stuck).
 19583 | Lair:5   | 19583 ||| Stepping randomly (stuck).
 19584 | Lair:5   | 19584 ||| Stepping randomly (stuck).
 19585 | Lair:5   | 19585 ||| Stepping randomly (stuck).
 19586 | Lair:5   | 19586 ||| Stepping randomly (stuck).
 19587 | Lair:5   | 19587 ||| Stepping randomly (stuck).
 19588 | Lair:5   | 19588 ||| Stepping randomly (stuck).
 19589 | Lair:5   | 19589 ||| Stepping randomly (stuck).
 19590 | Lair:5   | 19590 ||| Stepping randomly (stuck).
 19591 | Lair:5   | 19591 ||| Stepping randomly (stuck).
 19592 | Lair:5   | 19592 ||| Stepping randomly (stuck).
 19593 | Lair:5   | 19593 ||| Stepping randomly (stuck).
 19594 | Lair:5   | 19594 ||| Stepping randomly (stuck).
 19595 | Lair:5   | 19595 ||| Stepping randomly (stuck).
 19596 | Lair:5   | 19596 ||| Stepping randomly (stuck).
 19597 | Lair:5   | 19597 ||| Stepping randomly (stuck).
 19598 | Lair:5   | 19598 ||| Stepping randomly (stuck).
 19599 | Lair:5   | 19599 ||| Stepping randomly (stuck).
 19600 | Lair:5   | 19600 ||| Stepping randomly (stuck).
 19601 | Lair:5   | 19601 ||| Stepping randomly (stuck).
 19602 | Lair:5   | 19602 ||| Stepping randomly (stuck).
 19603 | Lair:5   | 19603 ||| Stepping randomly (stuck).
 19604 | Lair:5   | 19604 ||| Stepping randomly (stuck).
 19605 | Lair:5   | 19605 ||| Stepping randomly (stuck).
 19606 | Lair:5   | 19606 ||| Stepping randomly (stuck).
 19607 | Lair:5   | 19607 ||| Stepping randomly (stuck).
 19608 | Lair:5   | 19608 ||| Stepping randomly (stuck).
 19609 | Lair:5   | 19609 ||| Stepping randomly (stuck).
 19610 | Lair:5   | 19610 ||| Stepping randomly (stuck).
 19611 | Lair:5   | 19611 ||| Stepping randomly (stuck).
 19612 | Lair:5   | 19612 ||| Stepping randomly (stuck).
 19613 | Lair:5   | 19613 ||| Stepping randomly (stuck).
 19614 | Lair:5   | 19614 ||| Stepping randomly (stuck).
 19615 | Lair:5   | 19615 ||| Stepping randomly (stuck).
 19616 | Lair:5   | 19616 ||| Stepping randomly (stuck).
 19617 | Lair:5   | 19617 ||| Stepping randomly (stuck).
 19618 | Lair:5   | 19618 ||| Stepping randomly (stuck).
 19619 | Lair:5   | 19619 ||| Stepping randomly (stuck).
 19620 | Lair:5   | 19620 ||| Stepping randomly (stuck).
 19621 | Lair:5   | 19621 ||| Stepping randomly (stuck).
 19622 | Lair:5   | 19622 ||| Stepping randomly (stuck).
 19623 | Lair:5   | 19623 ||| Stepping randomly (stuck).
 19624 | Lair:5   | 19624 ||| Stepping randomly (stuck).
 19625 | Lair:5   | 19625 ||| Stepping randomly (stuck).
 19626 | Lair:5   | 19626 ||| Stepping randomly (stuck).
 19627 | Lair:5   | 19627 ||| Stepping randomly (stuck).
 19628 | Lair:5   | 19628 ||| Stepping randomly (stuck).
 19629 | Lair:5   | 19629 ||| Stepping randomly (stuck).
 19630 | Lair:5   | 19630 ||| Stepping randomly (stuck).
 19631 | Lair:5   | 19631 ||| Stepping randomly (stuck).
 19632 | Lair:5   | 19632 ||| Stepping randomly (stuck).
 19633 | Lair:5   | 19633 ||| Stepping randomly (stuck).
 19634 | Lair:5   | 19634 ||| Stepping randomly (stuck).
 19635 | Lair:5   | 19635 ||| Stepping randomly (stuck).
 19636 | Lair:5   | 19636 ||| Stepping randomly (stuck).
 19637 | Lair:5   | 19637 ||| Stepping randomly (stuck).
 19638 | Lair:5   | 19638 ||| Stepping randomly (stuck).
 19639 | Lair:5   | 19639 ||| Stepping randomly (stuck).
 19640 | Lair:5   | 19640 ||| Stepping randomly (stuck).
 19641 | Lair:5   | 19641 ||| Stepping randomly (stuck).
 19642 | Lair:5   | 19642 ||| Stepping randomly (stuck).
 19643 | Lair:5   | 19643 ||| Stepping randomly (stuck).
 19644 | Lair:5   | 19644 ||| Stepping randomly (stuck).
 19645 | Lair:5   | 19645 ||| Stepping randomly (stuck).
 19646 | Lair:5   | 19646 ||| Stepping randomly (stuck).
 19647 | Lair:5   | 19647 ||| Stepping randomly (stuck).
 19648 | Lair:5   | 19648 ||| Stepping randomly (stuck).
 19649 | Lair:5   | 19649 ||| Stepping randomly (stuck).
 19650 | Lair:5   | 19650 ||| Stepping randomly (stuck).
 19651 | Lair:5   | 19651 ||| Stepping randomly (stuck).
 19652 | Lair:5   | 19652 ||| Stepping randomly (stuck).
 19653 | Lair:5   | 19653 ||| Stepping randomly (stuck).
 19654 | Lair:5   | 19654 ||| Stepping randomly (stuck).
 19655 | Lair:5   | 19655 ||| Stepping randomly (stuck).
 19656 | Lair:5   | 19656 ||| Stepping randomly (stuck).
 19657 | Lair:5   | 19657 ||| Stepping randomly (stuck).
 19658 | Lair:5   | 19658 ||| Stepping randomly (stuck).
 19659 | Lair:5   | 19659 ||| Stepping randomly (stuck).
 19660 | Lair:5   | 19660 ||| Stepping randomly (stuck).
 19661 | Lair:5   | 19661 ||| Stepping randomly (stuck).
 19662 | Lair:5   | 19662 ||| Stepping randomly (stuck).
 19663 | Lair:5   | 19663 ||| Stepping randomly (stuck).
 19664 | Lair:5   | 19664 ||| Stepping randomly (stuck).
 19665 | Lair:5   | 19665 ||| Stepping randomly (stuck).
 19666 | Lair:5   | 19666 ||| Stepping randomly (stuck).
 19667 | Lair:5   | 19667 ||| Stepping randomly (stuck).
 19668 | Lair:5   | 19668 ||| Stepping randomly (stuck).
 19669 | Lair:5   | 19669 ||| Stepping randomly (stuck).
 19670 | Lair:5   | 19670 ||| Stepping randomly (stuck).
 19671 | Lair:5   | 19671 ||| Stepping randomly (stuck).
 19672 | Lair:5   | 19672 ||| Stepping randomly (stuck).
 19673 | Lair:5   | 19673 ||| Stepping randomly (stuck).
 19674 | Lair:5   | 19674 ||| Stepping randomly (stuck).
 19675 | Lair:5   | 19675 ||| Stepping randomly (stuck).
 19676 | Lair:5   | 19676 ||| Stepping randomly (stuck).
 19677 | Lair:5   | 19677 ||| Stepping randomly (stuck).
 19678 | Lair:5   | 19678 ||| Stepping randomly (stuck).
 19679 | Lair:5   | 19679 ||| Stepping randomly (stuck).
 19680 | Lair:5   | 19680 ||| Stepping randomly (stuck).
 19681 | Lair:5   | 19681 ||| Stepping randomly (stuck).
 19682 | Lair:5   | 19682 ||| Stepping randomly (stuck).
 19683 | Lair:5   | 19683 ||| Stepping randomly (stuck).
 19684 | Lair:5   | 19684 ||| Stepping randomly (stuck).
 19685 | Lair:5   | 19685 ||| Stepping randomly (stuck).
 19686 | Lair:5   | 19686 ||| Stepping randomly (stuck).
 19687 | Lair:5   | 19687 ||| Stepping randomly (stuck).
 19688 | Lair:5   | 19688 ||| Stepping randomly (stuck).
 19689 | Lair:5   | 19689 ||| Stepping randomly (stuck).
 19690 | Lair:5   | 19690 ||| Stepping randomly (stuck).
 19691 | Lair:5   | 19691 ||| Stepping randomly (stuck).
 19692 | Lair:5   | 19692 ||| Stepping randomly (stuck).
 19693 | Lair:5   | 19693 ||| Stepping randomly (stuck).
 19694 | Lair:5   | 19694 ||| Stepping randomly (stuck).
 19695 | Lair:5   | 19695 ||| Stepping randomly (stuck).
 19696 | Lair:5   | 19696 ||| Stepping randomly (stuck).
 19697 | Lair:5   | 19697 ||| Stepping randomly (stuck).
 19698 | Lair:5   | 19698 ||| Stepping randomly (stuck).
 19699 | Lair:5   | 19699 ||| Stepping randomly (stuck).
 19700 | Lair:5   | 19700 ||| Stepping randomly (stuck).
 19701 | Lair:5   | 19701 ||| Stepping randomly (stuck).
 19702 | Lair:5   | 19702 ||| Stepping randomly (stuck).
 19703 | Lair:5   | 19703 ||| Stepping randomly (stuck).
 19704 | Lair:5   | 19704 ||| Stepping randomly (stuck).
 19705 | Lair:5   | 19705 ||| Stepping randomly (stuck).
 19706 | Lair:5   | 19706 ||| Stepping randomly (stuck).
 19707 | Lair:5   | 19707 ||| Stepping randomly (stuck).
 19708 | Lair:5   | 19708 ||| Stepping randomly (stuck).
 19709 | Lair:5   | 19709 ||| Stepping randomly (stuck).
 19710 | Lair:5   | 19710 ||| Stepping randomly (stuck).
 19711 | Lair:5   | 19711 ||| Stepping randomly (stuck).
 19712 | Lair:5   | 19712 ||| Stepping randomly (stuck).
 19713 | Lair:5   | 19713 ||| Stepping randomly (stuck).
 19714 | Lair:5   | 19714 ||| Stepping randomly (stuck).
 19715 | Lair:5   | 19715 ||| Stepping randomly (stuck).
 19716 | Lair:5   | 19716 ||| Stepping randomly (stuck).
 19717 | Lair:5   | 19717 ||| Stepping randomly (stuck).
 19718 | Lair:5   | 19718 ||| Stepping randomly (stuck).
 19719 | Lair:5   | 19719 ||| Stepping randomly (stuck).
 19720 | Lair:5   | 19720 ||| Stepping randomly (stuck).
 19721 | Lair:5   | 19721 ||| Stepping randomly (stuck).
 19722 | Lair:5   | 19722 ||| Stepping randomly (stuck).
 19723 | Lair:5   | 19723 ||| Stepping randomly (stuck).
 19724 | Lair:5   | 19724 ||| Stepping randomly (stuck).
 19725 | Lair:5   | 19725 ||| Stepping randomly (stuck).
 19726 | Lair:5   | 19726 ||| Stepping randomly (stuck).
 19727 | Lair:5   | 19727 ||| Stepping randomly (stuck).
 19728 | Lair:5   | 19728 ||| Stepping randomly (stuck).
 19729 | Lair:5   | 19729 ||| Stepping randomly (stuck).
 19730 | Lair:5   | 19730 ||| Stepping randomly (stuck).
 19731 | Lair:5   | 19731 ||| Stepping randomly (stuck).
 19732 | Lair:5   | 19732 ||| Stepping randomly (stuck).
 19733 | Lair:5   | 19733 ||| Stepping randomly (stuck).
 19734 | Lair:5   | 19734 ||| Stepping randomly (stuck).
 19735 | Lair:5   | 19735 ||| Stepping randomly (stuck).
 19736 | Lair:5   | 19736 ||| Stepping randomly (stuck).
 19737 | Lair:5   | 19737 ||| Stepping randomly (stuck).
 19738 | Lair:5   | 19738 ||| Stepping randomly (stuck).
 19739 | Lair:5   | 19739 ||| Stepping randomly (stuck).
 19740 | Lair:5   | 19740 ||| Stepping randomly (stuck).
 19741 | Lair:5   | 19741 ||| Stepping randomly (stuck).
 19742 | Lair:5   | 19742 ||| Stepping randomly (stuck).
 19743 | Lair:5   | 19743 ||| Stepping randomly (stuck).
 19744 | Lair:5   | 19744 ||| Stepping randomly (stuck).
 19745 | Lair:5   | 19745 ||| Stepping randomly (stuck).
 19746 | Lair:5   | 19746 ||| Stepping randomly (stuck).
 19747 | Lair:5   | 19747 ||| Stepping randomly (stuck).
 19748 | Lair:5   | 19748 ||| Stepping randomly (stuck).
 19749 | Lair:5   | 19749 ||| Stepping randomly (stuck).
 19750 | Lair:5   | 19750 ||| Stepping randomly (stuck).
 19751 | Lair:5   | 19751 ||| Stepping randomly (stuck).
 19752 | Lair:5   | 19752 ||| Stepping randomly (stuck).
 19753 | Lair:5   | 19753 ||| Stepping randomly (stuck).
 19754 | Lair:5   | 19754 ||| Stepping randomly (stuck).
 19755 | Lair:5   | 19755 ||| Stepping randomly (stuck).
 19756 | Lair:5   | 19756 ||| Stepping randomly (stuck).
 19757 | Lair:5   | 19757 ||| Stepping randomly (stuck).
 19758 | Lair:5   | 19758 ||| Stepping randomly (stuck).
 19759 | Lair:5   | 19759 ||| Stepping randomly (stuck).
 19760 | Lair:5   | 19760 ||| Stepping randomly (stuck).
 19761 | Lair:5   | 19761 ||| Stepping randomly (stuck).
 19762 | Lair:5   | 19762 ||| Stepping randomly (stuck).
 19763 | Lair:5   | 19763 ||| Stepping randomly (stuck).
 19764 | Lair:5   | 19764 ||| Stepping randomly (stuck).
 19765 | Lair:5   | 19765 ||| Stepping randomly (stuck).
 19766 | Lair:5   | 19766 ||| Stepping randomly (stuck).
 19767 | Lair:5   | 19767 ||| Stepping randomly (stuck).
 19768 | Lair:5   | 19768 ||| Stepping randomly (stuck).
 19769 | Lair:5   | 19769 ||| Stepping randomly (stuck).
 19770 | Lair:5   | 19770 ||| Stepping randomly (stuck).
 19771 | Lair:5   | 19771 ||| Stepping randomly (stuck).
 19772 | Lair:5   | 19772 ||| Stepping randomly (stuck).
 19773 | Lair:5   | 19773 ||| Stepping randomly (stuck).
 19774 | Lair:5   | 19774 ||| Stepping randomly (stuck).
 19775 | Lair:5   | 19775 ||| Stepping randomly (stuck).
 19776 | Lair:5   | 19776 ||| Stepping randomly (stuck).
 19777 | Lair:5   | 19777 ||| Stepping randomly (stuck).
 19778 | Lair:5   | 19778 ||| Stepping randomly (stuck).
 19779 | Lair:5   | 19779 ||| Stepping randomly (stuck).
 19780 | Lair:5   | 19780 ||| Stepping randomly (stuck).
 19782 | Lair:5   | 19782 ||| READING scroll of teleportation.
 19785 | Lair:5   | 19785 ||| Stepping randomly (stuck).
 19786 | Lair:5   | 19786 ||| Stepping ~*~*~tactically~*~*~ (stealth).
 19787 | Lair:5   | 19787 ||| Stepping ~*~*~tactically~*~*~ (stealth).
 19788 | Lair:5   | 19788 ||| Stepping randomly (stuck).
 19789 | Lair:5   | 19789 ||| Stepping randomly (stuck).
 19790 | Lair:5   | 19790 ||| Stepping randomly (stuck).
 19791 | Lair:5   | 19791 ||| Stepping randomly (stuck).
 19792 | Lair:5   | 19792 ||| Stepping randomly (stuck).
 19793 | Lair:5   | 19793 ||| Stepping randomly (stuck).
 19794 | Lair:5   | 19794 ||| Stepping randomly (stuck).
 19795 | Lair:5   | 19795 ||| Stepping randomly (stuck).
 19796 | Lair:5   | 19796 ||| Stepping randomly (stuck).
 19797 | Lair:5   | 19797 ||| Stepping randomly (stuck).
 19798 | Lair:5   | 19798 ||| Stepping randomly (stuck).
 19799 | Lair:5   | 19799 ||| Stepping randomly (stuck).
 19800 | Lair:5   | 19800 ||| Stepping randomly (stuck).
 19801 | Lair:5   | 19801 ||| Stepping randomly (stuck).
 19802 | Lair:5   | 19802 ||| Stepping ~*~*~tactically~*~*~ (stealth).
 19803 | Lair:5   | 19803 ||| Stepping ~*~*~tactically~*~*~ (stealth).
 19812 | Lair:5   | 19812 ||| Stepping ~*~*~tactically~*~*~ (stealth).
 19817 | Lair:5   | 19817 ||| INVOKING Heroism.
 19831 | Lair:5   | Received a gift from Okawaru
 19926 | Lair:5   | 19926 ||| Stepping randomly (stuck).
 19927 | Lair:5   | 19927 ||| Stepping randomly (stuck).
 19928 | Lair:5   | 19928 ||| Stepping randomly (stuck).
 19929 | Lair:5   | 19929 ||| Stepping randomly (stuck).
 19931 | Lair:5   | 19931 ||| Stepping randomly (stuck).
 19932 | Lair:5   | 19932 ||| Stepping randomly (stuck).
 19933 | Lair:5   | 19933 ||| Stepping randomly (stuck).
 19934 | Lair:5   | 19934 ||| Stepping randomly (stuck).
 19935 | Lair:5   | 19935 ||| Stepping randomly (stuck).
 19936 | Lair:5   | 19936 ||| Stepping randomly (stuck).
 19937 | Lair:5   | 19937 ||| Stepping randomly (stuck).
 19938 | Lair:5   | 19938 ||| Stepping randomly (stuck).
 19939 | Lair:5   | 19939 ||| Stepping randomly (stuck).
 19940 | Lair:5   | 19940 ||| Stepping randomly (stuck).
 19941 | Lair:5   | 19941 ||| Stepping randomly (stuck).
 19942 | Lair:5   | 19942 ||| Stepping randomly (stuck).
 19943 | Lair:5   | 19943 ||| Stepping randomly (stuck).
 19944 | Lair:5   | 19944 ||| Stepping randomly (stuck).
 19945 | Lair:5   | 19945 ||| Stepping randomly (stuck).
 19946 | Lair:5   | 19946 ||| Stepping randomly (stuck).
 19947 | Lair:5   | 19947 ||| Stepping randomly (stuck).
 19948 | Lair:5   | 19948 ||| Stepping randomly (stuck).
 19949 | Lair:5   | 19949 ||| Stepping randomly (stuck).
 19950 | Lair:5   | 19950 ||| Stepping randomly (stuck).
 19951 | Lair:5   | 19951 ||| Stepping randomly (stuck).
 19952 | Lair:5   | 19952 ||| Stepping randomly (stuck).
 19953 | Lair:5   | 19953 ||| Stepping randomly (stuck).
 19954 | Lair:5   | 19954 ||| Stepping randomly (stuck).
 19955 | Lair:5   | 19955 ||| Stepping randomly (stuck).
 19956 | Lair:5   | 19956 ||| Stepping randomly (stuck).
 19957 | Lair:5   | 19957 ||| Stepping randomly (stuck).
 19958 | Lair:5   | 19958 ||| Stepping randomly (stuck).
 19959 | Lair:5   | 19959 ||| Stepping randomly (stuck).
 19960 | Lair:5   | 19960 ||| Stepping randomly (stuck).
 19961 | Lair:5   | 19961 ||| Stepping randomly (stuck).
 19962 | Lair:5   | 19962 ||| Stepping randomly (stuck).
 19963 | Lair:5   | 19963 ||| Stepping randomly (stuck).
 19964 | Lair:5   | 19964 ||| Stepping randomly (stuck).
 19965 | Lair:5   | 19965 ||| Stepping randomly (stuck).
 19966 | Lair:5   | 19966 ||| Stepping randomly (stuck).
 19967 | Lair:5   | 19967 ||| Stepping randomly (stuck).
 19968 | Lair:5   | 19968 ||| Stepping randomly (stuck).
 19969 | Lair:5   | 19969 ||| Stepping randomly (stuck).
 19970 | Lair:5   | 19970 ||| Stepping randomly (stuck).
 19971 | Lair:5   | 19971 ||| Stepping randomly (stuck).
 19972 | Lair:5   | 19972 ||| Stepping randomly (stuck).
 19973 | Lair:5   | 19973 ||| Stepping randomly (stuck).
 19974 | Lair:5   | 19974 ||| Stepping randomly (stuck).
 19975 | Lair:5   | 19975 ||| Stepping randomly (stuck).
 19976 | Lair:5   | 19976 ||| Stepping randomly (stuck).
 19977 | Lair:5   | 19977 ||| Stepping randomly (stuck).
 19978 | Lair:5   | 19978 ||| Stepping randomly (stuck).
 19979 | Lair:5   | 19979 ||| Stepping randomly (stuck).
 19980 | Lair:5   | 19980 ||| Stepping randomly (stuck).
 19981 | Lair:5   | 19981 ||| Stepping randomly (stuck).
 19982 | Lair:5   | 19982 ||| Stepping randomly (stuck).
 20093 | Lair:5   | 20093 ||| Stepping randomly (stuck).
 20094 | Lair:5   | 20094 ||| Stepping randomly (stuck).
 20095 | Lair:5   | 20095 ||| Stepping randomly (stuck).
 20096 | Lair:5   | 20096 ||| Stepping randomly (stuck).
 20097 | Lair:5   | 20097 ||| Stepping randomly (stuck).
 20098 | Lair:5   | 20098 ||| Stepping randomly (stuck).
 20099 | Lair:5   | 20099 ||| Stepping randomly (stuck).
 20100 | Lair:5   | 20100 ||| Stepping randomly (stuck).
 20101 | Lair:5   | 20101 ||| Stepping randomly (stuck).
 20102 | Lair:5   | 20102 ||| Stepping randomly (stuck).
 20103 | Lair:5   | 20103 ||| Stepping randomly (stuck).
 20104 | Lair:5   | 20104 ||| Stepping randomly (stuck).
 20105 | Lair:5   | 20105 ||| Stepping randomly (stuck).
 20106 | Lair:5   | 20106 ||| Stepping randomly (stuck).
 20107 | Lair:5   | 20107 ||| Stepping randomly (stuck).
 20108 | Lair:5   | 20108 ||| Stepping randomly (stuck).
 20109 | Lair:5   | 20109 ||| Stepping randomly (stuck).
 20110 | Lair:5   | 20110 ||| Stepping randomly (stuck).
 20111 | Lair:5   | 20111 ||| Stepping randomly (stuck).
 20112 | Lair:5   | 20112 ||| Stepping randomly (stuck).
 20113 | Lair:5   | 20113 ||| Stepping randomly (stuck).
 20114 | Lair:5   | 20114 ||| Stepping randomly (stuck).
 20115 | Lair:5   | 20115 ||| Stepping randomly (stuck).
 20116 | Lair:5   | 20116 ||| Stepping randomly (stuck).
 20117 | Lair:5   | 20117 ||| Stepping randomly (stuck).
 20118 | Lair:5   | 20118 ||| Stepping randomly (stuck).
 20119 | Lair:5   | 20119 ||| Stepping randomly (stuck).
 20120 | Lair:5   | 20120 ||| Stepping randomly (stuck).
 20121 | Lair:5   | 20121 ||| Stepping randomly (stuck).
 20122 | Lair:5   | 20122 ||| Stepping randomly (stuck).
 20123 | Lair:5   | 20123 ||| Stepping randomly (stuck).
 20124 | Lair:5   | 20124 ||| Stepping randomly (stuck).
 20125 | Lair:5   | 20125 ||| Stepping randomly (stuck).
 20126 | Lair:5   | 20126 ||| Stepping randomly (stuck).
 20127 | Lair:5   | 20127 ||| Stepping randomly (stuck).
 20128 | Lair:5   | 20128 ||| Stepping randomly (stuck).
 20129 | Lair:5   | 20129 ||| Stepping randomly (stuck).
 20130 | Lair:5   | 20130 ||| Stepping randomly (stuck).
 20131 | Lair:5   | 20131 ||| Stepping randomly (stuck).
 20132 | Lair:5   | 20132 ||| Stepping randomly (stuck).
 20133 | Lair:5   | 20133 ||| Stepping randomly (stuck).
 20134 | Lair:5   | 20134 ||| Stepping randomly (stuck).
 20135 | Lair:5   | 20135 ||| Stepping randomly (stuck).
 20136 | Lair:5   | 20136 ||| Stepping randomly (stuck).
 20137 | Lair:5   | 20137 ||| Stepping randomly (stuck).
 20138 | Lair:5   | 20138 ||| Stepping randomly (stuck).
 20139 | Lair:5   | 20139 ||| Stepping randomly (stuck).
 20140 | Lair:5   | 20140 ||| Stepping randomly (stuck).
 20141 | Lair:5   | 20141 ||| Stepping randomly (stuck).
 20142 | Lair:5   | 20142 ||| Stepping randomly (stuck).
 20143 | Lair:5   | 20143 ||| Stepping randomly (stuck).
 20144 | Lair:5   | 20144 ||| Stepping randomly (stuck).
 20145 | Lair:5   | 20145 ||| Stepping randomly (stuck).
 20146 | Lair:5   | 20146 ||| Stepping randomly (stuck).
 20147 | Lair:5   | 20147 ||| Stepping randomly (stuck).
 20148 | Lair:5   | 20148 ||| Stepping randomly (stuck).
 20149 | Lair:5   | 20149 ||| Stepping randomly (stuck).
 20150 | Lair:5   | 20150 ||| Stepping randomly (stuck).
 20151 | Lair:5   | 20151 ||| Stepping randomly (stuck).
 20152 | Lair:5   | 20152 ||| Stepping randomly (stuck).
 20153 | Lair:5   | 20153 ||| Stepping randomly (stuck).
 20154 | Lair:5   | 20154 ||| Stepping randomly (stuck).
 20155 | Lair:5   | 20155 ||| Stepping randomly (stuck).
 20156 | Lair:5   | 20156 ||| Stepping randomly (stuck).
 20157 | Lair:5   | 20157 ||| Stepping randomly (stuck).
 20158 | Lair:5   | 20158 ||| Stepping randomly (stuck).
 20159 | Lair:5   | 20159 ||| Stepping randomly (stuck).
 20160 | Lair:5   | 20160 ||| Stepping randomly (stuck).
 20161 | Lair:5   | 20161 ||| Stepping randomly (stuck).
 20162 | Lair:5   | 20162 ||| Stepping randomly (stuck).
 20163 | Lair:5   | 20163 ||| Stepping randomly (stuck).
 20164 | Lair:5   | 20164 ||| Stepping randomly (stuck).
 20165 | Lair:5   | 20165 ||| Stepping randomly (stuck).
 20166 | Lair:5   | 20166 ||| Stepping randomly (stuck).
 20167 | Lair:5   | 20167 ||| Stepping randomly (stuck).
 20168 | Lair:5   | 20168 ||| Stepping randomly (stuck).
 20169 | Lair:5   | 20169 ||| Stepping randomly (stuck).
 20170 | Lair:5   | 20170 ||| Stepping randomly (stuck).
 20171 | Lair:5   | 20171 ||| Stepping randomly (stuck).
 20172 | Lair:5   | 20172 ||| Stepping randomly (stuck).
 20173 | Lair:5   | 20173 ||| Stepping randomly (stuck).
 20174 | Lair:5   | 20174 ||| Stepping randomly (stuck).
 20175 | Lair:5   | 20175 ||| Stepping randomly (stuck).
 20176 | Lair:5   | 20176 ||| Stepping randomly (stuck).
 20177 | Lair:5   | 20177 ||| Stepping randomly (stuck).
 20178 | Lair:5   | 20178 ||| Stepping randomly (stuck).
 20179 | Lair:5   | 20179 ||| Stepping randomly (stuck).
 20180 | Lair:5   | 20180 ||| Stepping randomly (stuck).
 20181 | Lair:5   | 20181 ||| Stepping randomly (stuck).
 20182 | Lair:5   | 20182 ||| Stepping randomly (stuck).
 20183 | Lair:5   | 20183 ||| Stepping randomly (stuck).
 20184 | Lair:5   | 20184 ||| Stepping randomly (stuck).
 20185 | Lair:5   | 20185 ||| Stepping randomly (stuck).
 20186 | Lair:5   | 20186 ||| Stepping randomly (stuck).
 20187 | Lair:5   | 20187 ||| Stepping randomly (stuck).
 20188 | Lair:5   | 20188 ||| Stepping randomly (stuck).
 20189 | Lair:5   | 20189 ||| Stepping randomly (stuck).
 20190 | Lair:5   | 20190 ||| Stepping randomly (stuck).
 20191 | Lair:5   | 20191 ||| Stepping randomly (stuck).
 20192 | Lair:5   | 20192 ||| Stepping randomly (stuck).
 20193 | Lair:5   | 20193 ||| Stepping randomly (stuck).
 20194 | Lair:5   | 20194 ||| Stepping randomly (stuck).
 20195 | Lair:5   | 20195 ||| Stepping randomly (stuck).
 20196 | Lair:5   | 20196 ||| Stepping randomly (stuck).
 20197 | Lair:5   | 20197 ||| Stepping randomly (stuck).
 20198 | Lair:5   | 20198 ||| Stepping randomly (stuck).
 20199 | Lair:5   | 20199 ||| Stepping randomly (stuck).
 20200 | Lair:5   | 20200 ||| Stepping randomly (stuck).
 20201 | Lair:5   | 20201 ||| Stepping randomly (stuck).
 20202 | Lair:5   | 20202 ||| Stepping randomly (stuck).
 20206 | Lair:5   | 20206 ||| Stepping randomly (stuck).
 20207 | Lair:5   | 20207 ||| Stepping randomly (stuck).
 20208 | Lair:5   | 20208 ||| Stepping randomly (stuck).
 20209 | Lair:5   | 20209 ||| Stepping randomly (stuck).
 20210 | Lair:5   | 20210 ||| Stepping randomly (stuck).
 20211 | Lair:5   | 20211 ||| Stepping randomly (stuck).
 20212 | Lair:5   | 20212 ||| Stepping randomly (stuck).
 20213 | Lair:5   | 20213 ||| Stepping randomly (stuck).
 20214 | Lair:5   | 20214 ||| Stepping randomly (stuck).
 20215 | Lair:5   | 20215 ||| Stepping randomly (stuck).
 20216 | Lair:5   | 20216 ||| Stepping randomly (stuck).
 20217 | Lair:5   | 20217 ||| Stepping randomly (stuck).
 20218 | Lair:5   | 20218 ||| Stepping randomly (stuck).
 20219 | Lair:5   | 20219 ||| Stepping randomly (stuck).
 20220 | Lair:5   | 20220 ||| Stepping randomly (stuck).
 20221 | Lair:5   | 20221 ||| Stepping randomly (stuck).
 20222 | Lair:5   | 20222 ||| Stepping randomly (stuck).
 20223 | Lair:5   | 20223 ||| Stepping randomly (stuck).
 20224 | Lair:5   | 20224 ||| Stepping randomly (stuck).
 20225 | Lair:5   | 20225 ||| Stepping randomly (stuck).
 20226 | Lair:5   | 20226 ||| Stepping randomly (stuck).
 20227 | Lair:5   | 20227 ||| Stepping randomly (stuck).
 20228 | Lair:5   | 20228 ||| Stepping randomly (stuck).
 20229 | Lair:5   | 20229 ||| Stepping randomly (stuck).
 20230 | Lair:5   | 20230 ||| Stepping randomly (stuck).
 20231 | Lair:5   | 20231 ||| Stepping randomly (stuck).
 20232 | Lair:5   | 20232 ||| Stepping randomly (stuck).
 20233 | Lair:5   | 20233 ||| Stepping randomly (stuck).
 20234 | Lair:5   | 20234 ||| Stepping randomly (stuck).
 20235 | Lair:5   | 20235 ||| Stepping randomly (stuck).
 20236 | Lair:5   | 20236 ||| Stepping randomly (stuck).
 20237 | Lair:5   | 20237 ||| Stepping randomly (stuck).
 20238 | Lair:5   | 20238 ||| Stepping randomly (stuck).
 20239 | Lair:5   | 20239 ||| Stepping randomly (stuck).
 20240 | Lair:5   | 20240 ||| Stepping randomly (stuck).
 20241 | Lair:5   | 20241 ||| Stepping randomly (stuck).
 20242 | Lair:5   | 20242 ||| Stepping randomly (stuck).
 20243 | Lair:5   | 20243 ||| Stepping randomly (stuck).
 20244 | Lair:5   | 20244 ||| Stepping randomly (stuck).
 20245 | Lair:5   | 20245 ||| Stepping randomly (stuck).
 20246 | Lair:5   | 20246 ||| Stepping randomly (stuck).
 20247 | Lair:5   | 20247 ||| Stepping randomly (stuck).
 20248 | Lair:5   | 20248 ||| Stepping randomly (stuck).
 20249 | Lair:5   | 20249 ||| Stepping randomly (stuck).
 20250 | Lair:5   | 20250 ||| Stepping randomly (stuck).
 20251 | Lair:5   | 20251 ||| Stepping randomly (stuck).
 20252 | Lair:5   | 20252 ||| Stepping randomly (stuck).
 20253 | Lair:5   | 20253 ||| Stepping randomly (stuck).
 20254 | Lair:5   | 20254 ||| Stepping randomly (stuck).
 20255 | Lair:5   | 20255 ||| Stepping randomly (stuck).
 20256 | Lair:5   | 20256 ||| Stepping randomly (stuck).
 20257 | Lair:5   | 20257 ||| Stepping randomly (stuck).
 20258 | Lair:5   | 20258 ||| Stepping randomly (stuck).
 20259 | Lair:5   | 20259 ||| Stepping randomly (stuck).
 20260 | Lair:5   | 20260 ||| Stepping randomly (stuck).
 20261 | Lair:5   | 20261 ||| Stepping randomly (stuck).
 20262 | Lair:5   | 20262 ||| Stepping randomly (stuck).
 20263 | Lair:5   | 20263 ||| Stepping randomly (stuck).
 20264 | Lair:5   | 20264 ||| Stepping randomly (stuck).
 20265 | Lair:5   | 20265 ||| Stepping randomly (stuck).
 20266 | Lair:5   | 20266 ||| Stepping randomly (stuck).
 20267 | Lair:5   | 20267 ||| Stepping randomly (stuck).
 20268 | Lair:5   | 20268 ||| Stepping randomly (stuck).
 20269 | Lair:5   | 20269 ||| Stepping randomly (stuck).
 20270 | Lair:5   | 20270 ||| Stepping randomly (stuck).
 20271 | Lair:5   | 20271 ||| Stepping randomly (stuck).
 20272 | Lair:5   | 20272 ||| Stepping randomly (stuck).
 20273 | Lair:5   | 20273 ||| Stepping randomly (stuck).
 20274 | Lair:5   | 20274 ||| Stepping randomly (stuck).
 20275 | Lair:5   | 20275 ||| Stepping randomly (stuck).
 20276 | Lair:5   | 20276 ||| Stepping randomly (stuck).
 20277 | Lair:5   | 20277 ||| Stepping randomly (stuck).
 20278 | Lair:5   | 20278 ||| Stepping randomly (stuck).
 20279 | Lair:5   | 20279 ||| Stepping randomly (stuck).
 20280 | Lair:5   | 20280 ||| Stepping randomly (stuck).
 20281 | Lair:5   | 20281 ||| Stepping randomly (stuck).
 20282 | Lair:5   | 20282 ||| Stepping randomly (stuck).
 20283 | Lair:5   | 20283 ||| Stepping randomly (stuck).
 20284 | Lair:5   | 20284 ||| Stepping randomly (stuck).
 20285 | Lair:5   | 20285 ||| Stepping randomly (stuck).
 20286 | Lair:5   | 20286 ||| Stepping randomly (stuck).
 20287 | Lair:5   | 20287 ||| Stepping randomly (stuck).
 20288 | Lair:5   | 20288 ||| Stepping randomly (stuck).
 20289 | Lair:5   | 20289 ||| Stepping randomly (stuck).
 20290 | Lair:5   | 20290 ||| Stepping randomly (stuck).
 20291 | Lair:5   | 20291 ||| Stepping randomly (stuck).
 20292 | Lair:5   | 20292 ||| Stepping randomly (stuck).
 20293 | Lair:5   | 20293 ||| Stepping randomly (stuck).
 20294 | Lair:5   | 20294 ||| Stepping randomly (stuck).
 20295 | Lair:5   | 20295 ||| Stepping randomly (stuck).
 20296 | Lair:5   | 20296 ||| Stepping randomly (stuck).
 20297 | Lair:5   | 20297 ||| Stepping randomly (stuck).
 20298 | Lair:5   | 20298 ||| Stepping randomly (stuck).
 20299 | Lair:5   | 20299 ||| Stepping randomly (stuck).
 20300 | Lair:5   | 20300 ||| Stepping randomly (stuck).
 20301 | Lair:5   | 20301 ||| Stepping randomly (stuck).
 20302 | Lair:5   | 20302 ||| Stepping randomly (stuck).
 20303 | Lair:5   | 20303 ||| Stepping randomly (stuck).
 20304 | Lair:5   | 20304 ||| Stepping randomly (stuck).
 20305 | Lair:5   | 20305 ||| Stepping randomly (stuck).
 20306 | Lair:5   | 20306 ||| Stepping randomly (stuck).
 20307 | Lair:5   | 20307 ||| Stepping randomly (stuck).
 20308 | Lair:5   | 20308 ||| Stepping randomly (stuck).
 20309 | Lair:5   | 20309 ||| Stepping randomly (stuck).
 20310 | Lair:5   | 20310 ||| Stepping randomly (stuck).
 20311 | Lair:5   | 20311 ||| Stepping randomly (stuck).
 20312 | Lair:5   | 20312 ||| Stepping randomly (stuck).
 20313 | Lair:5   | 20313 ||| Stepping randomly (stuck).
 20314 | Lair:5   | 20314 ||| Stepping randomly (stuck).
 20315 | Lair:5   | 20315 ||| Stepping randomly (stuck).
 20316 | Lair:5   | 20316 ||| Stepping randomly (stuck).
 20317 | Lair:5   | 20317 ||| Stepping randomly (stuck).
 20318 | Lair:5   | 20318 ||| Stepping randomly (stuck).
 20319 | Lair:5   | 20319 ||| Stepping randomly (stuck).
 20320 | Lair:5   | 20320 ||| Stepping randomly (stuck).
 20321 | Lair:5   | 20321 ||| Stepping randomly (stuck).
 20322 | Lair:5   | 20322 ||| Stepping randomly (stuck).
 20323 | Lair:5   | 20323 ||| Stepping randomly (stuck).
 20324 | Lair:5   | 20324 ||| Stepping randomly (stuck).
 20325 | Lair:5   | 20325 ||| Stepping randomly (stuck).
 20326 | Lair:5   | 20326 ||| Stepping randomly (stuck).
 20327 | Lair:5   | 20327 ||| Stepping randomly (stuck).
 20328 | Lair:5   | 20328 ||| Stepping randomly (stuck).
 20329 | Lair:5   | 20329 ||| Stepping randomly (stuck).
 20330 | Lair:5   | 20330 ||| Stepping randomly (stuck).
 20331 | Lair:5   | 20331 ||| Stepping randomly (stuck).
 20332 | Lair:5   | 20332 ||| Stepping randomly (stuck).
 20333 | Lair:5   | 20333 ||| Stepping randomly (stuck).
 20334 | Lair:5   | 20334 ||| Stepping randomly (stuck).
 20335 | Lair:5   | 20335 ||| Stepping randomly (stuck).
 20336 | Lair:5   | 20336 ||| Stepping randomly (stuck).
 20337 | Lair:5   | 20337 ||| Stepping randomly (stuck).
 20338 | Lair:5   | 20338 ||| Stepping randomly (stuck).
 20339 | Lair:5   | 20339 ||| Stepping randomly (stuck).
 20340 | Lair:5   | 20340 ||| Stepping randomly (stuck).
 20341 | Lair:5   | 20341 ||| Stepping randomly (stuck).
 20342 | Lair:5   | 20342 ||| Stepping randomly (stuck).
 20343 | Lair:5   | 20343 ||| Stepping randomly (stuck).
 20344 | Lair:5   | 20344 ||| Stepping randomly (stuck).
 20345 | Lair:5   | 20345 ||| Stepping randomly (stuck).
 20346 | Lair:5   | 20346 ||| Stepping randomly (stuck).
 20347 | Lair:5   | 20347 ||| Stepping randomly (stuck).
 20348 | Lair:5   | 20348 ||| Stepping randomly (stuck).
 20349 | Lair:5   | 20349 ||| Stepping randomly (stuck).
 20350 | Lair:5   | 20350 ||| Stepping randomly (stuck).
 20351 | Lair:5   | 20351 ||| Stepping randomly (stuck).
 20352 | Lair:5   | 20352 ||| Stepping randomly (stuck).
 20353 | Lair:5   | 20353 ||| Stepping randomly (stuck).
 20354 | Lair:5   | 20354 ||| Stepping randomly (stuck).
 20355 | Lair:5   | 20355 ||| Stepping randomly (stuck).
 20356 | Lair:5   | 20356 ||| Stepping randomly (stuck).
 20357 | Lair:5   | 20357 ||| Stepping randomly (stuck).
 20358 | Lair:5   | 20358 ||| Stepping randomly (stuck).
 20359 | Lair:5   | 20359 ||| Stepping randomly (stuck).
 20360 | Lair:5   | 20360 ||| Stepping randomly (stuck).
 20361 | Lair:5   | 20361 ||| Stepping randomly (stuck).
 20362 | Lair:5   | 20362 ||| Stepping randomly (stuck).
 20363 | Lair:5   | 20363 ||| Stepping randomly (stuck).
 20364 | Lair:5   | 20364 ||| Stepping randomly (stuck).
 20365 | Lair:5   | 20365 ||| Stepping randomly (stuck).
 20366 | Lair:5   | 20366 ||| Stepping randomly (stuck).
 20367 | Lair:5   | 20367 ||| Stepping randomly (stuck).
 20368 | Lair:5   | 20368 ||| Stepping randomly (stuck).
 20369 | Lair:5   | 20369 ||| Stepping randomly (stuck).
 20370 | Lair:5   | 20370 ||| Stepping randomly (stuck).
 20371 | Lair:5   | 20371 ||| Stepping randomly (stuck).
 20372 | Lair:5   | 20372 ||| Stepping randomly (stuck).
 20373 | Lair:5   | 20373 ||| Stepping randomly (stuck).
 20374 | Lair:5   | 20374 ||| Stepping randomly (stuck).
 20375 | Lair:5   | 20375 ||| Stepping randomly (stuck).
 20376 | Lair:5   | 20376 ||| Stepping randomly (stuck).
 20377 | Lair:5   | 20377 ||| Stepping randomly (stuck).
 20378 | Lair:5   | 20378 ||| Stepping randomly (stuck).
 20379 | Lair:5   | 20379 ||| Stepping randomly (stuck).
 20380 | Lair:5   | 20380 ||| Stepping randomly (stuck).
 20381 | Lair:5   | 20381 ||| Stepping randomly (stuck).
 20382 | Lair:5   | 20382 ||| Stepping randomly (stuck).
 20383 | Lair:5   | 20383 ||| Stepping randomly (stuck).
 20384 | Lair:5   | 20384 ||| Stepping randomly (stuck).
 20385 | Lair:5   | 20385 ||| Stepping randomly (stuck).
 20386 | Lair:5   | 20386 ||| Stepping randomly (stuck).
 20387 | Lair:5   | 20387 ||| Stepping randomly (stuck).
 20388 | Lair:5   | 20388 ||| Stepping randomly (stuck).
 20389 | Lair:5   | 20389 ||| Stepping randomly (stuck).
 20390 | Lair:5   | 20390 ||| Stepping randomly (stuck).
 20391 | Lair:5   | 20391 ||| Stepping randomly (stuck).
 20392 | Lair:5   | 20392 ||| Stepping randomly (stuck).
 20393 | Lair:5   | 20393 ||| Stepping randomly (stuck).
 20394 | Lair:5   | 20394 ||| Stepping randomly (stuck).
 20395 | Lair:5   | 20395 ||| Stepping randomly (stuck).
 20396 | Lair:5   | 20396 ||| Stepping randomly (stuck).
 20397 | Lair:5   | 20397 ||| Stepping randomly (stuck).
 20398 | Lair:5   | 20398 ||| Stepping randomly (stuck).
 20399 | Lair:5   | 20399 ||| Stepping randomly (stuck).
 20400 | Lair:5   | 20400 ||| Stepping randomly (stuck).
 20401 | Lair:5   | 20401 ||| Stepping randomly (stuck).
 20402 | Lair:5   | 20402 ||| Stepping randomly (stuck).
 20403 | Lair:5   | 20403 ||| Stepping randomly (stuck).
 20404 | Lair:5   | 20404 ||| Stepping randomly (stuck).
 20405 | Lair:5   | 20405 ||| Stepping randomly (stuck).
 20406 | Lair:5   | 20406 ||| Stepping randomly (stuck).
 20407 | Lair:5   | 20407 ||| Stepping randomly (stuck).
 20408 | Lair:5   | 20408 ||| Stepping randomly (stuck).
 20409 | Lair:5   | 20409 ||| Stepping randomly (stuck).
 20410 | Lair:5   | 20410 ||| Stepping randomly (stuck).
 20411 | Lair:5   | 20411 ||| Stepping randomly (stuck).
 20412 | Lair:5   | 20412 ||| Stepping randomly (stuck).
 20413 | Lair:5   | 20413 ||| Stepping randomly (stuck).
 20414 | Lair:5   | 20414 ||| Stepping randomly (stuck).
 20415 | Lair:5   | 20415 ||| Stepping randomly (stuck).
 20416 | Lair:5   | 20416 ||| Stepping randomly (stuck).
 20417 | Lair:5   | 20417 ||| Stepping randomly (stuck).
 20418 | Lair:5   | 20418 ||| Stepping randomly (stuck).
 20419 | Lair:5   | 20419 ||| Stepping randomly (stuck).
 20420 | Lair:5   | 20420 ||| Stepping randomly (stuck).
 20421 | Lair:5   | 20421 ||| Stepping randomly (stuck).
 20422 | Lair:5   | 20422 ||| Stepping randomly (stuck).
 20423 | Lair:5   | 20423 ||| Stepping randomly (stuck).
 20424 | Lair:5   | 20424 ||| Stepping randomly (stuck).
 20425 | Lair:5   | 20425 ||| Stepping randomly (stuck).
 20426 | Lair:5   | 20426 ||| Stepping randomly (stuck).
 20427 | Lair:5   | 20427 ||| Stepping randomly (stuck).
 20428 | Lair:5   | 20428 ||| Stepping randomly (stuck).
 20429 | Lair:5   | 20429 ||| Stepping randomly (stuck).
 20430 | Lair:5   | 20430 ||| Stepping randomly (stuck).
 20431 | Lair:5   | 20431 ||| Stepping randomly (stuck).
 20432 | Lair:5   | 20432 ||| Stepping randomly (stuck).
 20433 | Lair:5   | 20433 ||| Stepping randomly (stuck).
 20434 | Lair:5   | 20434 ||| Stepping randomly (stuck).
 20435 | Lair:5   | 20435 ||| Stepping randomly (stuck).
 20436 | Lair:5   | 20436 ||| Stepping randomly (stuck).
 20437 | Lair:5   | 20437 ||| Stepping randomly (stuck).
 20438 | Lair:5   | 20438 ||| Stepping randomly (stuck).
 20439 | Lair:5   | 20439 ||| Stepping randomly (stuck).
 20440 | Lair:5   | 20440 ||| Stepping randomly (stuck).
 20441 | Lair:5   | 20441 ||| Stepping randomly (stuck).
 20442 | Lair:5   | 20442 ||| Stepping randomly (stuck).
 20443 | Lair:5   | 20443 ||| Stepping randomly (stuck).
 20444 | Lair:5   | 20444 ||| Stepping randomly (stuck).
 20445 | Lair:5   | 20445 ||| Stepping randomly (stuck).
 20446 | Lair:5   | 20446 ||| Stepping randomly (stuck).
 20447 | Lair:5   | 20447 ||| Stepping randomly (stuck).
 20448 | Lair:5   | 20448 ||| Stepping randomly (stuck).
 20449 | Lair:5   | 20449 ||| Stepping randomly (stuck).
 20450 | Lair:5   | 20450 ||| Stepping randomly (stuck).
 20452 | Lair:5   | 20452 ||| Stepping randomly (stuck).
 20453 | Lair:5   | 20453 ||| Stepping randomly (stuck).
 20454 | Lair:5   | 20454 ||| Stepping randomly (stuck).
 20455 | Lair:5   | 20455 ||| Stepping randomly (stuck).
 20480 | Lair:5   | 20480 ||| Stepping randomly (stuck).
 20481 | Lair:5   | 20481 ||| Stepping randomly (stuck).
 20482 | Lair:5   | 20482 ||| Stepping randomly (stuck).
 20483 | Lair:5   | 20483 ||| Stepping randomly (stuck).
 20484 | Lair:5   | 20484 ||| Stepping randomly (stuck).
 20485 | Lair:5   | 20485 ||| Stepping randomly (stuck).
 20486 | Lair:5   | 20486 ||| Stepping randomly (stuck).
 20487 | Lair:5   | 20487 ||| Stepping randomly (stuck).
 20488 | Lair:5   | 20488 ||| Stepping randomly (stuck).
 20489 | Lair:5   | 20489 ||| Stepping randomly (stuck).
 20490 | Lair:5   | 20490 ||| Stepping randomly (stuck).
 20491 | Lair:5   | 20491 ||| Stepping randomly (stuck).
 20492 | Lair:5   | 20492 ||| Stepping randomly (stuck).
 20494 | Lair:5   | 20494 ||| Stepping randomly (stuck).
 20495 | Lair:5   | 20495 ||| Stepping randomly (stuck).
 20496 | Lair:5   | 20496 ||| Stepping randomly (stuck).
 20497 | Lair:5   | 20497 ||| Stepping randomly (stuck).
 20498 | Lair:5   | 20498 ||| Stepping randomly (stuck).
 20499 | Lair:5   | 20499 ||| Stepping randomly (stuck).
 20500 | Lair:5   | 20500 ||| Stepping randomly (stuck).
 20501 | Lair:5   | 20501 ||| Stepping randomly (stuck).
 20502 | Lair:5   | 20502 ||| QUITTING!
 20502 | Lair:5   | Quit the game

Levels and vault maps discovered:
D:1:      amcnicky_arrival_wind_blow, layout_basic
D:2:      layout_loops_corners, serial_shops, nicolae_shop_overgrown_old_shop,
          kennysheep_generic_room_16, uniq_sigmund, uniq_jessica, uniq_terence
D:3:      layout_basic, dreamdust_divine_triumvirate,
          nicolae_ecumenical_lake_church, uniq_robin
D:4:      layout_cave_pods, gammafunk_ghost_split, uniq_edmund, uniq_eustachio
D:5:      layout_gridville, fedhas_altar_4, pf_just_have_faith,
          minmay_temple_entry_junction
D:6:      layout_loops_cross, uniq_grinder
D:7:      layout_cave_pods, vehumet_statue, nicolae_ru_awakened_eye,
          serial_shops, nicolae_shop_rolling_square, grunt_ministairs_1
D:8:      layout_loops_ring, nicolae_uskayaw_dance_hall, hangedman_decor_lopped
D:9:      cheibrodos_shockbox, layout_basic, mainiacjoe_overflow_alcove_4
D:10:     layout_cave_pools, mainiacjoe_overflow_chevrons, minitemple,
          dpeg_lair_monsters, david_orc_3, roderic_roman_lattice
Temple:   nicolae_temple_two_arcs
Lair:1:   layout_cave_pods, serial_bayou_pond_b
Lair:2:   layout_gridlike, minmay_snake_entry_guardpost_medium,
          pdpol_lair_neglected_garden, serial_bayou_shore_b
Lair:3:   layout_loops_ring, nicolae_swamp_entry_splash_gauntlet
Lair:5:   evil_forest, layout_hall_layers, lemuel_fruit_fields,
          grunt_megastairs_4

Skill      XL: |  1  2  3  4  5  6  7  8  9 10 11 12 13 |
---------------+----------------------------------------+-----
Axes           | 2 3 5 6 7 8 9 10 12 13 14 | 14.0
Fighting       | 4 6 7 8 9 10 11 | 11.0
Armour         | 4 6 7 8 9 10 11 | 11.1
Dodging        | 1 2 |  2.0
Throwing       | 1 4 |  4.2
Shields        | 4 5 6 7 |  7.0
Invocations    | 4 6 10 | 10.0

Action                     |  1- 3 |  4- 6 |  7- 9 | 10-12 | 13-15 || total
---------------------------+-------+-------+-------+-------+-------++-------
  Melee: War axe           |    79 |   139 |   217 |   327 |   112 ||   874
         Unarmed           |       |     1 |       |       |       ||     1
         Flail             |       |       |       |    17 |     8 ||    25
  Throw: Boomerang         |    25 |    55 |    36 |       |     8 ||   124
         Javelin           |       |       |       |    36 |       ||    36
 Invoke: Heroism           |       |       |       |    16 |    10 ||    26
         Finesse           |       |       |       |       |     1 ||     1
    Use: Scroll            |     2 |     8 |     7 |    13 |     2 ||    32
         Potion            |       |     1 |     1 |     1 |       ||     3
 Armour: Scale mail        |    36 |    12 |       |       |       ||    48
         Skin              |       |     1 |       |       |       ||     1
         Chain mail        |       |    53 |       |       |       ||    53
         Plate armour      |       |    32 |   152 |   268 |    80 ||   532
  Dodge: Dodged            |    34 |    59 |    76 |   152 |    56 ||   377
  Block: Buckler           |    10 |    28 |    39 |    90 |    30 ||   197

Table legend:
 A = Non-vault XP
 B = Vault XP
 C = Vault XP percentage of total XP
 D = Non-vault monster count
 E = Vault monster count
 F = Vault count percentage of total count
                 A         B        C        D         E       F
            +---------+---------+-------+---------+---------+-------
      Total |   36612 |   14337 |  28.1 |     288 |      74 |  20.4
            +---------+---------+-------+---------+---------+-------
        D:1 |      48 |       0 |   0.0 |      27 |       0 |   0.0
        D:2 |      27 |     306 |  91.9 |       8 |       4 |  33.3
        D:3 |      53 |      38 |  41.8 |      20 |      13 |  39.4
        D:4 |     366 |     348 |  48.7 |      23 |       2 |   8.0
        D:5 |     551 |       0 |   0.0 |      11 |       0 |   0.0
        D:6 |     509 |       0 |   0.0 |      11 |       0 |   0.0
        D:7 |     950 |     295 |  23.7 |      17 |       7 |  29.2
        D:8 |    1291 |       0 |   0.0 |      24 |       0 |   0.0
        D:9 |    2553 |       0 |   0.0 |      36 |       0 |   0.0
       D:10 |    1868 |    2553 |  57.7 |      20 |      12 |  37.5
     Lair:1 |    3807 |    1502 |  28.3 |      15 |       6 |  28.6
     Lair:2 |    7271 |     639 |   8.1 |      36 |       4 |  10.0
     Lair:5 |   17318 |    8656 |  33.3 |      40 |      26 |  39.4
            +---------+---------+-------+---------+---------+-------
